 Dungeon Crawl Stone Soup version 0.31-a0-145-g046c7d2549 (webtiles) character file.

Game seed: 12105463220099158064

11022 qw the Marksminotaur (level 11, 1/1 HPs)
             Began as a Minotaur Hunter on June 7, 2023.
             Quit the game on level 1 of the Lair of Beasts.
             The game lasted 00:45:48 (21797 turns).

qw the Marksminotaur (Minotaur Hunter)             Turns: 21797, Time: 00:45:49

Health: 1/1        AC:  9    Str: 28    XL:     11   Next: 43%
Magic:  13/13      EV: 21    Int:  4    God:
Gold:   498        SH:  0    Dex: 17    Spells: 10/10 levels left

rFire   . . .        Y - +2 orcbow
rCold   . . .        (shield currently unavailable)
rNeg    . . .        a - +2 leather armour of the Weaver {Drain Regen+ Str+8 Stlth+}
rPois   +            b - +2 hat "Tiucun" {Will+ Regen+ Str+3 Int-2}
rElec   .            g - +0 cloak
rCorr   .            d - +0 pair of gloves
SInv    .            (no boots)
Will    +....        (no amulet)
Stlth   +++          c - +5 ring of evasion
HPRegen 1.80/turn    o - ring of poison resistance
MPRegen 0.13/turn

%: no passive effects
@: no status effects
A: horns 2, retaliatory headbutt
a: no special abilities


You were on level 1 of the Lair of Beasts.
You visited 3 branches of the dungeon, and saw 11 of its levels.

You collected 498 gold pieces.


Innate Abilities, Weirdness & Mutations

You have a pair of horns on your head.
You reflexively headbutt those who attack you in melee.


   Skills:
 - Level 10.1 Fighting
 + Level 15.6 Ranged Weapons
 - Level 3.5 Armour
 - Level 7.4 Dodging
 - Level 0.7 Stealth
 - Level 4.0 Invocations


You had 10 spell levels left.
You didn't know any spells.
Your spell library was empty.

Inventory:

Hand Weapons
 Y - a +2 orcbow (weapon)
Armour
 a - the +2 leather armour of the Weaver (worn) {Drain Regen+ Str+8 Stlth+}
   (You found it on level 2 of the Dungeon)

   Str:       It affects your strength (+8).
   Regen:     It increases your rate of health regeneration.
   Drain:     It drains your maximum health when unequipped.
   Stlth:     It makes you more stealthy.
 b - the +2 hat "Tiucun" (worn) {Will+ Regen+ Str+3 Int-2}
   (You acquired it on level 4 of the Dungeon)

   Str:       It affects your strength (+3).
   Int:       It affects your intelligence (-2).
   Regen:     It increases your rate of health regeneration.
   Will:      It increases your willpower.
 d - a +0 pair of gloves (worn)
 g - a +0 cloak (worn)
Jewellery
 c - a +5 ring of evasion (left hand)
 h - a ring of protection from fire
 k - a ring of see invisible
 o - a ring of poison resistance (right hand)
 s - a ring of positive energy
Scrolls
 f - a scroll of identify
 m - 4 scrolls of teleportation
Potions
 e - 2 potions of cancellation
 i - 2 potions of might
 j - 4 potions of curing
 l - a potion of heal wounds
 n - 3 potions of haste

Dungeon Overview and Level Annotations

Branches:
Dungeon (9/15)             Temple (1/1) D:5            Lair (1/5) D:8
    Orc: D:9-12

Altars:
Ashenzari
Cheibriados
Dithmenos
Elyvilon
Fedhas
Gozag
Hepliaklqana
Kikubaaqudgha
Makhleb
Nemelex Xobeh
Okawaru
Qazlal
Ru
Sif Muna
Trog
Uskayaw
Vehumet
Wu Jian
Xom
Yredelemnul
Zin
The Shining One

Annotations:
D:5 2 transporters, qw's ghost, novice GrFi


Message History

21723 ||| Stepping ~*~*~tactically~*~*~ (outnumbered).
21725 ||| Stepping ~*~*~tactically~*~*~ (outnumbered).
21727 ||| Stepping ~*~*~tactically~*~*~ (outnumbered).
21729 ||| Stepping ~*~*~tactically~*~*~ (outnumbered).
21731 ||| Stepping ~*~*~tactically~*~*~ (outnumbered).
21733 ||| Stepping ~*~*~tactically~*~*~ (outnumbered).
21735 ||| Stepping ~*~*~tactically~*~*~ (outnumbered).
21737 ||| Stepping ~*~*~tactically~*~*~ (outnumbered).
21739 ||| Stepping ~*~*~tactically~*~*~ (outnumbered).
21741 ||| Stepping ~*~*~tactically~*~*~ (outnumbered).
21743 ||| Stepping ~*~*~tactically~*~*~ (outnumbered).
21745 ||| Stepping ~*~*~tactically~*~*~ (outnumbered).
21747 ||| Stepping ~*~*~tactically~*~*~ (outnumbered).
21749 ||| Stepping ~*~*~tactically~*~*~ (outnumbered).
21751 ||| Stepping ~*~*~tactically~*~*~ (outnumbered).
21753 ||| Stepping ~*~*~tactically~*~*~ (outnumbered).
21755 ||| Stepping ~*~*~tactically~*~*~ (outnumbered).
21757 ||| Stepping ~*~*~tactically~*~*~ (outnumbered).
21759 ||| Stepping ~*~*~tactically~*~*~ (outnumbered).
21761 ||| Stepping ~*~*~tactically~*~*~ (outnumbered).
21763 ||| Stepping ~*~*~tactically~*~*~ (outnumbered).
21765 ||| Stepping ~*~*~tactically~*~*~ (outnumbered).
21767 ||| Stepping ~*~*~tactically~*~*~ (outnumbered).
21769 ||| Stepping ~*~*~tactically~*~*~ (outnumbered).
21771 ||| Stepping ~*~*~tactically~*~*~ (outnumbered).
21773 ||| Stepping ~*~*~tactically~*~*~ (outnumbered).
21775 ||| Stepping ~*~*~tactically~*~*~ (outnumbered).
21777 ||| Stepping ~*~*~tactically~*~*~ (outnumbered).
21779 ||| Stepping ~*~*~tactically~*~*~ (outnumbered).
21781 ||| Stepping ~*~*~tactically~*~*~ (outnumbered).
21783 ||| Stepping ~*~*~tactically~*~*~ (outnumbered).
21785 ||| Stepping ~*~*~tactically~*~*~ (outnumbered).
21787 ||| Stepping ~*~*~tactically~*~*~ (outnumbered).
21789 ||| Stepping ~*~*~tactically~*~*~ (outnumbered).
21791 ||| Stepping ~*~*~tactically~*~*~ (outnumbered).
21793 ||| Stepping ~*~*~tactically~*~*~ (outnumbered).
21795 ||| Stepping ~*~*~tactically~*~*~ (outnumbered).
Zot's power touches on you...
Buggy note passed: unknown note type Are you sure you want to abandon this character and quit the game? (Confirm with "yes".)

#..######....
##..PP#.....#
...........##
.####...###.#### ##
##.........#
##.......# ########
###.......####.....?#
#.................###
##.........!@######
##.......###.#
#....#..# .P.
##...##.....PP$.
##.#######..PP$[#
#..# .##### #..# ##
##..# ##.###


You could see 2 oklob plants.

Vanquished Creatures
  A boulder beetle (Lair:1)
  3 death yaks (D:8)
  A two-headed ogre (D:8)
  A black mamba (Lair:1)
  3 cane toads (Lair:1)
  3 komodo dragons (Lair:1)
  2 unseen horror zombies (D:9)
  A troll (D:9)
  Prince Ribbit (D:9)
  A shadow (D:6)
  9 yaks
  A basilisk (Lair:1)
  4 steam dragons
  An acid dragon (D:9)
  2 water moccasins
  2 orc warriors
  A sky beast (D:7)
  An ice beast (D:5)
  2 black bears
  An ogre (D:5)
  7 wolves (Lair:1)
  2 centaurs
  A phantom (D:5)
  3 bullfrogs
  A scorpion (D:5)
  5 wights
  9 killer bees
  An electric eel (D:8)
  A centaur zombie (D:9)
  A hound (D:6)
  3 orc priests
  An iguana (D:4)
  6 orc wizards
  A hell rat (D:8)
  2 howler monkey zombies (D:9)
  3 gnolls (D:5)
  3 adders
  3 river rats (D:8)
  A shadow imp (D:7)
  2 white imps (D:7)
  5 worms
  2 dart slugs
  16 orcs
  8 ball pythons
  3 endoplasms
  3 giant cockroaches
  7 goblins
  8 hobgoblins
  3 jackals (D:4)
  9 quokkas
  3 bats
  4 frilled lizards
  11 kobolds
  8 rats
187 creatures vanquished.

Notes
Turn   | Place    | Note
-------+----------+-------------------------------------------
     0 | D:1      | qw the Minotaur Hunter began the quest for the Orb.
     0 | D:1      | Reached XP level 1. HP: 18/18 MP: 0/0
     0 | D:1      | 0 ||| qw: Version: 0.2-a-117-gc6b5c8b
     0 | D:1      | 0 ||| qw: Game counter: 2533
     0 | D:1      | 0 ||| qw: Always use a shield: true
     0 | D:1      | 0 ||| qw: God list: Okawaru
     0 | D:1      | 0 ||| qw: Allow faded altars: false
     0 | D:1      | 0 ||| qw: Do Orc after D:15 true
     0 | D:1      | 0 ||| qw: Do second Lair branch before Depths: true
     0 | D:1      | 0 ||| qw: Lair rune preference: random
     0 | D:1      | 0 ||| qw: Plans: Normal
     0 | D:1      | 0 ||| PLANNING D:1-11
   150 | D:1      | Reached XP level 2. HP: 22/25 MP: 1/1
   194 | D:1      | Reached skill level 5 in Ranged Weapons
   342 | D:1      | Reached skill level 3 in Fighting
   566 | D:1      | Found a faded altar of an unknown god.
   656 | D:1      | 656 ||| UPGRADING to +0 robe of cold resistance.
   666 | D:1      | 666 ||| READING 3 scrolls labelled PAOQ FINEIRROU.
   667 | D:1      | 667 ||| READING scroll labelled PYOC MYCERGHUR.
   668 | D:1      | 668 ||| READING scroll labelled HAATEL MUDD.
   669 | D:1      | 669 ||| DROPPING 2 scrolls of vulnerability.
   670 | D:1      | 670 ||| DROPPING scroll of butterflies.
   680 | D:2      | Reached XP level 3. HP: 31/31 MP: 2/2
   715 | D:2      | Identified the +2 leather armour of the Weaver {Drain
                  | Regen+ Str+8 Stlth+}
   847 | D:2      | Identified the +2 leather armour of Defence {rC+}
  1088 | D:2      | 1088 ||| UPGRADING to +2 leather armour of the Weaver
                  | {Drain Regen+ Str+8 Stlth+}.
  1098 | D:2      | 1098 ||| DROPPING +0 leather armour.
  1099 | D:2      | 1099 ||| DROPPING +2 leather armour of Defence {rC+}.
  1100 | D:2      | 1100 ||| DROPPING +0 robe of cold resistance.
  1101 | D:2      | 1101 ||| READING scroll labelled ABRIR UXTULIGI.
  1291 | D:3      | You fall into a shaft and drop 2 floors!
  1291 | D:5      | Entered Level 5 of the Dungeon
  1295 | D:5      | 1295 ||| UPGRADING to +5 ring of evasion.
  1296 | D:5      | 1296 ||| READING scroll labelled WEMU PAQAFIEB.
  1297 | D:5      | 1297 ||| READING scroll labelled MOSUST XERETOV.
  1298 | D:5      | 1298 ||| READING 2 scrolls of identify.
  1298 | D:5      | 1298 ||| IDENTIFYING pink potion
  1299 | D:5      | 1299 ||| DROPPING potion of brilliance.
  1301 | D:5      | Noticed an ogre
  1302 | D:5      | 1302 ||| FLEEEEING.
  1304 | D:5      | 1304 ||| FLEEEEING.
  1305 | D:5      | 1305 ||| FLEEEEING.
  1306 | D:5      | 1306 ||| FLEEEEING.
  1307 | D:5      | 1307 ||| STAIRDANCE
  1397 | D:4      | Reached XP level 4. HP: 38/38 MP: 3/3
  1418 | D:4      | Reached skill level 6 in Ranged Weapons
  1599 | D:4      | 1599 ||| UPGRADING to +0 pair of gloves.
  1604 | D:4      | 1604 ||| READING scroll labelled EDETAFFEKAYL.
  1604 | D:4      | Identified a scroll of acquirement
  1604 | D:4      | 1604 ||| ACQUIRING +2 hat "Tiucun" {Will+ Regen+ Str+3
                  | Int-2}
  1604 | D:4      | Acquired the +2 hat "Tiucun" {Will+ Regen+ Str+3 Int-2}
  1606 | D:4      | 1606 ||| UPGRADING to +2 hat "Tiucun" {Will+ Regen+ Str+3
                  | Int-2}.
  1611 | D:4      | 1611 ||| READING 2 scrolls of identify.
  1611 | D:4      | 1611 ||| IDENTIFYING black potion
  1807 | D:3      | Reached skill level 1 in Armour
  2000 | D:3      | Reached XP level 5. HP: 46/46 MP: 4/4
  2007 | D:3      | 2007 ||| READING scroll labelled CIEVUU PUAZXUW.
  2019 | D:3      | 2019 ||| READING scroll labelled RAGIYNLIXIA.
  2021 | D:3      | 2021 ||| Stepping ~*~*~tactically~*~*~ (cloud).
  2033 | D:3      | 2033 ||| Stepping ~*~*~tactically~*~*~ (cloud).
  2161 | D:4      | Noticed a centaur
  2166 | D:4      | Killed a centaur
  2192 | D:4      | Reached skill level 7 in Ranged Weapons
  2285 | D:4      | 2285 ||| DRINKING 2 red potions.
  2321 | D:4      | 2321 ||| UPGRADING to ring of see invisible.
  2322 | D:4      | 2322 ||| READING scroll labelled ALAGIV MEKAYLIRIJ.
  2338 | D:5      | Noticed a centaur
  2343 | D:5      | Killed a centaur
  2344 | D:5      | Reached XP level 6. HP: 52/52 MP: 5/5
  2348 | D:5      | Noticed an ice beast
  2349 | D:5      | 2349 ||| SWAPPING to +0 orcbow.
  2358 | D:5      | Killed an ice beast
  2359 | D:5      | Reached skill level 8 in Ranged Weapons
  2359 | D:5      | 2359 ||| DROPPING +1 heavy shortbow.
  2410 | D:5      | Found a staircase to the Ecumenical Temple.
  2411 | D:5      | 2411 ||| PLANNING TEMPLE
  2418 | Temple   | Entered the Ecumenical Temple
  2509 | Temple   | 2509 ||| PLANNING D:1-11
  2599 | D:5      | Noticed qw's ghost (novice GrFi)
  2603 | D:5      | Noticed an orc warrior
  2605 | D:5      | Found a transporter.
  2674 | D:5      | Found a transporter.
  2775 | D:5      | Reached XP level 7. HP: 29/62 MP: 6/6
  2847 | D:5      | Reached skill level 3 in Dodging
  2868 | D:5      | 2868 ||| READING scroll of enchant weapon.
  2868 | D:5      | 2868 ||| ENCHANTING +0 orcbow.
  3135 | D:5      | 3135 ||| UPGRADING to ring of poison resistance.
  3159 | D:6      | Noticed a shadow
  3168 | D:6      | Killed a shadow
  3337 | D:6      | 3337 ||| READING scroll of enchant weapon.
  3337 | D:6      | 3337 ||| ENCHANTING +1 orcbow.
  3454 | D:6      | Reached skill level 9 in Ranged Weapons
  3488 | D:6      | Reached skill level 6 in Fighting
  3654 | D:6      | Noticed a steam dragon
  3658 | D:6      | 3658 ||| Stepping ~*~*~tactically~*~*~ (cloud).
  3666 | D:6      | Killed a steam dragon
  3667 | D:6      | Reached XP level 8. HP: 40/70 MP: 7/7
  3667 | D:6      | 3667 ||| Stepping ~*~*~tactically~*~*~ (cloud).
  3699 | D:6      | 3699 ||| DROPPING amulet of magic regeneration.
  3700 | D:6      | 3700 ||| READING scroll labelled WUSSEIFFEO.
  3701 | D:6      | 3701 ||| READING 2 scrolls labelled HUORIG ITONUA.
  3704 | D:6      | 3704 ||| READING scroll labelled BACUAK AZAIT.
  3805 | D:6      | 3805 ||| DRINKING 2 brown potions.
  3833 | D:7      | 3833 ||| Stepping ~*~*~tactically~*~*~ (outnumbered).
  3836 | D:7      | 3836 ||| Stepping ~*~*~tactically~*~*~ (outnumbered).
  3852 | D:7      | Reached skill level 10 in Ranged Weapons
  4011 | D:7      | 4011 ||| Stepping ~*~*~tactically~*~*~ (cloud).
  4018 | D:7      | 4018 ||| Stepping ~*~*~tactically~*~*~ (cloud).
  4024 | D:7      | 4024 ||| Stepping ~*~*~tactically~*~*~ (cloud).
  4728 | D:7      | 4728 ||| READING scroll labelled GUEM WATIM HUR.
  4729 | D:7      | 4729 ||| DRINKING 2 smoky green potions.
  4730 | D:7      | 4730 ||| DROPPING potion of attraction.
  4835 | D:8      | Found a glowing silver altar of Zin.
  4838 | D:8      | Found a hide-covered altar of Uskayaw.
  4903 | D:8      | Reached skill level 11 in Ranged Weapons
  5002 | D:8      | Reached XP level 9. HP: 79/79 MP: 8/8
  5404 | D:8      | Found a shimmering altar of Xom.
  5406 | D:8      | Found a radiant altar of Vehumet.
  5432 | D:8      | 5432 ||| Stepping ~*~*~tactically~*~*~ (cloud).
  5433 | D:8      | 5433 ||| Stepping ~*~*~tactically~*~*~ (cloud).
  5443 | D:8      | Noticed a two-headed ogre
  5446 | D:8      | 5446 ||| FLEEEEING.
  5447 | D:8      | 5447 ||| FLEEEEING.
  5448 | D:8      | 5448 ||| FLEEEEING.
  5449 | D:8      | 5449 ||| FLEEEEING.
  5450 | D:8      | 5450 ||| FLEEEEING.
  5451 | D:8      | 5451 ||| FLEEEEING.
  5453 | D:8      | 5453 ||| FLEEEEING.
  5454 | D:8      | 5454 ||| FLEEEEING.
  5455 | D:8      | 5455 ||| FLEEEEING.
  5456 | D:8      | 5456 ||| FLEEEEING.
  5457 | D:8      | 5457 ||| FLEEEEING.
  5458 | D:8      | 5458 ||| FLEEEEING.
  5462 | D:8      | 5462 ||| FLEEEEING.
  5463 | D:8      | 5463 ||| FLEEEEING.
  5471 | D:8      | Killed a two-headed ogre
  5472 | D:8      | Reached skill level 12 in Ranged Weapons
  5622 | D:8      | Noticed a death yak
  5626 | D:8      | 5626 ||| Stepping ~*~*~tactically~*~*~ (outnumbered).
  5633 | D:8      | Noticed a death yak
  5637 | D:8      | Noticed a death yak
  5641 | D:8      | Killed a death yak
  5642 | D:8      | Reached skill level 9 in Fighting
  5654 | D:8      | Killed a death yak
  5655 | D:8      | Reached skill level 13 in Ranged Weapons
  5655 | D:8      | Reached XP level 10. HP: 44/91 MP: 9/9
  5663 | D:8      | HP: 21/91 [death yak (17)]
  5664 | D:8      | 5664 ||| READING scroll of teleportation.
  5665 | D:8      | 5665 ||| DRINKING potion of heal wounds.
  5667 | D:8      | Killed a death yak
  5668 | D:8      | Reached skill level 6 in Dodging
  5753 | D:8      | Found a staircase to the Lair.
  5908 | D:8      | 5908 ||| UPGRADING to +0 cloak.
  5913 | D:8      | 5913 ||| READING 2 scrolls of identify.
  5913 | D:8      | 5913 ||| IDENTIFYING ruby potion
  5944 | D:9      | Reached skill level 3 in Armour
  5984 | D:9      | 5984 ||| FLEEEEING.
  5985 | D:9      | 5985 ||| FLEEEEING.
  5986 | D:9      | 5986 ||| FLEEEEING.
  5987 | D:9      | 5987 ||| FLEEEEING.
  5988 | D:9      | 5988 ||| FLEEEEING.
  5994 | D:9      | 5994 ||| FLEEEEING.
  5995 | D:9      | 5995 ||| FLEEEEING.
  5996 | D:9      | 5996 ||| FLEEEEING.
  5997 | D:9      | 5997 ||| FLEEEEING.
  5998 | D:9      | 5998 ||| FLEEEEING.
  6001 | D:9      | 6001 ||| STAIRDANCE
  6277 | D:9      | Found an ancient bone altar of Kikubaaqudgha.
  6310 | D:9      | Found an iron altar of Okawaru.
  6311 | D:9      | 6311 ||| PLANNING OKAWARU WORSHIP
  6311 | D:9      | 6311 ||| READING 2 scrolls of identify.
  6311 | D:9      | 6311 ||| IDENTIFYING silvery potion
  6312 | D:9      | 6312 ||| DROPPING potion of degeneration.
  6317 | D:9      | Became a worshipper of Warmaster Okawaru
  6317 | D:9      | 6317 ||| PLANNING D:1-11
  6343 | D:9      | Reached skill level 14 in Ranged Weapons
  6423 | D:9      | Noticed Prince Ribbit
  6435 | D:9      | Killed Prince Ribbit
  6438 | D:9      | Reached * piety under Okawaru
  6439 | D:9      | 6439 ||| INVOKING Heroism.
  6713 | D:9      | 6713 ||| PLANNING LAIR
  6713 | D:9      | 6713 ||| DRINKING 4 fuming golden potions.
  6714 | D:9      | 6714 ||| READING 2 scrolls of identify.
  6714 | D:9      | 6714 ||| IDENTIFYING fuming coppery potion
  6715 | D:9      | 6715 ||| DROPPING potion of invisibility.
  6753 | Lair:1   | Entered Level 1 of the Lair of Beasts
  6794 | Lair:1   | Noticed a black mamba
  6795 | Lair:1   | 6795 ||| INVOKING Heroism.
  6800 | Lair:1   | Killed a black mamba
  6801 | Lair:1   | Reached skill level 1 in Invocations
  6835 | Lair:1   | Noticed a cane toad
  6836 | Lair:1   | 6836 ||| INVOKING Heroism.
  6846 | Lair:1   | Killed a cane toad
  6873 | Lair:1   | Noticed a cane toad
  6874 | Lair:1   | 6874 ||| INVOKING Heroism.
  6885 | Lair:1   | Killed a cane toad
  6886 | Lair:1   | Reached XP level 11. HP: 94/99 MP: 9/11
  6966 | Lair:1   | Noticed a boulder beetle
  6967 | Lair:1   | 6967 ||| INVOKING Heroism.
  6984 | Lair:1   | Killed a boulder beetle
  6985 | Lair:1   | Reached skill level 3 in Invocations
  7012 | Lair:1   | 7012 ||| INVOKING Heroism.
  7050 | Lair:1   | 7050 ||| INVOKING Heroism.
  7081 | Lair:1   | 7081 ||| INVOKING Heroism.
  7129 | Lair:1   | 7129 ||| INVOKING Heroism.
  7143 | Lair:1   | Reached skill level 15 in Ranged Weapons
  7163 | Lair:1   | 7163 ||| INVOKING Heroism.
  7448 | Lair:1   | Reached ** piety under Okawaru
  7546 | Lair:1   | Noticed an oklob plant
  7546 | Lair:1   | Noticed an oklob plant
  7547 | Lair:1   | 7547 ||| INVOKING Heroism.
  7548 | Lair:1   | 7548 ||| Stepping ~*~*~tactically~*~*~ (outnumbered).
  7564 | Lair:1   | Found the +3 warlock's mirror {omnireflect}
  7565 | Lair:1   | 7565 ||| Stepping ~*~*~tactically~*~*~ (outnumbered).
  7567 | Lair:1   | 7567 ||| READING 2 scrolls of identify.
  7567 | Lair:1   | 7567 ||| IDENTIFYING sapphire potion
  7568 | Lair:1   | 7568 ||| DROPPING potion of enlightenment.
  7570 | Lair:1   | 7570 ||| INVOKING Heroism.
  7571 | Lair:1   | 7571 ||| Stepping ~*~*~tactically~*~*~ (outnumbered).
  7590 | Lair:1   | 7590 ||| Stepping ~*~*~tactically~*~*~ (outnumbered).
  7592 | Lair:1   | 7592 ||| INVOKING Heroism.
  7593 | Lair:1   | 7593 ||| Stepping ~*~*~tactically~*~*~ (outnumbered).
  7608 | Lair:1   | 7608 ||| Stepping ~*~*~tactically~*~*~ (outnumbered).
  7610 | Lair:1   | 7610 ||| INVOKING Heroism.
  7611 | Lair:1   | 7611 ||| Stepping ~*~*~tactically~*~*~ (outnumbered).
  7626 | Lair:1   | 7626 ||| Stepping ~*~*~tactically~*~*~ (outnumbered).
  7628 | Lair:1   | 7628 ||| Stepping ~*~*~tactically~*~*~ (outnumbered).
  7630 | Lair:1   | 7630 ||| Stepping ~*~*~tactically~*~*~ (outnumbered).
  7632 | Lair:1   | 7632 ||| Stepping ~*~*~tactically~*~*~ (outnumbered).
  7634 | Lair:1   | 7634 ||| Stepping ~*~*~tactically~*~*~ (outnumbered).
  7636 | Lair:1   | 7636 ||| Stepping ~*~*~tactically~*~*~ (outnumbered).
  7638 | Lair:1   | 7638 ||| INVOKING Heroism.
  7639 | Lair:1   | 7639 ||| Stepping ~*~*~tactically~*~*~ (outnumbered).
  7655 | Lair:1   | 7655 ||| Stepping ~*~*~tactically~*~*~ (outnumbered).
  7657 | Lair:1   | 7657 ||| INVOKING Heroism.
  7658 | Lair:1   | 7658 ||| Stepping ~*~*~tactically~*~*~ (outnumbered).
  7673 | Lair:1   | 7673 ||| Stepping ~*~*~tactically~*~*~ (outnumbered).
  7675 | Lair:1   | 7675 ||| Stepping ~*~*~tactically~*~*~ (outnumbered).
  7677 | Lair:1   | 7677 ||| Stepping ~*~*~tactically~*~*~ (outnumbered).
  7679 | Lair:1   | 7679 ||| Stepping ~*~*~tactically~*~*~ (outnumbered).
  7681 | Lair:1   | 7681 ||| INVOKING Heroism.
  7682 | Lair:1   | 7682 ||| Stepping ~*~*~tactically~*~*~ (outnumbered).
  7697 | Lair:1   | 7697 ||| Stepping ~*~*~tactically~*~*~ (outnumbered).
  7699 | Lair:1   | 7699 ||| Stepping ~*~*~tactically~*~*~ (outnumbered).
  7701 | Lair:1   | 7701 ||| Stepping ~*~*~tactically~*~*~ (outnumbered).
  7703 | Lair:1   | 7703 ||| Stepping ~*~*~tactically~*~*~ (outnumbered).
  7705 | Lair:1   | 7705 ||| Stepping ~*~*~tactically~*~*~ (outnumbered).
  7707 | Lair:1   | 7707 ||| Stepping ~*~*~tactically~*~*~ (outnumbered).
  7709 | Lair:1   | 7709 ||| Stepping ~*~*~tactically~*~*~ (outnumbered).
  7711 | Lair:1   | 7711 ||| Stepping ~*~*~tactically~*~*~ (outnumbered).
  7713 | Lair:1   | 7713 ||| Stepping ~*~*~tactically~*~*~ (outnumbered).
  7715 | Lair:1   | 7715 ||| Stepping ~*~*~tactically~*~*~ (outnumbered).
  7717 | Lair:1   | 7717 ||| Stepping ~*~*~tactically~*~*~ (outnumbered).
  7719 | Lair:1   | 7719 ||| Stepping ~*~*~tactically~*~*~ (outnumbered).
  7721 | Lair:1   | 7721 ||| Stepping ~*~*~tactically~*~*~ (outnumbered).
  7723 | Lair:1   | 7723 ||| Stepping ~*~*~tactically~*~*~ (outnumbered).
  7725 | Lair:1   | 7725 ||| Stepping ~*~*~tactically~*~*~ (outnumbered).
  7727 | Lair:1   | 7727 ||| Stepping ~*~*~tactically~*~*~ (outnumbered).
  7729 | Lair:1   | 7729 ||| Stepping ~*~*~tactically~*~*~ (outnumbered).
  7731 | Lair:1   | 7731 ||| Stepping ~*~*~tactically~*~*~ (outnumbered).
  7733 | Lair:1   | 7733 ||| Stepping ~*~*~tactically~*~*~ (outnumbered).
  7735 | Lair:1   | 7735 ||| Stepping ~*~*~tactically~*~*~ (outnumbered).
  7737 | Lair:1   | 7737 ||| Stepping ~*~*~tactically~*~*~ (outnumbered).
  7739 | Lair:1   | 7739 ||| Stepping ~*~*~tactically~*~*~ (outnumbered).
  7741 | Lair:1   | 7741 ||| Stepping ~*~*~tactically~*~*~ (outnumbered).
  7743 | Lair:1   | 7743 ||| Stepping ~*~*~tactically~*~*~ (outnumbered).
  7745 | Lair:1   | 7745 ||| Stepping ~*~*~tactically~*~*~ (outnumbered).
  7747 | Lair:1   | 7747 ||| Stepping ~*~*~tactically~*~*~ (outnumbered).
  7749 | Lair:1   | 7749 ||| Stepping ~*~*~tactically~*~*~ (outnumbered).
  7751 | Lair:1   | 7751 ||| Stepping ~*~*~tactically~*~*~ (outnumbered).
  7753 | Lair:1   | 7753 ||| Stepping ~*~*~tactically~*~*~ (outnumbered).
  7755 | Lair:1   | 7755 ||| Stepping ~*~*~tactically~*~*~ (outnumbered).
  7757 | Lair:1   | 7757 ||| Stepping ~*~*~tactically~*~*~ (outnumbered).
  7759 | Lair:1   | 7759 ||| Stepping ~*~*~tactically~*~*~ (outnumbered).
  7761 | Lair:1   | 7761 ||| Stepping ~*~*~tactically~*~*~ (outnumbered).
  7763 | Lair:1   | 7763 ||| Stepping ~*~*~tactically~*~*~ (outnumbered).
  7765 | Lair:1   | 7765 ||| Stepping ~*~*~tactically~*~*~ (outnumbered).
  7767 | Lair:1   | 7767 ||| Stepping ~*~*~tactically~*~*~ (outnumbered).
  7769 | Lair:1   | 7769 ||| Stepping ~*~*~tactically~*~*~ (outnumbered).
  7771 | Lair:1   | 7771 ||| Stepping ~*~*~tactically~*~*~ (outnumbered).
  7773 | Lair:1   | 7773 ||| Stepping ~*~*~tactically~*~*~ (outnumbered).
  7775 | Lair:1   | 7775 ||| Stepping ~*~*~tactically~*~*~ (outnumbered).
  7777 | Lair:1   | 7777 ||| Stepping ~*~*~tactically~*~*~ (outnumbered).
  7779 | Lair:1   | 7779 ||| Stepping ~*~*~tactically~*~*~ (outnumbered).
  7781 | Lair:1   | 7781 ||| Stepping ~*~*~tactically~*~*~ (outnumbered).
  7783 | Lair:1   | 7783 ||| Stepping ~*~*~tactically~*~*~ (outnumbered).
  7785 | Lair:1   | 7785 ||| Stepping ~*~*~tactically~*~*~ (outnumbered).
  7787 | Lair:1   | 7787 ||| Stepping ~*~*~tactically~*~*~ (outnumbered).
  7789 | Lair:1   | 7789 ||| Stepping ~*~*~tactically~*~*~ (outnumbered).
  7791 | Lair:1   | 7791 ||| Stepping ~*~*~tactically~*~*~ (outnumbered).
  7793 | Lair:1   | 7793 ||| Stepping ~*~*~tactically~*~*~ (outnumbered).
  7795 | Lair:1   | 7795 ||| Stepping ~*~*~tactically~*~*~ (outnumbered).
  7797 | Lair:1   | 7797 ||| Stepping ~*~*~tactically~*~*~ (outnumbered).
  7799 | Lair:1   | 7799 ||| Stepping ~*~*~tactically~*~*~ (outnumbered).
  7801 | Lair:1   | 7801 ||| Stepping ~*~*~tactically~*~*~ (outnumbered).
  7803 | Lair:1   | 7803 ||| Stepping ~*~*~tactically~*~*~ (outnumbered).
  7805 | Lair:1   | 7805 ||| Stepping ~*~*~tactically~*~*~ (outnumbered).
  7807 | Lair:1   | 7807 ||| Stepping ~*~*~tactically~*~*~ (outnumbered).
  7809 | Lair:1   | 7809 ||| Stepping ~*~*~tactically~*~*~ (outnumbered).
  7811 | Lair:1   | 7811 ||| Stepping ~*~*~tactically~*~*~ (outnumbered).
  7813 | Lair:1   | 7813 ||| Stepping ~*~*~tactically~*~*~ (outnumbered).
  7815 | Lair:1   | 7815 ||| Stepping ~*~*~tactically~*~*~ (outnumbered).
  7817 | Lair:1   | 7817 ||| Stepping ~*~*~tactically~*~*~ (outnumbered).
  7819 | Lair:1   | 7819 ||| Stepping ~*~*~tactically~*~*~ (outnumbered).
  7821 | Lair:1   | 7821 ||| Stepping ~*~*~tactically~*~*~ (outnumbered).
  7823 | Lair:1   | 7823 ||| Stepping ~*~*~tactically~*~*~ (outnumbered).
  7825 | Lair:1   | 7825 ||| Stepping ~*~*~tactically~*~*~ (outnumbered).
  7827 | Lair:1   | 7827 ||| Stepping ~*~*~tactically~*~*~ (outnumbered).
  7829 | Lair:1   | 7829 ||| Stepping ~*~*~tactically~*~*~ (outnumbered).
  7831 | Lair:1   | 7831 ||| Stepping ~*~*~tactically~*~*~ (outnumbered).
  7833 | Lair:1   | 7833 ||| Stepping ~*~*~tactically~*~*~ (outnumbered).
  7835 | Lair:1   | 7835 ||| Stepping ~*~*~tactically~*~*~ (outnumbered).
  7837 | Lair:1   | 7837 ||| Stepping ~*~*~tactically~*~*~ (outnumbered).
  7839 | Lair:1   | 7839 ||| Stepping ~*~*~tactically~*~*~ (outnumbered).
  7841 | Lair:1   | 7841 ||| Stepping ~*~*~tactically~*~*~ (outnumbered).
  7843 | Lair:1   | 7843 ||| Stepping ~*~*~tactically~*~*~ (outnumbered).
  7845 | Lair:1   | 7845 ||| Stepping ~*~*~tactically~*~*~ (outnumbered).
  7847 | Lair:1   | 7847 ||| Stepping ~*~*~tactically~*~*~ (outnumbered).
  7849 | Lair:1   | 7849 ||| Stepping ~*~*~tactically~*~*~ (outnumbered).
  7851 | Lair:1   | 7851 ||| Stepping ~*~*~tactically~*~*~ (outnumbered).
  7853 | Lair:1   | 7853 ||| Stepping ~*~*~tactically~*~*~ (outnumbered).
  7855 | Lair:1   | 7855 ||| Stepping ~*~*~tactically~*~*~ (outnumbered).
  7857 | Lair:1   | 7857 ||| Stepping ~*~*~tactically~*~*~ (outnumbered).
  7859 | Lair:1   | 7859 ||| Stepping ~*~*~tactically~*~*~ (outnumbered).
  7861 | Lair:1   | 7861 ||| Stepping ~*~*~tactically~*~*~ (outnumbered).
  7863 | Lair:1   | 7863 ||| Stepping ~*~*~tactically~*~*~ (outnumbered).
  7865 | Lair:1   | 7865 ||| Stepping ~*~*~tactically~*~*~ (outnumbered).
  7867 | Lair:1   | 7867 ||| Stepping ~*~*~tactically~*~*~ (outnumbered).
  7869 | Lair:1   | 7869 ||| Stepping ~*~*~tactically~*~*~ (outnumbered).
  7871 | Lair:1   | 7871 ||| Stepping ~*~*~tactically~*~*~ (outnumbered).
  7873 | Lair:1   | 7873 ||| Stepping ~*~*~tactically~*~*~ (outnumbered).
  7875 | Lair:1   | 7875 ||| Stepping ~*~*~tactically~*~*~ (outnumbered).
  7877 | Lair:1   | 7877 ||| Stepping ~*~*~tactically~*~*~ (outnumbered).
  7879 | Lair:1   | 7879 ||| Stepping ~*~*~tactically~*~*~ (outnumbered).
  7881 | Lair:1   | 7881 ||| Stepping ~*~*~tactically~*~*~ (outnumbered).
  7883 | Lair:1   | 7883 ||| Stepping ~*~*~tactically~*~*~ (outnumbered).
  7885 | Lair:1   | 7885 ||| Stepping ~*~*~tactically~*~*~ (outnumbered).
  7887 | Lair:1   | 7887 ||| Stepping ~*~*~tactically~*~*~ (outnumbered).
  7889 | Lair:1   | 7889 ||| Stepping ~*~*~tactically~*~*~ (outnumbered).
  7891 | Lair:1   | 7891 ||| Stepping ~*~*~tactically~*~*~ (outnumbered).
  7893 | Lair:1   | 7893 ||| Stepping ~*~*~tactically~*~*~ (outnumbered).
  7895 | Lair:1   | 7895 ||| Stepping ~*~*~tactically~*~*~ (outnumbered).
  7897 | Lair:1   | 7897 ||| Stepping ~*~*~tactically~*~*~ (outnumbered).
  7899 | Lair:1   | 7899 ||| Stepping ~*~*~tactically~*~*~ (outnumbered).
  7901 | Lair:1   | 7901 ||| Stepping ~*~*~tactically~*~*~ (outnumbered).
  7903 | Lair:1   | 7903 ||| Stepping ~*~*~tactically~*~*~ (outnumbered).
  7905 | Lair:1   | 7905 ||| Stepping ~*~*~tactically~*~*~ (outnumbered).
  7907 | Lair:1   | 7907 ||| Stepping ~*~*~tactically~*~*~ (outnumbered).
  7909 | Lair:1   | 7909 ||| Stepping ~*~*~tactically~*~*~ (outnumbered).
  7911 | Lair:1   | 7911 ||| Stepping ~*~*~tactically~*~*~ (outnumbered).
  7913 | Lair:1   | 7913 ||| Stepping ~*~*~tactically~*~*~ (outnumbered).
  7915 | Lair:1   | 7915 ||| Stepping ~*~*~tactically~*~*~ (outnumbered).
  7917 | Lair:1   | 7917 ||| Stepping ~*~*~tactically~*~*~ (outnumbered).
  7919 | Lair:1   | 7919 ||| Stepping ~*~*~tactically~*~*~ (outnumbered).
  7921 | Lair:1   | 7921 ||| Stepping ~*~*~tactically~*~*~ (outnumbered).
  7923 | Lair:1   | 7923 ||| Stepping ~*~*~tactically~*~*~ (outnumbered).
  7925 | Lair:1   | 7925 ||| Stepping ~*~*~tactically~*~*~ (outnumbered).
  7927 | Lair:1   | 7927 ||| Stepping ~*~*~tactically~*~*~ (outnumbered).
  7929 | Lair:1   | 7929 ||| Stepping ~*~*~tactically~*~*~ (outnumbered).
  7931 | Lair:1   | 7931 ||| Stepping ~*~*~tactically~*~*~ (outnumbered).
  7933 | Lair:1   | 7933 ||| Stepping ~*~*~tactically~*~*~ (outnumbered).
  7935 | Lair:1   | 7935 ||| Stepping ~*~*~tactically~*~*~ (outnumbered).
  7937 | Lair:1   | 7937 ||| Stepping ~*~*~tactically~*~*~ (outnumbered).
  7939 | Lair:1   | 7939 ||| Stepping ~*~*~tactically~*~*~ (outnumbered).
  7941 | Lair:1   | 7941 ||| Stepping ~*~*~tactically~*~*~ (outnumbered).
  7943 | Lair:1   | 7943 ||| Stepping ~*~*~tactically~*~*~ (outnumbered).
  7945 | Lair:1   | 7945 ||| Stepping ~*~*~tactically~*~*~ (outnumbered).
  7947 | Lair:1   | 7947 ||| Stepping ~*~*~tactically~*~*~ (outnumbered).
  7949 | Lair:1   | 7949 ||| Stepping ~*~*~tactically~*~*~ (outnumbered).
  7951 | Lair:1   | 7951 ||| Stepping ~*~*~tactically~*~*~ (outnumbered).
  7953 | Lair:1   | 7953 ||| Stepping ~*~*~tactically~*~*~ (outnumbered).
  7955 | Lair:1   | 7955 ||| Stepping ~*~*~tactically~*~*~ (outnumbered).
  7957 | Lair:1   | 7957 ||| Stepping ~*~*~tactically~*~*~ (outnumbered).
  7959 | Lair:1   | 7959 ||| Stepping ~*~*~tactically~*~*~ (outnumbered).
  7961 | Lair:1   | 7961 ||| Stepping ~*~*~tactically~*~*~ (outnumbered).
  7963 | Lair:1   | 7963 ||| Stepping ~*~*~tactically~*~*~ (outnumbered).
  7965 | Lair:1   | 7965 ||| Stepping ~*~*~tactically~*~*~ (outnumbered).
  7967 | Lair:1   | 7967 ||| Stepping ~*~*~tactically~*~*~ (outnumbered).
  7969 | Lair:1   | 7969 ||| Stepping ~*~*~tactically~*~*~ (outnumbered).
  7971 | Lair:1   | 7971 ||| Stepping ~*~*~tactically~*~*~ (outnumbered).
  7973 | Lair:1   | 7973 ||| Stepping ~*~*~tactically~*~*~ (outnumbered).
  7975 | Lair:1   | 7975 ||| Stepping ~*~*~tactically~*~*~ (outnumbered).
  7977 | Lair:1   | 7977 ||| Stepping ~*~*~tactically~*~*~ (outnumbered).
  7979 | Lair:1   | 7979 ||| Stepping ~*~*~tactically~*~*~ (outnumbered).
  7981 | Lair:1   | 7981 ||| Stepping ~*~*~tactically~*~*~ (outnumbered).
  7983 | Lair:1   | 7983 ||| Stepping ~*~*~tactically~*~*~ (outnumbered).
  7985 | Lair:1   | 7985 ||| Stepping ~*~*~tactically~*~*~ (outnumbered).
  7987 | Lair:1   | 7987 ||| Stepping ~*~*~tactically~*~*~ (outnumbered).
  7989 | Lair:1   | 7989 ||| Stepping ~*~*~tactically~*~*~ (outnumbered).
  7991 | Lair:1   | 7991 ||| Stepping ~*~*~tactically~*~*~ (outnumbered).
  7993 | Lair:1   | 7993 ||| Stepping ~*~*~tactically~*~*~ (outnumbered).
  7995 | Lair:1   | 7995 ||| Stepping ~*~*~tactically~*~*~ (outnumbered).
  7997 | Lair:1   | 7997 ||| Stepping ~*~*~tactically~*~*~ (outnumbered).
  7999 | Lair:1   | 7999 ||| Stepping ~*~*~tactically~*~*~ (outnumbered).
  8001 | Lair:1   | 8001 ||| Stepping ~*~*~tactically~*~*~ (outnumbered).
  8003 | Lair:1   | 8003 ||| Stepping ~*~*~tactically~*~*~ (outnumbered).
  8005 | Lair:1   | 8005 ||| Stepping ~*~*~tactically~*~*~ (outnumbered).
  8007 | Lair:1   | 8007 ||| Stepping ~*~*~tactically~*~*~ (outnumbered).
  8009 | Lair:1   | 8009 ||| Stepping ~*~*~tactically~*~*~ (outnumbered).
  8011 | Lair:1   | 8011 ||| Stepping ~*~*~tactically~*~*~ (outnumbered).
  8013 | Lair:1   | 8013 ||| Stepping ~*~*~tactically~*~*~ (outnumbered).
  8015 | Lair:1   | 8015 ||| Stepping ~*~*~tactically~*~*~ (outnumbered).
  8017 | Lair:1   | 8017 ||| Stepping ~*~*~tactically~*~*~ (outnumbered).
  8019 | Lair:1   | 8019 ||| Stepping ~*~*~tactically~*~*~ (outnumbered).
  8021 | Lair:1   | 8021 ||| Stepping ~*~*~tactically~*~*~ (outnumbered).
  8023 | Lair:1   | 8023 ||| Stepping ~*~*~tactically~*~*~ (outnumbered).
  8025 | Lair:1   | 8025 ||| Stepping ~*~*~tactically~*~*~ (outnumbered).
  8027 | Lair:1   | 8027 ||| Stepping ~*~*~tactically~*~*~ (outnumbered).
  8029 | Lair:1   | 8029 ||| Stepping ~*~*~tactically~*~*~ (outnumbered).
  8031 | Lair:1   | 8031 ||| Stepping ~*~*~tactically~*~*~ (outnumbered).
  8033 | Lair:1   | 8033 ||| Stepping ~*~*~tactically~*~*~ (outnumbered).
  8035 | Lair:1   | 8035 ||| Stepping ~*~*~tactically~*~*~ (outnumbered).
  8037 | Lair:1   | 8037 ||| Stepping ~*~*~tactically~*~*~ (outnumbered).
  8039 | Lair:1   | 8039 ||| Stepping ~*~*~tactically~*~*~ (outnumbered).
  8041 | Lair:1   | 8041 ||| Stepping ~*~*~tactically~*~*~ (outnumbered).
  8043 | Lair:1   | 8043 ||| Stepping ~*~*~tactically~*~*~ (outnumbered).
  8045 | Lair:1   | 8045 ||| Stepping ~*~*~tactically~*~*~ (outnumbered).
  8047 | Lair:1   | 8047 ||| Stepping ~*~*~tactically~*~*~ (outnumbered).
  8049 | Lair:1   | 8049 ||| Stepping ~*~*~tactically~*~*~ (outnumbered).
  8051 | Lair:1   | 8051 ||| Stepping ~*~*~tactically~*~*~ (outnumbered).
  8053 | Lair:1   | 8053 ||| Stepping ~*~*~tactically~*~*~ (outnumbered).
  8055 | Lair:1   | 8055 ||| Stepping ~*~*~tactically~*~*~ (outnumbered).
  8057 | Lair:1   | 8057 ||| Stepping ~*~*~tactically~*~*~ (outnumbered).
  8059 | Lair:1   | 8059 ||| Stepping ~*~*~tactically~*~*~ (outnumbered).
  8061 | Lair:1   | 8061 ||| Stepping ~*~*~tactically~*~*~ (outnumbered).
  8063 | Lair:1   | 8063 ||| Stepping ~*~*~tactically~*~*~ (outnumbered).
  8065 | Lair:1   | 8065 ||| Stepping ~*~*~tactically~*~*~ (outnumbered).
  8067 | Lair:1   | 8067 ||| Stepping ~*~*~tactically~*~*~ (outnumbered).
  8069 | Lair:1   | 8069 ||| Stepping ~*~*~tactically~*~*~ (outnumbered).
  8071 | Lair:1   | 8071 ||| Stepping ~*~*~tactically~*~*~ (outnumbered).
  8073 | Lair:1   | 8073 ||| Stepping ~*~*~tactically~*~*~ (outnumbered).
  8075 | Lair:1   | 8075 ||| Stepping ~*~*~tactically~*~*~ (outnumbered).
  8077 | Lair:1   | 8077 ||| Stepping ~*~*~tactically~*~*~ (outnumbered).
  8079 | Lair:1   | 8079 ||| Stepping ~*~*~tactically~*~*~ (outnumbered).
  8081 | Lair:1   | 8081 ||| Stepping ~*~*~tactically~*~*~ (outnumbered).
  8083 | Lair:1   | 8083 ||| Stepping ~*~*~tactically~*~*~ (outnumbered).
  8085 | Lair:1   | 8085 ||| Stepping ~*~*~tactically~*~*~ (outnumbered).
  8087 | Lair:1   | 8087 ||| Stepping ~*~*~tactically~*~*~ (outnumbered).
  8089 | Lair:1   | 8089 ||| Stepping ~*~*~tactically~*~*~ (outnumbered).
  8091 | Lair:1   | 8091 ||| Stepping ~*~*~tactically~*~*~ (outnumbered).
  8093 | Lair:1   | 8093 ||| Stepping ~*~*~tactically~*~*~ (outnumbered).
  8095 | Lair:1   | 8095 ||| Stepping ~*~*~tactically~*~*~ (outnumbered).
  8097 | Lair:1   | 8097 ||| Stepping ~*~*~tactically~*~*~ (outnumbered).
  8099 | Lair:1   | 8099 ||| Stepping ~*~*~tactically~*~*~ (outnumbered).
  8101 | Lair:1   | 8101 ||| Stepping ~*~*~tactically~*~*~ (outnumbered).
  8103 | Lair:1   | 8103 ||| Stepping ~*~*~tactically~*~*~ (outnumbered).
  8105 | Lair:1   | 8105 ||| Stepping ~*~*~tactically~*~*~ (outnumbered).
  8107 | Lair:1   | 8107 ||| Stepping ~*~*~tactically~*~*~ (outnumbered).
  8109 | Lair:1   | 8109 ||| Stepping ~*~*~tactically~*~*~ (outnumbered).
  8111 | Lair:1   | 8111 ||| Stepping ~*~*~tactically~*~*~ (outnumbered).
  8113 | Lair:1   | 8113 ||| Stepping ~*~*~tactically~*~*~ (outnumbered).
  8115 | Lair:1   | 8115 ||| Stepping ~*~*~tactically~*~*~ (outnumbered).
  8117 | Lair:1   | 8117 ||| Stepping ~*~*~tactically~*~*~ (outnumbered).
  8119 | Lair:1   | 8119 ||| Stepping ~*~*~tactically~*~*~ (outnumbered).
  8121 | Lair:1   | 8121 ||| Stepping ~*~*~tactically~*~*~ (outnumbered).
  8123 | Lair:1   | 8123 ||| Stepping ~*~*~tactically~*~*~ (outnumbered).
  8125 | Lair:1   | 8125 ||| Stepping ~*~*~tactically~*~*~ (outnumbered).
  8127 | Lair:1   | 8127 ||| Stepping ~*~*~tactically~*~*~ (outnumbered).
  8129 | Lair:1   | 8129 ||| Stepping ~*~*~tactically~*~*~ (outnumbered).
  8131 | Lair:1   | 8131 ||| Stepping ~*~*~tactically~*~*~ (outnumbered).
  8133 | Lair:1   | 8133 ||| Stepping ~*~*~tactically~*~*~ (outnumbered).
  8135 | Lair:1   | 8135 ||| Stepping ~*~*~tactically~*~*~ (outnumbered).
  8137 | Lair:1   | 8137 ||| Stepping ~*~*~tactically~*~*~ (outnumbered).
  8139 | Lair:1   | 8139 ||| Stepping ~*~*~tactically~*~*~ (outnumbered).
  8141 | Lair:1   | 8141 ||| Stepping ~*~*~tactically~*~*~ (outnumbered).
  8143 | Lair:1   | 8143 ||| Stepping ~*~*~tactically~*~*~ (outnumbered).
  8145 | Lair:1   | 8145 ||| Stepping ~*~*~tactically~*~*~ (outnumbered).
  8147 | Lair:1   | 8147 ||| Stepping ~*~*~tactically~*~*~ (outnumbered).
  8149 | Lair:1   | 8149 ||| Stepping ~*~*~tactically~*~*~ (outnumbered).
  8151 | Lair:1   | 8151 ||| Stepping ~*~*~tactically~*~*~ (outnumbered).
  8153 | Lair:1   | 8153 ||| Stepping ~*~*~tactically~*~*~ (outnumbered).
  8155 | Lair:1   | 8155 ||| Stepping ~*~*~tactically~*~*~ (outnumbered).
  8157 | Lair:1   | 8157 ||| Stepping ~*~*~tactically~*~*~ (outnumbered).
  8159 | Lair:1   | 8159 ||| Stepping ~*~*~tactically~*~*~ (outnumbered).
  8161 | Lair:1   | 8161 ||| Stepping ~*~*~tactically~*~*~ (outnumbered).
  8163 | Lair:1   | 8163 ||| Stepping ~*~*~tactically~*~*~ (outnumbered).
  8165 | Lair:1   | 8165 ||| Stepping ~*~*~tactically~*~*~ (outnumbered).
  8167 | Lair:1   | 8167 ||| Stepping ~*~*~tactically~*~*~ (outnumbered).
  8169 | Lair:1   | 8169 ||| Stepping ~*~*~tactically~*~*~ (outnumbered).
  8171 | Lair:1   | 8171 ||| Stepping ~*~*~tactically~*~*~ (outnumbered).
  8173 | Lair:1   | 8173 ||| Stepping ~*~*~tactically~*~*~ (outnumbered).
  8175 | Lair:1   | 8175 ||| Stepping ~*~*~tactically~*~*~ (outnumbered).
  8177 | Lair:1   | 8177 ||| Stepping ~*~*~tactically~*~*~ (outnumbered).
  8179 | Lair:1   | 8179 ||| Stepping ~*~*~tactically~*~*~ (outnumbered).
  8181 | Lair:1   | 8181 ||| Stepping ~*~*~tactically~*~*~ (outnumbered).
  8183 | Lair:1   | 8183 ||| Stepping ~*~*~tactically~*~*~ (outnumbered).
  8185 | Lair:1   | 8185 ||| Stepping ~*~*~tactically~*~*~ (outnumbered).
  8187 | Lair:1   | 8187 ||| Stepping ~*~*~tactically~*~*~ (outnumbered).
  8189 | Lair:1   | 8189 ||| Stepping ~*~*~tactically~*~*~ (outnumbered).
  8191 | Lair:1   | 8191 ||| Stepping ~*~*~tactically~*~*~ (outnumbered).
  8193 | Lair:1   | 8193 ||| Stepping ~*~*~tactically~*~*~ (outnumbered).
  8195 | Lair:1   | 8195 ||| Stepping ~*~*~tactically~*~*~ (outnumbered).
  8197 | Lair:1   | 8197 ||| Stepping ~*~*~tactically~*~*~ (outnumbered).
  8199 | Lair:1   | 8199 ||| Stepping ~*~*~tactically~*~*~ (outnumbered).
  8201 | Lair:1   | 8201 ||| Stepping ~*~*~tactically~*~*~ (outnumbered).
  8203 | Lair:1   | 8203 ||| Stepping ~*~*~tactically~*~*~ (outnumbered).
  8205 | Lair:1   | 8205 ||| Stepping ~*~*~tactically~*~*~ (outnumbered).
  8207 | Lair:1   | 8207 ||| Stepping ~*~*~tactically~*~*~ (outnumbered).
  8209 | Lair:1   | 8209 ||| Stepping ~*~*~tactically~*~*~ (outnumbered).
  8211 | Lair:1   | 8211 ||| Stepping ~*~*~tactically~*~*~ (outnumbered).
  8213 | Lair:1   | 8213 ||| Stepping ~*~*~tactically~*~*~ (outnumbered).
  8215 | Lair:1   | 8215 ||| Stepping ~*~*~tactically~*~*~ (outnumbered).
  8217 | Lair:1   | 8217 ||| Stepping ~*~*~tactically~*~*~ (outnumbered).
  8219 | Lair:1   | 8219 ||| Stepping ~*~*~tactically~*~*~ (outnumbered).
  8221 | Lair:1   | 8221 ||| Stepping ~*~*~tactically~*~*~ (outnumbered).
  8223 | Lair:1   | 8223 ||| Stepping ~*~*~tactically~*~*~ (outnumbered).
  8225 | Lair:1   | 8225 ||| Stepping ~*~*~tactically~*~*~ (outnumbered).
  8227 | Lair:1   | 8227 ||| Stepping ~*~*~tactically~*~*~ (outnumbered).
  8229 | Lair:1   | 8229 ||| Stepping ~*~*~tactically~*~*~ (outnumbered).
  8231 | Lair:1   | 8231 ||| Stepping ~*~*~tactically~*~*~ (outnumbered).
  8233 | Lair:1   | 8233 ||| Stepping ~*~*~tactically~*~*~ (outnumbered).
  8235 | Lair:1   | 8235 ||| Stepping ~*~*~tactically~*~*~ (outnumbered).
  8237 | Lair:1   | 8237 ||| Stepping ~*~*~tactically~*~*~ (outnumbered).
  8239 | Lair:1   | 8239 ||| Stepping ~*~*~tactically~*~*~ (outnumbered).
  8241 | Lair:1   | 8241 ||| Stepping ~*~*~tactically~*~*~ (outnumbered).
  8243 | Lair:1   | 8243 ||| Stepping ~*~*~tactically~*~*~ (outnumbered).
  8245 | Lair:1   | 8245 ||| Stepping ~*~*~tactically~*~*~ (outnumbered).
  8247 | Lair:1   | 8247 ||| Stepping ~*~*~tactically~*~*~ (outnumbered).
  8249 | Lair:1   | 8249 ||| Stepping ~*~*~tactically~*~*~ (outnumbered).
  8251 | Lair:1   | 8251 ||| Stepping ~*~*~tactically~*~*~ (outnumbered).
  8253 | Lair:1   | 8253 ||| Stepping ~*~*~tactically~*~*~ (outnumbered).
  8255 | Lair:1   | 8255 ||| Stepping ~*~*~tactically~*~*~ (outnumbered).
  8257 | Lair:1   | 8257 ||| Stepping ~*~*~tactically~*~*~ (outnumbered).
  8259 | Lair:1   | 8259 ||| Stepping ~*~*~tactically~*~*~ (outnumbered).
  8261 | Lair:1   | 8261 ||| Stepping ~*~*~tactically~*~*~ (outnumbered).
  8263 | Lair:1   | 8263 ||| Stepping ~*~*~tactically~*~*~ (outnumbered).
  8265 | Lair:1   | 8265 ||| Stepping ~*~*~tactically~*~*~ (outnumbered).
  8267 | Lair:1   | 8267 ||| Stepping ~*~*~tactically~*~*~ (outnumbered).
  8269 | Lair:1   | 8269 ||| Stepping ~*~*~tactically~*~*~ (outnumbered).
  8271 | Lair:1   | 8271 ||| Stepping ~*~*~tactically~*~*~ (outnumbered).
  8273 | Lair:1   | 8273 ||| Stepping ~*~*~tactically~*~*~ (outnumbered).
  8275 | Lair:1   | 8275 ||| Stepping ~*~*~tactically~*~*~ (outnumbered).
  8277 | Lair:1   | 8277 ||| Stepping ~*~*~tactically~*~*~ (outnumbered).
  8279 | Lair:1   | 8279 ||| Stepping ~*~*~tactically~*~*~ (outnumbered).
  8281 | Lair:1   | 8281 ||| Stepping ~*~*~tactically~*~*~ (outnumbered).
  8283 | Lair:1   | 8283 ||| Stepping ~*~*~tactically~*~*~ (outnumbered).
  8285 | Lair:1   | 8285 ||| Stepping ~*~*~tactically~*~*~ (outnumbered).
  8287 | Lair:1   | 8287 ||| Stepping ~*~*~tactically~*~*~ (outnumbered).
  8289 | Lair:1   | 8289 ||| Stepping ~*~*~tactically~*~*~ (outnumbered).
  8291 | Lair:1   | 8291 ||| Stepping ~*~*~tactically~*~*~ (outnumbered).
  8293 | Lair:1   | 8293 ||| Stepping ~*~*~tactically~*~*~ (outnumbered).
  8295 | Lair:1   | 8295 ||| Stepping ~*~*~tactically~*~*~ (outnumbered).
  8297 | Lair:1   | 8297 ||| Stepping ~*~*~tactically~*~*~ (outnumbered).
  8299 | Lair:1   | 8299 ||| Stepping ~*~*~tactically~*~*~ (outnumbered).
  8301 | Lair:1   | 8301 ||| Stepping ~*~*~tactically~*~*~ (outnumbered).
  8303 | Lair:1   | 8303 ||| Stepping ~*~*~tactically~*~*~ (outnumbered).
  8305 | Lair:1   | 8305 ||| Stepping ~*~*~tactically~*~*~ (outnumbered).
  8307 | Lair:1   | 8307 ||| Stepping ~*~*~tactically~*~*~ (outnumbered).
  8309 | Lair:1   | 8309 ||| Stepping ~*~*~tactically~*~*~ (outnumbered).
  8311 | Lair:1   | 8311 ||| Stepping ~*~*~tactically~*~*~ (outnumbered).
  8313 | Lair:1   | 8313 ||| Stepping ~*~*~tactically~*~*~ (outnumbered).
  8315 | Lair:1   | 8315 ||| Stepping ~*~*~tactically~*~*~ (outnumbered).
  8317 | Lair:1   | 8317 ||| Stepping ~*~*~tactically~*~*~ (outnumbered).
  8319 | Lair:1   | 8319 ||| Stepping ~*~*~tactically~*~*~ (outnumbered).
  8321 | Lair:1   | 8321 ||| Stepping ~*~*~tactically~*~*~ (outnumbered).
  8323 | Lair:1   | 8323 ||| Stepping ~*~*~tactically~*~*~ (outnumbered).
  8325 | Lair:1   | 8325 ||| Stepping ~*~*~tactically~*~*~ (outnumbered).
  8327 | Lair:1   | 8327 ||| Stepping ~*~*~tactically~*~*~ (outnumbered).
  8329 | Lair:1   | 8329 ||| Stepping ~*~*~tactically~*~*~ (outnumbered).
  8331 | Lair:1   | 8331 ||| Stepping ~*~*~tactically~*~*~ (outnumbered).
  8333 | Lair:1   | 8333 ||| Stepping ~*~*~tactically~*~*~ (outnumbered).
  8335 | Lair:1   | 8335 ||| Stepping ~*~*~tactically~*~*~ (outnumbered).
  8337 | Lair:1   | 8337 ||| Stepping ~*~*~tactically~*~*~ (outnumbered).
  8339 | Lair:1   | 8339 ||| Stepping ~*~*~tactically~*~*~ (outnumbered).
  8341 | Lair:1   | 8341 ||| Stepping ~*~*~tactically~*~*~ (outnumbered).
  8343 | Lair:1   | 8343 ||| Stepping ~*~*~tactically~*~*~ (outnumbered).
  8345 | Lair:1   | 8345 ||| Stepping ~*~*~tactically~*~*~ (outnumbered).
  8347 | Lair:1   | 8347 ||| Stepping ~*~*~tactically~*~*~ (outnumbered).
  8349 | Lair:1   | 8349 ||| Stepping ~*~*~tactically~*~*~ (outnumbered).
  8351 | Lair:1   | 8351 ||| Stepping ~*~*~tactically~*~*~ (outnumbered).
  8353 | Lair:1   | 8353 ||| Stepping ~*~*~tactically~*~*~ (outnumbered).
  8355 | Lair:1   | 8355 ||| Stepping ~*~*~tactically~*~*~ (outnumbered).
  8357 | Lair:1   | 8357 ||| Stepping ~*~*~tactically~*~*~ (outnumbered).
  8359 | Lair:1   | 8359 ||| Stepping ~*~*~tactically~*~*~ (outnumbered).
  8361 | Lair:1   | 8361 ||| Stepping ~*~*~tactically~*~*~ (outnumbered).
  8363 | Lair:1   | 8363 ||| Stepping ~*~*~tactically~*~*~ (outnumbered).
  8365 | Lair:1   | 8365 ||| Stepping ~*~*~tactically~*~*~ (outnumbered).
  8367 | Lair:1   | 8367 ||| Stepping ~*~*~tactically~*~*~ (outnumbered).
  8369 | Lair:1   | 8369 ||| Stepping ~*~*~tactically~*~*~ (outnumbered).
  8371 | Lair:1   | 8371 ||| Stepping ~*~*~tactically~*~*~ (outnumbered).
  8373 | Lair:1   | 8373 ||| Stepping ~*~*~tactically~*~*~ (outnumbered).
  8375 | Lair:1   | 8375 ||| Stepping ~*~*~tactically~*~*~ (outnumbered).
  8377 | Lair:1   | 8377 ||| Stepping ~*~*~tactically~*~*~ (outnumbered).
  8379 | Lair:1   | 8379 ||| Stepping ~*~*~tactically~*~*~ (outnumbered).
  8381 | Lair:1   | 8381 ||| Stepping ~*~*~tactically~*~*~ (outnumbered).
  8383 | Lair:1   | 8383 ||| Stepping ~*~*~tactically~*~*~ (outnumbered).
  8385 | Lair:1   | 8385 ||| Stepping ~*~*~tactically~*~*~ (outnumbered).
  8387 | Lair:1   | 8387 ||| Stepping ~*~*~tactically~*~*~ (outnumbered).
  8389 | Lair:1   | 8389 ||| Stepping ~*~*~tactically~*~*~ (outnumbered).
  8391 | Lair:1   | 8391 ||| Stepping ~*~*~tactically~*~*~ (outnumbered).
  8393 | Lair:1   | 8393 ||| Stepping ~*~*~tactically~*~*~ (outnumbered).
  8395 | Lair:1   | 8395 ||| Stepping ~*~*~tactically~*~*~ (outnumbered).
  8397 | Lair:1   | 8397 ||| Stepping ~*~*~tactically~*~*~ (outnumbered).
  8399 | Lair:1   | 8399 ||| Stepping ~*~*~tactically~*~*~ (outnumbered).
  8401 | Lair:1   | 8401 ||| Stepping ~*~*~tactically~*~*~ (outnumbered).
  8403 | Lair:1   | 8403 ||| Stepping ~*~*~tactically~*~*~ (outnumbered).
  8405 | Lair:1   | 8405 ||| Stepping ~*~*~tactically~*~*~ (outnumbered).
  8407 | Lair:1   | 8407 ||| Stepping ~*~*~tactically~*~*~ (outnumbered).
  8409 | Lair:1   | 8409 ||| Stepping ~*~*~tactically~*~*~ (outnumbered).
  8411 | Lair:1   | 8411 ||| Stepping ~*~*~tactically~*~*~ (outnumbered).
  8413 | Lair:1   | 8413 ||| Stepping ~*~*~tactically~*~*~ (outnumbered).
  8415 | Lair:1   | 8415 ||| Stepping ~*~*~tactically~*~*~ (outnumbered).
  8417 | Lair:1   | 8417 ||| Stepping ~*~*~tactically~*~*~ (outnumbered).
  8419 | Lair:1   | 8419 ||| Stepping ~*~*~tactically~*~*~ (outnumbered).
  8421 | Lair:1   | 8421 ||| Stepping ~*~*~tactically~*~*~ (outnumbered).
  8423 | Lair:1   | 8423 ||| Stepping ~*~*~tactically~*~*~ (outnumbered).
  8425 | Lair:1   | 8425 ||| Stepping ~*~*~tactically~*~*~ (outnumbered).
  8427 | Lair:1   | 8427 ||| Stepping ~*~*~tactically~*~*~ (outnumbered).
  8429 | Lair:1   | 8429 ||| Stepping ~*~*~tactically~*~*~ (outnumbered).
  8431 | Lair:1   | 8431 ||| Stepping ~*~*~tactically~*~*~ (outnumbered).
  8433 | Lair:1   | 8433 ||| Stepping ~*~*~tactically~*~*~ (outnumbered).
  8435 | Lair:1   | 8435 ||| Stepping ~*~*~tactically~*~*~ (outnumbered).
  8437 | Lair:1   | 8437 ||| Stepping ~*~*~tactically~*~*~ (outnumbered).
  8439 | Lair:1   | 8439 ||| Stepping ~*~*~tactically~*~*~ (outnumbered).
  8441 | Lair:1   | 8441 ||| Stepping ~*~*~tactically~*~*~ (outnumbered).
  8443 | Lair:1   | 8443 ||| Stepping ~*~*~tactically~*~*~ (outnumbered).
  8445 | Lair:1   | 8445 ||| Stepping ~*~*~tactically~*~*~ (outnumbered).
  8447 | Lair:1   | 8447 ||| Stepping ~*~*~tactically~*~*~ (outnumbered).
  8449 | Lair:1   | 8449 ||| Stepping ~*~*~tactically~*~*~ (outnumbered).
  8451 | Lair:1   | 8451 ||| Stepping ~*~*~tactically~*~*~ (outnumbered).
  8453 | Lair:1   | 8453 ||| Stepping ~*~*~tactically~*~*~ (outnumbered).
  8455 | Lair:1   | 8455 ||| Stepping ~*~*~tactically~*~*~ (outnumbered).
  8457 | Lair:1   | 8457 ||| Stepping ~*~*~tactically~*~*~ (outnumbered).
  8459 | Lair:1   | 8459 ||| Stepping ~*~*~tactically~*~*~ (outnumbered).
  8461 | Lair:1   | 8461 ||| Stepping ~*~*~tactically~*~*~ (outnumbered).
  8463 | Lair:1   | 8463 ||| Stepping ~*~*~tactically~*~*~ (outnumbered).
  8465 | Lair:1   | 8465 ||| Stepping ~*~*~tactically~*~*~ (outnumbered).
  8467 | Lair:1   | 8467 ||| Stepping ~*~*~tactically~*~*~ (outnumbered).
  8469 | Lair:1   | 8469 ||| Stepping ~*~*~tactically~*~*~ (outnumbered).
  8471 | Lair:1   | 8471 ||| Stepping ~*~*~tactically~*~*~ (outnumbered).
  8473 | Lair:1   | 8473 ||| Stepping ~*~*~tactically~*~*~ (outnumbered).
  8475 | Lair:1   | 8475 ||| Stepping ~*~*~tactically~*~*~ (outnumbered).
  8477 | Lair:1   | 8477 ||| Stepping ~*~*~tactically~*~*~ (outnumbered).
  8479 | Lair:1   | 8479 ||| Stepping ~*~*~tactically~*~*~ (outnumbered).
  8481 | Lair:1   | 8481 ||| Stepping ~*~*~tactically~*~*~ (outnumbered).
  8483 | Lair:1   | 8483 ||| Stepping ~*~*~tactically~*~*~ (outnumbered).
  8485 | Lair:1   | 8485 ||| Stepping ~*~*~tactically~*~*~ (outnumbered).
  8487 | Lair:1   | 8487 ||| Stepping ~*~*~tactically~*~*~ (outnumbered).
  8489 | Lair:1   | 8489 ||| Stepping ~*~*~tactically~*~*~ (outnumbered).
  8491 | Lair:1   | 8491 ||| Stepping ~*~*~tactically~*~*~ (outnumbered).
  8493 | Lair:1   | 8493 ||| Stepping ~*~*~tactically~*~*~ (outnumbered).
  8495 | Lair:1   | 8495 ||| Stepping ~*~*~tactically~*~*~ (outnumbered).
  8497 | Lair:1   | 8497 ||| Stepping ~*~*~tactically~*~*~ (outnumbered).
  8499 | Lair:1   | 8499 ||| Stepping ~*~*~tactically~*~*~ (outnumbered).
  8501 | Lair:1   | 8501 ||| Stepping ~*~*~tactically~*~*~ (outnumbered).
  8503 | Lair:1   | 8503 ||| Stepping ~*~*~tactically~*~*~ (outnumbered).
  8505 | Lair:1   | 8505 ||| Stepping ~*~*~tactically~*~*~ (outnumbered).
  8507 | Lair:1   | 8507 ||| Stepping ~*~*~tactically~*~*~ (outnumbered).
  8509 | Lair:1   | 8509 ||| Stepping ~*~*~tactically~*~*~ (outnumbered).
  8511 | Lair:1   | 8511 ||| Stepping ~*~*~tactically~*~*~ (outnumbered).
  8513 | Lair:1   | 8513 ||| Stepping ~*~*~tactically~*~*~ (outnumbered).
  8515 | Lair:1   | 8515 ||| Stepping ~*~*~tactically~*~*~ (outnumbered).
  8517 | Lair:1   | 8517 ||| Stepping ~*~*~tactically~*~*~ (outnumbered).
  8519 | Lair:1   | 8519 ||| Stepping ~*~*~tactically~*~*~ (outnumbered).
  8521 | Lair:1   | 8521 ||| Stepping ~*~*~tactically~*~*~ (outnumbered).
  8523 | Lair:1   | 8523 ||| Stepping ~*~*~tactically~*~*~ (outnumbered).
  8525 | Lair:1   | 8525 ||| Stepping ~*~*~tactically~*~*~ (outnumbered).
  8527 | Lair:1   | 8527 ||| Stepping ~*~*~tactically~*~*~ (outnumbered).
  8529 | Lair:1   | 8529 ||| Stepping ~*~*~tactically~*~*~ (outnumbered).
  8531 | Lair:1   | 8531 ||| Stepping ~*~*~tactically~*~*~ (outnumbered).
  8533 | Lair:1   | 8533 ||| Stepping ~*~*~tactically~*~*~ (outnumbered).
  8535 | Lair:1   | 8535 ||| Stepping ~*~*~tactically~*~*~ (outnumbered).
  8537 | Lair:1   | 8537 ||| Stepping ~*~*~tactically~*~*~ (outnumbered).
  8539 | Lair:1   | 8539 ||| Stepping ~*~*~tactically~*~*~ (outnumbered).
  8541 | Lair:1   | 8541 ||| Stepping ~*~*~tactically~*~*~ (outnumbered).
  8543 | Lair:1   | 8543 ||| Stepping ~*~*~tactically~*~*~ (outnumbered).
  8545 | Lair:1   | 8545 ||| Stepping ~*~*~tactically~*~*~ (outnumbered).
  8547 | Lair:1   | 8547 ||| Stepping ~*~*~tactically~*~*~ (outnumbered).
  8549 | Lair:1   | 8549 ||| Stepping ~*~*~tactically~*~*~ (outnumbered).
  8551 | Lair:1   | 8551 ||| Stepping ~*~*~tactically~*~*~ (outnumbered).
  8553 | Lair:1   | 8553 ||| Stepping ~*~*~tactically~*~*~ (outnumbered).
  8555 | Lair:1   | 8555 ||| Stepping ~*~*~tactically~*~*~ (outnumbered).
  8557 | Lair:1   | 8557 ||| Stepping ~*~*~tactically~*~*~ (outnumbered).
  8559 | Lair:1   | 8559 ||| Stepping ~*~*~tactically~*~*~ (outnumbered).
  8561 | Lair:1   | 8561 ||| Stepping ~*~*~tactically~*~*~ (outnumbered).
  8563 | Lair:1   | 8563 ||| Stepping ~*~*~tactically~*~*~ (outnumbered).
  8565 | Lair:1   | 8565 ||| Stepping ~*~*~tactically~*~*~ (outnumbered).
  8567 | Lair:1   | 8567 ||| Stepping ~*~*~tactically~*~*~ (outnumbered).
  8569 | Lair:1   | 8569 ||| Stepping ~*~*~tactically~*~*~ (outnumbered).
  8571 | Lair:1   | 8571 ||| Stepping ~*~*~tactically~*~*~ (outnumbered).
  8573 | Lair:1   | 8573 ||| Stepping ~*~*~tactically~*~*~ (outnumbered).
  8575 | Lair:1   | 8575 ||| Stepping ~*~*~tactically~*~*~ (outnumbered).
  8577 | Lair:1   | 8577 ||| Stepping ~*~*~tactically~*~*~ (outnumbered).
  8579 | Lair:1   | 8579 ||| Stepping ~*~*~tactically~*~*~ (outnumbered).
  8581 | Lair:1   | 8581 ||| Stepping ~*~*~tactically~*~*~ (outnumbered).
  8583 | Lair:1   | 8583 ||| Stepping ~*~*~tactically~*~*~ (outnumbered).
  8585 | Lair:1   | 8585 ||| Stepping ~*~*~tactically~*~*~ (outnumbered).
  8587 | Lair:1   | 8587 ||| Stepping ~*~*~tactically~*~*~ (outnumbered).
  8589 | Lair:1   | 8589 ||| Stepping ~*~*~tactically~*~*~ (outnumbered).
  8591 | Lair:1   | 8591 ||| Stepping ~*~*~tactically~*~*~ (outnumbered).
  8593 | Lair:1   | 8593 ||| Stepping ~*~*~tactically~*~*~ (outnumbered).
  8595 | Lair:1   | 8595 ||| Stepping ~*~*~tactically~*~*~ (outnumbered).
  8597 | Lair:1   | 8597 ||| Stepping ~*~*~tactically~*~*~ (outnumbered).
  8599 | Lair:1   | 8599 ||| Stepping ~*~*~tactically~*~*~ (outnumbered).
  8601 | Lair:1   | 8601 ||| Stepping ~*~*~tactically~*~*~ (outnumbered).
  8603 | Lair:1   | 8603 ||| Stepping ~*~*~tactically~*~*~ (outnumbered).
  8605 | Lair:1   | 8605 ||| Stepping ~*~*~tactically~*~*~ (outnumbered).
  8607 | Lair:1   | 8607 ||| Stepping ~*~*~tactically~*~*~ (outnumbered).
  8609 | Lair:1   | 8609 ||| Stepping ~*~*~tactically~*~*~ (outnumbered).
  8611 | Lair:1   | 8611 ||| Stepping ~*~*~tactically~*~*~ (outnumbered).
  8613 | Lair:1   | 8613 ||| Stepping ~*~*~tactically~*~*~ (outnumbered).
  8615 | Lair:1   | 8615 ||| Stepping ~*~*~tactically~*~*~ (outnumbered).
  8617 | Lair:1   | 8617 ||| Stepping ~*~*~tactically~*~*~ (outnumbered).
  8619 | Lair:1   | 8619 ||| Stepping ~*~*~tactically~*~*~ (outnumbered).
  8621 | Lair:1   | 8621 ||| Stepping ~*~*~tactically~*~*~ (outnumbered).
  8623 | Lair:1   | 8623 ||| Stepping ~*~*~tactically~*~*~ (outnumbered).
  8625 | Lair:1   | 8625 ||| Stepping ~*~*~tactically~*~*~ (outnumbered).
  8627 | Lair:1   | 8627 ||| Stepping ~*~*~tactically~*~*~ (outnumbered).
  8629 | Lair:1   | 8629 ||| Stepping ~*~*~tactically~*~*~ (outnumbered).
  8631 | Lair:1   | 8631 ||| Stepping ~*~*~tactically~*~*~ (outnumbered).
  8633 | Lair:1   | 8633 ||| Stepping ~*~*~tactically~*~*~ (outnumbered).
  8635 | Lair:1   | 8635 ||| Stepping ~*~*~tactically~*~*~ (outnumbered).
  8637 | Lair:1   | 8637 ||| Stepping ~*~*~tactically~*~*~ (outnumbered).
  8639 | Lair:1   | 8639 ||| Stepping ~*~*~tactically~*~*~ (outnumbered).
  8641 | Lair:1   | 8641 ||| Stepping ~*~*~tactically~*~*~ (outnumbered).
  8643 | Lair:1   | 8643 ||| Stepping ~*~*~tactically~*~*~ (outnumbered).
  8645 | Lair:1   | 8645 ||| Stepping ~*~*~tactically~*~*~ (outnumbered).
  8647 | Lair:1   | 8647 ||| Stepping ~*~*~tactically~*~*~ (outnumbered).
  8649 | Lair:1   | 8649 ||| Stepping ~*~*~tactically~*~*~ (outnumbered).
  8651 | Lair:1   | 8651 ||| Stepping ~*~*~tactically~*~*~ (outnumbered).
  8653 | Lair:1   | 8653 ||| Stepping ~*~*~tactically~*~*~ (outnumbered).
  8655 | Lair:1   | 8655 ||| Stepping ~*~*~tactically~*~*~ (outnumbered).
  8657 | Lair:1   | 8657 ||| Stepping ~*~*~tactically~*~*~ (outnumbered).
  8659 | Lair:1   | 8659 ||| Stepping ~*~*~tactically~*~*~ (outnumbered).
  8661 | Lair:1   | 8661 ||| Stepping ~*~*~tactically~*~*~ (outnumbered).
  8663 | Lair:1   | 8663 ||| Stepping ~*~*~tactically~*~*~ (outnumbered).
  8665 | Lair:1   | 8665 ||| Stepping ~*~*~tactically~*~*~ (outnumbered).
  8667 | Lair:1   | 8667 ||| Stepping ~*~*~tactically~*~*~ (outnumbered).
  8669 | Lair:1   | 8669 ||| Stepping ~*~*~tactically~*~*~ (outnumbered).
  8671 | Lair:1   | 8671 ||| Stepping ~*~*~tactically~*~*~ (outnumbered).
  8673 | Lair:1   | 8673 ||| Stepping ~*~*~tactically~*~*~ (outnumbered).
  8675 | Lair:1   | 8675 ||| Stepping ~*~*~tactically~*~*~ (outnumbered).
  8677 | Lair:1   | 8677 ||| Stepping ~*~*~tactically~*~*~ (outnumbered).
  8679 | Lair:1   | 8679 ||| Stepping ~*~*~tactically~*~*~ (outnumbered).
  8681 | Lair:1   | 8681 ||| Stepping ~*~*~tactically~*~*~ (outnumbered).
  8683 | Lair:1   | 8683 ||| Stepping ~*~*~tactically~*~*~ (outnumbered).
  8685 | Lair:1   | 8685 ||| Stepping ~*~*~tactically~*~*~ (outnumbered).
  8687 | Lair:1   | 8687 ||| Stepping ~*~*~tactically~*~*~ (outnumbered).
  8689 | Lair:1   | 8689 ||| Stepping ~*~*~tactically~*~*~ (outnumbered).
  8691 | Lair:1   | 8691 ||| Stepping ~*~*~tactically~*~*~ (outnumbered).
  8693 | Lair:1   | 8693 ||| Stepping ~*~*~tactically~*~*~ (outnumbered).
  8695 | Lair:1   | 8695 ||| Stepping ~*~*~tactically~*~*~ (outnumbered).
  8697 | Lair:1   | 8697 ||| Stepping ~*~*~tactically~*~*~ (outnumbered).
  8699 | Lair:1   | 8699 ||| Stepping ~*~*~tactically~*~*~ (outnumbered).
  8701 | Lair:1   | 8701 ||| Stepping ~*~*~tactically~*~*~ (outnumbered).
  8703 | Lair:1   | 8703 ||| Stepping ~*~*~tactically~*~*~ (outnumbered).
  8705 | Lair:1   | 8705 ||| Stepping ~*~*~tactically~*~*~ (outnumbered).
  8707 | Lair:1   | 8707 ||| Stepping ~*~*~tactically~*~*~ (outnumbered).
  8709 | Lair:1   | 8709 ||| Stepping ~*~*~tactically~*~*~ (outnumbered).
  8711 | Lair:1   | 8711 ||| Stepping ~*~*~tactically~*~*~ (outnumbered).
  8713 | Lair:1   | 8713 ||| Stepping ~*~*~tactically~*~*~ (outnumbered).
  8715 | Lair:1   | 8715 ||| Stepping ~*~*~tactically~*~*~ (outnumbered).
  8717 | Lair:1   | 8717 ||| Stepping ~*~*~tactically~*~*~ (outnumbered).
  8719 | Lair:1   | 8719 ||| Stepping ~*~*~tactically~*~*~ (outnumbered).
  8721 | Lair:1   | 8721 ||| Stepping ~*~*~tactically~*~*~ (outnumbered).
  8723 | Lair:1   | 8723 ||| Stepping ~*~*~tactically~*~*~ (outnumbered).
  8725 | Lair:1   | 8725 ||| Stepping ~*~*~tactically~*~*~ (outnumbered).
  8727 | Lair:1   | 8727 ||| Stepping ~*~*~tactically~*~*~ (outnumbered).
  8729 | Lair:1   | 8729 ||| Stepping ~*~*~tactically~*~*~ (outnumbered).
  8731 | Lair:1   | 8731 ||| Stepping ~*~*~tactically~*~*~ (outnumbered).
  8733 | Lair:1   | 8733 ||| Stepping ~*~*~tactically~*~*~ (outnumbered).
  8735 | Lair:1   | 8735 ||| Stepping ~*~*~tactically~*~*~ (outnumbered).
  8737 | Lair:1   | 8737 ||| Stepping ~*~*~tactically~*~*~ (outnumbered).
  8739 | Lair:1   | 8739 ||| Stepping ~*~*~tactically~*~*~ (outnumbered).
  8741 | Lair:1   | 8741 ||| Stepping ~*~*~tactically~*~*~ (outnumbered).
  8743 | Lair:1   | 8743 ||| Stepping ~*~*~tactically~*~*~ (outnumbered).
  8745 | Lair:1   | 8745 ||| Stepping ~*~*~tactically~*~*~ (outnumbered).
  8747 | Lair:1   | 8747 ||| Stepping ~*~*~tactically~*~*~ (outnumbered).
  8749 | Lair:1   | 8749 ||| Stepping ~*~*~tactically~*~*~ (outnumbered).
  8751 | Lair:1   | 8751 ||| Stepping ~*~*~tactically~*~*~ (outnumbered).
  8753 | Lair:1   | 8753 ||| Stepping ~*~*~tactically~*~*~ (outnumbered).
  8755 | Lair:1   | 8755 ||| Stepping ~*~*~tactically~*~*~ (outnumbered).
  8757 | Lair:1   | 8757 ||| Stepping ~*~*~tactically~*~*~ (outnumbered).
  8759 | Lair:1   | 8759 ||| Stepping ~*~*~tactically~*~*~ (outnumbered).
  8761 | Lair:1   | 8761 ||| Stepping ~*~*~tactically~*~*~ (outnumbered).
  8763 | Lair:1   | 8763 ||| Stepping ~*~*~tactically~*~*~ (outnumbered).
  8765 | Lair:1   | 8765 ||| Stepping ~*~*~tactically~*~*~ (outnumbered).
  8767 | Lair:1   | 8767 ||| Stepping ~*~*~tactically~*~*~ (outnumbered).
  8769 | Lair:1   | 8769 ||| Stepping ~*~*~tactically~*~*~ (outnumbered).
  8771 | Lair:1   | 8771 ||| Stepping ~*~*~tactically~*~*~ (outnumbered).
  8773 | Lair:1   | 8773 ||| Stepping ~*~*~tactically~*~*~ (outnumbered).
  8775 | Lair:1   | 8775 ||| Stepping ~*~*~tactically~*~*~ (outnumbered).
  8777 | Lair:1   | 8777 ||| Stepping ~*~*~tactically~*~*~ (outnumbered).
  8779 | Lair:1   | 8779 ||| Stepping ~*~*~tactically~*~*~ (outnumbered).
  8781 | Lair:1   | 8781 ||| Stepping ~*~*~tactically~*~*~ (outnumbered).
  8783 | Lair:1   | 8783 ||| Stepping ~*~*~tactically~*~*~ (outnumbered).
  8785 | Lair:1   | 8785 ||| Stepping ~*~*~tactically~*~*~ (outnumbered).
  8787 | Lair:1   | 8787 ||| Stepping ~*~*~tactically~*~*~ (outnumbered).
  8789 | Lair:1   | 8789 ||| Stepping ~*~*~tactically~*~*~ (outnumbered).
  8791 | Lair:1   | 8791 ||| Stepping ~*~*~tactically~*~*~ (outnumbered).
  8793 | Lair:1   | 8793 ||| Stepping ~*~*~tactically~*~*~ (outnumbered).
  8795 | Lair:1   | 8795 ||| Stepping ~*~*~tactically~*~*~ (outnumbered).
  8797 | Lair:1   | 8797 ||| Stepping ~*~*~tactically~*~*~ (outnumbered).
  8799 | Lair:1   | 8799 ||| Stepping ~*~*~tactically~*~*~ (outnumbered).
  8801 | Lair:1   | 8801 ||| Stepping ~*~*~tactically~*~*~ (outnumbered).
  8803 | Lair:1   | 8803 ||| Stepping ~*~*~tactically~*~*~ (outnumbered).
  8805 | Lair:1   | 8805 ||| Stepping ~*~*~tactically~*~*~ (outnumbered).
  8807 | Lair:1   | 8807 ||| Stepping ~*~*~tactically~*~*~ (outnumbered).
  8809 | Lair:1   | 8809 ||| Stepping ~*~*~tactically~*~*~ (outnumbered).
  8811 | Lair:1   | 8811 ||| Stepping ~*~*~tactically~*~*~ (outnumbered).
  8813 | Lair:1   | 8813 ||| Stepping ~*~*~tactically~*~*~ (outnumbered).
  8815 | Lair:1   | 8815 ||| Stepping ~*~*~tactically~*~*~ (outnumbered).
  8817 | Lair:1   | 8817 ||| Stepping ~*~*~tactically~*~*~ (outnumbered).
  8819 | Lair:1   | 8819 ||| Stepping ~*~*~tactically~*~*~ (outnumbered).
  8821 | Lair:1   | 8821 ||| Stepping ~*~*~tactically~*~*~ (outnumbered).
  8823 | Lair:1   | 8823 ||| Stepping ~*~*~tactically~*~*~ (outnumbered).
  8825 | Lair:1   | 8825 ||| Stepping ~*~*~tactically~*~*~ (outnumbered).
  8827 | Lair:1   | 8827 ||| Stepping ~*~*~tactically~*~*~ (outnumbered).
  8829 | Lair:1   | 8829 ||| Stepping ~*~*~tactically~*~*~ (outnumbered).
  8831 | Lair:1   | 8831 ||| Stepping ~*~*~tactically~*~*~ (outnumbered).
  8833 | Lair:1   | 8833 ||| Stepping ~*~*~tactically~*~*~ (outnumbered).
  8835 | Lair:1   | 8835 ||| Stepping ~*~*~tactically~*~*~ (outnumbered).
  8837 | Lair:1   | 8837 ||| Stepping ~*~*~tactically~*~*~ (outnumbered).
  8839 | Lair:1   | 8839 ||| Stepping ~*~*~tactically~*~*~ (outnumbered).
  8841 | Lair:1   | 8841 ||| Stepping ~*~*~tactically~*~*~ (outnumbered).
  8843 | Lair:1   | 8843 ||| Stepping ~*~*~tactically~*~*~ (outnumbered).
  8845 | Lair:1   | 8845 ||| Stepping ~*~*~tactically~*~*~ (outnumbered).
  8847 | Lair:1   | 8847 ||| Stepping ~*~*~tactically~*~*~ (outnumbered).
  8849 | Lair:1   | 8849 ||| Stepping ~*~*~tactically~*~*~ (outnumbered).
  8851 | Lair:1   | 8851 ||| Stepping ~*~*~tactically~*~*~ (outnumbered).
  8853 | Lair:1   | 8853 ||| Stepping ~*~*~tactically~*~*~ (outnumbered).
  8855 | Lair:1   | 8855 ||| Stepping ~*~*~tactically~*~*~ (outnumbered).
  8857 | Lair:1   | 8857 ||| Stepping ~*~*~tactically~*~*~ (outnumbered).
  8859 | Lair:1   | 8859 ||| Stepping ~*~*~tactically~*~*~ (outnumbered).
  8861 | Lair:1   | 8861 ||| Stepping ~*~*~tactically~*~*~ (outnumbered).
  8863 | Lair:1   | 8863 ||| Stepping ~*~*~tactically~*~*~ (outnumbered).
  8865 | Lair:1   | 8865 ||| Stepping ~*~*~tactically~*~*~ (outnumbered).
  8867 | Lair:1   | 8867 ||| Stepping ~*~*~tactically~*~*~ (outnumbered).
  8869 | Lair:1   | 8869 ||| Stepping ~*~*~tactically~*~*~ (outnumbered).
  8871 | Lair:1   | 8871 ||| Stepping ~*~*~tactically~*~*~ (outnumbered).
  8873 | Lair:1   | 8873 ||| Stepping ~*~*~tactically~*~*~ (outnumbered).
  8875 | Lair:1   | 8875 ||| Stepping ~*~*~tactically~*~*~ (outnumbered).
  8877 | Lair:1   | 8877 ||| Stepping ~*~*~tactically~*~*~ (outnumbered).
  8879 | Lair:1   | 8879 ||| Stepping ~*~*~tactically~*~*~ (outnumbered).
  8881 | Lair:1   | 8881 ||| Stepping ~*~*~tactically~*~*~ (outnumbered).
  8883 | Lair:1   | 8883 ||| Stepping ~*~*~tactically~*~*~ (outnumbered).
  8885 | Lair:1   | 8885 ||| Stepping ~*~*~tactically~*~*~ (outnumbered).
  8887 | Lair:1   | 8887 ||| Stepping ~*~*~tactically~*~*~ (outnumbered).
  8889 | Lair:1   | 8889 ||| Stepping ~*~*~tactically~*~*~ (outnumbered).
  8891 | Lair:1   | 8891 ||| Stepping ~*~*~tactically~*~*~ (outnumbered).
  8893 | Lair:1   | 8893 ||| Stepping ~*~*~tactically~*~*~ (outnumbered).
  8895 | Lair:1   | 8895 ||| Stepping ~*~*~tactically~*~*~ (outnumbered).
  8897 | Lair:1   | 8897 ||| Stepping ~*~*~tactically~*~*~ (outnumbered).
  8899 | Lair:1   | 8899 ||| Stepping ~*~*~tactically~*~*~ (outnumbered).
  8901 | Lair:1   | 8901 ||| Stepping ~*~*~tactically~*~*~ (outnumbered).
  8903 | Lair:1   | 8903 ||| Stepping ~*~*~tactically~*~*~ (outnumbered).
  8905 | Lair:1   | 8905 ||| Stepping ~*~*~tactically~*~*~ (outnumbered).
  8907 | Lair:1   | 8907 ||| Stepping ~*~*~tactically~*~*~ (outnumbered).
  8909 | Lair:1   | 8909 ||| Stepping ~*~*~tactically~*~*~ (outnumbered).
  8911 | Lair:1   | 8911 ||| Stepping ~*~*~tactically~*~*~ (outnumbered).
  8913 | Lair:1   | 8913 ||| Stepping ~*~*~tactically~*~*~ (outnumbered).
  8915 | Lair:1   | 8915 ||| Stepping ~*~*~tactically~*~*~ (outnumbered).
  8917 | Lair:1   | 8917 ||| Stepping ~*~*~tactically~*~*~ (outnumbered).
  8919 | Lair:1   | 8919 ||| Stepping ~*~*~tactically~*~*~ (outnumbered).
  8921 | Lair:1   | 8921 ||| Stepping ~*~*~tactically~*~*~ (outnumbered).
  8923 | Lair:1   | 8923 ||| Stepping ~*~*~tactically~*~*~ (outnumbered).
  8925 | Lair:1   | 8925 ||| Stepping ~*~*~tactically~*~*~ (outnumbered).
  8927 | Lair:1   | 8927 ||| Stepping ~*~*~tactically~*~*~ (outnumbered).
  8929 | Lair:1   | 8929 ||| Stepping ~*~*~tactically~*~*~ (outnumbered).
  8931 | Lair:1   | 8931 ||| Stepping ~*~*~tactically~*~*~ (outnumbered).
  8933 | Lair:1   | 8933 ||| Stepping ~*~*~tactically~*~*~ (outnumbered).
  8935 | Lair:1   | 8935 ||| Stepping ~*~*~tactically~*~*~ (outnumbered).
  8937 | Lair:1   | 8937 ||| Stepping ~*~*~tactically~*~*~ (outnumbered).
  8939 | Lair:1   | 8939 ||| Stepping ~*~*~tactically~*~*~ (outnumbered).
  8941 | Lair:1   | 8941 ||| Stepping ~*~*~tactically~*~*~ (outnumbered).
  8943 | Lair:1   | 8943 ||| Stepping ~*~*~tactically~*~*~ (outnumbered).
  8945 | Lair:1   | 8945 ||| Stepping ~*~*~tactically~*~*~ (outnumbered).
  8947 | Lair:1   | 8947 ||| Stepping ~*~*~tactically~*~*~ (outnumbered).
  8949 | Lair:1   | 8949 ||| Stepping ~*~*~tactically~*~*~ (outnumbered).
  8951 | Lair:1   | 8951 ||| Stepping ~*~*~tactically~*~*~ (outnumbered).
  8953 | Lair:1   | 8953 ||| Stepping ~*~*~tactically~*~*~ (outnumbered).
  8955 | Lair:1   | 8955 ||| Stepping ~*~*~tactically~*~*~ (outnumbered).
  8957 | Lair:1   | 8957 ||| Stepping ~*~*~tactically~*~*~ (outnumbered).
  8959 | Lair:1   | 8959 ||| Stepping ~*~*~tactically~*~*~ (outnumbered).
  8961 | Lair:1   | 8961 ||| Stepping ~*~*~tactically~*~*~ (outnumbered).
  8963 | Lair:1   | 8963 ||| Stepping ~*~*~tactically~*~*~ (outnumbered).
  8965 | Lair:1   | 8965 ||| Stepping ~*~*~tactically~*~*~ (outnumbered).
  8967 | Lair:1   | 8967 ||| Stepping ~*~*~tactically~*~*~ (outnumbered).
  8969 | Lair:1   | 8969 ||| Stepping ~*~*~tactically~*~*~ (outnumbered).
  8971 | Lair:1   | 8971 ||| Stepping ~*~*~tactically~*~*~ (outnumbered).
  8973 | Lair:1   | 8973 ||| Stepping ~*~*~tactically~*~*~ (outnumbered).
  8975 | Lair:1   | 8975 ||| Stepping ~*~*~tactically~*~*~ (outnumbered).
  8977 | Lair:1   | 8977 ||| Stepping ~*~*~tactically~*~*~ (outnumbered).
  8979 | Lair:1   | 8979 ||| Stepping ~*~*~tactically~*~*~ (outnumbered).
  8981 | Lair:1   | 8981 ||| Stepping ~*~*~tactically~*~*~ (outnumbered).
  8983 | Lair:1   | 8983 ||| Stepping ~*~*~tactically~*~*~ (outnumbered).
  8985 | Lair:1   | 8985 ||| Stepping ~*~*~tactically~*~*~ (outnumbered).
  8987 | Lair:1   | 8987 ||| Stepping ~*~*~tactically~*~*~ (outnumbered).
  8989 | Lair:1   | 8989 ||| Stepping ~*~*~tactically~*~*~ (outnumbered).
  8991 | Lair:1   | 8991 ||| Stepping ~*~*~tactically~*~*~ (outnumbered).
  8993 | Lair:1   | 8993 ||| Stepping ~*~*~tactically~*~*~ (outnumbered).
  8995 | Lair:1   | 8995 ||| Stepping ~*~*~tactically~*~*~ (outnumbered).
  8997 | Lair:1   | 8997 ||| Stepping ~*~*~tactically~*~*~ (outnumbered).
  8999 | Lair:1   | 8999 ||| Stepping ~*~*~tactically~*~*~ (outnumbered).
  9001 | Lair:1   | 9001 ||| Stepping ~*~*~tactically~*~*~ (outnumbered).
  9003 | Lair:1   | 9003 ||| Stepping ~*~*~tactically~*~*~ (outnumbered).
  9005 | Lair:1   | 9005 ||| Stepping ~*~*~tactically~*~*~ (outnumbered).
  9007 | Lair:1   | 9007 ||| Stepping ~*~*~tactically~*~*~ (outnumbered).
  9009 | Lair:1   | 9009 ||| Stepping ~*~*~tactically~*~*~ (outnumbered).
  9011 | Lair:1   | 9011 ||| Stepping ~*~*~tactically~*~*~ (outnumbered).
  9013 | Lair:1   | 9013 ||| Stepping ~*~*~tactically~*~*~ (outnumbered).
  9015 | Lair:1   | 9015 ||| Stepping ~*~*~tactically~*~*~ (outnumbered).
  9017 | Lair:1   | 9017 ||| Stepping ~*~*~tactically~*~*~ (outnumbered).
  9019 | Lair:1   | 9019 ||| Stepping ~*~*~tactically~*~*~ (outnumbered).
  9021 | Lair:1   | 9021 ||| Stepping ~*~*~tactically~*~*~ (outnumbered).
  9023 | Lair:1   | 9023 ||| Stepping ~*~*~tactically~*~*~ (outnumbered).
  9025 | Lair:1   | 9025 ||| Stepping ~*~*~tactically~*~*~ (outnumbered).
  9027 | Lair:1   | 9027 ||| Stepping ~*~*~tactically~*~*~ (outnumbered).
  9029 | Lair:1   | 9029 ||| Stepping ~*~*~tactically~*~*~ (outnumbered).
  9031 | Lair:1   | 9031 ||| Stepping ~*~*~tactically~*~*~ (outnumbered).
  9033 | Lair:1   | 9033 ||| Stepping ~*~*~tactically~*~*~ (outnumbered).
  9035 | Lair:1   | 9035 ||| Stepping ~*~*~tactically~*~*~ (outnumbered).
  9037 | Lair:1   | 9037 ||| Stepping ~*~*~tactically~*~*~ (outnumbered).
  9039 | Lair:1   | 9039 ||| Stepping ~*~*~tactically~*~*~ (outnumbered).
  9041 | Lair:1   | 9041 ||| Stepping ~*~*~tactically~*~*~ (outnumbered).
  9043 | Lair:1   | 9043 ||| Stepping ~*~*~tactically~*~*~ (outnumbered).
  9045 | Lair:1   | 9045 ||| Stepping ~*~*~tactically~*~*~ (outnumbered).
  9047 | Lair:1   | 9047 ||| Stepping ~*~*~tactically~*~*~ (outnumbered).
  9049 | Lair:1   | 9049 ||| Stepping ~*~*~tactically~*~*~ (outnumbered).
  9051 | Lair:1   | 9051 ||| Stepping ~*~*~tactically~*~*~ (outnumbered).
  9053 | Lair:1   | 9053 ||| Stepping ~*~*~tactically~*~*~ (outnumbered).
  9055 | Lair:1   | 9055 ||| Stepping ~*~*~tactically~*~*~ (outnumbered).
  9057 | Lair:1   | 9057 ||| Stepping ~*~*~tactically~*~*~ (outnumbered).
  9059 | Lair:1   | 9059 ||| Stepping ~*~*~tactically~*~*~ (outnumbered).
  9061 | Lair:1   | 9061 ||| Stepping ~*~*~tactically~*~*~ (outnumbered).
  9063 | Lair:1   | 9063 ||| Stepping ~*~*~tactically~*~*~ (outnumbered).
  9065 | Lair:1   | 9065 ||| Stepping ~*~*~tactically~*~*~ (outnumbered).
  9067 | Lair:1   | 9067 ||| Stepping ~*~*~tactically~*~*~ (outnumbered).
  9069 | Lair:1   | 9069 ||| Stepping ~*~*~tactically~*~*~ (outnumbered).
  9071 | Lair:1   | 9071 ||| Stepping ~*~*~tactically~*~*~ (outnumbered).
  9073 | Lair:1   | 9073 ||| Stepping ~*~*~tactically~*~*~ (outnumbered).
  9075 | Lair:1   | 9075 ||| Stepping ~*~*~tactically~*~*~ (outnumbered).
  9077 | Lair:1   | 9077 ||| Stepping ~*~*~tactically~*~*~ (outnumbered).
  9079 | Lair:1   | 9079 ||| Stepping ~*~*~tactically~*~*~ (outnumbered).
  9081 | Lair:1   | 9081 ||| Stepping ~*~*~tactically~*~*~ (outnumbered).
  9083 | Lair:1   | 9083 ||| Stepping ~*~*~tactically~*~*~ (outnumbered).
  9085 | Lair:1   | 9085 ||| Stepping ~*~*~tactically~*~*~ (outnumbered).
  9087 | Lair:1   | 9087 ||| Stepping ~*~*~tactically~*~*~ (outnumbered).
  9089 | Lair:1   | 9089 ||| Stepping ~*~*~tactically~*~*~ (outnumbered).
  9091 | Lair:1   | 9091 ||| Stepping ~*~*~tactically~*~*~ (outnumbered).
  9093 | Lair:1   | 9093 ||| Stepping ~*~*~tactically~*~*~ (outnumbered).
  9095 | Lair:1   | 9095 ||| Stepping ~*~*~tactically~*~*~ (outnumbered).
  9097 | Lair:1   | 9097 ||| Stepping ~*~*~tactically~*~*~ (outnumbered).
  9099 | Lair:1   | 9099 ||| Stepping ~*~*~tactically~*~*~ (outnumbered).
  9101 | Lair:1   | 9101 ||| Stepping ~*~*~tactically~*~*~ (outnumbered).
  9103 | Lair:1   | 9103 ||| Stepping ~*~*~tactically~*~*~ (outnumbered).
  9105 | Lair:1   | 9105 ||| Stepping ~*~*~tactically~*~*~ (outnumbered).
  9107 | Lair:1   | 9107 ||| Stepping ~*~*~tactically~*~*~ (outnumbered).
  9109 | Lair:1   | 9109 ||| Stepping ~*~*~tactically~*~*~ (outnumbered).
  9111 | Lair:1   | 9111 ||| Stepping ~*~*~tactically~*~*~ (outnumbered).
  9113 | Lair:1   | 9113 ||| Stepping ~*~*~tactically~*~*~ (outnumbered).
  9115 | Lair:1   | 9115 ||| Stepping ~*~*~tactically~*~*~ (outnumbered).
  9117 | Lair:1   | 9117 ||| Stepping ~*~*~tactically~*~*~ (outnumbered).
  9119 | Lair:1   | 9119 ||| Stepping ~*~*~tactically~*~*~ (outnumbered).
  9121 | Lair:1   | 9121 ||| Stepping ~*~*~tactically~*~*~ (outnumbered).
  9123 | Lair:1   | 9123 ||| Stepping ~*~*~tactically~*~*~ (outnumbered).
  9125 | Lair:1   | 9125 ||| Stepping ~*~*~tactically~*~*~ (outnumbered).
  9127 | Lair:1   | 9127 ||| Stepping ~*~*~tactically~*~*~ (outnumbered).
  9129 | Lair:1   | 9129 ||| Stepping ~*~*~tactically~*~*~ (outnumbered).
  9131 | Lair:1   | 9131 ||| Stepping ~*~*~tactically~*~*~ (outnumbered).
  9133 | Lair:1   | 9133 ||| Stepping ~*~*~tactically~*~*~ (outnumbered).
  9135 | Lair:1   | 9135 ||| Stepping ~*~*~tactically~*~*~ (outnumbered).
  9137 | Lair:1   | 9137 ||| Stepping ~*~*~tactically~*~*~ (outnumbered).
  9139 | Lair:1   | 9139 ||| Stepping ~*~*~tactically~*~*~ (outnumbered).
  9141 | Lair:1   | 9141 ||| Stepping ~*~*~tactically~*~*~ (outnumbered).
  9143 | Lair:1   | 9143 ||| Stepping ~*~*~tactically~*~*~ (outnumbered).
  9145 | Lair:1   | 9145 ||| Stepping ~*~*~tactically~*~*~ (outnumbered).
  9147 | Lair:1   | 9147 ||| Stepping ~*~*~tactically~*~*~ (outnumbered).
  9149 | Lair:1   | 9149 ||| Stepping ~*~*~tactically~*~*~ (outnumbered).
  9151 | Lair:1   | 9151 ||| Stepping ~*~*~tactically~*~*~ (outnumbered).
  9153 | Lair:1   | 9153 ||| Stepping ~*~*~tactically~*~*~ (outnumbered).
  9155 | Lair:1   | 9155 ||| Stepping ~*~*~tactically~*~*~ (outnumbered).
  9157 | Lair:1   | 9157 ||| Stepping ~*~*~tactically~*~*~ (outnumbered).
  9159 | Lair:1   | 9159 ||| Stepping ~*~*~tactically~*~*~ (outnumbered).
  9161 | Lair:1   | 9161 ||| Stepping ~*~*~tactically~*~*~ (outnumbered).
  9163 | Lair:1   | 9163 ||| Stepping ~*~*~tactically~*~*~ (outnumbered).
  9165 | Lair:1   | 9165 ||| Stepping ~*~*~tactically~*~*~ (outnumbered).
  9167 | Lair:1   | 9167 ||| Stepping ~*~*~tactically~*~*~ (outnumbered).
  9169 | Lair:1   | 9169 ||| Stepping ~*~*~tactically~*~*~ (outnumbered).
  9171 | Lair:1   | 9171 ||| Stepping ~*~*~tactically~*~*~ (outnumbered).
  9173 | Lair:1   | 9173 ||| Stepping ~*~*~tactically~*~*~ (outnumbered).
  9175 | Lair:1   | 9175 ||| Stepping ~*~*~tactically~*~*~ (outnumbered).
  9177 | Lair:1   | 9177 ||| Stepping ~*~*~tactically~*~*~ (outnumbered).
  9179 | Lair:1   | 9179 ||| Stepping ~*~*~tactically~*~*~ (outnumbered).
  9181 | Lair:1   | 9181 ||| Stepping ~*~*~tactically~*~*~ (outnumbered).
  9183 | Lair:1   | 9183 ||| Stepping ~*~*~tactically~*~*~ (outnumbered).
  9185 | Lair:1   | 9185 ||| Stepping ~*~*~tactically~*~*~ (outnumbered).
  9187 | Lair:1   | 9187 ||| Stepping ~*~*~tactically~*~*~ (outnumbered).
  9189 | Lair:1   | 9189 ||| Stepping ~*~*~tactically~*~*~ (outnumbered).
  9191 | Lair:1   | 9191 ||| Stepping ~*~*~tactically~*~*~ (outnumbered).
  9193 | Lair:1   | 9193 ||| Stepping ~*~*~tactically~*~*~ (outnumbered).
  9195 | Lair:1   | 9195 ||| Stepping ~*~*~tactically~*~*~ (outnumbered).
  9197 | Lair:1   | 9197 ||| Stepping ~*~*~tactically~*~*~ (outnumbered).
  9199 | Lair:1   | 9199 ||| Stepping ~*~*~tactically~*~*~ (outnumbered).
  9201 | Lair:1   | 9201 ||| Stepping ~*~*~tactically~*~*~ (outnumbered).
  9203 | Lair:1   | 9203 ||| Stepping ~*~*~tactically~*~*~ (outnumbered).
  9205 | Lair:1   | 9205 ||| Stepping ~*~*~tactically~*~*~ (outnumbered).
  9207 | Lair:1   | 9207 ||| Stepping ~*~*~tactically~*~*~ (outnumbered).
  9209 | Lair:1   | 9209 ||| Stepping ~*~*~tactically~*~*~ (outnumbered).
  9211 | Lair:1   | 9211 ||| Stepping ~*~*~tactically~*~*~ (outnumbered).
  9213 | Lair:1   | 9213 ||| Stepping ~*~*~tactically~*~*~ (outnumbered).
  9215 | Lair:1   | 9215 ||| Stepping ~*~*~tactically~*~*~ (outnumbered).
  9217 | Lair:1   | 9217 ||| Stepping ~*~*~tactically~*~*~ (outnumbered).
  9219 | Lair:1   | 9219 ||| Stepping ~*~*~tactically~*~*~ (outnumbered).
  9221 | Lair:1   | 9221 ||| Stepping ~*~*~tactically~*~*~ (outnumbered).
  9223 | Lair:1   | 9223 ||| Stepping ~*~*~tactically~*~*~ (outnumbered).
  9225 | Lair:1   | 9225 ||| Stepping ~*~*~tactically~*~*~ (outnumbered).
  9227 | Lair:1   | 9227 ||| Stepping ~*~*~tactically~*~*~ (outnumbered).
  9229 | Lair:1   | 9229 ||| Stepping ~*~*~tactically~*~*~ (outnumbered).
  9231 | Lair:1   | 9231 ||| Stepping ~*~*~tactically~*~*~ (outnumbered).
  9233 | Lair:1   | 9233 ||| Stepping ~*~*~tactically~*~*~ (outnumbered).
  9235 | Lair:1   | 9235 ||| Stepping ~*~*~tactically~*~*~ (outnumbered).
  9237 | Lair:1   | 9237 ||| Stepping ~*~*~tactically~*~*~ (outnumbered).
  9239 | Lair:1   | 9239 ||| Stepping ~*~*~tactically~*~*~ (outnumbered).
  9241 | Lair:1   | 9241 ||| Stepping ~*~*~tactically~*~*~ (outnumbered).
  9243 | Lair:1   | 9243 ||| Stepping ~*~*~tactically~*~*~ (outnumbered).
  9245 | Lair:1   | 9245 ||| Stepping ~*~*~tactically~*~*~ (outnumbered).
  9247 | Lair:1   | 9247 ||| Stepping ~*~*~tactically~*~*~ (outnumbered).
  9249 | Lair:1   | 9249 ||| Stepping ~*~*~tactically~*~*~ (outnumbered).
  9251 | Lair:1   | 9251 ||| Stepping ~*~*~tactically~*~*~ (outnumbered).
  9253 | Lair:1   | 9253 ||| Stepping ~*~*~tactically~*~*~ (outnumbered).
  9255 | Lair:1   | 9255 ||| Stepping ~*~*~tactically~*~*~ (outnumbered).
  9257 | Lair:1   | 9257 ||| Stepping ~*~*~tactically~*~*~ (outnumbered).
  9259 | Lair:1   | 9259 ||| Stepping ~*~*~tactically~*~*~ (outnumbered).
  9261 | Lair:1   | 9261 ||| Stepping ~*~*~tactically~*~*~ (outnumbered).
  9263 | Lair:1   | 9263 ||| Stepping ~*~*~tactically~*~*~ (outnumbered).
  9265 | Lair:1   | 9265 ||| Stepping ~*~*~tactically~*~*~ (outnumbered).
  9267 | Lair:1   | 9267 ||| Stepping ~*~*~tactically~*~*~ (outnumbered).
  9269 | Lair:1   | 9269 ||| Stepping ~*~*~tactically~*~*~ (outnumbered).
  9271 | Lair:1   | 9271 ||| Stepping ~*~*~tactically~*~*~ (outnumbered).
  9273 | Lair:1   | 9273 ||| Stepping ~*~*~tactically~*~*~ (outnumbered).
  9275 | Lair:1   | 9275 ||| Stepping ~*~*~tactically~*~*~ (outnumbered).
  9277 | Lair:1   | 9277 ||| Stepping ~*~*~tactically~*~*~ (outnumbered).
  9279 | Lair:1   | 9279 ||| Stepping ~*~*~tactically~*~*~ (outnumbered).
  9281 | Lair:1   | 9281 ||| Stepping ~*~*~tactically~*~*~ (outnumbered).
  9283 | Lair:1   | 9283 ||| Stepping ~*~*~tactically~*~*~ (outnumbered).
  9285 | Lair:1   | 9285 ||| Stepping ~*~*~tactically~*~*~ (outnumbered).
  9287 | Lair:1   | 9287 ||| Stepping ~*~*~tactically~*~*~ (outnumbered).
  9289 | Lair:1   | 9289 ||| Stepping ~*~*~tactically~*~*~ (outnumbered).
  9291 | Lair:1   | 9291 ||| Stepping ~*~*~tactically~*~*~ (outnumbered).
  9293 | Lair:1   | 9293 ||| Stepping ~*~*~tactically~*~*~ (outnumbered).
  9295 | Lair:1   | 9295 ||| Stepping ~*~*~tactically~*~*~ (outnumbered).
  9297 | Lair:1   | 9297 ||| Stepping ~*~*~tactically~*~*~ (outnumbered).
  9299 | Lair:1   | 9299 ||| Stepping ~*~*~tactically~*~*~ (outnumbered).
  9301 | Lair:1   | 9301 ||| Stepping ~*~*~tactically~*~*~ (outnumbered).
  9303 | Lair:1   | 9303 ||| Stepping ~*~*~tactically~*~*~ (outnumbered).
  9305 | Lair:1   | 9305 ||| Stepping ~*~*~tactically~*~*~ (outnumbered).
  9307 | Lair:1   | 9307 ||| Stepping ~*~*~tactically~*~*~ (outnumbered).
  9309 | Lair:1   | 9309 ||| Stepping ~*~*~tactically~*~*~ (outnumbered).
  9311 | Lair:1   | 9311 ||| Stepping ~*~*~tactically~*~*~ (outnumbered).
  9313 | Lair:1   | 9313 ||| Stepping ~*~*~tactically~*~*~ (outnumbered).
  9315 | Lair:1   | 9315 ||| Stepping ~*~*~tactically~*~*~ (outnumbered).
  9317 | Lair:1   | 9317 ||| Stepping ~*~*~tactically~*~*~ (outnumbered).
  9319 | Lair:1   | 9319 ||| Stepping ~*~*~tactically~*~*~ (outnumbered).
  9321 | Lair:1   | 9321 ||| Stepping ~*~*~tactically~*~*~ (outnumbered).
  9323 | Lair:1   | 9323 ||| Stepping ~*~*~tactically~*~*~ (outnumbered).
  9325 | Lair:1   | 9325 ||| Stepping ~*~*~tactically~*~*~ (outnumbered).
  9327 | Lair:1   | 9327 ||| Stepping ~*~*~tactically~*~*~ (outnumbered).
  9329 | Lair:1   | 9329 ||| Stepping ~*~*~tactically~*~*~ (outnumbered).
  9331 | Lair:1   | 9331 ||| Stepping ~*~*~tactically~*~*~ (outnumbered).
  9333 | Lair:1   | 9333 ||| Stepping ~*~*~tactically~*~*~ (outnumbered).
  9335 | Lair:1   | 9335 ||| Stepping ~*~*~tactically~*~*~ (outnumbered).
  9337 | Lair:1   | 9337 ||| Stepping ~*~*~tactically~*~*~ (outnumbered).
  9339 | Lair:1   | 9339 ||| Stepping ~*~*~tactically~*~*~ (outnumbered).
  9341 | Lair:1   | 9341 ||| Stepping ~*~*~tactically~*~*~ (outnumbered).
  9343 | Lair:1   | 9343 ||| Stepping ~*~*~tactically~*~*~ (outnumbered).
  9345 | Lair:1   | 9345 ||| Stepping ~*~*~tactically~*~*~ (outnumbered).
  9347 | Lair:1   | 9347 ||| Stepping ~*~*~tactically~*~*~ (outnumbered).
  9349 | Lair:1   | 9349 ||| Stepping ~*~*~tactically~*~*~ (outnumbered).
  9351 | Lair:1   | 9351 ||| Stepping ~*~*~tactically~*~*~ (outnumbered).
  9353 | Lair:1   | 9353 ||| Stepping ~*~*~tactically~*~*~ (outnumbered).
  9355 | Lair:1   | 9355 ||| Stepping ~*~*~tactically~*~*~ (outnumbered).
  9357 | Lair:1   | 9357 ||| Stepping ~*~*~tactically~*~*~ (outnumbered).
  9359 | Lair:1   | 9359 ||| Stepping ~*~*~tactically~*~*~ (outnumbered).
  9361 | Lair:1   | 9361 ||| Stepping ~*~*~tactically~*~*~ (outnumbered).
  9363 | Lair:1   | 9363 ||| Stepping ~*~*~tactically~*~*~ (outnumbered).
  9365 | Lair:1   | 9365 ||| Stepping ~*~*~tactically~*~*~ (outnumbered).
  9367 | Lair:1   | 9367 ||| Stepping ~*~*~tactically~*~*~ (outnumbered).
  9369 | Lair:1   | 9369 ||| Stepping ~*~*~tactically~*~*~ (outnumbered).
  9371 | Lair:1   | 9371 ||| Stepping ~*~*~tactically~*~*~ (outnumbered).
  9373 | Lair:1   | 9373 ||| Stepping ~*~*~tactically~*~*~ (outnumbered).
  9375 | Lair:1   | 9375 ||| Stepping ~*~*~tactically~*~*~ (outnumbered).
  9377 | Lair:1   | 9377 ||| Stepping ~*~*~tactically~*~*~ (outnumbered).
  9379 | Lair:1   | 9379 ||| Stepping ~*~*~tactically~*~*~ (outnumbered).
  9381 | Lair:1   | 9381 ||| Stepping ~*~*~tactically~*~*~ (outnumbered).
  9383 | Lair:1   | 9383 ||| Stepping ~*~*~tactically~*~*~ (outnumbered).
  9385 | Lair:1   | 9385 ||| Stepping ~*~*~tactically~*~*~ (outnumbered).
  9387 | Lair:1   | 9387 ||| Stepping ~*~*~tactically~*~*~ (outnumbered).
  9389 | Lair:1   | 9389 ||| Stepping ~*~*~tactically~*~*~ (outnumbered).
  9391 | Lair:1   | 9391 ||| Stepping ~*~*~tactically~*~*~ (outnumbered).
  9393 | Lair:1   | 9393 ||| Stepping ~*~*~tactically~*~*~ (outnumbered).
  9395 | Lair:1   | 9395 ||| Stepping ~*~*~tactically~*~*~ (outnumbered).
  9397 | Lair:1   | 9397 ||| Stepping ~*~*~tactically~*~*~ (outnumbered).
  9399 | Lair:1   | 9399 ||| Stepping ~*~*~tactically~*~*~ (outnumbered).
  9401 | Lair:1   | 9401 ||| Stepping ~*~*~tactically~*~*~ (outnumbered).
  9403 | Lair:1   | 9403 ||| Stepping ~*~*~tactically~*~*~ (outnumbered).
  9405 | Lair:1   | 9405 ||| Stepping ~*~*~tactically~*~*~ (outnumbered).
  9407 | Lair:1   | 9407 ||| Stepping ~*~*~tactically~*~*~ (outnumbered).
  9409 | Lair:1   | 9409 ||| Stepping ~*~*~tactically~*~*~ (outnumbered).
  9411 | Lair:1   | 9411 ||| Stepping ~*~*~tactically~*~*~ (outnumbered).
  9413 | Lair:1   | 9413 ||| Stepping ~*~*~tactically~*~*~ (outnumbered).
  9415 | Lair:1   | 9415 ||| Stepping ~*~*~tactically~*~*~ (outnumbered).
  9417 | Lair:1   | 9417 ||| Stepping ~*~*~tactically~*~*~ (outnumbered).
  9419 | Lair:1   | 9419 ||| Stepping ~*~*~tactically~*~*~ (outnumbered).
  9421 | Lair:1   | 9421 ||| Stepping ~*~*~tactically~*~*~ (outnumbered).
  9423 | Lair:1   | 9423 ||| Stepping ~*~*~tactically~*~*~ (outnumbered).
  9425 | Lair:1   | 9425 ||| Stepping ~*~*~tactically~*~*~ (outnumbered).
  9427 | Lair:1   | 9427 ||| Stepping ~*~*~tactically~*~*~ (outnumbered).
  9429 | Lair:1   | 9429 ||| Stepping ~*~*~tactically~*~*~ (outnumbered).
  9431 | Lair:1   | 9431 ||| Stepping ~*~*~tactically~*~*~ (outnumbered).
  9433 | Lair:1   | 9433 ||| Stepping ~*~*~tactically~*~*~ (outnumbered).
  9435 | Lair:1   | 9435 ||| Stepping ~*~*~tactically~*~*~ (outnumbered).
  9437 | Lair:1   | 9437 ||| Stepping ~*~*~tactically~*~*~ (outnumbered).
  9439 | Lair:1   | 9439 ||| Stepping ~*~*~tactically~*~*~ (outnumbered).
  9441 | Lair:1   | 9441 ||| Stepping ~*~*~tactically~*~*~ (outnumbered).
  9443 | Lair:1   | 9443 ||| Stepping ~*~*~tactically~*~*~ (outnumbered).
  9445 | Lair:1   | 9445 ||| Stepping ~*~*~tactically~*~*~ (outnumbered).
  9447 | Lair:1   | 9447 ||| Stepping ~*~*~tactically~*~*~ (outnumbered).
  9449 | Lair:1   | 9449 ||| Stepping ~*~*~tactically~*~*~ (outnumbered).
  9451 | Lair:1   | 9451 ||| Stepping ~*~*~tactically~*~*~ (outnumbered).
  9453 | Lair:1   | 9453 ||| Stepping ~*~*~tactically~*~*~ (outnumbered).
  9455 | Lair:1   | 9455 ||| Stepping ~*~*~tactically~*~*~ (outnumbered).
  9457 | Lair:1   | 9457 ||| Stepping ~*~*~tactically~*~*~ (outnumbered).
  9459 | Lair:1   | 9459 ||| Stepping ~*~*~tactically~*~*~ (outnumbered).
  9461 | Lair:1   | 9461 ||| Stepping ~*~*~tactically~*~*~ (outnumbered).
  9463 | Lair:1   | 9463 ||| Stepping ~*~*~tactically~*~*~ (outnumbered).
  9465 | Lair:1   | 9465 ||| Stepping ~*~*~tactically~*~*~ (outnumbered).
  9467 | Lair:1   | 9467 ||| Stepping ~*~*~tactically~*~*~ (outnumbered).
  9469 | Lair:1   | 9469 ||| Stepping ~*~*~tactically~*~*~ (outnumbered).
  9471 | Lair:1   | 9471 ||| Stepping ~*~*~tactically~*~*~ (outnumbered).
  9473 | Lair:1   | 9473 ||| Stepping ~*~*~tactically~*~*~ (outnumbered).
  9475 | Lair:1   | 9475 ||| Stepping ~*~*~tactically~*~*~ (outnumbered).
  9477 | Lair:1   | 9477 ||| Stepping ~*~*~tactically~*~*~ (outnumbered).
  9479 | Lair:1   | 9479 ||| Stepping ~*~*~tactically~*~*~ (outnumbered).
  9481 | Lair:1   | 9481 ||| Stepping ~*~*~tactically~*~*~ (outnumbered).
  9483 | Lair:1   | 9483 ||| Stepping ~*~*~tactically~*~*~ (outnumbered).
  9485 | Lair:1   | 9485 ||| Stepping ~*~*~tactically~*~*~ (outnumbered).
  9487 | Lair:1   | 9487 ||| Stepping ~*~*~tactically~*~*~ (outnumbered).
  9489 | Lair:1   | 9489 ||| Stepping ~*~*~tactically~*~*~ (outnumbered).
  9491 | Lair:1   | 9491 ||| Stepping ~*~*~tactically~*~*~ (outnumbered).
  9493 | Lair:1   | 9493 ||| Stepping ~*~*~tactically~*~*~ (outnumbered).
  9495 | Lair:1   | 9495 ||| Stepping ~*~*~tactically~*~*~ (outnumbered).
  9497 | Lair:1   | 9497 ||| Stepping ~*~*~tactically~*~*~ (outnumbered).
  9499 | Lair:1   | 9499 ||| Stepping ~*~*~tactically~*~*~ (outnumbered).
  9501 | Lair:1   | 9501 ||| Stepping ~*~*~tactically~*~*~ (outnumbered).
  9503 | Lair:1   | 9503 ||| Stepping ~*~*~tactically~*~*~ (outnumbered).
  9505 | Lair:1   | 9505 ||| Stepping ~*~*~tactically~*~*~ (outnumbered).
  9507 | Lair:1   | 9507 ||| Stepping ~*~*~tactically~*~*~ (outnumbered).
  9509 | Lair:1   | 9509 ||| Stepping ~*~*~tactically~*~*~ (outnumbered).
  9511 | Lair:1   | 9511 ||| Stepping ~*~*~tactically~*~*~ (outnumbered).
  9513 | Lair:1   | 9513 ||| Stepping ~*~*~tactically~*~*~ (outnumbered).
  9515 | Lair:1   | 9515 ||| Stepping ~*~*~tactically~*~*~ (outnumbered).
  9517 | Lair:1   | 9517 ||| Stepping ~*~*~tactically~*~*~ (outnumbered).
  9519 | Lair:1   | 9519 ||| Stepping ~*~*~tactically~*~*~ (outnumbered).
  9521 | Lair:1   | 9521 ||| Stepping ~*~*~tactically~*~*~ (outnumbered).
  9523 | Lair:1   | 9523 ||| Stepping ~*~*~tactically~*~*~ (outnumbered).
  9525 | Lair:1   | 9525 ||| Stepping ~*~*~tactically~*~*~ (outnumbered).
  9527 | Lair:1   | 9527 ||| Stepping ~*~*~tactically~*~*~ (outnumbered).
  9529 | Lair:1   | 9529 ||| Stepping ~*~*~tactically~*~*~ (outnumbered).
  9531 | Lair:1   | 9531 ||| Stepping ~*~*~tactically~*~*~ (outnumbered).
  9533 | Lair:1   | 9533 ||| Stepping ~*~*~tactically~*~*~ (outnumbered).
  9535 | Lair:1   | 9535 ||| Stepping ~*~*~tactically~*~*~ (outnumbered).
  9537 | Lair:1   | 9537 ||| Stepping ~*~*~tactically~*~*~ (outnumbered).
  9539 | Lair:1   | 9539 ||| Stepping ~*~*~tactically~*~*~ (outnumbered).
  9541 | Lair:1   | 9541 ||| Stepping ~*~*~tactically~*~*~ (outnumbered).
  9543 | Lair:1   | 9543 ||| Stepping ~*~*~tactically~*~*~ (outnumbered).
  9545 | Lair:1   | 9545 ||| Stepping ~*~*~tactically~*~*~ (outnumbered).
  9547 | Lair:1   | 9547 ||| Stepping ~*~*~tactically~*~*~ (outnumbered).
  9549 | Lair:1   | 9549 ||| Stepping ~*~*~tactically~*~*~ (outnumbered).
  9551 | Lair:1   | 9551 ||| Stepping ~*~*~tactically~*~*~ (outnumbered).
  9553 | Lair:1   | 9553 ||| Stepping ~*~*~tactically~*~*~ (outnumbered).
  9555 | Lair:1   | 9555 ||| Stepping ~*~*~tactically~*~*~ (outnumbered).
  9557 | Lair:1   | 9557 ||| Stepping ~*~*~tactically~*~*~ (outnumbered).
  9559 | Lair:1   | 9559 ||| Stepping ~*~*~tactically~*~*~ (outnumbered).
  9561 | Lair:1   | 9561 ||| Stepping ~*~*~tactically~*~*~ (outnumbered).
  9563 | Lair:1   | 9563 ||| Stepping ~*~*~tactically~*~*~ (outnumbered).
  9565 | Lair:1   | 9565 ||| Stepping ~*~*~tactically~*~*~ (outnumbered).
  9567 | Lair:1   | 9567 ||| Stepping ~*~*~tactically~*~*~ (outnumbered).
  9569 | Lair:1   | 9569 ||| Stepping ~*~*~tactically~*~*~ (outnumbered).
  9571 | Lair:1   | 9571 ||| Stepping ~*~*~tactically~*~*~ (outnumbered).
  9573 | Lair:1   | 9573 ||| Stepping ~*~*~tactically~*~*~ (outnumbered).
  9575 | Lair:1   | 9575 ||| Stepping ~*~*~tactically~*~*~ (outnumbered).
  9577 | Lair:1   | 9577 ||| Stepping ~*~*~tactically~*~*~ (outnumbered).
  9579 | Lair:1   | 9579 ||| Stepping ~*~*~tactically~*~*~ (outnumbered).
  9581 | Lair:1   | 9581 ||| Stepping ~*~*~tactically~*~*~ (outnumbered).
  9583 | Lair:1   | 9583 ||| Stepping ~*~*~tactically~*~*~ (outnumbered).
  9585 | Lair:1   | 9585 ||| Stepping ~*~*~tactically~*~*~ (outnumbered).
  9587 | Lair:1   | 9587 ||| Stepping ~*~*~tactically~*~*~ (outnumbered).
  9589 | Lair:1   | 9589 ||| Stepping ~*~*~tactically~*~*~ (outnumbered).
  9591 | Lair:1   | 9591 ||| Stepping ~*~*~tactically~*~*~ (outnumbered).
  9593 | Lair:1   | 9593 ||| Stepping ~*~*~tactically~*~*~ (outnumbered).
  9595 | Lair:1   | 9595 ||| Stepping ~*~*~tactically~*~*~ (outnumbered).
  9597 | Lair:1   | 9597 ||| Stepping ~*~*~tactically~*~*~ (outnumbered).
  9599 | Lair:1   | 9599 ||| Stepping ~*~*~tactically~*~*~ (outnumbered).
  9601 | Lair:1   | 9601 ||| Stepping ~*~*~tactically~*~*~ (outnumbered).
  9603 | Lair:1   | 9603 ||| Stepping ~*~*~tactically~*~*~ (outnumbered).
  9605 | Lair:1   | 9605 ||| Stepping ~*~*~tactically~*~*~ (outnumbered).
  9607 | Lair:1   | 9607 ||| Stepping ~*~*~tactically~*~*~ (outnumbered).
  9609 | Lair:1   | 9609 ||| Stepping ~*~*~tactically~*~*~ (outnumbered).
  9611 | Lair:1   | 9611 ||| Stepping ~*~*~tactically~*~*~ (outnumbered).
  9613 | Lair:1   | 9613 ||| Stepping ~*~*~tactically~*~*~ (outnumbered).
  9615 | Lair:1   | 9615 ||| Stepping ~*~*~tactically~*~*~ (outnumbered).
  9617 | Lair:1   | 9617 ||| Stepping ~*~*~tactically~*~*~ (outnumbered).
  9619 | Lair:1   | 9619 ||| Stepping ~*~*~tactically~*~*~ (outnumbered).
  9621 | Lair:1   | 9621 ||| Stepping ~*~*~tactically~*~*~ (outnumbered).
  9623 | Lair:1   | 9623 ||| Stepping ~*~*~tactically~*~*~ (outnumbered).
  9625 | Lair:1   | 9625 ||| Stepping ~*~*~tactically~*~*~ (outnumbered).
  9627 | Lair:1   | 9627 ||| Stepping ~*~*~tactically~*~*~ (outnumbered).
  9629 | Lair:1   | 9629 ||| Stepping ~*~*~tactically~*~*~ (outnumbered).
  9631 | Lair:1   | 9631 ||| Stepping ~*~*~tactically~*~*~ (outnumbered).
  9633 | Lair:1   | 9633 ||| Stepping ~*~*~tactically~*~*~ (outnumbered).
  9635 | Lair:1   | 9635 ||| Stepping ~*~*~tactically~*~*~ (outnumbered).
  9637 | Lair:1   | 9637 ||| Stepping ~*~*~tactically~*~*~ (outnumbered).
  9639 | Lair:1   | 9639 ||| Stepping ~*~*~tactically~*~*~ (outnumbered).
  9641 | Lair:1   | 9641 ||| Stepping ~*~*~tactically~*~*~ (outnumbered).
  9643 | Lair:1   | 9643 ||| Stepping ~*~*~tactically~*~*~ (outnumbered).
  9645 | Lair:1   | 9645 ||| Stepping ~*~*~tactically~*~*~ (outnumbered).
  9647 | Lair:1   | 9647 ||| Stepping ~*~*~tactically~*~*~ (outnumbered).
  9649 | Lair:1   | 9649 ||| Stepping ~*~*~tactically~*~*~ (outnumbered).
  9651 | Lair:1   | 9651 ||| Stepping ~*~*~tactically~*~*~ (outnumbered).
  9653 | Lair:1   | 9653 ||| Stepping ~*~*~tactically~*~*~ (outnumbered).
  9655 | Lair:1   | 9655 ||| Stepping ~*~*~tactically~*~*~ (outnumbered).
  9657 | Lair:1   | 9657 ||| Stepping ~*~*~tactically~*~*~ (outnumbered).
  9659 | Lair:1   | 9659 ||| Stepping ~*~*~tactically~*~*~ (outnumbered).
  9661 | Lair:1   | 9661 ||| Stepping ~*~*~tactically~*~*~ (outnumbered).
  9663 | Lair:1   | 9663 ||| Stepping ~*~*~tactically~*~*~ (outnumbered).
  9665 | Lair:1   | 9665 ||| Stepping ~*~*~tactically~*~*~ (outnumbered).
  9667 | Lair:1   | 9667 ||| Stepping ~*~*~tactically~*~*~ (outnumbered).
  9669 | Lair:1   | 9669 ||| Stepping ~*~*~tactically~*~*~ (outnumbered).
  9671 | Lair:1   | 9671 ||| Stepping ~*~*~tactically~*~*~ (outnumbered).
  9673 | Lair:1   | 9673 ||| Stepping ~*~*~tactically~*~*~ (outnumbered).
  9675 | Lair:1   | 9675 ||| Stepping ~*~*~tactically~*~*~ (outnumbered).
  9677 | Lair:1   | 9677 ||| Stepping ~*~*~tactically~*~*~ (outnumbered).
  9679 | Lair:1   | 9679 ||| Stepping ~*~*~tactically~*~*~ (outnumbered).
  9681 | Lair:1   | 9681 ||| Stepping ~*~*~tactically~*~*~ (outnumbered).
  9683 | Lair:1   | 9683 ||| Stepping ~*~*~tactically~*~*~ (outnumbered).
  9685 | Lair:1   | 9685 ||| Stepping ~*~*~tactically~*~*~ (outnumbered).
  9687 | Lair:1   | 9687 ||| Stepping ~*~*~tactically~*~*~ (outnumbered).
  9689 | Lair:1   | 9689 ||| Stepping ~*~*~tactically~*~*~ (outnumbered).
  9691 | Lair:1   | 9691 ||| Stepping ~*~*~tactically~*~*~ (outnumbered).
  9693 | Lair:1   | 9693 ||| Stepping ~*~*~tactically~*~*~ (outnumbered).
  9695 | Lair:1   | 9695 ||| Stepping ~*~*~tactically~*~*~ (outnumbered).
  9697 | Lair:1   | 9697 ||| Stepping ~*~*~tactically~*~*~ (outnumbered).
  9699 | Lair:1   | 9699 ||| Stepping ~*~*~tactically~*~*~ (outnumbered).
  9701 | Lair:1   | 9701 ||| Stepping ~*~*~tactically~*~*~ (outnumbered).
  9703 | Lair:1   | 9703 ||| Stepping ~*~*~tactically~*~*~ (outnumbered).
  9705 | Lair:1   | 9705 ||| Stepping ~*~*~tactically~*~*~ (outnumbered).
  9707 | Lair:1   | 9707 ||| Stepping ~*~*~tactically~*~*~ (outnumbered).
  9709 | Lair:1   | 9709 ||| Stepping ~*~*~tactically~*~*~ (outnumbered).
  9711 | Lair:1   | 9711 ||| Stepping ~*~*~tactically~*~*~ (outnumbered).
  9713 | Lair:1   | 9713 ||| Stepping ~*~*~tactically~*~*~ (outnumbered).
  9715 | Lair:1   | 9715 ||| Stepping ~*~*~tactically~*~*~ (outnumbered).
  9717 | Lair:1   | 9717 ||| Stepping ~*~*~tactically~*~*~ (outnumbered).
  9719 | Lair:1   | 9719 ||| Stepping ~*~*~tactically~*~*~ (outnumbered).
  9721 | Lair:1   | 9721 ||| Stepping ~*~*~tactically~*~*~ (outnumbered).
  9723 | Lair:1   | 9723 ||| Stepping ~*~*~tactically~*~*~ (outnumbered).
  9725 | Lair:1   | 9725 ||| Stepping ~*~*~tactically~*~*~ (outnumbered).
  9727 | Lair:1   | 9727 ||| Stepping ~*~*~tactically~*~*~ (outnumbered).
  9729 | Lair:1   | 9729 ||| Stepping ~*~*~tactically~*~*~ (outnumbered).
  9731 | Lair:1   | 9731 ||| Stepping ~*~*~tactically~*~*~ (outnumbered).
  9733 | Lair:1   | 9733 ||| Stepping ~*~*~tactically~*~*~ (outnumbered).
  9735 | Lair:1   | 9735 ||| Stepping ~*~*~tactically~*~*~ (outnumbered).
  9737 | Lair:1   | 9737 ||| Stepping ~*~*~tactically~*~*~ (outnumbered).
  9739 | Lair:1   | 9739 ||| Stepping ~*~*~tactically~*~*~ (outnumbered).
  9741 | Lair:1   | 9741 ||| Stepping ~*~*~tactically~*~*~ (outnumbered).
  9743 | Lair:1   | 9743 ||| Stepping ~*~*~tactically~*~*~ (outnumbered).
  9745 | Lair:1   | 9745 ||| Stepping ~*~*~tactically~*~*~ (outnumbered).
  9747 | Lair:1   | 9747 ||| Stepping ~*~*~tactically~*~*~ (outnumbered).
  9749 | Lair:1   | 9749 ||| Stepping ~*~*~tactically~*~*~ (outnumbered).
  9751 | Lair:1   | 9751 ||| Stepping ~*~*~tactically~*~*~ (outnumbered).
  9753 | Lair:1   | 9753 ||| Stepping ~*~*~tactically~*~*~ (outnumbered).
  9755 | Lair:1   | 9755 ||| Stepping ~*~*~tactically~*~*~ (outnumbered).
  9757 | Lair:1   | 9757 ||| Stepping ~*~*~tactically~*~*~ (outnumbered).
  9759 | Lair:1   | 9759 ||| Stepping ~*~*~tactically~*~*~ (outnumbered).
  9761 | Lair:1   | 9761 ||| Stepping ~*~*~tactically~*~*~ (outnumbered).
  9763 | Lair:1   | 9763 ||| Stepping ~*~*~tactically~*~*~ (outnumbered).
  9765 | Lair:1   | 9765 ||| Stepping ~*~*~tactically~*~*~ (outnumbered).
  9767 | Lair:1   | 9767 ||| Stepping ~*~*~tactically~*~*~ (outnumbered).
  9769 | Lair:1   | 9769 ||| Stepping ~*~*~tactically~*~*~ (outnumbered).
  9771 | Lair:1   | 9771 ||| Stepping ~*~*~tactically~*~*~ (outnumbered).
  9773 | Lair:1   | 9773 ||| Stepping ~*~*~tactically~*~*~ (outnumbered).
  9775 | Lair:1   | 9775 ||| Stepping ~*~*~tactically~*~*~ (outnumbered).
  9777 | Lair:1   | 9777 ||| Stepping ~*~*~tactically~*~*~ (outnumbered).
  9779 | Lair:1   | 9779 ||| Stepping ~*~*~tactically~*~*~ (outnumbered).
  9781 | Lair:1   | 9781 ||| Stepping ~*~*~tactically~*~*~ (outnumbered).
  9783 | Lair:1   | 9783 ||| Stepping ~*~*~tactically~*~*~ (outnumbered).
  9785 | Lair:1   | 9785 ||| Stepping ~*~*~tactically~*~*~ (outnumbered).
  9787 | Lair:1   | 9787 ||| Stepping ~*~*~tactically~*~*~ (outnumbered).
  9789 | Lair:1   | 9789 ||| Stepping ~*~*~tactically~*~*~ (outnumbered).
  9791 | Lair:1   | 9791 ||| Stepping ~*~*~tactically~*~*~ (outnumbered).
  9793 | Lair:1   | 9793 ||| Stepping ~*~*~tactically~*~*~ (outnumbered).
  9795 | Lair:1   | 9795 ||| Stepping ~*~*~tactically~*~*~ (outnumbered).
  9797 | Lair:1   | 9797 ||| Stepping ~*~*~tactically~*~*~ (outnumbered).
  9799 | Lair:1   | 9799 ||| Stepping ~*~*~tactically~*~*~ (outnumbered).
  9801 | Lair:1   | 9801 ||| Stepping ~*~*~tactically~*~*~ (outnumbered).
  9803 | Lair:1   | 9803 ||| Stepping ~*~*~tactically~*~*~ (outnumbered).
  9805 | Lair:1   | 9805 ||| Stepping ~*~*~tactically~*~*~ (outnumbered).
  9807 | Lair:1   | 9807 ||| Stepping ~*~*~tactically~*~*~ (outnumbered).
  9809 | Lair:1   | 9809 ||| Stepping ~*~*~tactically~*~*~ (outnumbered).
  9811 | Lair:1   | 9811 ||| Stepping ~*~*~tactically~*~*~ (outnumbered).
  9813 | Lair:1   | 9813 ||| Stepping ~*~*~tactically~*~*~ (outnumbered).
  9815 | Lair:1   | 9815 ||| Stepping ~*~*~tactically~*~*~ (outnumbered).
  9817 | Lair:1   | 9817 ||| Stepping ~*~*~tactically~*~*~ (outnumbered).
  9819 | Lair:1   | 9819 ||| Stepping ~*~*~tactically~*~*~ (outnumbered).
  9821 | Lair:1   | 9821 ||| Stepping ~*~*~tactically~*~*~ (outnumbered).
  9823 | Lair:1   | 9823 ||| Stepping ~*~*~tactically~*~*~ (outnumbered).
  9825 | Lair:1   | 9825 ||| Stepping ~*~*~tactically~*~*~ (outnumbered).
  9827 | Lair:1   | 9827 ||| Stepping ~*~*~tactically~*~*~ (outnumbered).
  9829 | Lair:1   | 9829 ||| Stepping ~*~*~tactically~*~*~ (outnumbered).
  9831 | Lair:1   | 9831 ||| Stepping ~*~*~tactically~*~*~ (outnumbered).
  9833 | Lair:1   | 9833 ||| Stepping ~*~*~tactically~*~*~ (outnumbered).
  9835 | Lair:1   | 9835 ||| Stepping ~*~*~tactically~*~*~ (outnumbered).
  9837 | Lair:1   | 9837 ||| Stepping ~*~*~tactically~*~*~ (outnumbered).
  9839 | Lair:1   | 9839 ||| Stepping ~*~*~tactically~*~*~ (outnumbered).
  9841 | Lair:1   | 9841 ||| Stepping ~*~*~tactically~*~*~ (outnumbered).
  9843 | Lair:1   | 9843 ||| Stepping ~*~*~tactically~*~*~ (outnumbered).
  9845 | Lair:1   | 9845 ||| Stepping ~*~*~tactically~*~*~ (outnumbered).
  9847 | Lair:1   | 9847 ||| Stepping ~*~*~tactically~*~*~ (outnumbered).
  9849 | Lair:1   | 9849 ||| Stepping ~*~*~tactically~*~*~ (outnumbered).
  9851 | Lair:1   | 9851 ||| Stepping ~*~*~tactically~*~*~ (outnumbered).
  9853 | Lair:1   | 9853 ||| Stepping ~*~*~tactically~*~*~ (outnumbered).
  9855 | Lair:1   | 9855 ||| Stepping ~*~*~tactically~*~*~ (outnumbered).
  9857 | Lair:1   | 9857 ||| Stepping ~*~*~tactically~*~*~ (outnumbered).
  9859 | Lair:1   | 9859 ||| Stepping ~*~*~tactically~*~*~ (outnumbered).
  9861 | Lair:1   | 9861 ||| Stepping ~*~*~tactically~*~*~ (outnumbered).
  9863 | Lair:1   | 9863 ||| Stepping ~*~*~tactically~*~*~ (outnumbered).
  9865 | Lair:1   | 9865 ||| Stepping ~*~*~tactically~*~*~ (outnumbered).
  9867 | Lair:1   | 9867 ||| Stepping ~*~*~tactically~*~*~ (outnumbered).
  9869 | Lair:1   | 9869 ||| Stepping ~*~*~tactically~*~*~ (outnumbered).
  9871 | Lair:1   | 9871 ||| Stepping ~*~*~tactically~*~*~ (outnumbered).
  9873 | Lair:1   | 9873 ||| Stepping ~*~*~tactically~*~*~ (outnumbered).
  9875 | Lair:1   | 9875 ||| Stepping ~*~*~tactically~*~*~ (outnumbered).
  9877 | Lair:1   | 9877 ||| Stepping ~*~*~tactically~*~*~ (outnumbered).
  9879 | Lair:1   | 9879 ||| Stepping ~*~*~tactically~*~*~ (outnumbered).
  9881 | Lair:1   | 9881 ||| Stepping ~*~*~tactically~*~*~ (outnumbered).
  9883 | Lair:1   | 9883 ||| Stepping ~*~*~tactically~*~*~ (outnumbered).
  9885 | Lair:1   | 9885 ||| Stepping ~*~*~tactically~*~*~ (outnumbered).
  9887 | Lair:1   | 9887 ||| Stepping ~*~*~tactically~*~*~ (outnumbered).
  9889 | Lair:1   | 9889 ||| Stepping ~*~*~tactically~*~*~ (outnumbered).
  9891 | Lair:1   | 9891 ||| Stepping ~*~*~tactically~*~*~ (outnumbered).
  9893 | Lair:1   | 9893 ||| Stepping ~*~*~tactically~*~*~ (outnumbered).
  9895 | Lair:1   | 9895 ||| Stepping ~*~*~tactically~*~*~ (outnumbered).
  9897 | Lair:1   | 9897 ||| Stepping ~*~*~tactically~*~*~ (outnumbered).
  9899 | Lair:1   | 9899 ||| Stepping ~*~*~tactically~*~*~ (outnumbered).
  9901 | Lair:1   | 9901 ||| Stepping ~*~*~tactically~*~*~ (outnumbered).
  9903 | Lair:1   | 9903 ||| Stepping ~*~*~tactically~*~*~ (outnumbered).
  9905 | Lair:1   | 9905 ||| Stepping ~*~*~tactically~*~*~ (outnumbered).
  9907 | Lair:1   | 9907 ||| Stepping ~*~*~tactically~*~*~ (outnumbered).
  9909 | Lair:1   | 9909 ||| Stepping ~*~*~tactically~*~*~ (outnumbered).
  9911 | Lair:1   | 9911 ||| Stepping ~*~*~tactically~*~*~ (outnumbered).
  9913 | Lair:1   | 9913 ||| Stepping ~*~*~tactically~*~*~ (outnumbered).
  9915 | Lair:1   | 9915 ||| Stepping ~*~*~tactically~*~*~ (outnumbered).
  9917 | Lair:1   | 9917 ||| Stepping ~*~*~tactically~*~*~ (outnumbered).
  9919 | Lair:1   | 9919 ||| Stepping ~*~*~tactically~*~*~ (outnumbered).
  9921 | Lair:1   | 9921 ||| Stepping ~*~*~tactically~*~*~ (outnumbered).
  9923 | Lair:1   | 9923 ||| Stepping ~*~*~tactically~*~*~ (outnumbered).
  9925 | Lair:1   | 9925 ||| Stepping ~*~*~tactically~*~*~ (outnumbered).
  9927 | Lair:1   | 9927 ||| Stepping ~*~*~tactically~*~*~ (outnumbered).
  9929 | Lair:1   | 9929 ||| Stepping ~*~*~tactically~*~*~ (outnumbered).
  9931 | Lair:1   | 9931 ||| Stepping ~*~*~tactically~*~*~ (outnumbered).
  9933 | Lair:1   | 9933 ||| Stepping ~*~*~tactically~*~*~ (outnumbered).
  9935 | Lair:1   | 9935 ||| Stepping ~*~*~tactically~*~*~ (outnumbered).
  9937 | Lair:1   | 9937 ||| Stepping ~*~*~tactically~*~*~ (outnumbered).
  9939 | Lair:1   | 9939 ||| Stepping ~*~*~tactically~*~*~ (outnumbered).
  9941 | Lair:1   | 9941 ||| Stepping ~*~*~tactically~*~*~ (outnumbered).
  9943 | Lair:1   | 9943 ||| Stepping ~*~*~tactically~*~*~ (outnumbered).
  9945 | Lair:1   | 9945 ||| Stepping ~*~*~tactically~*~*~ (outnumbered).
  9947 | Lair:1   | 9947 ||| Stepping ~*~*~tactically~*~*~ (outnumbered).
  9949 | Lair:1   | 9949 ||| Stepping ~*~*~tactically~*~*~ (outnumbered).
  9951 | Lair:1   | 9951 ||| Stepping ~*~*~tactically~*~*~ (outnumbered).
  9953 | Lair:1   | 9953 ||| Stepping ~*~*~tactically~*~*~ (outnumbered).
  9955 | Lair:1   | 9955 ||| Stepping ~*~*~tactically~*~*~ (outnumbered).
  9957 | Lair:1   | 9957 ||| Stepping ~*~*~tactically~*~*~ (outnumbered).
  9959 | Lair:1   | 9959 ||| Stepping ~*~*~tactically~*~*~ (outnumbered).
  9961 | Lair:1   | 9961 ||| Stepping ~*~*~tactically~*~*~ (outnumbered).
  9963 | Lair:1   | 9963 ||| Stepping ~*~*~tactically~*~*~ (outnumbered).
  9965 | Lair:1   | 9965 ||| Stepping ~*~*~tactically~*~*~ (outnumbered).
  9967 | Lair:1   | 9967 ||| Stepping ~*~*~tactically~*~*~ (outnumbered).
  9969 | Lair:1   | 9969 ||| Stepping ~*~*~tactically~*~*~ (outnumbered).
  9971 | Lair:1   | 9971 ||| Stepping ~*~*~tactically~*~*~ (outnumbered).
  9973 | Lair:1   | 9973 ||| Stepping ~*~*~tactically~*~*~ (outnumbered).
  9975 | Lair:1   | 9975 ||| Stepping ~*~*~tactically~*~*~ (outnumbered).
  9977 | Lair:1   | 9977 ||| Stepping ~*~*~tactically~*~*~ (outnumbered).
  9979 | Lair:1   | 9979 ||| Stepping ~*~*~tactically~*~*~ (outnumbered).
  9981 | Lair:1   | 9981 ||| Stepping ~*~*~tactically~*~*~ (outnumbered).
  9983 | Lair:1   | 9983 ||| Stepping ~*~*~tactically~*~*~ (outnumbered).
  9985 | Lair:1   | 9985 ||| Stepping ~*~*~tactically~*~*~ (outnumbered).
  9987 | Lair:1   | 9987 ||| Stepping ~*~*~tactically~*~*~ (outnumbered).
  9989 | Lair:1   | 9989 ||| Stepping ~*~*~tactically~*~*~ (outnumbered).
  9991 | Lair:1   | 9991 ||| Stepping ~*~*~tactically~*~*~ (outnumbered).
  9993 | Lair:1   | 9993 ||| Stepping ~*~*~tactically~*~*~ (outnumbered).
  9995 | Lair:1   | 9995 ||| Stepping ~*~*~tactically~*~*~ (outnumbered).
  9997 | Lair:1   | 9997 ||| Stepping ~*~*~tactically~*~*~ (outnumbered).
  9999 | Lair:1   | 9999 ||| Stepping ~*~*~tactically~*~*~ (outnumbered).
 10001 | Lair:1   | 10001 ||| Stepping ~*~*~tactically~*~*~ (outnumbered).
 10003 | Lair:1   | 10003 ||| Stepping ~*~*~tactically~*~*~ (outnumbered).
 10005 | Lair:1   | 10005 ||| Stepping ~*~*~tactically~*~*~ (outnumbered).
 10007 | Lair:1   | 10007 ||| Stepping ~*~*~tactically~*~*~ (outnumbered).
 10009 | Lair:1   | 10009 ||| Stepping ~*~*~tactically~*~*~ (outnumbered).
 10011 | Lair:1   | 10011 ||| Stepping ~*~*~tactically~*~*~ (outnumbered).
 10013 | Lair:1   | 10013 ||| Stepping ~*~*~tactically~*~*~ (outnumbered).
 10015 | Lair:1   | 10015 ||| Stepping ~*~*~tactically~*~*~ (outnumbered).
 10017 | Lair:1   | 10017 ||| Stepping ~*~*~tactically~*~*~ (outnumbered).
 10019 | Lair:1   | 10019 ||| Stepping ~*~*~tactically~*~*~ (outnumbered).
 10021 | Lair:1   | 10021 ||| Stepping ~*~*~tactically~*~*~ (outnumbered).
 10023 | Lair:1   | 10023 ||| Stepping ~*~*~tactically~*~*~ (outnumbered).
 10025 | Lair:1   | 10025 ||| Stepping ~*~*~tactically~*~*~ (outnumbered).
 10027 | Lair:1   | 10027 ||| Stepping ~*~*~tactically~*~*~ (outnumbered).
 10029 | Lair:1   | 10029 ||| Stepping ~*~*~tactically~*~*~ (outnumbered).
 10031 | Lair:1   | 10031 ||| Stepping ~*~*~tactically~*~*~ (outnumbered).
 10033 | Lair:1   | 10033 ||| Stepping ~*~*~tactically~*~*~ (outnumbered).
 10035 | Lair:1   | 10035 ||| Stepping ~*~*~tactically~*~*~ (outnumbered).
 10037 | Lair:1   | 10037 ||| Stepping ~*~*~tactically~*~*~ (outnumbered).
 10039 | Lair:1   | 10039 ||| Stepping ~*~*~tactically~*~*~ (outnumbered).
 10041 | Lair:1   | 10041 ||| Stepping ~*~*~tactically~*~*~ (outnumbered).
 10043 | Lair:1   | 10043 ||| Stepping ~*~*~tactically~*~*~ (outnumbered).
 10045 | Lair:1   | 10045 ||| Stepping ~*~*~tactically~*~*~ (outnumbered).
 10047 | Lair:1   | 10047 ||| Stepping ~*~*~tactically~*~*~ (outnumbered).
 10049 | Lair:1   | 10049 ||| Stepping ~*~*~tactically~*~*~ (outnumbered).
 10051 | Lair:1   | 10051 ||| Stepping ~*~*~tactically~*~*~ (outnumbered).
 10053 | Lair:1   | 10053 ||| Stepping ~*~*~tactically~*~*~ (outnumbered).
 10055 | Lair:1   | 10055 ||| Stepping ~*~*~tactically~*~*~ (outnumbered).
 10057 | Lair:1   | 10057 ||| Stepping ~*~*~tactically~*~*~ (outnumbered).
 10059 | Lair:1   | 10059 ||| Stepping ~*~*~tactically~*~*~ (outnumbered).
 10061 | Lair:1   | 10061 ||| Stepping ~*~*~tactically~*~*~ (outnumbered).
 10063 | Lair:1   | 10063 ||| Stepping ~*~*~tactically~*~*~ (outnumbered).
 10065 | Lair:1   | 10065 ||| Stepping ~*~*~tactically~*~*~ (outnumbered).
 10067 | Lair:1   | 10067 ||| Stepping ~*~*~tactically~*~*~ (outnumbered).
 10069 | Lair:1   | 10069 ||| Stepping ~*~*~tactically~*~*~ (outnumbered).
 10071 | Lair:1   | 10071 ||| Stepping ~*~*~tactically~*~*~ (outnumbered).
 10073 | Lair:1   | 10073 ||| Stepping ~*~*~tactically~*~*~ (outnumbered).
 10075 | Lair:1   | 10075 ||| Stepping ~*~*~tactically~*~*~ (outnumbered).
 10077 | Lair:1   | 10077 ||| Stepping ~*~*~tactically~*~*~ (outnumbered).
 10079 | Lair:1   | 10079 ||| Stepping ~*~*~tactically~*~*~ (outnumbered).
 10081 | Lair:1   | 10081 ||| Stepping ~*~*~tactically~*~*~ (outnumbered).
 10083 | Lair:1   | 10083 ||| Stepping ~*~*~tactically~*~*~ (outnumbered).
 10085 | Lair:1   | 10085 ||| Stepping ~*~*~tactically~*~*~ (outnumbered).
 10087 | Lair:1   | 10087 ||| Stepping ~*~*~tactically~*~*~ (outnumbered).
 10089 | Lair:1   | 10089 ||| Stepping ~*~*~tactically~*~*~ (outnumbered).
 10091 | Lair:1   | 10091 ||| Stepping ~*~*~tactically~*~*~ (outnumbered).
 10093 | Lair:1   | 10093 ||| Stepping ~*~*~tactically~*~*~ (outnumbered).
 10095 | Lair:1   | 10095 ||| Stepping ~*~*~tactically~*~*~ (outnumbered).
 10097 | Lair:1   | 10097 ||| Stepping ~*~*~tactically~*~*~ (outnumbered).
 10099 | Lair:1   | 10099 ||| Stepping ~*~*~tactically~*~*~ (outnumbered).
 10101 | Lair:1   | 10101 ||| Stepping ~*~*~tactically~*~*~ (outnumbered).
 10103 | Lair:1   | 10103 ||| Stepping ~*~*~tactically~*~*~ (outnumbered).
 10105 | Lair:1   | 10105 ||| Stepping ~*~*~tactically~*~*~ (outnumbered).
 10107 | Lair:1   | 10107 ||| Stepping ~*~*~tactically~*~*~ (outnumbered).
 10109 | Lair:1   | 10109 ||| Stepping ~*~*~tactically~*~*~ (outnumbered).
 10111 | Lair:1   | 10111 ||| Stepping ~*~*~tactically~*~*~ (outnumbered).
 10113 | Lair:1   | 10113 ||| Stepping ~*~*~tactically~*~*~ (outnumbered).
 10115 | Lair:1   | 10115 ||| Stepping ~*~*~tactically~*~*~ (outnumbered).
 10117 | Lair:1   | 10117 ||| Stepping ~*~*~tactically~*~*~ (outnumbered).
 10119 | Lair:1   | 10119 ||| Stepping ~*~*~tactically~*~*~ (outnumbered).
 10121 | Lair:1   | 10121 ||| Stepping ~*~*~tactically~*~*~ (outnumbered).
 10123 | Lair:1   | 10123 ||| Stepping ~*~*~tactically~*~*~ (outnumbered).
 10125 | Lair:1   | 10125 ||| Stepping ~*~*~tactically~*~*~ (outnumbered).
 10127 | Lair:1   | 10127 ||| Stepping ~*~*~tactically~*~*~ (outnumbered).
 10129 | Lair:1   | 10129 ||| Stepping ~*~*~tactically~*~*~ (outnumbered).
 10131 | Lair:1   | 10131 ||| Stepping ~*~*~tactically~*~*~ (outnumbered).
 10133 | Lair:1   | 10133 ||| Stepping ~*~*~tactically~*~*~ (outnumbered).
 10135 | Lair:1   | 10135 ||| Stepping ~*~*~tactically~*~*~ (outnumbered).
 10137 | Lair:1   | 10137 ||| Stepping ~*~*~tactically~*~*~ (outnumbered).
 10139 | Lair:1   | 10139 ||| Stepping ~*~*~tactically~*~*~ (outnumbered).
 10141 | Lair:1   | 10141 ||| Stepping ~*~*~tactically~*~*~ (outnumbered).
 10143 | Lair:1   | 10143 ||| Stepping ~*~*~tactically~*~*~ (outnumbered).
 10145 | Lair:1   | 10145 ||| Stepping ~*~*~tactically~*~*~ (outnumbered).
 10147 | Lair:1   | 10147 ||| Stepping ~*~*~tactically~*~*~ (outnumbered).
 10149 | Lair:1   | 10149 ||| Stepping ~*~*~tactically~*~*~ (outnumbered).
 10151 | Lair:1   | 10151 ||| Stepping ~*~*~tactically~*~*~ (outnumbered).
 10153 | Lair:1   | 10153 ||| Stepping ~*~*~tactically~*~*~ (outnumbered).
 10155 | Lair:1   | 10155 ||| Stepping ~*~*~tactically~*~*~ (outnumbered).
 10157 | Lair:1   | 10157 ||| Stepping ~*~*~tactically~*~*~ (outnumbered).
 10159 | Lair:1   | 10159 ||| Stepping ~*~*~tactically~*~*~ (outnumbered).
 10161 | Lair:1   | 10161 ||| Stepping ~*~*~tactically~*~*~ (outnumbered).
 10163 | Lair:1   | 10163 ||| Stepping ~*~*~tactically~*~*~ (outnumbered).
 10165 | Lair:1   | 10165 ||| Stepping ~*~*~tactically~*~*~ (outnumbered).
 10167 | Lair:1   | 10167 ||| Stepping ~*~*~tactically~*~*~ (outnumbered).
 10169 | Lair:1   | 10169 ||| Stepping ~*~*~tactically~*~*~ (outnumbered).
 10171 | Lair:1   | 10171 ||| Stepping ~*~*~tactically~*~*~ (outnumbered).
 10173 | Lair:1   | 10173 ||| Stepping ~*~*~tactically~*~*~ (outnumbered).
 10175 | Lair:1   | 10175 ||| Stepping ~*~*~tactically~*~*~ (outnumbered).
 10177 | Lair:1   | 10177 ||| Stepping ~*~*~tactically~*~*~ (outnumbered).
 10179 | Lair:1   | 10179 ||| Stepping ~*~*~tactically~*~*~ (outnumbered).
 10181 | Lair:1   | 10181 ||| Stepping ~*~*~tactically~*~*~ (outnumbered).
 10183 | Lair:1   | 10183 ||| Stepping ~*~*~tactically~*~*~ (outnumbered).
 10185 | Lair:1   | 10185 ||| Stepping ~*~*~tactically~*~*~ (outnumbered).
 10187 | Lair:1   | 10187 ||| Stepping ~*~*~tactically~*~*~ (outnumbered).
 10189 | Lair:1   | 10189 ||| Stepping ~*~*~tactically~*~*~ (outnumbered).
 10191 | Lair:1   | 10191 ||| Stepping ~*~*~tactically~*~*~ (outnumbered).
 10193 | Lair:1   | 10193 ||| Stepping ~*~*~tactically~*~*~ (outnumbered).
 10195 | Lair:1   | 10195 ||| Stepping ~*~*~tactically~*~*~ (outnumbered).
 10197 | Lair:1   | 10197 ||| Stepping ~*~*~tactically~*~*~ (outnumbered).
 10199 | Lair:1   | 10199 ||| Stepping ~*~*~tactically~*~*~ (outnumbered).
 10201 | Lair:1   | 10201 ||| Stepping ~*~*~tactically~*~*~ (outnumbered).
 10203 | Lair:1   | 10203 ||| Stepping ~*~*~tactically~*~*~ (outnumbered).
 10205 | Lair:1   | 10205 ||| Stepping ~*~*~tactically~*~*~ (outnumbered).
 10207 | Lair:1   | 10207 ||| Stepping ~*~*~tactically~*~*~ (outnumbered).
 10209 | Lair:1   | 10209 ||| Stepping ~*~*~tactically~*~*~ (outnumbered).
 10211 | Lair:1   | 10211 ||| Stepping ~*~*~tactically~*~*~ (outnumbered).
 10213 | Lair:1   | 10213 ||| Stepping ~*~*~tactically~*~*~ (outnumbered).
 10215 | Lair:1   | 10215 ||| Stepping ~*~*~tactically~*~*~ (outnumbered).
 10217 | Lair:1   | 10217 ||| Stepping ~*~*~tactically~*~*~ (outnumbered).
 10219 | Lair:1   | 10219 ||| Stepping ~*~*~tactically~*~*~ (outnumbered).
 10221 | Lair:1   | 10221 ||| Stepping ~*~*~tactically~*~*~ (outnumbered).
 10223 | Lair:1   | 10223 ||| Stepping ~*~*~tactically~*~*~ (outnumbered).
 10225 | Lair:1   | 10225 ||| Stepping ~*~*~tactically~*~*~ (outnumbered).
 10227 | Lair:1   | 10227 ||| Stepping ~*~*~tactically~*~*~ (outnumbered).
 10229 | Lair:1   | 10229 ||| Stepping ~*~*~tactically~*~*~ (outnumbered).
 10231 | Lair:1   | 10231 ||| Stepping ~*~*~tactically~*~*~ (outnumbered).
 10233 | Lair:1   | 10233 ||| Stepping ~*~*~tactically~*~*~ (outnumbered).
 10235 | Lair:1   | 10235 ||| Stepping ~*~*~tactically~*~*~ (outnumbered).
 10237 | Lair:1   | 10237 ||| Stepping ~*~*~tactically~*~*~ (outnumbered).
 10239 | Lair:1   | 10239 ||| Stepping ~*~*~tactically~*~*~ (outnumbered).
 10241 | Lair:1   | 10241 ||| Stepping ~*~*~tactically~*~*~ (outnumbered).
 10243 | Lair:1   | 10243 ||| Stepping ~*~*~tactically~*~*~ (outnumbered).
 10245 | Lair:1   | 10245 ||| Stepping ~*~*~tactically~*~*~ (outnumbered).
 10247 | Lair:1   | 10247 ||| Stepping ~*~*~tactically~*~*~ (outnumbered).
 10249 | Lair:1   | 10249 ||| Stepping ~*~*~tactically~*~*~ (outnumbered).
 10251 | Lair:1   | 10251 ||| Stepping ~*~*~tactically~*~*~ (outnumbered).
 10253 | Lair:1   | 10253 ||| Stepping ~*~*~tactically~*~*~ (outnumbered).
 10255 | Lair:1   | 10255 ||| Stepping ~*~*~tactically~*~*~ (outnumbered).
 10257 | Lair:1   | 10257 ||| Stepping ~*~*~tactically~*~*~ (outnumbered).
 10259 | Lair:1   | 10259 ||| Stepping ~*~*~tactically~*~*~ (outnumbered).
 10261 | Lair:1   | 10261 ||| Stepping ~*~*~tactically~*~*~ (outnumbered).
 10263 | Lair:1   | 10263 ||| Stepping ~*~*~tactically~*~*~ (outnumbered).
 10265 | Lair:1   | 10265 ||| Stepping ~*~*~tactically~*~*~ (outnumbered).
 10267 | Lair:1   | 10267 ||| Stepping ~*~*~tactically~*~*~ (outnumbered).
 10269 | Lair:1   | 10269 ||| Stepping ~*~*~tactically~*~*~ (outnumbered).
 10271 | Lair:1   | 10271 ||| Stepping ~*~*~tactically~*~*~ (outnumbered).
 10273 | Lair:1   | 10273 ||| Stepping ~*~*~tactically~*~*~ (outnumbered).
 10275 | Lair:1   | 10275 ||| Stepping ~*~*~tactically~*~*~ (outnumbered).
 10277 | Lair:1   | 10277 ||| Stepping ~*~*~tactically~*~*~ (outnumbered).
 10279 | Lair:1   | 10279 ||| Stepping ~*~*~tactically~*~*~ (outnumbered).
 10281 | Lair:1   | 10281 ||| Stepping ~*~*~tactically~*~*~ (outnumbered).
 10283 | Lair:1   | 10283 ||| Stepping ~*~*~tactically~*~*~ (outnumbered).
 10285 | Lair:1   | 10285 ||| Stepping ~*~*~tactically~*~*~ (outnumbered).
 10287 | Lair:1   | 10287 ||| Stepping ~*~*~tactically~*~*~ (outnumbered).
 10289 | Lair:1   | 10289 ||| Stepping ~*~*~tactically~*~*~ (outnumbered).
 10291 | Lair:1   | 10291 ||| Stepping ~*~*~tactically~*~*~ (outnumbered).
 10293 | Lair:1   | 10293 ||| Stepping ~*~*~tactically~*~*~ (outnumbered).
 10295 | Lair:1   | 10295 ||| Stepping ~*~*~tactically~*~*~ (outnumbered).
 10297 | Lair:1   | 10297 ||| Stepping ~*~*~tactically~*~*~ (outnumbered).
 10299 | Lair:1   | 10299 ||| Stepping ~*~*~tactically~*~*~ (outnumbered).
 10301 | Lair:1   | 10301 ||| Stepping ~*~*~tactically~*~*~ (outnumbered).
 10303 | Lair:1   | 10303 ||| Stepping ~*~*~tactically~*~*~ (outnumbered).
 10305 | Lair:1   | 10305 ||| Stepping ~*~*~tactically~*~*~ (outnumbered).
 10307 | Lair:1   | 10307 ||| Stepping ~*~*~tactically~*~*~ (outnumbered).
 10309 | Lair:1   | 10309 ||| Stepping ~*~*~tactically~*~*~ (outnumbered).
 10311 | Lair:1   | 10311 ||| Stepping ~*~*~tactically~*~*~ (outnumbered).
 10313 | Lair:1   | 10313 ||| Stepping ~*~*~tactically~*~*~ (outnumbered).
 10315 | Lair:1   | 10315 ||| Stepping ~*~*~tactically~*~*~ (outnumbered).
 10317 | Lair:1   | 10317 ||| Stepping ~*~*~tactically~*~*~ (outnumbered).
 10319 | Lair:1   | 10319 ||| Stepping ~*~*~tactically~*~*~ (outnumbered).
 10321 | Lair:1   | 10321 ||| Stepping ~*~*~tactically~*~*~ (outnumbered).
 10323 | Lair:1   | 10323 ||| Stepping ~*~*~tactically~*~*~ (outnumbered).
 10325 | Lair:1   | 10325 ||| Stepping ~*~*~tactically~*~*~ (outnumbered).
 10327 | Lair:1   | 10327 ||| Stepping ~*~*~tactically~*~*~ (outnumbered).
 10329 | Lair:1   | 10329 ||| Stepping ~*~*~tactically~*~*~ (outnumbered).
 10331 | Lair:1   | 10331 ||| Stepping ~*~*~tactically~*~*~ (outnumbered).
 10333 | Lair:1   | 10333 ||| Stepping ~*~*~tactically~*~*~ (outnumbered).
 10335 | Lair:1   | 10335 ||| Stepping ~*~*~tactically~*~*~ (outnumbered).
 10337 | Lair:1   | 10337 ||| Stepping ~*~*~tactically~*~*~ (outnumbered).
 10339 | Lair:1   | 10339 ||| Stepping ~*~*~tactically~*~*~ (outnumbered).
 10341 | Lair:1   | 10341 ||| Stepping ~*~*~tactically~*~*~ (outnumbered).
 10343 | Lair:1   | 10343 ||| Stepping ~*~*~tactically~*~*~ (outnumbered).
 10345 | Lair:1   | 10345 ||| Stepping ~*~*~tactically~*~*~ (outnumbered).
 10347 | Lair:1   | 10347 ||| Stepping ~*~*~tactically~*~*~ (outnumbered).
 10349 | Lair:1   | 10349 ||| Stepping ~*~*~tactically~*~*~ (outnumbered).
 10351 | Lair:1   | 10351 ||| Stepping ~*~*~tactically~*~*~ (outnumbered).
 10353 | Lair:1   | 10353 ||| Stepping ~*~*~tactically~*~*~ (outnumbered).
 10355 | Lair:1   | 10355 ||| Stepping ~*~*~tactically~*~*~ (outnumbered).
 10357 | Lair:1   | 10357 ||| Stepping ~*~*~tactically~*~*~ (outnumbered).
 10359 | Lair:1   | 10359 ||| Stepping ~*~*~tactically~*~*~ (outnumbered).
 10361 | Lair:1   | 10361 ||| Stepping ~*~*~tactically~*~*~ (outnumbered).
 10363 | Lair:1   | 10363 ||| Stepping ~*~*~tactically~*~*~ (outnumbered).
 10365 | Lair:1   | 10365 ||| Stepping ~*~*~tactically~*~*~ (outnumbered).
 10367 | Lair:1   | 10367 ||| Stepping ~*~*~tactically~*~*~ (outnumbered).
 10369 | Lair:1   | 10369 ||| Stepping ~*~*~tactically~*~*~ (outnumbered).
 10371 | Lair:1   | 10371 ||| Stepping ~*~*~tactically~*~*~ (outnumbered).
 10373 | Lair:1   | 10373 ||| Stepping ~*~*~tactically~*~*~ (outnumbered).
 10375 | Lair:1   | 10375 ||| Stepping ~*~*~tactically~*~*~ (outnumbered).
 10377 | Lair:1   | 10377 ||| Stepping ~*~*~tactically~*~*~ (outnumbered).
 10379 | Lair:1   | 10379 ||| Stepping ~*~*~tactically~*~*~ (outnumbered).
 10381 | Lair:1   | 10381 ||| Stepping ~*~*~tactically~*~*~ (outnumbered).
 10383 | Lair:1   | 10383 ||| Stepping ~*~*~tactically~*~*~ (outnumbered).
 10385 | Lair:1   | 10385 ||| Stepping ~*~*~tactically~*~*~ (outnumbered).
 10387 | Lair:1   | 10387 ||| Stepping ~*~*~tactically~*~*~ (outnumbered).
 10389 | Lair:1   | 10389 ||| Stepping ~*~*~tactically~*~*~ (outnumbered).
 10391 | Lair:1   | 10391 ||| Stepping ~*~*~tactically~*~*~ (outnumbered).
 10393 | Lair:1   | 10393 ||| Stepping ~*~*~tactically~*~*~ (outnumbered).
 10395 | Lair:1   | 10395 ||| Stepping ~*~*~tactically~*~*~ (outnumbered).
 10397 | Lair:1   | 10397 ||| Stepping ~*~*~tactically~*~*~ (outnumbered).
 10399 | Lair:1   | 10399 ||| Stepping ~*~*~tactically~*~*~ (outnumbered).
 10401 | Lair:1   | 10401 ||| Stepping ~*~*~tactically~*~*~ (outnumbered).
 10403 | Lair:1   | 10403 ||| Stepping ~*~*~tactically~*~*~ (outnumbered).
 10405 | Lair:1   | 10405 ||| Stepping ~*~*~tactically~*~*~ (outnumbered).
 10407 | Lair:1   | 10407 ||| Stepping ~*~*~tactically~*~*~ (outnumbered).
 10409 | Lair:1   | 10409 ||| Stepping ~*~*~tactically~*~*~ (outnumbered).
 10411 | Lair:1   | 10411 ||| Stepping ~*~*~tactically~*~*~ (outnumbered).
 10413 | Lair:1   | 10413 ||| Stepping ~*~*~tactically~*~*~ (outnumbered).
 10415 | Lair:1   | 10415 ||| Stepping ~*~*~tactically~*~*~ (outnumbered).
 10417 | Lair:1   | 10417 ||| Stepping ~*~*~tactically~*~*~ (outnumbered).
 10419 | Lair:1   | 10419 ||| Stepping ~*~*~tactically~*~*~ (outnumbered).
 10421 | Lair:1   | 10421 ||| Stepping ~*~*~tactically~*~*~ (outnumbered).
 10423 | Lair:1   | 10423 ||| Stepping ~*~*~tactically~*~*~ (outnumbered).
 10425 | Lair:1   | 10425 ||| Stepping ~*~*~tactically~*~*~ (outnumbered).
 10427 | Lair:1   | 10427 ||| Stepping ~*~*~tactically~*~*~ (outnumbered).
 10429 | Lair:1   | 10429 ||| Stepping ~*~*~tactically~*~*~ (outnumbered).
 10431 | Lair:1   | 10431 ||| Stepping ~*~*~tactically~*~*~ (outnumbered).
 10433 | Lair:1   | 10433 ||| Stepping ~*~*~tactically~*~*~ (outnumbered).
 10435 | Lair:1   | 10435 ||| Stepping ~*~*~tactically~*~*~ (outnumbered).
 10437 | Lair:1   | 10437 ||| Stepping ~*~*~tactically~*~*~ (outnumbered).
 10439 | Lair:1   | 10439 ||| Stepping ~*~*~tactically~*~*~ (outnumbered).
 10441 | Lair:1   | 10441 ||| Stepping ~*~*~tactically~*~*~ (outnumbered).
 10443 | Lair:1   | 10443 ||| Stepping ~*~*~tactically~*~*~ (outnumbered).
 10445 | Lair:1   | 10445 ||| Stepping ~*~*~tactically~*~*~ (outnumbered).
 10447 | Lair:1   | 10447 ||| Stepping ~*~*~tactically~*~*~ (outnumbered).
 10449 | Lair:1   | 10449 ||| Stepping ~*~*~tactically~*~*~ (outnumbered).
 10451 | Lair:1   | 10451 ||| Stepping ~*~*~tactically~*~*~ (outnumbered).
 10453 | Lair:1   | 10453 ||| Stepping ~*~*~tactically~*~*~ (outnumbered).
 10455 | Lair:1   | 10455 ||| Stepping ~*~*~tactically~*~*~ (outnumbered).
 10457 | Lair:1   | 10457 ||| Stepping ~*~*~tactically~*~*~ (outnumbered).
 10459 | Lair:1   | 10459 ||| Stepping ~*~*~tactically~*~*~ (outnumbered).
 10461 | Lair:1   | 10461 ||| Stepping ~*~*~tactically~*~*~ (outnumbered).
 10463 | Lair:1   | 10463 ||| Stepping ~*~*~tactically~*~*~ (outnumbered).
 10465 | Lair:1   | 10465 ||| Stepping ~*~*~tactically~*~*~ (outnumbered).
 10467 | Lair:1   | 10467 ||| Stepping ~*~*~tactically~*~*~ (outnumbered).
 10469 | Lair:1   | 10469 ||| Stepping ~*~*~tactically~*~*~ (outnumbered).
 10471 | Lair:1   | 10471 ||| Stepping ~*~*~tactically~*~*~ (outnumbered).
 10473 | Lair:1   | 10473 ||| Stepping ~*~*~tactically~*~*~ (outnumbered).
 10475 | Lair:1   | 10475 ||| Stepping ~*~*~tactically~*~*~ (outnumbered).
 10477 | Lair:1   | 10477 ||| Stepping ~*~*~tactically~*~*~ (outnumbered).
 10479 | Lair:1   | 10479 ||| Stepping ~*~*~tactically~*~*~ (outnumbered).
 10481 | Lair:1   | 10481 ||| Stepping ~*~*~tactically~*~*~ (outnumbered).
 10483 | Lair:1   | 10483 ||| Stepping ~*~*~tactically~*~*~ (outnumbered).
 10485 | Lair:1   | 10485 ||| Stepping ~*~*~tactically~*~*~ (outnumbered).
 10487 | Lair:1   | 10487 ||| Stepping ~*~*~tactically~*~*~ (outnumbered).
 10489 | Lair:1   | 10489 ||| Stepping ~*~*~tactically~*~*~ (outnumbered).
 10491 | Lair:1   | 10491 ||| Stepping ~*~*~tactically~*~*~ (outnumbered).
 10493 | Lair:1   | 10493 ||| Stepping ~*~*~tactically~*~*~ (outnumbered).
 10495 | Lair:1   | 10495 ||| Stepping ~*~*~tactically~*~*~ (outnumbered).
 10497 | Lair:1   | 10497 ||| Stepping ~*~*~tactically~*~*~ (outnumbered).
 10499 | Lair:1   | 10499 ||| Stepping ~*~*~tactically~*~*~ (outnumbered).
 10501 | Lair:1   | 10501 ||| Stepping ~*~*~tactically~*~*~ (outnumbered).
 10503 | Lair:1   | 10503 ||| Stepping ~*~*~tactically~*~*~ (outnumbered).
 10505 | Lair:1   | 10505 ||| Stepping ~*~*~tactically~*~*~ (outnumbered).
 10507 | Lair:1   | 10507 ||| Stepping ~*~*~tactically~*~*~ (outnumbered).
 10509 | Lair:1   | 10509 ||| Stepping ~*~*~tactically~*~*~ (outnumbered).
 10511 | Lair:1   | 10511 ||| Stepping ~*~*~tactically~*~*~ (outnumbered).
 10513 | Lair:1   | 10513 ||| Stepping ~*~*~tactically~*~*~ (outnumbered).
 10515 | Lair:1   | 10515 ||| Stepping ~*~*~tactically~*~*~ (outnumbered).
 10517 | Lair:1   | 10517 ||| Stepping ~*~*~tactically~*~*~ (outnumbered).
 10519 | Lair:1   | 10519 ||| Stepping ~*~*~tactically~*~*~ (outnumbered).
 10521 | Lair:1   | 10521 ||| Stepping ~*~*~tactically~*~*~ (outnumbered).
 10523 | Lair:1   | 10523 ||| Stepping ~*~*~tactically~*~*~ (outnumbered).
 10525 | Lair:1   | 10525 ||| Stepping ~*~*~tactically~*~*~ (outnumbered).
 10527 | Lair:1   | 10527 ||| Stepping ~*~*~tactically~*~*~ (outnumbered).
 10529 | Lair:1   | 10529 ||| Stepping ~*~*~tactically~*~*~ (outnumbered).
 10531 | Lair:1   | 10531 ||| Stepping ~*~*~tactically~*~*~ (outnumbered).
 10533 | Lair:1   | 10533 ||| Stepping ~*~*~tactically~*~*~ (outnumbered).
 10535 | Lair:1   | 10535 ||| Stepping ~*~*~tactically~*~*~ (outnumbered).
 10537 | Lair:1   | 10537 ||| Stepping ~*~*~tactically~*~*~ (outnumbered).
 10539 | Lair:1   | 10539 ||| Stepping ~*~*~tactically~*~*~ (outnumbered).
 10541 | Lair:1   | 10541 ||| Stepping ~*~*~tactically~*~*~ (outnumbered).
 10543 | Lair:1   | 10543 ||| Stepping ~*~*~tactically~*~*~ (outnumbered).
 10545 | Lair:1   | 10545 ||| Stepping ~*~*~tactically~*~*~ (outnumbered).
 10547 | Lair:1   | 10547 ||| Stepping ~*~*~tactically~*~*~ (outnumbered).
 10549 | Lair:1   | 10549 ||| Stepping ~*~*~tactically~*~*~ (outnumbered).
 10551 | Lair:1   | 10551 ||| Stepping ~*~*~tactically~*~*~ (outnumbered).
 10553 | Lair:1   | 10553 ||| Stepping ~*~*~tactically~*~*~ (outnumbered).
 10555 | Lair:1   | 10555 ||| Stepping ~*~*~tactically~*~*~ (outnumbered).
 10557 | Lair:1   | 10557 ||| Stepping ~*~*~tactically~*~*~ (outnumbered).
 10559 | Lair:1   | 10559 ||| Stepping ~*~*~tactically~*~*~ (outnumbered).
 10561 | Lair:1   | 10561 ||| Stepping ~*~*~tactically~*~*~ (outnumbered).
 10563 | Lair:1   | 10563 ||| Stepping ~*~*~tactically~*~*~ (outnumbered).
 10565 | Lair:1   | 10565 ||| Stepping ~*~*~tactically~*~*~ (outnumbered).
 10567 | Lair:1   | 10567 ||| Stepping ~*~*~tactically~*~*~ (outnumbered).
 10569 | Lair:1   | 10569 ||| Stepping ~*~*~tactically~*~*~ (outnumbered).
 10571 | Lair:1   | 10571 ||| Stepping ~*~*~tactically~*~*~ (outnumbered).
 10573 | Lair:1   | 10573 ||| Stepping ~*~*~tactically~*~*~ (outnumbered).
 10575 | Lair:1   | 10575 ||| Stepping ~*~*~tactically~*~*~ (outnumbered).
 10577 | Lair:1   | 10577 ||| Stepping ~*~*~tactically~*~*~ (outnumbered).
 10579 | Lair:1   | 10579 ||| Stepping ~*~*~tactically~*~*~ (outnumbered).
 10581 | Lair:1   | 10581 ||| Stepping ~*~*~tactically~*~*~ (outnumbered).
 10583 | Lair:1   | 10583 ||| Stepping ~*~*~tactically~*~*~ (outnumbered).
 10585 | Lair:1   | 10585 ||| Stepping ~*~*~tactically~*~*~ (outnumbered).
 10587 | Lair:1   | 10587 ||| Stepping ~*~*~tactically~*~*~ (outnumbered).
 10589 | Lair:1   | 10589 ||| Stepping ~*~*~tactically~*~*~ (outnumbered).
 10591 | Lair:1   | 10591 ||| Stepping ~*~*~tactically~*~*~ (outnumbered).
 10593 | Lair:1   | 10593 ||| Stepping ~*~*~tactically~*~*~ (outnumbered).
 10595 | Lair:1   | 10595 ||| Stepping ~*~*~tactically~*~*~ (outnumbered).
 10597 | Lair:1   | 10597 ||| Stepping ~*~*~tactically~*~*~ (outnumbered).
 10599 | Lair:1   | 10599 ||| Stepping ~*~*~tactically~*~*~ (outnumbered).
 10601 | Lair:1   | 10601 ||| Stepping ~*~*~tactically~*~*~ (outnumbered).
 10603 | Lair:1   | 10603 ||| Stepping ~*~*~tactically~*~*~ (outnumbered).
 10605 | Lair:1   | 10605 ||| Stepping ~*~*~tactically~*~*~ (outnumbered).
 10607 | Lair:1   | 10607 ||| Stepping ~*~*~tactically~*~*~ (outnumbered).
 10609 | Lair:1   | 10609 ||| Stepping ~*~*~tactically~*~*~ (outnumbered).
 10611 | Lair:1   | 10611 ||| Stepping ~*~*~tactically~*~*~ (outnumbered).
 10613 | Lair:1   | 10613 ||| Stepping ~*~*~tactically~*~*~ (outnumbered).
 10615 | Lair:1   | 10615 ||| Stepping ~*~*~tactically~*~*~ (outnumbered).
 10617 | Lair:1   | 10617 ||| Stepping ~*~*~tactically~*~*~ (outnumbered).
 10619 | Lair:1   | 10619 ||| Stepping ~*~*~tactically~*~*~ (outnumbered).
 10621 | Lair:1   | 10621 ||| Stepping ~*~*~tactically~*~*~ (outnumbered).
 10623 | Lair:1   | 10623 ||| Stepping ~*~*~tactically~*~*~ (outnumbered).
 10625 | Lair:1   | 10625 ||| Stepping ~*~*~tactically~*~*~ (outnumbered).
 10627 | Lair:1   | 10627 ||| Stepping ~*~*~tactically~*~*~ (outnumbered).
 10629 | Lair:1   | 10629 ||| Stepping ~*~*~tactically~*~*~ (outnumbered).
 10631 | Lair:1   | 10631 ||| Stepping ~*~*~tactically~*~*~ (outnumbered).
 10633 | Lair:1   | 10633 ||| Stepping ~*~*~tactically~*~*~ (outnumbered).
 10635 | Lair:1   | 10635 ||| Stepping ~*~*~tactically~*~*~ (outnumbered).
 10637 | Lair:1   | 10637 ||| Stepping ~*~*~tactically~*~*~ (outnumbered).
 10639 | Lair:1   | 10639 ||| Stepping ~*~*~tactically~*~*~ (outnumbered).
 10641 | Lair:1   | 10641 ||| Stepping ~*~*~tactically~*~*~ (outnumbered).
 10643 | Lair:1   | 10643 ||| Stepping ~*~*~tactically~*~*~ (outnumbered).
 10645 | Lair:1   | 10645 ||| Stepping ~*~*~tactically~*~*~ (outnumbered).
 10647 | Lair:1   | 10647 ||| Stepping ~*~*~tactically~*~*~ (outnumbered).
 10649 | Lair:1   | 10649 ||| Stepping ~*~*~tactically~*~*~ (outnumbered).
 10651 | Lair:1   | 10651 ||| Stepping ~*~*~tactically~*~*~ (outnumbered).
 10653 | Lair:1   | 10653 ||| Stepping ~*~*~tactically~*~*~ (outnumbered).
 10655 | Lair:1   | 10655 ||| Stepping ~*~*~tactically~*~*~ (outnumbered).
 10657 | Lair:1   | 10657 ||| Stepping ~*~*~tactically~*~*~ (outnumbered).
 10659 | Lair:1   | 10659 ||| Stepping ~*~*~tactically~*~*~ (outnumbered).
 10661 | Lair:1   | 10661 ||| Stepping ~*~*~tactically~*~*~ (outnumbered).
 10663 | Lair:1   | 10663 ||| Stepping ~*~*~tactically~*~*~ (outnumbered).
 10665 | Lair:1   | 10665 ||| Stepping ~*~*~tactically~*~*~ (outnumbered).
 10667 | Lair:1   | 10667 ||| Stepping ~*~*~tactically~*~*~ (outnumbered).
 10669 | Lair:1   | 10669 ||| Stepping ~*~*~tactically~*~*~ (outnumbered).
 10671 | Lair:1   | 10671 ||| Stepping ~*~*~tactically~*~*~ (outnumbered).
 10673 | Lair:1   | 10673 ||| Stepping ~*~*~tactically~*~*~ (outnumbered).
 10675 | Lair:1   | 10675 ||| Stepping ~*~*~tactically~*~*~ (outnumbered).
 10677 | Lair:1   | 10677 ||| Stepping ~*~*~tactically~*~*~ (outnumbered).
 10679 | Lair:1   | 10679 ||| Stepping ~*~*~tactically~*~*~ (outnumbered).
 10681 | Lair:1   | 10681 ||| Stepping ~*~*~tactically~*~*~ (outnumbered).
 10683 | Lair:1   | 10683 ||| Stepping ~*~*~tactically~*~*~ (outnumbered).
 10685 | Lair:1   | 10685 ||| Stepping ~*~*~tactically~*~*~ (outnumbered).
 10687 | Lair:1   | 10687 ||| Stepping ~*~*~tactically~*~*~ (outnumbered).
 10689 | Lair:1   | 10689 ||| Stepping ~*~*~tactically~*~*~ (outnumbered).
 10691 | Lair:1   | 10691 ||| Stepping ~*~*~tactically~*~*~ (outnumbered).
 10693 | Lair:1   | 10693 ||| Stepping ~*~*~tactically~*~*~ (outnumbered).
 10695 | Lair:1   | 10695 ||| Stepping ~*~*~tactically~*~*~ (outnumbered).
 10697 | Lair:1   | 10697 ||| Stepping ~*~*~tactically~*~*~ (outnumbered).
 10699 | Lair:1   | 10699 ||| Stepping ~*~*~tactically~*~*~ (outnumbered).
 10701 | Lair:1   | 10701 ||| Stepping ~*~*~tactically~*~*~ (outnumbered).
 10703 | Lair:1   | 10703 ||| Stepping ~*~*~tactically~*~*~ (outnumbered).
 10705 | Lair:1   | 10705 ||| Stepping ~*~*~tactically~*~*~ (outnumbered).
 10707 | Lair:1   | 10707 ||| Stepping ~*~*~tactically~*~*~ (outnumbered).
 10709 | Lair:1   | 10709 ||| Stepping ~*~*~tactically~*~*~ (outnumbered).
 10711 | Lair:1   | 10711 ||| Stepping ~*~*~tactically~*~*~ (outnumbered).
 10713 | Lair:1   | 10713 ||| Stepping ~*~*~tactically~*~*~ (outnumbered).
 10715 | Lair:1   | 10715 ||| Stepping ~*~*~tactically~*~*~ (outnumbered).
 10717 | Lair:1   | 10717 ||| Stepping ~*~*~tactically~*~*~ (outnumbered).
 10719 | Lair:1   | 10719 ||| Stepping ~*~*~tactically~*~*~ (outnumbered).
 10721 | Lair:1   | 10721 ||| Stepping ~*~*~tactically~*~*~ (outnumbered).
 10723 | Lair:1   | 10723 ||| Stepping ~*~*~tactically~*~*~ (outnumbered).
 10725 | Lair:1   | 10725 ||| Stepping ~*~*~tactically~*~*~ (outnumbered).
 10727 | Lair:1   | 10727 ||| Stepping ~*~*~tactically~*~*~ (outnumbered).
 10729 | Lair:1   | 10729 ||| Stepping ~*~*~tactically~*~*~ (outnumbered).
 10731 | Lair:1   | 10731 ||| Stepping ~*~*~tactically~*~*~ (outnumbered).
 10733 | Lair:1   | 10733 ||| Stepping ~*~*~tactically~*~*~ (outnumbered).
 10735 | Lair:1   | 10735 ||| Stepping ~*~*~tactically~*~*~ (outnumbered).
 10737 | Lair:1   | 10737 ||| Stepping ~*~*~tactically~*~*~ (outnumbered).
 10739 | Lair:1   | 10739 ||| Stepping ~*~*~tactically~*~*~ (outnumbered).
 10741 | Lair:1   | 10741 ||| Stepping ~*~*~tactically~*~*~ (outnumbered).
 10743 | Lair:1   | 10743 ||| Stepping ~*~*~tactically~*~*~ (outnumbered).
 10745 | Lair:1   | 10745 ||| Stepping ~*~*~tactically~*~*~ (outnumbered).
 10747 | Lair:1   | 10747 ||| Stepping ~*~*~tactically~*~*~ (outnumbered).
 10749 | Lair:1   | 10749 ||| Stepping ~*~*~tactically~*~*~ (outnumbered).
 10751 | Lair:1   | 10751 ||| Stepping ~*~*~tactically~*~*~ (outnumbered).
 10753 | Lair:1   | 10753 ||| Stepping ~*~*~tactically~*~*~ (outnumbered).
 10755 | Lair:1   | 10755 ||| Stepping ~*~*~tactically~*~*~ (outnumbered).
 10757 | Lair:1   | 10757 ||| Stepping ~*~*~tactically~*~*~ (outnumbered).
 10759 | Lair:1   | 10759 ||| Stepping ~*~*~tactically~*~*~ (outnumbered).
 10761 | Lair:1   | 10761 ||| Stepping ~*~*~tactically~*~*~ (outnumbered).
 10763 | Lair:1   | 10763 ||| Stepping ~*~*~tactically~*~*~ (outnumbered).
 10765 | Lair:1   | 10765 ||| Stepping ~*~*~tactically~*~*~ (outnumbered).
 10767 | Lair:1   | 10767 ||| Stepping ~*~*~tactically~*~*~ (outnumbered).
 10769 | Lair:1   | 10769 ||| Stepping ~*~*~tactically~*~*~ (outnumbered).
 10771 | Lair:1   | 10771 ||| Stepping ~*~*~tactically~*~*~ (outnumbered).
 10773 | Lair:1   | 10773 ||| Stepping ~*~*~tactically~*~*~ (outnumbered).
 10775 | Lair:1   | 10775 ||| Stepping ~*~*~tactically~*~*~ (outnumbered).
 10777 | Lair:1   | 10777 ||| Stepping ~*~*~tactically~*~*~ (outnumbered).
 10779 | Lair:1   | 10779 ||| Stepping ~*~*~tactically~*~*~ (outnumbered).
 10781 | Lair:1   | 10781 ||| Stepping ~*~*~tactically~*~*~ (outnumbered).
 10783 | Lair:1   | 10783 ||| Stepping ~*~*~tactically~*~*~ (outnumbered).
 10785 | Lair:1   | 10785 ||| Stepping ~*~*~tactically~*~*~ (outnumbered).
 10787 | Lair:1   | 10787 ||| Stepping ~*~*~tactically~*~*~ (outnumbered).
 10789 | Lair:1   | 10789 ||| Stepping ~*~*~tactically~*~*~ (outnumbered).
 10791 | Lair:1   | 10791 ||| Stepping ~*~*~tactically~*~*~ (outnumbered).
 10793 | Lair:1   | 10793 ||| Stepping ~*~*~tactically~*~*~ (outnumbered).
 10795 | Lair:1   | 10795 ||| Stepping ~*~*~tactically~*~*~ (outnumbered).
 10797 | Lair:1   | 10797 ||| Stepping ~*~*~tactically~*~*~ (outnumbered).
 10799 | Lair:1   | 10799 ||| Stepping ~*~*~tactically~*~*~ (outnumbered).
 10801 | Lair:1   | 10801 ||| Stepping ~*~*~tactically~*~*~ (outnumbered).
 10803 | Lair:1   | 10803 ||| Stepping ~*~*~tactically~*~*~ (outnumbered).
 10805 | Lair:1   | 10805 ||| Stepping ~*~*~tactically~*~*~ (outnumbered).
 10807 | Lair:1   | 10807 ||| Stepping ~*~*~tactically~*~*~ (outnumbered).
 10809 | Lair:1   | 10809 ||| Stepping ~*~*~tactically~*~*~ (outnumbered).
 10811 | Lair:1   | 10811 ||| Stepping ~*~*~tactically~*~*~ (outnumbered).
 10813 | Lair:1   | 10813 ||| Stepping ~*~*~tactically~*~*~ (outnumbered).
 10815 | Lair:1   | 10815 ||| Stepping ~*~*~tactically~*~*~ (outnumbered).
 10817 | Lair:1   | 10817 ||| Stepping ~*~*~tactically~*~*~ (outnumbered).
 10819 | Lair:1   | 10819 ||| Stepping ~*~*~tactically~*~*~ (outnumbered).
 10821 | Lair:1   | 10821 ||| Stepping ~*~*~tactically~*~*~ (outnumbered).
 10823 | Lair:1   | 10823 ||| Stepping ~*~*~tactically~*~*~ (outnumbered).
 10825 | Lair:1   | 10825 ||| Stepping ~*~*~tactically~*~*~ (outnumbered).
 10827 | Lair:1   | 10827 ||| Stepping ~*~*~tactically~*~*~ (outnumbered).
 10829 | Lair:1   | 10829 ||| Stepping ~*~*~tactically~*~*~ (outnumbered).
 10831 | Lair:1   | 10831 ||| Stepping ~*~*~tactically~*~*~ (outnumbered).
 10833 | Lair:1   | 10833 ||| Stepping ~*~*~tactically~*~*~ (outnumbered).
 10835 | Lair:1   | 10835 ||| Stepping ~*~*~tactically~*~*~ (outnumbered).
 10837 | Lair:1   | 10837 ||| Stepping ~*~*~tactically~*~*~ (outnumbered).
 10839 | Lair:1   | 10839 ||| Stepping ~*~*~tactically~*~*~ (outnumbered).
 10841 | Lair:1   | 10841 ||| Stepping ~*~*~tactically~*~*~ (outnumbered).
 10843 | Lair:1   | 10843 ||| Stepping ~*~*~tactically~*~*~ (outnumbered).
 10845 | Lair:1   | 10845 ||| Stepping ~*~*~tactically~*~*~ (outnumbered).
 10847 | Lair:1   | 10847 ||| Stepping ~*~*~tactically~*~*~ (outnumbered).
 10849 | Lair:1   | 10849 ||| Stepping ~*~*~tactically~*~*~ (outnumbered).
 10851 | Lair:1   | 10851 ||| Stepping ~*~*~tactically~*~*~ (outnumbered).
 10853 | Lair:1   | 10853 ||| Stepping ~*~*~tactically~*~*~ (outnumbered).
 10855 | Lair:1   | 10855 ||| Stepping ~*~*~tactically~*~*~ (outnumbered).
 10857 | Lair:1   | 10857 ||| Stepping ~*~*~tactically~*~*~ (outnumbered).
 10859 | Lair:1   | 10859 ||| Stepping ~*~*~tactically~*~*~ (outnumbered).
 10861 | Lair:1   | 10861 ||| Stepping ~*~*~tactically~*~*~ (outnumbered).
 10863 | Lair:1   | 10863 ||| Stepping ~*~*~tactically~*~*~ (outnumbered).
 10865 | Lair:1   | 10865 ||| Stepping ~*~*~tactically~*~*~ (outnumbered).
 10867 | Lair:1   | 10867 ||| Stepping ~*~*~tactically~*~*~ (outnumbered).
 10869 | Lair:1   | 10869 ||| Stepping ~*~*~tactically~*~*~ (outnumbered).
 10871 | Lair:1   | 10871 ||| Stepping ~*~*~tactically~*~*~ (outnumbered).
 10873 | Lair:1   | 10873 ||| Stepping ~*~*~tactically~*~*~ (outnumbered).
 10875 | Lair:1   | 10875 ||| Stepping ~*~*~tactically~*~*~ (outnumbered).
 10877 | Lair:1   | 10877 ||| Stepping ~*~*~tactically~*~*~ (outnumbered).
 10879 | Lair:1   | 10879 ||| Stepping ~*~*~tactically~*~*~ (outnumbered).
 10881 | Lair:1   | 10881 ||| Stepping ~*~*~tactically~*~*~ (outnumbered).
 10883 | Lair:1   | 10883 ||| Stepping ~*~*~tactically~*~*~ (outnumbered).
 10885 | Lair:1   | 10885 ||| Stepping ~*~*~tactically~*~*~ (outnumbered).
 10887 | Lair:1   | 10887 ||| Stepping ~*~*~tactically~*~*~ (outnumbered).
 10889 | Lair:1   | 10889 ||| Stepping ~*~*~tactically~*~*~ (outnumbered).
 10891 | Lair:1   | 10891 ||| Stepping ~*~*~tactically~*~*~ (outnumbered).
 10893 | Lair:1   | 10893 ||| Stepping ~*~*~tactically~*~*~ (outnumbered).
 10895 | Lair:1   | 10895 ||| Stepping ~*~*~tactically~*~*~ (outnumbered).
 10897 | Lair:1   | 10897 ||| Stepping ~*~*~tactically~*~*~ (outnumbered).
 10899 | Lair:1   | 10899 ||| Stepping ~*~*~tactically~*~*~ (outnumbered).
 10901 | Lair:1   | 10901 ||| Stepping ~*~*~tactically~*~*~ (outnumbered).
 10903 | Lair:1   | 10903 ||| Stepping ~*~*~tactically~*~*~ (outnumbered).
 10905 | Lair:1   | 10905 ||| Stepping ~*~*~tactically~*~*~ (outnumbered).
 10907 | Lair:1   | 10907 ||| Stepping ~*~*~tactically~*~*~ (outnumbered).
 10909 | Lair:1   | 10909 ||| Stepping ~*~*~tactically~*~*~ (outnumbered).
 10911 | Lair:1   | 10911 ||| Stepping ~*~*~tactically~*~*~ (outnumbered).
 10913 | Lair:1   | 10913 ||| Stepping ~*~*~tactically~*~*~ (outnumbered).
 10915 | Lair:1   | 10915 ||| Stepping ~*~*~tactically~*~*~ (outnumbered).
 10917 | Lair:1   | 10917 ||| Stepping ~*~*~tactically~*~*~ (outnumbered).
 10919 | Lair:1   | 10919 ||| Stepping ~*~*~tactically~*~*~ (outnumbered).
 10921 | Lair:1   | 10921 ||| Stepping ~*~*~tactically~*~*~ (outnumbered).
 10923 | Lair:1   | 10923 ||| Stepping ~*~*~tactically~*~*~ (outnumbered).
 10925 | Lair:1   | 10925 ||| Stepping ~*~*~tactically~*~*~ (outnumbered).
 10927 | Lair:1   | 10927 ||| Stepping ~*~*~tactically~*~*~ (outnumbered).
 10929 | Lair:1   | 10929 ||| Stepping ~*~*~tactically~*~*~ (outnumbered).
 10931 | Lair:1   | 10931 ||| Stepping ~*~*~tactically~*~*~ (outnumbered).
 10933 | Lair:1   | 10933 ||| Stepping ~*~*~tactically~*~*~ (outnumbered).
 10935 | Lair:1   | 10935 ||| Stepping ~*~*~tactically~*~*~ (outnumbered).
 10937 | Lair:1   | 10937 ||| Stepping ~*~*~tactically~*~*~ (outnumbered).
 10939 | Lair:1   | 10939 ||| Stepping ~*~*~tactically~*~*~ (outnumbered).
 10941 | Lair:1   | 10941 ||| Stepping ~*~*~tactically~*~*~ (outnumbered).
 10943 | Lair:1   | 10943 ||| Stepping ~*~*~tactically~*~*~ (outnumbered).
 10945 | Lair:1   | 10945 ||| Stepping ~*~*~tactically~*~*~ (outnumbered).
 10947 | Lair:1   | 10947 ||| Stepping ~*~*~tactically~*~*~ (outnumbered).
 10949 | Lair:1   | 10949 ||| Stepping ~*~*~tactically~*~*~ (outnumbered).
 10951 | Lair:1   | 10951 ||| Stepping ~*~*~tactically~*~*~ (outnumbered).
 10953 | Lair:1   | 10953 ||| Stepping ~*~*~tactically~*~*~ (outnumbered).
 10955 | Lair:1   | 10955 ||| Stepping ~*~*~tactically~*~*~ (outnumbered).
 10957 | Lair:1   | 10957 ||| Stepping ~*~*~tactically~*~*~ (outnumbered).
 10959 | Lair:1   | 10959 ||| Stepping ~*~*~tactically~*~*~ (outnumbered).
 10961 | Lair:1   | 10961 ||| Stepping ~*~*~tactically~*~*~ (outnumbered).
 10963 | Lair:1   | 10963 ||| Stepping ~*~*~tactically~*~*~ (outnumbered).
 10965 | Lair:1   | 10965 ||| Stepping ~*~*~tactically~*~*~ (outnumbered).
 10967 | Lair:1   | 10967 ||| Stepping ~*~*~tactically~*~*~ (outnumbered).
 10969 | Lair:1   | 10969 ||| Stepping ~*~*~tactically~*~*~ (outnumbered).
 10971 | Lair:1   | 10971 ||| Stepping ~*~*~tactically~*~*~ (outnumbered).
 10973 | Lair:1   | 10973 ||| Stepping ~*~*~tactically~*~*~ (outnumbered).
 10975 | Lair:1   | 10975 ||| Stepping ~*~*~tactically~*~*~ (outnumbered).
 10977 | Lair:1   | 10977 ||| Stepping ~*~*~tactically~*~*~ (outnumbered).
 10979 | Lair:1   | 10979 ||| Stepping ~*~*~tactically~*~*~ (outnumbered).
 10981 | Lair:1   | 10981 ||| Stepping ~*~*~tactically~*~*~ (outnumbered).
 10983 | Lair:1   | 10983 ||| Stepping ~*~*~tactically~*~*~ (outnumbered).
 10985 | Lair:1   | 10985 ||| Stepping ~*~*~tactically~*~*~ (outnumbered).
 10987 | Lair:1   | 10987 ||| Stepping ~*~*~tactically~*~*~ (outnumbered).
 10989 | Lair:1   | 10989 ||| Stepping ~*~*~tactically~*~*~ (outnumbered).
 10991 | Lair:1   | 10991 ||| Stepping ~*~*~tactically~*~*~ (outnumbered).
 10993 | Lair:1   | 10993 ||| Stepping ~*~*~tactically~*~*~ (outnumbered).
 10995 | Lair:1   | 10995 ||| Stepping ~*~*~tactically~*~*~ (outnumbered).
 10997 | Lair:1   | 10997 ||| Stepping ~*~*~tactically~*~*~ (outnumbered).
 10999 | Lair:1   | 10999 ||| Stepping ~*~*~tactically~*~*~ (outnumbered).
 11001 | Lair:1   | 11001 ||| Stepping ~*~*~tactically~*~*~ (outnumbered).
 11003 | Lair:1   | 11003 ||| Stepping ~*~*~tactically~*~*~ (outnumbered).
 11005 | Lair:1   | 11005 ||| Stepping ~*~*~tactically~*~*~ (outnumbered).
 11007 | Lair:1   | 11007 ||| Stepping ~*~*~tactically~*~*~ (outnumbered).
 11009 | Lair:1   | 11009 ||| Stepping ~*~*~tactically~*~*~ (outnumbered).
 11011 | Lair:1   | 11011 ||| Stepping ~*~*~tactically~*~*~ (outnumbered).
 11013 | Lair:1   | 11013 ||| Stepping ~*~*~tactically~*~*~ (outnumbered).
 11015 | Lair:1   | 11015 ||| Stepping ~*~*~tactically~*~*~ (outnumbered).
 11017 | Lair:1   | 11017 ||| Stepping ~*~*~tactically~*~*~ (outnumbered).
 11019 | Lair:1   | 11019 ||| Stepping ~*~*~tactically~*~*~ (outnumbered).
 11021 | Lair:1   | 11021 ||| Stepping ~*~*~tactically~*~*~ (outnumbered).
 11023 | Lair:1   | 11023 ||| Stepping ~*~*~tactically~*~*~ (outnumbered).
 11025 | Lair:1   | 11025 ||| Stepping ~*~*~tactically~*~*~ (outnumbered).
 11027 | Lair:1   | 11027 ||| Stepping ~*~*~tactically~*~*~ (outnumbered).
 11029 | Lair:1   | 11029 ||| Stepping ~*~*~tactically~*~*~ (outnumbered).
 11031 | Lair:1   | 11031 ||| Stepping ~*~*~tactically~*~*~ (outnumbered).
 11033 | Lair:1   | 11033 ||| Stepping ~*~*~tactically~*~*~ (outnumbered).
 11035 | Lair:1   | 11035 ||| Stepping ~*~*~tactically~*~*~ (outnumbered).
 11037 | Lair:1   | 11037 ||| Stepping ~*~*~tactically~*~*~ (outnumbered).
 11039 | Lair:1   | 11039 ||| Stepping ~*~*~tactically~*~*~ (outnumbered).
 11041 | Lair:1   | 11041 ||| Stepping ~*~*~tactically~*~*~ (outnumbered).
 11043 | Lair:1   | 11043 ||| Stepping ~*~*~tactically~*~*~ (outnumbered).
 11045 | Lair:1   | 11045 ||| Stepping ~*~*~tactically~*~*~ (outnumbered).
 11047 | Lair:1   | 11047 ||| Stepping ~*~*~tactically~*~*~ (outnumbered).
 11049 | Lair:1   | 11049 ||| Stepping ~*~*~tactically~*~*~ (outnumbered).
 11051 | Lair:1   | 11051 ||| Stepping ~*~*~tactically~*~*~ (outnumbered).
 11053 | Lair:1   | 11053 ||| Stepping ~*~*~tactically~*~*~ (outnumbered).
 11055 | Lair:1   | 11055 ||| Stepping ~*~*~tactically~*~*~ (outnumbered).
 11057 | Lair:1   | 11057 ||| Stepping ~*~*~tactically~*~*~ (outnumbered).
 11059 | Lair:1   | 11059 ||| Stepping ~*~*~tactically~*~*~ (outnumbered).
 11061 | Lair:1   | 11061 ||| Stepping ~*~*~tactically~*~*~ (outnumbered).
 11063 | Lair:1   | 11063 ||| Stepping ~*~*~tactically~*~*~ (outnumbered).
 11065 | Lair:1   | 11065 ||| Stepping ~*~*~tactically~*~*~ (outnumbered).
 11067 | Lair:1   | 11067 ||| Stepping ~*~*~tactically~*~*~ (outnumbered).
 11069 | Lair:1   | 11069 ||| Stepping ~*~*~tactically~*~*~ (outnumbered).
 11071 | Lair:1   | 11071 ||| Stepping ~*~*~tactically~*~*~ (outnumbered).
 11073 | Lair:1   | 11073 ||| Stepping ~*~*~tactically~*~*~ (outnumbered).
 11075 | Lair:1   | 11075 ||| Stepping ~*~*~tactically~*~*~ (outnumbered).
 11077 | Lair:1   | 11077 ||| Stepping ~*~*~tactically~*~*~ (outnumbered).
 11079 | Lair:1   | 11079 ||| Stepping ~*~*~tactically~*~*~ (outnumbered).
 11081 | Lair:1   | 11081 ||| Stepping ~*~*~tactically~*~*~ (outnumbered).
 11083 | Lair:1   | 11083 ||| Stepping ~*~*~tactically~*~*~ (outnumbered).
 11085 | Lair:1   | 11085 ||| Stepping ~*~*~tactically~*~*~ (outnumbered).
 11087 | Lair:1   | 11087 ||| Stepping ~*~*~tactically~*~*~ (outnumbered).
 11089 | Lair:1   | 11089 ||| Stepping ~*~*~tactically~*~*~ (outnumbered).
 11091 | Lair:1   | 11091 ||| Stepping ~*~*~tactically~*~*~ (outnumbered).
 11093 | Lair:1   | 11093 ||| Stepping ~*~*~tactically~*~*~ (outnumbered).
 11095 | Lair:1   | 11095 ||| Stepping ~*~*~tactically~*~*~ (outnumbered).
 11097 | Lair:1   | 11097 ||| Stepping ~*~*~tactically~*~*~ (outnumbered).
 11099 | Lair:1   | 11099 ||| Stepping ~*~*~tactically~*~*~ (outnumbered).
 11101 | Lair:1   | 11101 ||| Stepping ~*~*~tactically~*~*~ (outnumbered).
 11103 | Lair:1   | 11103 ||| Stepping ~*~*~tactically~*~*~ (outnumbered).
 11105 | Lair:1   | 11105 ||| Stepping ~*~*~tactically~*~*~ (outnumbered).
 11107 | Lair:1   | 11107 ||| Stepping ~*~*~tactically~*~*~ (outnumbered).
 11109 | Lair:1   | 11109 ||| Stepping ~*~*~tactically~*~*~ (outnumbered).
 11111 | Lair:1   | 11111 ||| Stepping ~*~*~tactically~*~*~ (outnumbered).
 11113 | Lair:1   | 11113 ||| Stepping ~*~*~tactically~*~*~ (outnumbered).
 11115 | Lair:1   | 11115 ||| Stepping ~*~*~tactically~*~*~ (outnumbered).
 11117 | Lair:1   | 11117 ||| Stepping ~*~*~tactically~*~*~ (outnumbered).
 11119 | Lair:1   | 11119 ||| Stepping ~*~*~tactically~*~*~ (outnumbered).
 11121 | Lair:1   | 11121 ||| Stepping ~*~*~tactically~*~*~ (outnumbered).
 11123 | Lair:1   | 11123 ||| Stepping ~*~*~tactically~*~*~ (outnumbered).
 11125 | Lair:1   | 11125 ||| Stepping ~*~*~tactically~*~*~ (outnumbered).
 11127 | Lair:1   | 11127 ||| Stepping ~*~*~tactically~*~*~ (outnumbered).
 11129 | Lair:1   | 11129 ||| Stepping ~*~*~tactically~*~*~ (outnumbered).
 11131 | Lair:1   | 11131 ||| Stepping ~*~*~tactically~*~*~ (outnumbered).
 11133 | Lair:1   | 11133 ||| Stepping ~*~*~tactically~*~*~ (outnumbered).
 11135 | Lair:1   | 11135 ||| Stepping ~*~*~tactically~*~*~ (outnumbered).
 11137 | Lair:1   | 11137 ||| Stepping ~*~*~tactically~*~*~ (outnumbered).
 11139 | Lair:1   | 11139 ||| Stepping ~*~*~tactically~*~*~ (outnumbered).
 11141 | Lair:1   | 11141 ||| Stepping ~*~*~tactically~*~*~ (outnumbered).
 11143 | Lair:1   | 11143 ||| Stepping ~*~*~tactically~*~*~ (outnumbered).
 11145 | Lair:1   | 11145 ||| Stepping ~*~*~tactically~*~*~ (outnumbered).
 11147 | Lair:1   | 11147 ||| Stepping ~*~*~tactically~*~*~ (outnumbered).
 11149 | Lair:1   | 11149 ||| Stepping ~*~*~tactically~*~*~ (outnumbered).
 11151 | Lair:1   | 11151 ||| Stepping ~*~*~tactically~*~*~ (outnumbered).
 11153 | Lair:1   | 11153 ||| Stepping ~*~*~tactically~*~*~ (outnumbered).
 11155 | Lair:1   | 11155 ||| Stepping ~*~*~tactically~*~*~ (outnumbered).
 11157 | Lair:1   | 11157 ||| Stepping ~*~*~tactically~*~*~ (outnumbered).
 11159 | Lair:1   | 11159 ||| Stepping ~*~*~tactically~*~*~ (outnumbered).
 11161 | Lair:1   | 11161 ||| Stepping ~*~*~tactically~*~*~ (outnumbered).
 11163 | Lair:1   | 11163 ||| Stepping ~*~*~tactically~*~*~ (outnumbered).
 11165 | Lair:1   | 11165 ||| Stepping ~*~*~tactically~*~*~ (outnumbered).
 11167 | Lair:1   | 11167 ||| Stepping ~*~*~tactically~*~*~ (outnumbered).
 11169 | Lair:1   | 11169 ||| Stepping ~*~*~tactically~*~*~ (outnumbered).
 11171 | Lair:1   | 11171 ||| Stepping ~*~*~tactically~*~*~ (outnumbered).
 11173 | Lair:1   | 11173 ||| Stepping ~*~*~tactically~*~*~ (outnumbered).
 11175 | Lair:1   | 11175 ||| Stepping ~*~*~tactically~*~*~ (outnumbered).
 11177 | Lair:1   | 11177 ||| Stepping ~*~*~tactically~*~*~ (outnumbered).
 11179 | Lair:1   | 11179 ||| Stepping ~*~*~tactically~*~*~ (outnumbered).
 11181 | Lair:1   | 11181 ||| Stepping ~*~*~tactically~*~*~ (outnumbered).
 11183 | Lair:1   | 11183 ||| Stepping ~*~*~tactically~*~*~ (outnumbered).
 11185 | Lair:1   | 11185 ||| Stepping ~*~*~tactically~*~*~ (outnumbered).
 11187 | Lair:1   | 11187 ||| Stepping ~*~*~tactically~*~*~ (outnumbered).
 11189 | Lair:1   | 11189 ||| Stepping ~*~*~tactically~*~*~ (outnumbered).
 11191 | Lair:1   | 11191 ||| Stepping ~*~*~tactically~*~*~ (outnumbered).
 11193 | Lair:1   | 11193 ||| Stepping ~*~*~tactically~*~*~ (outnumbered).
 11195 | Lair:1   | 11195 ||| Stepping ~*~*~tactically~*~*~ (outnumbered).
 11197 | Lair:1   | 11197 ||| Stepping ~*~*~tactically~*~*~ (outnumbered).
 11199 | Lair:1   | 11199 ||| Stepping ~*~*~tactically~*~*~ (outnumbered).
 11201 | Lair:1   | 11201 ||| Stepping ~*~*~tactically~*~*~ (outnumbered).
 11203 | Lair:1   | 11203 ||| Stepping ~*~*~tactically~*~*~ (outnumbered).
 11205 | Lair:1   | 11205 ||| Stepping ~*~*~tactically~*~*~ (outnumbered).
 11207 | Lair:1   | 11207 ||| Stepping ~*~*~tactically~*~*~ (outnumbered).
 11209 | Lair:1   | 11209 ||| Stepping ~*~*~tactically~*~*~ (outnumbered).
 11211 | Lair:1   | 11211 ||| Stepping ~*~*~tactically~*~*~ (outnumbered).
 11213 | Lair:1   | 11213 ||| Stepping ~*~*~tactically~*~*~ (outnumbered).
 11215 | Lair:1   | 11215 ||| Stepping ~*~*~tactically~*~*~ (outnumbered).
 11217 | Lair:1   | 11217 ||| Stepping ~*~*~tactically~*~*~ (outnumbered).
 11219 | Lair:1   | 11219 ||| Stepping ~*~*~tactically~*~*~ (outnumbered).
 11221 | Lair:1   | 11221 ||| Stepping ~*~*~tactically~*~*~ (outnumbered).
 11223 | Lair:1   | 11223 ||| Stepping ~*~*~tactically~*~*~ (outnumbered).
 11225 | Lair:1   | 11225 ||| Stepping ~*~*~tactically~*~*~ (outnumbered).
 11227 | Lair:1   | 11227 ||| Stepping ~*~*~tactically~*~*~ (outnumbered).
 11229 | Lair:1   | 11229 ||| Stepping ~*~*~tactically~*~*~ (outnumbered).
 11231 | Lair:1   | 11231 ||| Stepping ~*~*~tactically~*~*~ (outnumbered).
 11233 | Lair:1   | 11233 ||| Stepping ~*~*~tactically~*~*~ (outnumbered).
 11235 | Lair:1   | 11235 ||| Stepping ~*~*~tactically~*~*~ (outnumbered).
 11237 | Lair:1   | 11237 ||| Stepping ~*~*~tactically~*~*~ (outnumbered).
 11239 | Lair:1   | 11239 ||| Stepping ~*~*~tactically~*~*~ (outnumbered).
 11241 | Lair:1   | 11241 ||| Stepping ~*~*~tactically~*~*~ (outnumbered).
 11243 | Lair:1   | 11243 ||| Stepping ~*~*~tactically~*~*~ (outnumbered).
 11245 | Lair:1   | 11245 ||| Stepping ~*~*~tactically~*~*~ (outnumbered).
 11247 | Lair:1   | 11247 ||| Stepping ~*~*~tactically~*~*~ (outnumbered).
 11249 | Lair:1   | 11249 ||| Stepping ~*~*~tactically~*~*~ (outnumbered).
 11251 | Lair:1   | 11251 ||| Stepping ~*~*~tactically~*~*~ (outnumbered).
 11253 | Lair:1   | 11253 ||| Stepping ~*~*~tactically~*~*~ (outnumbered).
 11255 | Lair:1   | 11255 ||| Stepping ~*~*~tactically~*~*~ (outnumbered).
 11257 | Lair:1   | 11257 ||| Stepping ~*~*~tactically~*~*~ (outnumbered).
 11259 | Lair:1   | 11259 ||| Stepping ~*~*~tactically~*~*~ (outnumbered).
 11261 | Lair:1   | 11261 ||| Stepping ~*~*~tactically~*~*~ (outnumbered).
 11263 | Lair:1   | 11263 ||| Stepping ~*~*~tactically~*~*~ (outnumbered).
 11265 | Lair:1   | 11265 ||| Stepping ~*~*~tactically~*~*~ (outnumbered).
 11267 | Lair:1   | 11267 ||| Stepping ~*~*~tactically~*~*~ (outnumbered).
 11269 | Lair:1   | 11269 ||| Stepping ~*~*~tactically~*~*~ (outnumbered).
 11271 | Lair:1   | 11271 ||| Stepping ~*~*~tactically~*~*~ (outnumbered).
 11273 | Lair:1   | 11273 ||| Stepping ~*~*~tactically~*~*~ (outnumbered).
 11275 | Lair:1   | 11275 ||| Stepping ~*~*~tactically~*~*~ (outnumbered).
 11277 | Lair:1   | 11277 ||| Stepping ~*~*~tactically~*~*~ (outnumbered).
 11279 | Lair:1   | 11279 ||| Stepping ~*~*~tactically~*~*~ (outnumbered).
 11281 | Lair:1   | 11281 ||| Stepping ~*~*~tactically~*~*~ (outnumbered).
 11283 | Lair:1   | 11283 ||| Stepping ~*~*~tactically~*~*~ (outnumbered).
 11285 | Lair:1   | 11285 ||| Stepping ~*~*~tactically~*~*~ (outnumbered).
 11287 | Lair:1   | 11287 ||| Stepping ~*~*~tactically~*~*~ (outnumbered).
 11289 | Lair:1   | 11289 ||| Stepping ~*~*~tactically~*~*~ (outnumbered).
 11291 | Lair:1   | 11291 ||| Stepping ~*~*~tactically~*~*~ (outnumbered).
 11293 | Lair:1   | 11293 ||| Stepping ~*~*~tactically~*~*~ (outnumbered).
 11295 | Lair:1   | 11295 ||| Stepping ~*~*~tactically~*~*~ (outnumbered).
 11297 | Lair:1   | 11297 ||| Stepping ~*~*~tactically~*~*~ (outnumbered).
 11299 | Lair:1   | 11299 ||| Stepping ~*~*~tactically~*~*~ (outnumbered).
 11301 | Lair:1   | 11301 ||| Stepping ~*~*~tactically~*~*~ (outnumbered).
 11303 | Lair:1   | 11303 ||| Stepping ~*~*~tactically~*~*~ (outnumbered).
 11305 | Lair:1   | 11305 ||| Stepping ~*~*~tactically~*~*~ (outnumbered).
 11307 | Lair:1   | 11307 ||| Stepping ~*~*~tactically~*~*~ (outnumbered).
 11309 | Lair:1   | 11309 ||| Stepping ~*~*~tactically~*~*~ (outnumbered).
 11311 | Lair:1   | 11311 ||| Stepping ~*~*~tactically~*~*~ (outnumbered).
 11313 | Lair:1   | 11313 ||| Stepping ~*~*~tactically~*~*~ (outnumbered).
 11315 | Lair:1   | 11315 ||| Stepping ~*~*~tactically~*~*~ (outnumbered).
 11317 | Lair:1   | 11317 ||| Stepping ~*~*~tactically~*~*~ (outnumbered).
 11319 | Lair:1   | 11319 ||| Stepping ~*~*~tactically~*~*~ (outnumbered).
 11321 | Lair:1   | 11321 ||| Stepping ~*~*~tactically~*~*~ (outnumbered).
 11323 | Lair:1   | 11323 ||| Stepping ~*~*~tactically~*~*~ (outnumbered).
 11325 | Lair:1   | 11325 ||| Stepping ~*~*~tactically~*~*~ (outnumbered).
 11327 | Lair:1   | 11327 ||| Stepping ~*~*~tactically~*~*~ (outnumbered).
 11329 | Lair:1   | 11329 ||| Stepping ~*~*~tactically~*~*~ (outnumbered).
 11331 | Lair:1   | 11331 ||| Stepping ~*~*~tactically~*~*~ (outnumbered).
 11333 | Lair:1   | 11333 ||| Stepping ~*~*~tactically~*~*~ (outnumbered).
 11335 | Lair:1   | 11335 ||| Stepping ~*~*~tactically~*~*~ (outnumbered).
 11337 | Lair:1   | 11337 ||| Stepping ~*~*~tactically~*~*~ (outnumbered).
 11339 | Lair:1   | 11339 ||| Stepping ~*~*~tactically~*~*~ (outnumbered).
 11341 | Lair:1   | 11341 ||| Stepping ~*~*~tactically~*~*~ (outnumbered).
 11343 | Lair:1   | 11343 ||| Stepping ~*~*~tactically~*~*~ (outnumbered).
 11345 | Lair:1   | 11345 ||| Stepping ~*~*~tactically~*~*~ (outnumbered).
 11347 | Lair:1   | 11347 ||| Stepping ~*~*~tactically~*~*~ (outnumbered).
 11349 | Lair:1   | 11349 ||| Stepping ~*~*~tactically~*~*~ (outnumbered).
 11351 | Lair:1   | 11351 ||| Stepping ~*~*~tactically~*~*~ (outnumbered).
 11353 | Lair:1   | 11353 ||| Stepping ~*~*~tactically~*~*~ (outnumbered).
 11355 | Lair:1   | 11355 ||| Stepping ~*~*~tactically~*~*~ (outnumbered).
 11357 | Lair:1   | 11357 ||| Stepping ~*~*~tactically~*~*~ (outnumbered).
 11359 | Lair:1   | 11359 ||| Stepping ~*~*~tactically~*~*~ (outnumbered).
 11361 | Lair:1   | 11361 ||| Stepping ~*~*~tactically~*~*~ (outnumbered).
 11363 | Lair:1   | 11363 ||| Stepping ~*~*~tactically~*~*~ (outnumbered).
 11365 | Lair:1   | 11365 ||| Stepping ~*~*~tactically~*~*~ (outnumbered).
 11367 | Lair:1   | 11367 ||| Stepping ~*~*~tactically~*~*~ (outnumbered).
 11369 | Lair:1   | 11369 ||| Stepping ~*~*~tactically~*~*~ (outnumbered).
 11371 | Lair:1   | 11371 ||| Stepping ~*~*~tactically~*~*~ (outnumbered).
 11373 | Lair:1   | 11373 ||| Stepping ~*~*~tactically~*~*~ (outnumbered).
 11375 | Lair:1   | 11375 ||| Stepping ~*~*~tactically~*~*~ (outnumbered).
 11377 | Lair:1   | 11377 ||| Stepping ~*~*~tactically~*~*~ (outnumbered).
 11379 | Lair:1   | 11379 ||| Stepping ~*~*~tactically~*~*~ (outnumbered).
 11381 | Lair:1   | 11381 ||| Stepping ~*~*~tactically~*~*~ (outnumbered).
 11383 | Lair:1   | 11383 ||| Stepping ~*~*~tactically~*~*~ (outnumbered).
 11385 | Lair:1   | 11385 ||| Stepping ~*~*~tactically~*~*~ (outnumbered).
 11387 | Lair:1   | 11387 ||| Stepping ~*~*~tactically~*~*~ (outnumbered).
 11389 | Lair:1   | 11389 ||| Stepping ~*~*~tactically~*~*~ (outnumbered).
 11391 | Lair:1   | 11391 ||| Stepping ~*~*~tactically~*~*~ (outnumbered).
 11393 | Lair:1   | 11393 ||| Stepping ~*~*~tactically~*~*~ (outnumbered).
 11395 | Lair:1   | 11395 ||| Stepping ~*~*~tactically~*~*~ (outnumbered).
 11397 | Lair:1   | 11397 ||| Stepping ~*~*~tactically~*~*~ (outnumbered).
 11399 | Lair:1   | 11399 ||| Stepping ~*~*~tactically~*~*~ (outnumbered).
 11401 | Lair:1   | 11401 ||| Stepping ~*~*~tactically~*~*~ (outnumbered).
 11403 | Lair:1   | 11403 ||| Stepping ~*~*~tactically~*~*~ (outnumbered).
 11405 | Lair:1   | 11405 ||| Stepping ~*~*~tactically~*~*~ (outnumbered).
 11407 | Lair:1   | 11407 ||| Stepping ~*~*~tactically~*~*~ (outnumbered).
 11409 | Lair:1   | 11409 ||| Stepping ~*~*~tactically~*~*~ (outnumbered).
 11411 | Lair:1   | 11411 ||| Stepping ~*~*~tactically~*~*~ (outnumbered).
 11413 | Lair:1   | 11413 ||| Stepping ~*~*~tactically~*~*~ (outnumbered).
 11415 | Lair:1   | 11415 ||| Stepping ~*~*~tactically~*~*~ (outnumbered).
 11417 | Lair:1   | 11417 ||| Stepping ~*~*~tactically~*~*~ (outnumbered).
 11419 | Lair:1   | 11419 ||| Stepping ~*~*~tactically~*~*~ (outnumbered).
 11421 | Lair:1   | 11421 ||| Stepping ~*~*~tactically~*~*~ (outnumbered).
 11423 | Lair:1   | 11423 ||| Stepping ~*~*~tactically~*~*~ (outnumbered).
 11425 | Lair:1   | 11425 ||| Stepping ~*~*~tactically~*~*~ (outnumbered).
 11427 | Lair:1   | 11427 ||| Stepping ~*~*~tactically~*~*~ (outnumbered).
 11429 | Lair:1   | 11429 ||| Stepping ~*~*~tactically~*~*~ (outnumbered).
 11431 | Lair:1   | 11431 ||| Stepping ~*~*~tactically~*~*~ (outnumbered).
 11433 | Lair:1   | 11433 ||| Stepping ~*~*~tactically~*~*~ (outnumbered).
 11435 | Lair:1   | 11435 ||| Stepping ~*~*~tactically~*~*~ (outnumbered).
 11437 | Lair:1   | 11437 ||| Stepping ~*~*~tactically~*~*~ (outnumbered).
 11439 | Lair:1   | 11439 ||| Stepping ~*~*~tactically~*~*~ (outnumbered).
 11441 | Lair:1   | 11441 ||| Stepping ~*~*~tactically~*~*~ (outnumbered).
 11443 | Lair:1   | 11443 ||| Stepping ~*~*~tactically~*~*~ (outnumbered).
 11445 | Lair:1   | 11445 ||| Stepping ~*~*~tactically~*~*~ (outnumbered).
 11447 | Lair:1   | 11447 ||| Stepping ~*~*~tactically~*~*~ (outnumbered).
 11449 | Lair:1   | 11449 ||| Stepping ~*~*~tactically~*~*~ (outnumbered).
 11451 | Lair:1   | 11451 ||| Stepping ~*~*~tactically~*~*~ (outnumbered).
 11453 | Lair:1   | 11453 ||| Stepping ~*~*~tactically~*~*~ (outnumbered).
 11455 | Lair:1   | 11455 ||| Stepping ~*~*~tactically~*~*~ (outnumbered).
 11457 | Lair:1   | 11457 ||| Stepping ~*~*~tactically~*~*~ (outnumbered).
 11459 | Lair:1   | 11459 ||| Stepping ~*~*~tactically~*~*~ (outnumbered).
 11461 | Lair:1   | 11461 ||| Stepping ~*~*~tactically~*~*~ (outnumbered).
 11463 | Lair:1   | 11463 ||| Stepping ~*~*~tactically~*~*~ (outnumbered).
 11465 | Lair:1   | 11465 ||| Stepping ~*~*~tactically~*~*~ (outnumbered).
 11467 | Lair:1   | 11467 ||| Stepping ~*~*~tactically~*~*~ (outnumbered).
 11469 | Lair:1   | 11469 ||| Stepping ~*~*~tactically~*~*~ (outnumbered).
 11471 | Lair:1   | 11471 ||| Stepping ~*~*~tactically~*~*~ (outnumbered).
 11473 | Lair:1   | 11473 ||| Stepping ~*~*~tactically~*~*~ (outnumbered).
 11475 | Lair:1   | 11475 ||| Stepping ~*~*~tactically~*~*~ (outnumbered).
 11477 | Lair:1   | 11477 ||| Stepping ~*~*~tactically~*~*~ (outnumbered).
 11479 | Lair:1   | 11479 ||| Stepping ~*~*~tactically~*~*~ (outnumbered).
 11481 | Lair:1   | 11481 ||| Stepping ~*~*~tactically~*~*~ (outnumbered).
 11483 | Lair:1   | 11483 ||| Stepping ~*~*~tactically~*~*~ (outnumbered).
 11485 | Lair:1   | 11485 ||| Stepping ~*~*~tactically~*~*~ (outnumbered).
 11487 | Lair:1   | 11487 ||| Stepping ~*~*~tactically~*~*~ (outnumbered).
 11489 | Lair:1   | 11489 ||| Stepping ~*~*~tactically~*~*~ (outnumbered).
 11491 | Lair:1   | 11491 ||| Stepping ~*~*~tactically~*~*~ (outnumbered).
 11493 | Lair:1   | 11493 ||| Stepping ~*~*~tactically~*~*~ (outnumbered).
 11495 | Lair:1   | 11495 ||| Stepping ~*~*~tactically~*~*~ (outnumbered).
 11497 | Lair:1   | 11497 ||| Stepping ~*~*~tactically~*~*~ (outnumbered).
 11499 | Lair:1   | 11499 ||| Stepping ~*~*~tactically~*~*~ (outnumbered).
 11501 | Lair:1   | 11501 ||| Stepping ~*~*~tactically~*~*~ (outnumbered).
 11503 | Lair:1   | 11503 ||| Stepping ~*~*~tactically~*~*~ (outnumbered).
 11505 | Lair:1   | 11505 ||| Stepping ~*~*~tactically~*~*~ (outnumbered).
 11507 | Lair:1   | 11507 ||| Stepping ~*~*~tactically~*~*~ (outnumbered).
 11509 | Lair:1   | 11509 ||| Stepping ~*~*~tactically~*~*~ (outnumbered).
 11511 | Lair:1   | 11511 ||| Stepping ~*~*~tactically~*~*~ (outnumbered).
 11513 | Lair:1   | 11513 ||| Stepping ~*~*~tactically~*~*~ (outnumbered).
 11515 | Lair:1   | 11515 ||| Stepping ~*~*~tactically~*~*~ (outnumbered).
 11517 | Lair:1   | 11517 ||| Stepping ~*~*~tactically~*~*~ (outnumbered).
 11519 | Lair:1   | 11519 ||| Stepping ~*~*~tactically~*~*~ (outnumbered).
 11521 | Lair:1   | 11521 ||| Stepping ~*~*~tactically~*~*~ (outnumbered).
 11523 | Lair:1   | 11523 ||| Stepping ~*~*~tactically~*~*~ (outnumbered).
 11525 | Lair:1   | 11525 ||| Stepping ~*~*~tactically~*~*~ (outnumbered).
 11527 | Lair:1   | 11527 ||| Stepping ~*~*~tactically~*~*~ (outnumbered).
 11529 | Lair:1   | 11529 ||| Stepping ~*~*~tactically~*~*~ (outnumbered).
 11531 | Lair:1   | 11531 ||| Stepping ~*~*~tactically~*~*~ (outnumbered).
 11533 | Lair:1   | 11533 ||| Stepping ~*~*~tactically~*~*~ (outnumbered).
 11535 | Lair:1   | 11535 ||| Stepping ~*~*~tactically~*~*~ (outnumbered).
 11537 | Lair:1   | 11537 ||| Stepping ~*~*~tactically~*~*~ (outnumbered).
 11539 | Lair:1   | 11539 ||| Stepping ~*~*~tactically~*~*~ (outnumbered).
 11541 | Lair:1   | 11541 ||| Stepping ~*~*~tactically~*~*~ (outnumbered).
 11543 | Lair:1   | 11543 ||| Stepping ~*~*~tactically~*~*~ (outnumbered).
 11545 | Lair:1   | 11545 ||| Stepping ~*~*~tactically~*~*~ (outnumbered).
 11547 | Lair:1   | 11547 ||| Stepping ~*~*~tactically~*~*~ (outnumbered).
 11549 | Lair:1   | 11549 ||| Stepping ~*~*~tactically~*~*~ (outnumbered).
 11551 | Lair:1   | 11551 ||| Stepping ~*~*~tactically~*~*~ (outnumbered).
 11553 | Lair:1   | 11553 ||| Stepping ~*~*~tactically~*~*~ (outnumbered).
 11555 | Lair:1   | 11555 ||| Stepping ~*~*~tactically~*~*~ (outnumbered).
 11557 | Lair:1   | 11557 ||| Stepping ~*~*~tactically~*~*~ (outnumbered).
 11559 | Lair:1   | 11559 ||| Stepping ~*~*~tactically~*~*~ (outnumbered).
 11561 | Lair:1   | 11561 ||| Stepping ~*~*~tactically~*~*~ (outnumbered).
 11563 | Lair:1   | 11563 ||| Stepping ~*~*~tactically~*~*~ (outnumbered).
 11565 | Lair:1   | 11565 ||| Stepping ~*~*~tactically~*~*~ (outnumbered).
 11567 | Lair:1   | 11567 ||| Stepping ~*~*~tactically~*~*~ (outnumbered).
 11569 | Lair:1   | 11569 ||| Stepping ~*~*~tactically~*~*~ (outnumbered).
 11571 | Lair:1   | 11571 ||| Stepping ~*~*~tactically~*~*~ (outnumbered).
 11573 | Lair:1   | 11573 ||| Stepping ~*~*~tactically~*~*~ (outnumbered).
 11575 | Lair:1   | 11575 ||| Stepping ~*~*~tactically~*~*~ (outnumbered).
 11577 | Lair:1   | 11577 ||| Stepping ~*~*~tactically~*~*~ (outnumbered).
 11579 | Lair:1   | 11579 ||| Stepping ~*~*~tactically~*~*~ (outnumbered).
 11581 | Lair:1   | 11581 ||| Stepping ~*~*~tactically~*~*~ (outnumbered).
 11583 | Lair:1   | 11583 ||| Stepping ~*~*~tactically~*~*~ (outnumbered).
 11585 | Lair:1   | 11585 ||| Stepping ~*~*~tactically~*~*~ (outnumbered).
 11587 | Lair:1   | 11587 ||| Stepping ~*~*~tactically~*~*~ (outnumbered).
 11589 | Lair:1   | 11589 ||| Stepping ~*~*~tactically~*~*~ (outnumbered).
 11591 | Lair:1   | 11591 ||| Stepping ~*~*~tactically~*~*~ (outnumbered).
 11593 | Lair:1   | 11593 ||| Stepping ~*~*~tactically~*~*~ (outnumbered).
 11595 | Lair:1   | 11595 ||| Stepping ~*~*~tactically~*~*~ (outnumbered).
 11597 | Lair:1   | 11597 ||| Stepping ~*~*~tactically~*~*~ (outnumbered).
 11599 | Lair:1   | 11599 ||| Stepping ~*~*~tactically~*~*~ (outnumbered).
 11601 | Lair:1   | 11601 ||| Stepping ~*~*~tactically~*~*~ (outnumbered).
 11603 | Lair:1   | 11603 ||| Stepping ~*~*~tactically~*~*~ (outnumbered).
 11605 | Lair:1   | 11605 ||| Stepping ~*~*~tactically~*~*~ (outnumbered).
 11607 | Lair:1   | 11607 ||| Stepping ~*~*~tactically~*~*~ (outnumbered).
 11609 | Lair:1   | 11609 ||| Stepping ~*~*~tactically~*~*~ (outnumbered).
 11611 | Lair:1   | 11611 ||| Stepping ~*~*~tactically~*~*~ (outnumbered).
 11613 | Lair:1   | 11613 ||| Stepping ~*~*~tactically~*~*~ (outnumbered).
 11615 | Lair:1   | 11615 ||| Stepping ~*~*~tactically~*~*~ (outnumbered).
 11617 | Lair:1   | 11617 ||| Stepping ~*~*~tactically~*~*~ (outnumbered).
 11619 | Lair:1   | 11619 ||| Stepping ~*~*~tactically~*~*~ (outnumbered).
 11621 | Lair:1   | 11621 ||| Stepping ~*~*~tactically~*~*~ (outnumbered).
 11623 | Lair:1   | 11623 ||| Stepping ~*~*~tactically~*~*~ (outnumbered).
 11625 | Lair:1   | 11625 ||| Stepping ~*~*~tactically~*~*~ (outnumbered).
 11627 | Lair:1   | 11627 ||| Stepping ~*~*~tactically~*~*~ (outnumbered).
 11629 | Lair:1   | 11629 ||| Stepping ~*~*~tactically~*~*~ (outnumbered).
 11631 | Lair:1   | 11631 ||| Stepping ~*~*~tactically~*~*~ (outnumbered).
 11633 | Lair:1   | 11633 ||| Stepping ~*~*~tactically~*~*~ (outnumbered).
 11635 | Lair:1   | 11635 ||| Stepping ~*~*~tactically~*~*~ (outnumbered).
 11637 | Lair:1   | 11637 ||| Stepping ~*~*~tactically~*~*~ (outnumbered).
 11639 | Lair:1   | 11639 ||| Stepping ~*~*~tactically~*~*~ (outnumbered).
 11641 | Lair:1   | 11641 ||| Stepping ~*~*~tactically~*~*~ (outnumbered).
 11643 | Lair:1   | 11643 ||| Stepping ~*~*~tactically~*~*~ (outnumbered).
 11645 | Lair:1   | 11645 ||| Stepping ~*~*~tactically~*~*~ (outnumbered).
 11647 | Lair:1   | 11647 ||| Stepping ~*~*~tactically~*~*~ (outnumbered).
 11649 | Lair:1   | 11649 ||| Stepping ~*~*~tactically~*~*~ (outnumbered).
 11651 | Lair:1   | 11651 ||| Stepping ~*~*~tactically~*~*~ (outnumbered).
 11653 | Lair:1   | 11653 ||| Stepping ~*~*~tactically~*~*~ (outnumbered).
 11655 | Lair:1   | 11655 ||| Stepping ~*~*~tactically~*~*~ (outnumbered).
 11657 | Lair:1   | 11657 ||| Stepping ~*~*~tactically~*~*~ (outnumbered).
 11659 | Lair:1   | 11659 ||| Stepping ~*~*~tactically~*~*~ (outnumbered).
 11661 | Lair:1   | 11661 ||| Stepping ~*~*~tactically~*~*~ (outnumbered).
 11663 | Lair:1   | 11663 ||| Stepping ~*~*~tactically~*~*~ (outnumbered).
 11665 | Lair:1   | 11665 ||| Stepping ~*~*~tactically~*~*~ (outnumbered).
 11667 | Lair:1   | 11667 ||| Stepping ~*~*~tactically~*~*~ (outnumbered).
 11669 | Lair:1   | 11669 ||| Stepping ~*~*~tactically~*~*~ (outnumbered).
 11671 | Lair:1   | 11671 ||| Stepping ~*~*~tactically~*~*~ (outnumbered).
 11673 | Lair:1   | 11673 ||| Stepping ~*~*~tactically~*~*~ (outnumbered).
 11675 | Lair:1   | 11675 ||| Stepping ~*~*~tactically~*~*~ (outnumbered).
 11677 | Lair:1   | 11677 ||| Stepping ~*~*~tactically~*~*~ (outnumbered).
 11679 | Lair:1   | 11679 ||| Stepping ~*~*~tactically~*~*~ (outnumbered).
 11681 | Lair:1   | 11681 ||| Stepping ~*~*~tactically~*~*~ (outnumbered).
 11683 | Lair:1   | 11683 ||| Stepping ~*~*~tactically~*~*~ (outnumbered).
 11685 | Lair:1   | 11685 ||| Stepping ~*~*~tactically~*~*~ (outnumbered).
 11687 | Lair:1   | 11687 ||| Stepping ~*~*~tactically~*~*~ (outnumbered).
 11689 | Lair:1   | 11689 ||| Stepping ~*~*~tactically~*~*~ (outnumbered).
 11691 | Lair:1   | 11691 ||| Stepping ~*~*~tactically~*~*~ (outnumbered).
 11693 | Lair:1   | 11693 ||| Stepping ~*~*~tactically~*~*~ (outnumbered).
 11695 | Lair:1   | 11695 ||| Stepping ~*~*~tactically~*~*~ (outnumbered).
 11697 | Lair:1   | 11697 ||| Stepping ~*~*~tactically~*~*~ (outnumbered).
 11699 | Lair:1   | 11699 ||| Stepping ~*~*~tactically~*~*~ (outnumbered).
 11701 | Lair:1   | 11701 ||| Stepping ~*~*~tactically~*~*~ (outnumbered).
 11703 | Lair:1   | 11703 ||| Stepping ~*~*~tactically~*~*~ (outnumbered).
 11705 | Lair:1   | 11705 ||| Stepping ~*~*~tactically~*~*~ (outnumbered).
 11707 | Lair:1   | 11707 ||| Stepping ~*~*~tactically~*~*~ (outnumbered).
 11709 | Lair:1   | 11709 ||| Stepping ~*~*~tactically~*~*~ (outnumbered).
 11711 | Lair:1   | 11711 ||| Stepping ~*~*~tactically~*~*~ (outnumbered).
 11713 | Lair:1   | 11713 ||| Stepping ~*~*~tactically~*~*~ (outnumbered).
 11715 | Lair:1   | 11715 ||| Stepping ~*~*~tactically~*~*~ (outnumbered).
 11717 | Lair:1   | 11717 ||| Stepping ~*~*~tactically~*~*~ (outnumbered).
 11719 | Lair:1   | 11719 ||| Stepping ~*~*~tactically~*~*~ (outnumbered).
 11721 | Lair:1   | 11721 ||| Stepping ~*~*~tactically~*~*~ (outnumbered).
 11723 | Lair:1   | 11723 ||| Stepping ~*~*~tactically~*~*~ (outnumbered).
 11725 | Lair:1   | 11725 ||| Stepping ~*~*~tactically~*~*~ (outnumbered).
 11727 | Lair:1   | 11727 ||| Stepping ~*~*~tactically~*~*~ (outnumbered).
 11729 | Lair:1   | 11729 ||| Stepping ~*~*~tactically~*~*~ (outnumbered).
 11731 | Lair:1   | 11731 ||| Stepping ~*~*~tactically~*~*~ (outnumbered).
 11733 | Lair:1   | 11733 ||| Stepping ~*~*~tactically~*~*~ (outnumbered).
 11735 | Lair:1   | 11735 ||| Stepping ~*~*~tactically~*~*~ (outnumbered).
 11737 | Lair:1   | 11737 ||| Stepping ~*~*~tactically~*~*~ (outnumbered).
 11739 | Lair:1   | 11739 ||| Stepping ~*~*~tactically~*~*~ (outnumbered).
 11741 | Lair:1   | 11741 ||| Stepping ~*~*~tactically~*~*~ (outnumbered).
 11743 | Lair:1   | 11743 ||| Stepping ~*~*~tactically~*~*~ (outnumbered).
 11745 | Lair:1   | 11745 ||| Stepping ~*~*~tactically~*~*~ (outnumbered).
 11747 | Lair:1   | 11747 ||| Stepping ~*~*~tactically~*~*~ (outnumbered).
 11749 | Lair:1   | 11749 ||| Stepping ~*~*~tactically~*~*~ (outnumbered).
 11751 | Lair:1   | 11751 ||| Stepping ~*~*~tactically~*~*~ (outnumbered).
 11753 | Lair:1   | 11753 ||| Stepping ~*~*~tactically~*~*~ (outnumbered).
 11755 | Lair:1   | 11755 ||| Stepping ~*~*~tactically~*~*~ (outnumbered).
 11757 | Lair:1   | 11757 ||| Stepping ~*~*~tactically~*~*~ (outnumbered).
 11759 | Lair:1   | 11759 ||| Stepping ~*~*~tactically~*~*~ (outnumbered).
 11761 | Lair:1   | 11761 ||| Stepping ~*~*~tactically~*~*~ (outnumbered).
 11763 | Lair:1   | 11763 ||| Stepping ~*~*~tactically~*~*~ (outnumbered).
 11765 | Lair:1   | 11765 ||| Stepping ~*~*~tactically~*~*~ (outnumbered).
 11767 | Lair:1   | 11767 ||| Stepping ~*~*~tactically~*~*~ (outnumbered).
 11769 | Lair:1   | 11769 ||| Stepping ~*~*~tactically~*~*~ (outnumbered).
 11771 | Lair:1   | 11771 ||| Stepping ~*~*~tactically~*~*~ (outnumbered).
 11773 | Lair:1   | 11773 ||| Stepping ~*~*~tactically~*~*~ (outnumbered).
 11775 | Lair:1   | 11775 ||| Stepping ~*~*~tactically~*~*~ (outnumbered).
 11777 | Lair:1   | 11777 ||| Stepping ~*~*~tactically~*~*~ (outnumbered).
 11779 | Lair:1   | 11779 ||| Stepping ~*~*~tactically~*~*~ (outnumbered).
 11781 | Lair:1   | 11781 ||| Stepping ~*~*~tactically~*~*~ (outnumbered).
 11783 | Lair:1   | 11783 ||| Stepping ~*~*~tactically~*~*~ (outnumbered).
 11785 | Lair:1   | 11785 ||| Stepping ~*~*~tactically~*~*~ (outnumbered).
 11787 | Lair:1   | 11787 ||| Stepping ~*~*~tactically~*~*~ (outnumbered).
 11789 | Lair:1   | 11789 ||| Stepping ~*~*~tactically~*~*~ (outnumbered).
 11791 | Lair:1   | 11791 ||| Stepping ~*~*~tactically~*~*~ (outnumbered).
 11793 | Lair:1   | 11793 ||| Stepping ~*~*~tactically~*~*~ (outnumbered).
 11795 | Lair:1   | 11795 ||| Stepping ~*~*~tactically~*~*~ (outnumbered).
 11796 | Lair:1   | Glimpsed the power of Zot.
 11797 | Lair:1   | 11797 ||| Stepping ~*~*~tactically~*~*~ (outnumbered).
 11799 | Lair:1   | 11799 ||| Stepping ~*~*~tactically~*~*~ (outnumbered).
 11801 | Lair:1   | 11801 ||| Stepping ~*~*~tactically~*~*~ (outnumbered).
 11803 | Lair:1   | 11803 ||| Stepping ~*~*~tactically~*~*~ (outnumbered).
 11805 | Lair:1   | 11805 ||| Stepping ~*~*~tactically~*~*~ (outnumbered).
 11807 | Lair:1   | 11807 ||| Stepping ~*~*~tactically~*~*~ (outnumbered).
 11809 | Lair:1   | 11809 ||| Stepping ~*~*~tactically~*~*~ (outnumbered).
 11811 | Lair:1   | 11811 ||| Stepping ~*~*~tactically~*~*~ (outnumbered).
 11813 | Lair:1   | 11813 ||| Stepping ~*~*~tactically~*~*~ (outnumbered).
 11815 | Lair:1   | 11815 ||| Stepping ~*~*~tactically~*~*~ (outnumbered).
 11817 | Lair:1   | 11817 ||| Stepping ~*~*~tactically~*~*~ (outnumbered).
 11819 | Lair:1   | 11819 ||| Stepping ~*~*~tactically~*~*~ (outnumbered).
 11821 | Lair:1   | 11821 ||| Stepping ~*~*~tactically~*~*~ (outnumbered).
 11823 | Lair:1   | 11823 ||| Stepping ~*~*~tactically~*~*~ (outnumbered).
 11825 | Lair:1   | 11825 ||| Stepping ~*~*~tactically~*~*~ (outnumbered).
 11827 | Lair:1   | 11827 ||| Stepping ~*~*~tactically~*~*~ (outnumbered).
 11829 | Lair:1   | 11829 ||| Stepping ~*~*~tactically~*~*~ (outnumbered).
 11831 | Lair:1   | 11831 ||| Stepping ~*~*~tactically~*~*~ (outnumbered).
 11833 | Lair:1   | 11833 ||| Stepping ~*~*~tactically~*~*~ (outnumbered).
 11835 | Lair:1   | 11835 ||| Stepping ~*~*~tactically~*~*~ (outnumbered).
 11837 | Lair:1   | 11837 ||| Stepping ~*~*~tactically~*~*~ (outnumbered).
 11839 | Lair:1   | 11839 ||| Stepping ~*~*~tactically~*~*~ (outnumbered).
 11841 | Lair:1   | 11841 ||| Stepping ~*~*~tactically~*~*~ (outnumbered).
 11843 | Lair:1   | 11843 ||| Stepping ~*~*~tactically~*~*~ (outnumbered).
 11845 | Lair:1   | 11845 ||| Stepping ~*~*~tactically~*~*~ (outnumbered).
 11847 | Lair:1   | 11847 ||| Stepping ~*~*~tactically~*~*~ (outnumbered).
 11849 | Lair:1   | 11849 ||| Stepping ~*~*~tactically~*~*~ (outnumbered).
 11851 | Lair:1   | 11851 ||| Stepping ~*~*~tactically~*~*~ (outnumbered).
 11853 | Lair:1   | 11853 ||| Stepping ~*~*~tactically~*~*~ (outnumbered).
 11855 | Lair:1   | 11855 ||| Stepping ~*~*~tactically~*~*~ (outnumbered).
 11857 | Lair:1   | 11857 ||| Stepping ~*~*~tactically~*~*~ (outnumbered).
 11859 | Lair:1   | 11859 ||| Stepping ~*~*~tactically~*~*~ (outnumbered).
 11861 | Lair:1   | 11861 ||| Stepping ~*~*~tactically~*~*~ (outnumbered).
 11863 | Lair:1   | 11863 ||| Stepping ~*~*~tactically~*~*~ (outnumbered).
 11865 | Lair:1   | 11865 ||| Stepping ~*~*~tactically~*~*~ (outnumbered).
 11867 | Lair:1   | 11867 ||| Stepping ~*~*~tactically~*~*~ (outnumbered).
 11869 | Lair:1   | 11869 ||| Stepping ~*~*~tactically~*~*~ (outnumbered).
 11871 | Lair:1   | 11871 ||| Stepping ~*~*~tactically~*~*~ (outnumbered).
 11873 | Lair:1   | 11873 ||| Stepping ~*~*~tactically~*~*~ (outnumbered).
 11875 | Lair:1   | 11875 ||| Stepping ~*~*~tactically~*~*~ (outnumbered).
 11877 | Lair:1   | 11877 ||| Stepping ~*~*~tactically~*~*~ (outnumbered).
 11879 | Lair:1   | 11879 ||| Stepping ~*~*~tactically~*~*~ (outnumbered).
 11881 | Lair:1   | 11881 ||| Stepping ~*~*~tactically~*~*~ (outnumbered).
 11883 | Lair:1   | 11883 ||| Stepping ~*~*~tactically~*~*~ (outnumbered).
 11885 | Lair:1   | 11885 ||| Stepping ~*~*~tactically~*~*~ (outnumbered).
 11887 | Lair:1   | 11887 ||| Stepping ~*~*~tactically~*~*~ (outnumbered).
 11889 | Lair:1   | 11889 ||| Stepping ~*~*~tactically~*~*~ (outnumbered).
 11891 | Lair:1   | 11891 ||| Stepping ~*~*~tactically~*~*~ (outnumbered).
 11893 | Lair:1   | 11893 ||| Stepping ~*~*~tactically~*~*~ (outnumbered).
 11895 | Lair:1   | 11895 ||| Stepping ~*~*~tactically~*~*~ (outnumbered).
 11897 | Lair:1   | 11897 ||| Stepping ~*~*~tactically~*~*~ (outnumbered).
 11899 | Lair:1   | 11899 ||| Stepping ~*~*~tactically~*~*~ (outnumbered).
 11901 | Lair:1   | 11901 ||| Stepping ~*~*~tactically~*~*~ (outnumbered).
 11903 | Lair:1   | 11903 ||| Stepping ~*~*~tactically~*~*~ (outnumbered).
 11905 | Lair:1   | 11905 ||| Stepping ~*~*~tactically~*~*~ (outnumbered).
 11907 | Lair:1   | 11907 ||| Stepping ~*~*~tactically~*~*~ (outnumbered).
 11909 | Lair:1   | 11909 ||| Stepping ~*~*~tactically~*~*~ (outnumbered).
 11911 | Lair:1   | 11911 ||| Stepping ~*~*~tactically~*~*~ (outnumbered).
 11913 | Lair:1   | 11913 ||| Stepping ~*~*~tactically~*~*~ (outnumbered).
 11915 | Lair:1   | 11915 ||| Stepping ~*~*~tactically~*~*~ (outnumbered).
 11917 | Lair:1   | 11917 ||| Stepping ~*~*~tactically~*~*~ (outnumbered).
 11919 | Lair:1   | 11919 ||| Stepping ~*~*~tactically~*~*~ (outnumbered).
 11921 | Lair:1   | 11921 ||| Stepping ~*~*~tactically~*~*~ (outnumbered).
 11923 | Lair:1   | 11923 ||| Stepping ~*~*~tactically~*~*~ (outnumbered).
 11925 | Lair:1   | 11925 ||| Stepping ~*~*~tactically~*~*~ (outnumbered).
 11927 | Lair:1   | 11927 ||| Stepping ~*~*~tactically~*~*~ (outnumbered).
 11929 | Lair:1   | 11929 ||| Stepping ~*~*~tactically~*~*~ (outnumbered).
 11931 | Lair:1   | 11931 ||| Stepping ~*~*~tactically~*~*~ (outnumbered).
 11933 | Lair:1   | 11933 ||| Stepping ~*~*~tactically~*~*~ (outnumbered).
 11935 | Lair:1   | 11935 ||| Stepping ~*~*~tactically~*~*~ (outnumbered).
 11937 | Lair:1   | 11937 ||| Stepping ~*~*~tactically~*~*~ (outnumbered).
 11939 | Lair:1   | 11939 ||| Stepping ~*~*~tactically~*~*~ (outnumbered).
 11941 | Lair:1   | 11941 ||| Stepping ~*~*~tactically~*~*~ (outnumbered).
 11943 | Lair:1   | 11943 ||| Stepping ~*~*~tactically~*~*~ (outnumbered).
 11945 | Lair:1   | 11945 ||| Stepping ~*~*~tactically~*~*~ (outnumbered).
 11947 | Lair:1   | 11947 ||| Stepping ~*~*~tactically~*~*~ (outnumbered).
 11949 | Lair:1   | 11949 ||| Stepping ~*~*~tactically~*~*~ (outnumbered).
 11951 | Lair:1   | 11951 ||| Stepping ~*~*~tactically~*~*~ (outnumbered).
 11953 | Lair:1   | 11953 ||| Stepping ~*~*~tactically~*~*~ (outnumbered).
 11955 | Lair:1   | 11955 ||| Stepping ~*~*~tactically~*~*~ (outnumbered).
 11957 | Lair:1   | 11957 ||| Stepping ~*~*~tactically~*~*~ (outnumbered).
 11959 | Lair:1   | 11959 ||| Stepping ~*~*~tactically~*~*~ (outnumbered).
 11961 | Lair:1   | 11961 ||| Stepping ~*~*~tactically~*~*~ (outnumbered).
 11963 | Lair:1   | 11963 ||| Stepping ~*~*~tactically~*~*~ (outnumbered).
 11965 | Lair:1   | 11965 ||| Stepping ~*~*~tactically~*~*~ (outnumbered).
 11967 | Lair:1   | 11967 ||| Stepping ~*~*~tactically~*~*~ (outnumbered).
 11969 | Lair:1   | 11969 ||| Stepping ~*~*~tactically~*~*~ (outnumbered).
 11971 | Lair:1   | 11971 ||| Stepping ~*~*~tactically~*~*~ (outnumbered).
 11973 | Lair:1   | 11973 ||| Stepping ~*~*~tactically~*~*~ (outnumbered).
 11975 | Lair:1   | 11975 ||| Stepping ~*~*~tactically~*~*~ (outnumbered).
 11977 | Lair:1   | 11977 ||| Stepping ~*~*~tactically~*~*~ (outnumbered).
 11979 | Lair:1   | 11979 ||| Stepping ~*~*~tactically~*~*~ (outnumbered).
 11981 | Lair:1   | 11981 ||| Stepping ~*~*~tactically~*~*~ (outnumbered).
 11983 | Lair:1   | 11983 ||| Stepping ~*~*~tactically~*~*~ (outnumbered).
 11985 | Lair:1   | 11985 ||| Stepping ~*~*~tactically~*~*~ (outnumbered).
 11987 | Lair:1   | 11987 ||| Stepping ~*~*~tactically~*~*~ (outnumbered).
 11989 | Lair:1   | 11989 ||| Stepping ~*~*~tactically~*~*~ (outnumbered).
 11991 | Lair:1   | 11991 ||| Stepping ~*~*~tactically~*~*~ (outnumbered).
 11993 | Lair:1   | 11993 ||| Stepping ~*~*~tactically~*~*~ (outnumbered).
 11995 | Lair:1   | 11995 ||| Stepping ~*~*~tactically~*~*~ (outnumbered).
 11997 | Lair:1   | 11997 ||| Stepping ~*~*~tactically~*~*~ (outnumbered).
 11999 | Lair:1   | 11999 ||| Stepping ~*~*~tactically~*~*~ (outnumbered).
 12001 | Lair:1   | 12001 ||| Stepping ~*~*~tactically~*~*~ (outnumbered).
 12003 | Lair:1   | 12003 ||| Stepping ~*~*~tactically~*~*~ (outnumbered).
 12005 | Lair:1   | 12005 ||| Stepping ~*~*~tactically~*~*~ (outnumbered).
 12007 | Lair:1   | 12007 ||| Stepping ~*~*~tactically~*~*~ (outnumbered).
 12009 | Lair:1   | 12009 ||| Stepping ~*~*~tactically~*~*~ (outnumbered).
 12011 | Lair:1   | 12011 ||| Stepping ~*~*~tactically~*~*~ (outnumbered).
 12013 | Lair:1   | 12013 ||| Stepping ~*~*~tactically~*~*~ (outnumbered).
 12015 | Lair:1   | 12015 ||| Stepping ~*~*~tactically~*~*~ (outnumbered).
 12017 | Lair:1   | 12017 ||| Stepping ~*~*~tactically~*~*~ (outnumbered).
 12019 | Lair:1   | 12019 ||| Stepping ~*~*~tactically~*~*~ (outnumbered).
 12021 | Lair:1   | 12021 ||| Stepping ~*~*~tactically~*~*~ (outnumbered).
 12023 | Lair:1   | 12023 ||| Stepping ~*~*~tactically~*~*~ (outnumbered).
 12025 | Lair:1   | 12025 ||| Stepping ~*~*~tactically~*~*~ (outnumbered).
 12027 | Lair:1   | 12027 ||| Stepping ~*~*~tactically~*~*~ (outnumbered).
 12029 | Lair:1   | 12029 ||| Stepping ~*~*~tactically~*~*~ (outnumbered).
 12031 | Lair:1   | 12031 ||| Stepping ~*~*~tactically~*~*~ (outnumbered).
 12033 | Lair:1   | 12033 ||| Stepping ~*~*~tactically~*~*~ (outnumbered).
 12035 | Lair:1   | 12035 ||| Stepping ~*~*~tactically~*~*~ (outnumbered).
 12037 | Lair:1   | 12037 ||| Stepping ~*~*~tactically~*~*~ (outnumbered).
 12039 | Lair:1   | 12039 ||| Stepping ~*~*~tactically~*~*~ (outnumbered).
 12041 | Lair:1   | 12041 ||| Stepping ~*~*~tactically~*~*~ (outnumbered).
 12043 | Lair:1   | 12043 ||| Stepping ~*~*~tactically~*~*~ (outnumbered).
 12045 | Lair:1   | 12045 ||| Stepping ~*~*~tactically~*~*~ (outnumbered).
 12047 | Lair:1   | 12047 ||| Stepping ~*~*~tactically~*~*~ (outnumbered).
 12049 | Lair:1   | 12049 ||| Stepping ~*~*~tactically~*~*~ (outnumbered).
 12051 | Lair:1   | 12051 ||| Stepping ~*~*~tactically~*~*~ (outnumbered).
 12053 | Lair:1   | 12053 ||| Stepping ~*~*~tactically~*~*~ (outnumbered).
 12055 | Lair:1   | 12055 ||| Stepping ~*~*~tactically~*~*~ (outnumbered).
 12057 | Lair:1   | 12057 ||| Stepping ~*~*~tactically~*~*~ (outnumbered).
 12059 | Lair:1   | 12059 ||| Stepping ~*~*~tactically~*~*~ (outnumbered).
 12061 | Lair:1   | 12061 ||| Stepping ~*~*~tactically~*~*~ (outnumbered).
 12063 | Lair:1   | 12063 ||| Stepping ~*~*~tactically~*~*~ (outnumbered).
 12065 | Lair:1   | 12065 ||| Stepping ~*~*~tactically~*~*~ (outnumbered).
 12067 | Lair:1   | 12067 ||| Stepping ~*~*~tactically~*~*~ (outnumbered).
 12069 | Lair:1   | 12069 ||| Stepping ~*~*~tactically~*~*~ (outnumbered).
 12071 | Lair:1   | 12071 ||| Stepping ~*~*~tactically~*~*~ (outnumbered).
 12073 | Lair:1   | 12073 ||| Stepping ~*~*~tactically~*~*~ (outnumbered).
 12075 | Lair:1   | 12075 ||| Stepping ~*~*~tactically~*~*~ (outnumbered).
 12077 | Lair:1   | 12077 ||| Stepping ~*~*~tactically~*~*~ (outnumbered).
 12079 | Lair:1   | 12079 ||| Stepping ~*~*~tactically~*~*~ (outnumbered).
 12081 | Lair:1   | 12081 ||| Stepping ~*~*~tactically~*~*~ (outnumbered).
 12083 | Lair:1   | 12083 ||| Stepping ~*~*~tactically~*~*~ (outnumbered).
 12085 | Lair:1   | 12085 ||| Stepping ~*~*~tactically~*~*~ (outnumbered).
 12087 | Lair:1   | 12087 ||| Stepping ~*~*~tactically~*~*~ (outnumbered).
 12089 | Lair:1   | 12089 ||| Stepping ~*~*~tactically~*~*~ (outnumbered).
 12091 | Lair:1   | 12091 ||| Stepping ~*~*~tactically~*~*~ (outnumbered).
 12093 | Lair:1   | 12093 ||| Stepping ~*~*~tactically~*~*~ (outnumbered).
 12095 | Lair:1   | 12095 ||| Stepping ~*~*~tactically~*~*~ (outnumbered).
 12097 | Lair:1   | 12097 ||| Stepping ~*~*~tactically~*~*~ (outnumbered).
 12099 | Lair:1   | 12099 ||| Stepping ~*~*~tactically~*~*~ (outnumbered).
 12101 | Lair:1   | 12101 ||| Stepping ~*~*~tactically~*~*~ (outnumbered).
 12103 | Lair:1   | 12103 ||| Stepping ~*~*~tactically~*~*~ (outnumbered).
 12105 | Lair:1   | 12105 ||| Stepping ~*~*~tactically~*~*~ (outnumbered).
 12107 | Lair:1   | 12107 ||| Stepping ~*~*~tactically~*~*~ (outnumbered).
 12109 | Lair:1   | 12109 ||| Stepping ~*~*~tactically~*~*~ (outnumbered).
 12111 | Lair:1   | 12111 ||| Stepping ~*~*~tactically~*~*~ (outnumbered).
 12113 | Lair:1   | 12113 ||| Stepping ~*~*~tactically~*~*~ (outnumbered).
 12115 | Lair:1   | 12115 ||| Stepping ~*~*~tactically~*~*~ (outnumbered).
 12117 | Lair:1   | 12117 ||| Stepping ~*~*~tactically~*~*~ (outnumbered).
 12119 | Lair:1   | 12119 ||| Stepping ~*~*~tactically~*~*~ (outnumbered).
 12121 | Lair:1   | 12121 ||| Stepping ~*~*~tactically~*~*~ (outnumbered).
 12123 | Lair:1   | 12123 ||| Stepping ~*~*~tactically~*~*~ (outnumbered).
 12125 | Lair:1   | 12125 ||| Stepping ~*~*~tactically~*~*~ (outnumbered).
 12127 | Lair:1   | 12127 ||| Stepping ~*~*~tactically~*~*~ (outnumbered).
 12129 | Lair:1   | 12129 ||| Stepping ~*~*~tactically~*~*~ (outnumbered).
 12131 | Lair:1   | 12131 ||| Stepping ~*~*~tactically~*~*~ (outnumbered).
 12133 | Lair:1   | 12133 ||| Stepping ~*~*~tactically~*~*~ (outnumbered).
 12135 | Lair:1   | 12135 ||| Stepping ~*~*~tactically~*~*~ (outnumbered).
 12137 | Lair:1   | 12137 ||| Stepping ~*~*~tactically~*~*~ (outnumbered).
 12139 | Lair:1   | 12139 ||| Stepping ~*~*~tactically~*~*~ (outnumbered).
 12141 | Lair:1   | 12141 ||| Stepping ~*~*~tactically~*~*~ (outnumbered).
 12143 | Lair:1   | 12143 ||| Stepping ~*~*~tactically~*~*~ (outnumbered).
 12145 | Lair:1   | 12145 ||| Stepping ~*~*~tactically~*~*~ (outnumbered).
 12147 | Lair:1   | 12147 ||| Stepping ~*~*~tactically~*~*~ (outnumbered).
 12149 | Lair:1   | 12149 ||| Stepping ~*~*~tactically~*~*~ (outnumbered).
 12151 | Lair:1   | 12151 ||| Stepping ~*~*~tactically~*~*~ (outnumbered).
 12153 | Lair:1   | 12153 ||| Stepping ~*~*~tactically~*~*~ (outnumbered).
 12155 | Lair:1   | 12155 ||| Stepping ~*~*~tactically~*~*~ (outnumbered).
 12157 | Lair:1   | 12157 ||| Stepping ~*~*~tactically~*~*~ (outnumbered).
 12159 | Lair:1   | 12159 ||| Stepping ~*~*~tactically~*~*~ (outnumbered).
 12161 | Lair:1   | 12161 ||| Stepping ~*~*~tactically~*~*~ (outnumbered).
 12163 | Lair:1   | 12163 ||| Stepping ~*~*~tactically~*~*~ (outnumbered).
 12165 | Lair:1   | 12165 ||| Stepping ~*~*~tactically~*~*~ (outnumbered).
 12167 | Lair:1   | 12167 ||| Stepping ~*~*~tactically~*~*~ (outnumbered).
 12169 | Lair:1   | 12169 ||| Stepping ~*~*~tactically~*~*~ (outnumbered).
 12171 | Lair:1   | 12171 ||| Stepping ~*~*~tactically~*~*~ (outnumbered).
 12173 | Lair:1   | 12173 ||| Stepping ~*~*~tactically~*~*~ (outnumbered).
 12175 | Lair:1   | 12175 ||| Stepping ~*~*~tactically~*~*~ (outnumbered).
 12177 | Lair:1   | 12177 ||| Stepping ~*~*~tactically~*~*~ (outnumbered).
 12179 | Lair:1   | 12179 ||| Stepping ~*~*~tactically~*~*~ (outnumbered).
 12181 | Lair:1   | 12181 ||| Stepping ~*~*~tactically~*~*~ (outnumbered).
 12183 | Lair:1   | 12183 ||| Stepping ~*~*~tactically~*~*~ (outnumbered).
 12185 | Lair:1   | 12185 ||| Stepping ~*~*~tactically~*~*~ (outnumbered).
 12187 | Lair:1   | 12187 ||| Stepping ~*~*~tactically~*~*~ (outnumbered).
 12189 | Lair:1   | 12189 ||| Stepping ~*~*~tactically~*~*~ (outnumbered).
 12191 | Lair:1   | 12191 ||| Stepping ~*~*~tactically~*~*~ (outnumbered).
 12193 | Lair:1   | 12193 ||| Stepping ~*~*~tactically~*~*~ (outnumbered).
 12195 | Lair:1   | 12195 ||| Stepping ~*~*~tactically~*~*~ (outnumbered).
 12197 | Lair:1   | 12197 ||| Stepping ~*~*~tactically~*~*~ (outnumbered).
 12199 | Lair:1   | 12199 ||| Stepping ~*~*~tactically~*~*~ (outnumbered).
 12201 | Lair:1   | 12201 ||| Stepping ~*~*~tactically~*~*~ (outnumbered).
 12203 | Lair:1   | 12203 ||| Stepping ~*~*~tactically~*~*~ (outnumbered).
 12205 | Lair:1   | 12205 ||| Stepping ~*~*~tactically~*~*~ (outnumbered).
 12207 | Lair:1   | 12207 ||| Stepping ~*~*~tactically~*~*~ (outnumbered).
 12209 | Lair:1   | 12209 ||| Stepping ~*~*~tactically~*~*~ (outnumbered).
 12211 | Lair:1   | 12211 ||| Stepping ~*~*~tactically~*~*~ (outnumbered).
 12213 | Lair:1   | 12213 ||| Stepping ~*~*~tactically~*~*~ (outnumbered).
 12215 | Lair:1   | 12215 ||| Stepping ~*~*~tactically~*~*~ (outnumbered).
 12217 | Lair:1   | 12217 ||| Stepping ~*~*~tactically~*~*~ (outnumbered).
 12219 | Lair:1   | 12219 ||| Stepping ~*~*~tactically~*~*~ (outnumbered).
 12221 | Lair:1   | 12221 ||| Stepping ~*~*~tactically~*~*~ (outnumbered).
 12223 | Lair:1   | 12223 ||| Stepping ~*~*~tactically~*~*~ (outnumbered).
 12225 | Lair:1   | 12225 ||| Stepping ~*~*~tactically~*~*~ (outnumbered).
 12227 | Lair:1   | 12227 ||| Stepping ~*~*~tactically~*~*~ (outnumbered).
 12229 | Lair:1   | 12229 ||| Stepping ~*~*~tactically~*~*~ (outnumbered).
 12231 | Lair:1   | 12231 ||| Stepping ~*~*~tactically~*~*~ (outnumbered).
 12233 | Lair:1   | 12233 ||| Stepping ~*~*~tactically~*~*~ (outnumbered).
 12235 | Lair:1   | 12235 ||| Stepping ~*~*~tactically~*~*~ (outnumbered).
 12237 | Lair:1   | 12237 ||| Stepping ~*~*~tactically~*~*~ (outnumbered).
 12239 | Lair:1   | 12239 ||| Stepping ~*~*~tactically~*~*~ (outnumbered).
 12241 | Lair:1   | 12241 ||| Stepping ~*~*~tactically~*~*~ (outnumbered).
 12243 | Lair:1   | 12243 ||| Stepping ~*~*~tactically~*~*~ (outnumbered).
 12245 | Lair:1   | 12245 ||| Stepping ~*~*~tactically~*~*~ (outnumbered).
 12247 | Lair:1   | 12247 ||| Stepping ~*~*~tactically~*~*~ (outnumbered).
 12249 | Lair:1   | 12249 ||| Stepping ~*~*~tactically~*~*~ (outnumbered).
 12251 | Lair:1   | 12251 ||| Stepping ~*~*~tactically~*~*~ (outnumbered).
 12253 | Lair:1   | 12253 ||| Stepping ~*~*~tactically~*~*~ (outnumbered).
 12255 | Lair:1   | 12255 ||| Stepping ~*~*~tactically~*~*~ (outnumbered).
 12257 | Lair:1   | 12257 ||| Stepping ~*~*~tactically~*~*~ (outnumbered).
 12259 | Lair:1   | 12259 ||| Stepping ~*~*~tactically~*~*~ (outnumbered).
 12261 | Lair:1   | 12261 ||| Stepping ~*~*~tactically~*~*~ (outnumbered).
 12263 | Lair:1   | 12263 ||| Stepping ~*~*~tactically~*~*~ (outnumbered).
 12265 | Lair:1   | 12265 ||| Stepping ~*~*~tactically~*~*~ (outnumbered).
 12267 | Lair:1   | 12267 ||| Stepping ~*~*~tactically~*~*~ (outnumbered).
 12269 | Lair:1   | 12269 ||| Stepping ~*~*~tactically~*~*~ (outnumbered).
 12271 | Lair:1   | 12271 ||| Stepping ~*~*~tactically~*~*~ (outnumbered).
 12273 | Lair:1   | 12273 ||| Stepping ~*~*~tactically~*~*~ (outnumbered).
 12275 | Lair:1   | 12275 ||| Stepping ~*~*~tactically~*~*~ (outnumbered).
 12277 | Lair:1   | 12277 ||| Stepping ~*~*~tactically~*~*~ (outnumbered).
 12279 | Lair:1   | 12279 ||| Stepping ~*~*~tactically~*~*~ (outnumbered).
 12281 | Lair:1   | 12281 ||| Stepping ~*~*~tactically~*~*~ (outnumbered).
 12283 | Lair:1   | 12283 ||| Stepping ~*~*~tactically~*~*~ (outnumbered).
 12285 | Lair:1   | 12285 ||| Stepping ~*~*~tactically~*~*~ (outnumbered).
 12287 | Lair:1   | 12287 ||| Stepping ~*~*~tactically~*~*~ (outnumbered).
 12289 | Lair:1   | 12289 ||| Stepping ~*~*~tactically~*~*~ (outnumbered).
 12291 | Lair:1   | 12291 ||| Stepping ~*~*~tactically~*~*~ (outnumbered).
 12293 | Lair:1   | 12293 ||| Stepping ~*~*~tactically~*~*~ (outnumbered).
 12295 | Lair:1   | 12295 ||| Stepping ~*~*~tactically~*~*~ (outnumbered).
 12296 | Lair:1   | Glimpsed the power of Zot.
 12297 | Lair:1   | 12297 ||| Stepping ~*~*~tactically~*~*~ (outnumbered).
 12299 | Lair:1   | 12299 ||| Stepping ~*~*~tactically~*~*~ (outnumbered).
 12301 | Lair:1   | 12301 ||| Stepping ~*~*~tactically~*~*~ (outnumbered).
 12303 | Lair:1   | 12303 ||| Stepping ~*~*~tactically~*~*~ (outnumbered).
 12305 | Lair:1   | 12305 ||| Stepping ~*~*~tactically~*~*~ (outnumbered).
 12307 | Lair:1   | 12307 ||| Stepping ~*~*~tactically~*~*~ (outnumbered).
 12309 | Lair:1   | 12309 ||| Stepping ~*~*~tactically~*~*~ (outnumbered).
 12311 | Lair:1   | 12311 ||| Stepping ~*~*~tactically~*~*~ (outnumbered).
 12313 | Lair:1   | 12313 ||| Stepping ~*~*~tactically~*~*~ (outnumbered).
 12315 | Lair:1   | 12315 ||| Stepping ~*~*~tactically~*~*~ (outnumbered).
 12317 | Lair:1   | 12317 ||| Stepping ~*~*~tactically~*~*~ (outnumbered).
 12319 | Lair:1   | 12319 ||| Stepping ~*~*~tactically~*~*~ (outnumbered).
 12321 | Lair:1   | 12321 ||| Stepping ~*~*~tactically~*~*~ (outnumbered).
 12323 | Lair:1   | 12323 ||| Stepping ~*~*~tactically~*~*~ (outnumbered).
 12325 | Lair:1   | 12325 ||| Stepping ~*~*~tactically~*~*~ (outnumbered).
 12327 | Lair:1   | 12327 ||| Stepping ~*~*~tactically~*~*~ (outnumbered).
 12329 | Lair:1   | 12329 ||| Stepping ~*~*~tactically~*~*~ (outnumbered).
 12331 | Lair:1   | 12331 ||| Stepping ~*~*~tactically~*~*~ (outnumbered).
 12333 | Lair:1   | 12333 ||| Stepping ~*~*~tactically~*~*~ (outnumbered).
 12335 | Lair:1   | 12335 ||| Stepping ~*~*~tactically~*~*~ (outnumbered).
 12337 | Lair:1   | 12337 ||| Stepping ~*~*~tactically~*~*~ (outnumbered).
 12339 | Lair:1   | 12339 ||| Stepping ~*~*~tactically~*~*~ (outnumbered).
 12341 | Lair:1   | 12341 ||| Stepping ~*~*~tactically~*~*~ (outnumbered).
 12343 | Lair:1   | 12343 ||| Stepping ~*~*~tactically~*~*~ (outnumbered).
 12345 | Lair:1   | 12345 ||| Stepping ~*~*~tactically~*~*~ (outnumbered).
 12347 | Lair:1   | 12347 ||| Stepping ~*~*~tactically~*~*~ (outnumbered).
 12349 | Lair:1   | 12349 ||| Stepping ~*~*~tactically~*~*~ (outnumbered).
 12351 | Lair:1   | 12351 ||| Stepping ~*~*~tactically~*~*~ (outnumbered).
 12353 | Lair:1   | 12353 ||| Stepping ~*~*~tactically~*~*~ (outnumbered).
 12355 | Lair:1   | 12355 ||| Stepping ~*~*~tactically~*~*~ (outnumbered).
 12357 | Lair:1   | 12357 ||| Stepping ~*~*~tactically~*~*~ (outnumbered).
 12359 | Lair:1   | 12359 ||| Stepping ~*~*~tactically~*~*~ (outnumbered).
 12361 | Lair:1   | 12361 ||| Stepping ~*~*~tactically~*~*~ (outnumbered).
 12363 | Lair:1   | 12363 ||| Stepping ~*~*~tactically~*~*~ (outnumbered).
 12365 | Lair:1   | 12365 ||| Stepping ~*~*~tactically~*~*~ (outnumbered).
 12367 | Lair:1   | 12367 ||| Stepping ~*~*~tactically~*~*~ (outnumbered).
 12369 | Lair:1   | 12369 ||| Stepping ~*~*~tactically~*~*~ (outnumbered).
 12371 | Lair:1   | 12371 ||| Stepping ~*~*~tactically~*~*~ (outnumbered).
 12373 | Lair:1   | 12373 ||| Stepping ~*~*~tactically~*~*~ (outnumbered).
 12375 | Lair:1   | 12375 ||| Stepping ~*~*~tactically~*~*~ (outnumbered).
 12377 | Lair:1   | 12377 ||| Stepping ~*~*~tactically~*~*~ (outnumbered).
 12379 | Lair:1   | 12379 ||| Stepping ~*~*~tactically~*~*~ (outnumbered).
 12381 | Lair:1   | 12381 ||| Stepping ~*~*~tactically~*~*~ (outnumbered).
 12383 | Lair:1   | 12383 ||| Stepping ~*~*~tactically~*~*~ (outnumbered).
 12385 | Lair:1   | 12385 ||| Stepping ~*~*~tactically~*~*~ (outnumbered).
 12387 | Lair:1   | 12387 ||| Stepping ~*~*~tactically~*~*~ (outnumbered).
 12389 | Lair:1   | 12389 ||| Stepping ~*~*~tactically~*~*~ (outnumbered).
 12391 | Lair:1   | 12391 ||| Stepping ~*~*~tactically~*~*~ (outnumbered).
 12393 | Lair:1   | 12393 ||| Stepping ~*~*~tactically~*~*~ (outnumbered).
 12395 | Lair:1   | 12395 ||| Stepping ~*~*~tactically~*~*~ (outnumbered).
 12397 | Lair:1   | 12397 ||| Stepping ~*~*~tactically~*~*~ (outnumbered).
 12399 | Lair:1   | 12399 ||| Stepping ~*~*~tactically~*~*~ (outnumbered).
 12401 | Lair:1   | 12401 ||| Stepping ~*~*~tactically~*~*~ (outnumbered).
 12403 | Lair:1   | 12403 ||| Stepping ~*~*~tactically~*~*~ (outnumbered).
 12405 | Lair:1   | 12405 ||| Stepping ~*~*~tactically~*~*~ (outnumbered).
 12407 | Lair:1   | 12407 ||| Stepping ~*~*~tactically~*~*~ (outnumbered).
 12409 | Lair:1   | 12409 ||| Stepping ~*~*~tactically~*~*~ (outnumbered).
 12411 | Lair:1   | 12411 ||| Stepping ~*~*~tactically~*~*~ (outnumbered).
 12413 | Lair:1   | 12413 ||| Stepping ~*~*~tactically~*~*~ (outnumbered).
 12415 | Lair:1   | 12415 ||| Stepping ~*~*~tactically~*~*~ (outnumbered).
 12417 | Lair:1   | 12417 ||| Stepping ~*~*~tactically~*~*~ (outnumbered).
 12419 | Lair:1   | 12419 ||| Stepping ~*~*~tactically~*~*~ (outnumbered).
 12421 | Lair:1   | 12421 ||| Stepping ~*~*~tactically~*~*~ (outnumbered).
 12423 | Lair:1   | 12423 ||| Stepping ~*~*~tactically~*~*~ (outnumbered).
 12425 | Lair:1   | 12425 ||| Stepping ~*~*~tactically~*~*~ (outnumbered).
 12427 | Lair:1   | 12427 ||| Stepping ~*~*~tactically~*~*~ (outnumbered).
 12429 | Lair:1   | 12429 ||| Stepping ~*~*~tactically~*~*~ (outnumbered).
 12431 | Lair:1   | 12431 ||| Stepping ~*~*~tactically~*~*~ (outnumbered).
 12433 | Lair:1   | 12433 ||| Stepping ~*~*~tactically~*~*~ (outnumbered).
 12435 | Lair:1   | 12435 ||| Stepping ~*~*~tactically~*~*~ (outnumbered).
 12437 | Lair:1   | 12437 ||| Stepping ~*~*~tactically~*~*~ (outnumbered).
 12439 | Lair:1   | 12439 ||| Stepping ~*~*~tactically~*~*~ (outnumbered).
 12441 | Lair:1   | 12441 ||| Stepping ~*~*~tactically~*~*~ (outnumbered).
 12443 | Lair:1   | 12443 ||| Stepping ~*~*~tactically~*~*~ (outnumbered).
 12445 | Lair:1   | 12445 ||| Stepping ~*~*~tactically~*~*~ (outnumbered).
 12447 | Lair:1   | 12447 ||| Stepping ~*~*~tactically~*~*~ (outnumbered).
 12449 | Lair:1   | 12449 ||| Stepping ~*~*~tactically~*~*~ (outnumbered).
 12451 | Lair:1   | 12451 ||| Stepping ~*~*~tactically~*~*~ (outnumbered).
 12453 | Lair:1   | 12453 ||| Stepping ~*~*~tactically~*~*~ (outnumbered).
 12455 | Lair:1   | 12455 ||| Stepping ~*~*~tactically~*~*~ (outnumbered).
 12457 | Lair:1   | 12457 ||| Stepping ~*~*~tactically~*~*~ (outnumbered).
 12459 | Lair:1   | 12459 ||| Stepping ~*~*~tactically~*~*~ (outnumbered).
 12461 | Lair:1   | 12461 ||| Stepping ~*~*~tactically~*~*~ (outnumbered).
 12463 | Lair:1   | 12463 ||| Stepping ~*~*~tactically~*~*~ (outnumbered).
 12465 | Lair:1   | 12465 ||| Stepping ~*~*~tactically~*~*~ (outnumbered).
 12467 | Lair:1   | 12467 ||| Stepping ~*~*~tactically~*~*~ (outnumbered).
 12469 | Lair:1   | 12469 ||| Stepping ~*~*~tactically~*~*~ (outnumbered).
 12471 | Lair:1   | 12471 ||| Stepping ~*~*~tactically~*~*~ (outnumbered).
 12473 | Lair:1   | 12473 ||| Stepping ~*~*~tactically~*~*~ (outnumbered).
 12475 | Lair:1   | 12475 ||| Stepping ~*~*~tactically~*~*~ (outnumbered).
 12477 | Lair:1   | 12477 ||| Stepping ~*~*~tactically~*~*~ (outnumbered).
 12479 | Lair:1   | 12479 ||| Stepping ~*~*~tactically~*~*~ (outnumbered).
 12481 | Lair:1   | 12481 ||| Stepping ~*~*~tactically~*~*~ (outnumbered).
 12483 | Lair:1   | 12483 ||| Stepping ~*~*~tactically~*~*~ (outnumbered).
 12485 | Lair:1   | 12485 ||| Stepping ~*~*~tactically~*~*~ (outnumbered).
 12487 | Lair:1   | 12487 ||| Stepping ~*~*~tactically~*~*~ (outnumbered).
 12489 | Lair:1   | 12489 ||| Stepping ~*~*~tactically~*~*~ (outnumbered).
 12491 | Lair:1   | 12491 ||| Stepping ~*~*~tactically~*~*~ (outnumbered).
 12493 | Lair:1   | 12493 ||| Stepping ~*~*~tactically~*~*~ (outnumbered).
 12495 | Lair:1   | 12495 ||| Stepping ~*~*~tactically~*~*~ (outnumbered).
 12497 | Lair:1   | 12497 ||| Stepping ~*~*~tactically~*~*~ (outnumbered).
 12499 | Lair:1   | 12499 ||| Stepping ~*~*~tactically~*~*~ (outnumbered).
 12501 | Lair:1   | 12501 ||| Stepping ~*~*~tactically~*~*~ (outnumbered).
 12503 | Lair:1   | 12503 ||| Stepping ~*~*~tactically~*~*~ (outnumbered).
 12505 | Lair:1   | 12505 ||| Stepping ~*~*~tactically~*~*~ (outnumbered).
 12507 | Lair:1   | 12507 ||| Stepping ~*~*~tactically~*~*~ (outnumbered).
 12509 | Lair:1   | 12509 ||| Stepping ~*~*~tactically~*~*~ (outnumbered).
 12511 | Lair:1   | 12511 ||| Stepping ~*~*~tactically~*~*~ (outnumbered).
 12513 | Lair:1   | 12513 ||| Stepping ~*~*~tactically~*~*~ (outnumbered).
 12515 | Lair:1   | 12515 ||| Stepping ~*~*~tactically~*~*~ (outnumbered).
 12517 | Lair:1   | 12517 ||| Stepping ~*~*~tactically~*~*~ (outnumbered).
 12519 | Lair:1   | 12519 ||| Stepping ~*~*~tactically~*~*~ (outnumbered).
 12521 | Lair:1   | 12521 ||| Stepping ~*~*~tactically~*~*~ (outnumbered).
 12523 | Lair:1   | 12523 ||| Stepping ~*~*~tactically~*~*~ (outnumbered).
 12525 | Lair:1   | 12525 ||| Stepping ~*~*~tactically~*~*~ (outnumbered).
 12527 | Lair:1   | 12527 ||| Stepping ~*~*~tactically~*~*~ (outnumbered).
 12529 | Lair:1   | 12529 ||| Stepping ~*~*~tactically~*~*~ (outnumbered).
 12531 | Lair:1   | 12531 ||| Stepping ~*~*~tactically~*~*~ (outnumbered).
 12533 | Lair:1   | 12533 ||| Stepping ~*~*~tactically~*~*~ (outnumbered).
 12535 | Lair:1   | 12535 ||| Stepping ~*~*~tactically~*~*~ (outnumbered).
 12537 | Lair:1   | 12537 ||| Stepping ~*~*~tactically~*~*~ (outnumbered).
 12539 | Lair:1   | 12539 ||| Stepping ~*~*~tactically~*~*~ (outnumbered).
 12541 | Lair:1   | 12541 ||| Stepping ~*~*~tactically~*~*~ (outnumbered).
 12543 | Lair:1   | 12543 ||| Stepping ~*~*~tactically~*~*~ (outnumbered).
 12545 | Lair:1   | 12545 ||| Stepping ~*~*~tactically~*~*~ (outnumbered).
 12547 | Lair:1   | 12547 ||| Stepping ~*~*~tactically~*~*~ (outnumbered).
 12549 | Lair:1   | 12549 ||| Stepping ~*~*~tactically~*~*~ (outnumbered).
 12551 | Lair:1   | 12551 ||| Stepping ~*~*~tactically~*~*~ (outnumbered).
 12553 | Lair:1   | 12553 ||| Stepping ~*~*~tactically~*~*~ (outnumbered).
 12555 | Lair:1   | 12555 ||| Stepping ~*~*~tactically~*~*~ (outnumbered).
 12557 | Lair:1   | 12557 ||| Stepping ~*~*~tactically~*~*~ (outnumbered).
 12559 | Lair:1   | 12559 ||| Stepping ~*~*~tactically~*~*~ (outnumbered).
 12561 | Lair:1   | 12561 ||| Stepping ~*~*~tactically~*~*~ (outnumbered).
 12563 | Lair:1   | 12563 ||| Stepping ~*~*~tactically~*~*~ (outnumbered).
 12565 | Lair:1   | 12565 ||| Stepping ~*~*~tactically~*~*~ (outnumbered).
 12567 | Lair:1   | 12567 ||| Stepping ~*~*~tactically~*~*~ (outnumbered).
 12569 | Lair:1   | 12569 ||| Stepping ~*~*~tactically~*~*~ (outnumbered).
 12571 | Lair:1   | 12571 ||| Stepping ~*~*~tactically~*~*~ (outnumbered).
 12573 | Lair:1   | 12573 ||| Stepping ~*~*~tactically~*~*~ (outnumbered).
 12575 | Lair:1   | 12575 ||| Stepping ~*~*~tactically~*~*~ (outnumbered).
 12577 | Lair:1   | 12577 ||| Stepping ~*~*~tactically~*~*~ (outnumbered).
 12579 | Lair:1   | 12579 ||| Stepping ~*~*~tactically~*~*~ (outnumbered).
 12581 | Lair:1   | 12581 ||| Stepping ~*~*~tactically~*~*~ (outnumbered).
 12583 | Lair:1   | 12583 ||| Stepping ~*~*~tactically~*~*~ (outnumbered).
 12585 | Lair:1   | 12585 ||| Stepping ~*~*~tactically~*~*~ (outnumbered).
 12587 | Lair:1   | 12587 ||| Stepping ~*~*~tactically~*~*~ (outnumbered).
 12589 | Lair:1   | 12589 ||| Stepping ~*~*~tactically~*~*~ (outnumbered).
 12591 | Lair:1   | 12591 ||| Stepping ~*~*~tactically~*~*~ (outnumbered).
 12593 | Lair:1   | 12593 ||| Stepping ~*~*~tactically~*~*~ (outnumbered).
 12595 | Lair:1   | 12595 ||| Stepping ~*~*~tactically~*~*~ (outnumbered).
 12597 | Lair:1   | 12597 ||| Stepping ~*~*~tactically~*~*~ (outnumbered).
 12599 | Lair:1   | 12599 ||| Stepping ~*~*~tactically~*~*~ (outnumbered).
 12601 | Lair:1   | 12601 ||| Stepping ~*~*~tactically~*~*~ (outnumbered).
 12603 | Lair:1   | 12603 ||| Stepping ~*~*~tactically~*~*~ (outnumbered).
 12605 | Lair:1   | 12605 ||| Stepping ~*~*~tactically~*~*~ (outnumbered).
 12607 | Lair:1   | 12607 ||| Stepping ~*~*~tactically~*~*~ (outnumbered).
 12609 | Lair:1   | 12609 ||| Stepping ~*~*~tactically~*~*~ (outnumbered).
 12611 | Lair:1   | 12611 ||| Stepping ~*~*~tactically~*~*~ (outnumbered).
 12613 | Lair:1   | 12613 ||| Stepping ~*~*~tactically~*~*~ (outnumbered).
 12615 | Lair:1   | 12615 ||| Stepping ~*~*~tactically~*~*~ (outnumbered).
 12617 | Lair:1   | 12617 ||| Stepping ~*~*~tactically~*~*~ (outnumbered).
 12619 | Lair:1   | 12619 ||| Stepping ~*~*~tactically~*~*~ (outnumbered).
 12621 | Lair:1   | 12621 ||| Stepping ~*~*~tactically~*~*~ (outnumbered).
 12623 | Lair:1   | 12623 ||| Stepping ~*~*~tactically~*~*~ (outnumbered).
 12625 | Lair:1   | 12625 ||| Stepping ~*~*~tactically~*~*~ (outnumbered).
 12627 | Lair:1   | 12627 ||| Stepping ~*~*~tactically~*~*~ (outnumbered).
 12629 | Lair:1   | 12629 ||| Stepping ~*~*~tactically~*~*~ (outnumbered).
 12631 | Lair:1   | 12631 ||| Stepping ~*~*~tactically~*~*~ (outnumbered).
 12633 | Lair:1   | 12633 ||| Stepping ~*~*~tactically~*~*~ (outnumbered).
 12635 | Lair:1   | 12635 ||| Stepping ~*~*~tactically~*~*~ (outnumbered).
 12637 | Lair:1   | 12637 ||| Stepping ~*~*~tactically~*~*~ (outnumbered).
 12639 | Lair:1   | 12639 ||| Stepping ~*~*~tactically~*~*~ (outnumbered).
 12641 | Lair:1   | 12641 ||| Stepping ~*~*~tactically~*~*~ (outnumbered).
 12643 | Lair:1   | 12643 ||| Stepping ~*~*~tactically~*~*~ (outnumbered).
 12645 | Lair:1   | 12645 ||| Stepping ~*~*~tactically~*~*~ (outnumbered).
 12647 | Lair:1   | 12647 ||| Stepping ~*~*~tactically~*~*~ (outnumbered).
 12649 | Lair:1   | 12649 ||| Stepping ~*~*~tactically~*~*~ (outnumbered).
 12651 | Lair:1   | 12651 ||| Stepping ~*~*~tactically~*~*~ (outnumbered).
 12653 | Lair:1   | 12653 ||| Stepping ~*~*~tactically~*~*~ (outnumbered).
 12655 | Lair:1   | 12655 ||| Stepping ~*~*~tactically~*~*~ (outnumbered).
 12657 | Lair:1   | 12657 ||| Stepping ~*~*~tactically~*~*~ (outnumbered).
 12659 | Lair:1   | 12659 ||| Stepping ~*~*~tactically~*~*~ (outnumbered).
 12661 | Lair:1   | 12661 ||| Stepping ~*~*~tactically~*~*~ (outnumbered).
 12663 | Lair:1   | 12663 ||| Stepping ~*~*~tactically~*~*~ (outnumbered).
 12665 | Lair:1   | 12665 ||| Stepping ~*~*~tactically~*~*~ (outnumbered).
 12667 | Lair:1   | 12667 ||| Stepping ~*~*~tactically~*~*~ (outnumbered).
 12669 | Lair:1   | 12669 ||| Stepping ~*~*~tactically~*~*~ (outnumbered).
 12671 | Lair:1   | 12671 ||| Stepping ~*~*~tactically~*~*~ (outnumbered).
 12673 | Lair:1   | 12673 ||| Stepping ~*~*~tactically~*~*~ (outnumbered).
 12675 | Lair:1   | 12675 ||| Stepping ~*~*~tactically~*~*~ (outnumbered).
 12677 | Lair:1   | 12677 ||| Stepping ~*~*~tactically~*~*~ (outnumbered).
 12679 | Lair:1   | 12679 ||| Stepping ~*~*~tactically~*~*~ (outnumbered).
 12681 | Lair:1   | 12681 ||| Stepping ~*~*~tactically~*~*~ (outnumbered).
 12683 | Lair:1   | 12683 ||| Stepping ~*~*~tactically~*~*~ (outnumbered).
 12685 | Lair:1   | 12685 ||| Stepping ~*~*~tactically~*~*~ (outnumbered).
 12687 | Lair:1   | 12687 ||| Stepping ~*~*~tactically~*~*~ (outnumbered).
 12689 | Lair:1   | 12689 ||| Stepping ~*~*~tactically~*~*~ (outnumbered).
 12691 | Lair:1   | 12691 ||| Stepping ~*~*~tactically~*~*~ (outnumbered).
 12693 | Lair:1   | 12693 ||| Stepping ~*~*~tactically~*~*~ (outnumbered).
 12695 | Lair:1   | 12695 ||| Stepping ~*~*~tactically~*~*~ (outnumbered).
 12696 | Lair:1   | Glimpsed the power of Zot.
 12697 | Lair:1   | 12697 ||| Stepping ~*~*~tactically~*~*~ (outnumbered).
 12699 | Lair:1   | 12699 ||| Stepping ~*~*~tactically~*~*~ (outnumbered).
 12701 | Lair:1   | 12701 ||| Stepping ~*~*~tactically~*~*~ (outnumbered).
 12703 | Lair:1   | 12703 ||| Stepping ~*~*~tactically~*~*~ (outnumbered).
 12705 | Lair:1   | 12705 ||| Stepping ~*~*~tactically~*~*~ (outnumbered).
 12707 | Lair:1   | 12707 ||| Stepping ~*~*~tactically~*~*~ (outnumbered).
 12709 | Lair:1   | 12709 ||| Stepping ~*~*~tactically~*~*~ (outnumbered).
 12711 | Lair:1   | 12711 ||| Stepping ~*~*~tactically~*~*~ (outnumbered).
 12713 | Lair:1   | 12713 ||| Stepping ~*~*~tactically~*~*~ (outnumbered).
 12715 | Lair:1   | 12715 ||| Stepping ~*~*~tactically~*~*~ (outnumbered).
 12717 | Lair:1   | 12717 ||| Stepping ~*~*~tactically~*~*~ (outnumbered).
 12719 | Lair:1   | 12719 ||| Stepping ~*~*~tactically~*~*~ (outnumbered).
 12721 | Lair:1   | 12721 ||| Stepping ~*~*~tactically~*~*~ (outnumbered).
 12723 | Lair:1   | 12723 ||| Stepping ~*~*~tactically~*~*~ (outnumbered).
 12725 | Lair:1   | 12725 ||| Stepping ~*~*~tactically~*~*~ (outnumbered).
 12727 | Lair:1   | 12727 ||| Stepping ~*~*~tactically~*~*~ (outnumbered).
 12729 | Lair:1   | 12729 ||| Stepping ~*~*~tactically~*~*~ (outnumbered).
 12731 | Lair:1   | 12731 ||| Stepping ~*~*~tactically~*~*~ (outnumbered).
 12733 | Lair:1   | 12733 ||| Stepping ~*~*~tactically~*~*~ (outnumbered).
 12735 | Lair:1   | 12735 ||| Stepping ~*~*~tactically~*~*~ (outnumbered).
 12737 | Lair:1   | 12737 ||| Stepping ~*~*~tactically~*~*~ (outnumbered).
 12739 | Lair:1   | 12739 ||| Stepping ~*~*~tactically~*~*~ (outnumbered).
 12741 | Lair:1   | 12741 ||| Stepping ~*~*~tactically~*~*~ (outnumbered).
 12743 | Lair:1   | 12743 ||| Stepping ~*~*~tactically~*~*~ (outnumbered).
 12745 | Lair:1   | 12745 ||| Stepping ~*~*~tactically~*~*~ (outnumbered).
 12747 | Lair:1   | 12747 ||| Stepping ~*~*~tactically~*~*~ (outnumbered).
 12749 | Lair:1   | 12749 ||| Stepping ~*~*~tactically~*~*~ (outnumbered).
 12751 | Lair:1   | 12751 ||| Stepping ~*~*~tactically~*~*~ (outnumbered).
 12753 | Lair:1   | 12753 ||| Stepping ~*~*~tactically~*~*~ (outnumbered).
 12755 | Lair:1   | 12755 ||| Stepping ~*~*~tactically~*~*~ (outnumbered).
 12757 | Lair:1   | 12757 ||| Stepping ~*~*~tactically~*~*~ (outnumbered).
 12759 | Lair:1   | 12759 ||| Stepping ~*~*~tactically~*~*~ (outnumbered).
 12761 | Lair:1   | 12761 ||| Stepping ~*~*~tactically~*~*~ (outnumbered).
 12763 | Lair:1   | 12763 ||| Stepping ~*~*~tactically~*~*~ (outnumbered).
 12765 | Lair:1   | 12765 ||| Stepping ~*~*~tactically~*~*~ (outnumbered).
 12767 | Lair:1   | 12767 ||| Stepping ~*~*~tactically~*~*~ (outnumbered).
 12769 | Lair:1   | 12769 ||| Stepping ~*~*~tactically~*~*~ (outnumbered).
 12771 | Lair:1   | 12771 ||| Stepping ~*~*~tactically~*~*~ (outnumbered).
 12773 | Lair:1   | 12773 ||| Stepping ~*~*~tactically~*~*~ (outnumbered).
 12775 | Lair:1   | 12775 ||| Stepping ~*~*~tactically~*~*~ (outnumbered).
 12777 | Lair:1   | 12777 ||| Stepping ~*~*~tactically~*~*~ (outnumbered).
 12779 | Lair:1   | 12779 ||| Stepping ~*~*~tactically~*~*~ (outnumbered).
 12781 | Lair:1   | 12781 ||| Stepping ~*~*~tactically~*~*~ (outnumbered).
 12783 | Lair:1   | 12783 ||| Stepping ~*~*~tactically~*~*~ (outnumbered).
 12785 | Lair:1   | 12785 ||| Stepping ~*~*~tactically~*~*~ (outnumbered).
 12787 | Lair:1   | 12787 ||| Stepping ~*~*~tactically~*~*~ (outnumbered).
 12789 | Lair:1   | 12789 ||| Stepping ~*~*~tactically~*~*~ (outnumbered).
 12791 | Lair:1   | 12791 ||| Stepping ~*~*~tactically~*~*~ (outnumbered).
 12793 | Lair:1   | 12793 ||| Stepping ~*~*~tactically~*~*~ (outnumbered).
 12795 | Lair:1   | 12795 ||| Stepping ~*~*~tactically~*~*~ (outnumbered).
 12796 | Lair:1   | Touched by the power of Zot (MHP 99 -> 80)
 12797 | Lair:1   | 12797 ||| Stepping ~*~*~tactically~*~*~ (outnumbered).
 12797 | Lair:1   | Glimpsed the power of Zot.
 12799 | Lair:1   | 12799 ||| Stepping ~*~*~tactically~*~*~ (outnumbered).
 12801 | Lair:1   | 12801 ||| Stepping ~*~*~tactically~*~*~ (outnumbered).
 12803 | Lair:1   | 12803 ||| Stepping ~*~*~tactically~*~*~ (outnumbered).
 12805 | Lair:1   | 12805 ||| Stepping ~*~*~tactically~*~*~ (outnumbered).
 12807 | Lair:1   | 12807 ||| Stepping ~*~*~tactically~*~*~ (outnumbered).
 12809 | Lair:1   | 12809 ||| Stepping ~*~*~tactically~*~*~ (outnumbered).
 12811 | Lair:1   | 12811 ||| Stepping ~*~*~tactically~*~*~ (outnumbered).
 12813 | Lair:1   | 12813 ||| Stepping ~*~*~tactically~*~*~ (outnumbered).
 12815 | Lair:1   | 12815 ||| Stepping ~*~*~tactically~*~*~ (outnumbered).
 12817 | Lair:1   | 12817 ||| Stepping ~*~*~tactically~*~*~ (outnumbered).
 12819 | Lair:1   | 12819 ||| Stepping ~*~*~tactically~*~*~ (outnumbered).
 12821 | Lair:1   | 12821 ||| Stepping ~*~*~tactically~*~*~ (outnumbered).
 12823 | Lair:1   | 12823 ||| Stepping ~*~*~tactically~*~*~ (outnumbered).
 12825 | Lair:1   | 12825 ||| Stepping ~*~*~tactically~*~*~ (outnumbered).
 12827 | Lair:1   | 12827 ||| Stepping ~*~*~tactically~*~*~ (outnumbered).
 12829 | Lair:1   | 12829 ||| Stepping ~*~*~tactically~*~*~ (outnumbered).
 12831 | Lair:1   | 12831 ||| Stepping ~*~*~tactically~*~*~ (outnumbered).
 12833 | Lair:1   | 12833 ||| Stepping ~*~*~tactically~*~*~ (outnumbered).
 12835 | Lair:1   | 12835 ||| Stepping ~*~*~tactically~*~*~ (outnumbered).
 12837 | Lair:1   | 12837 ||| Stepping ~*~*~tactically~*~*~ (outnumbered).
 12839 | Lair:1   | 12839 ||| Stepping ~*~*~tactically~*~*~ (outnumbered).
 12841 | Lair:1   | 12841 ||| Stepping ~*~*~tactically~*~*~ (outnumbered).
 12843 | Lair:1   | 12843 ||| Stepping ~*~*~tactically~*~*~ (outnumbered).
 12845 | Lair:1   | 12845 ||| Stepping ~*~*~tactically~*~*~ (outnumbered).
 12847 | Lair:1   | 12847 ||| Stepping ~*~*~tactically~*~*~ (outnumbered).
 12849 | Lair:1   | 12849 ||| Stepping ~*~*~tactically~*~*~ (outnumbered).
 12851 | Lair:1   | 12851 ||| Stepping ~*~*~tactically~*~*~ (outnumbered).
 12853 | Lair:1   | 12853 ||| Stepping ~*~*~tactically~*~*~ (outnumbered).
 12855 | Lair:1   | 12855 ||| Stepping ~*~*~tactically~*~*~ (outnumbered).
 12857 | Lair:1   | 12857 ||| Stepping ~*~*~tactically~*~*~ (outnumbered).
 12859 | Lair:1   | 12859 ||| Stepping ~*~*~tactically~*~*~ (outnumbered).
 12861 | Lair:1   | 12861 ||| Stepping ~*~*~tactically~*~*~ (outnumbered).
 12863 | Lair:1   | 12863 ||| Stepping ~*~*~tactically~*~*~ (outnumbered).
 12865 | Lair:1   | 12865 ||| Stepping ~*~*~tactically~*~*~ (outnumbered).
 12867 | Lair:1   | 12867 ||| Stepping ~*~*~tactically~*~*~ (outnumbered).
 12869 | Lair:1   | 12869 ||| Stepping ~*~*~tactically~*~*~ (outnumbered).
 12871 | Lair:1   | 12871 ||| Stepping ~*~*~tactically~*~*~ (outnumbered).
 12873 | Lair:1   | 12873 ||| Stepping ~*~*~tactically~*~*~ (outnumbered).
 12875 | Lair:1   | 12875 ||| Stepping ~*~*~tactically~*~*~ (outnumbered).
 12877 | Lair:1   | 12877 ||| Stepping ~*~*~tactically~*~*~ (outnumbered).
 12879 | Lair:1   | 12879 ||| Stepping ~*~*~tactically~*~*~ (outnumbered).
 12881 | Lair:1   | 12881 ||| Stepping ~*~*~tactically~*~*~ (outnumbered).
 12883 | Lair:1   | 12883 ||| Stepping ~*~*~tactically~*~*~ (outnumbered).
 12885 | Lair:1   | 12885 ||| Stepping ~*~*~tactically~*~*~ (outnumbered).
 12887 | Lair:1   | 12887 ||| Stepping ~*~*~tactically~*~*~ (outnumbered).
 12889 | Lair:1   | 12889 ||| Stepping ~*~*~tactically~*~*~ (outnumbered).
 12891 | Lair:1   | 12891 ||| Stepping ~*~*~tactically~*~*~ (outnumbered).
 12893 | Lair:1   | 12893 ||| Stepping ~*~*~tactically~*~*~ (outnumbered).
 12895 | Lair:1   | 12895 ||| Stepping ~*~*~tactically~*~*~ (outnumbered).
 12897 | Lair:1   | 12897 ||| Stepping ~*~*~tactically~*~*~ (outnumbered).
 12899 | Lair:1   | 12899 ||| Stepping ~*~*~tactically~*~*~ (outnumbered).
 12901 | Lair:1   | 12901 ||| Stepping ~*~*~tactically~*~*~ (outnumbered).
 12903 | Lair:1   | 12903 ||| Stepping ~*~*~tactically~*~*~ (outnumbered).
 12905 | Lair:1   | 12905 ||| Stepping ~*~*~tactically~*~*~ (outnumbered).
 12907 | Lair:1   | 12907 ||| Stepping ~*~*~tactically~*~*~ (outnumbered).
 12909 | Lair:1   | 12909 ||| Stepping ~*~*~tactically~*~*~ (outnumbered).
 12911 | Lair:1   | 12911 ||| Stepping ~*~*~tactically~*~*~ (outnumbered).
 12913 | Lair:1   | 12913 ||| Stepping ~*~*~tactically~*~*~ (outnumbered).
 12915 | Lair:1   | 12915 ||| Stepping ~*~*~tactically~*~*~ (outnumbered).
 12917 | Lair:1   | 12917 ||| Stepping ~*~*~tactically~*~*~ (outnumbered).
 12919 | Lair:1   | 12919 ||| Stepping ~*~*~tactically~*~*~ (outnumbered).
 12921 | Lair:1   | 12921 ||| Stepping ~*~*~tactically~*~*~ (outnumbered).
 12923 | Lair:1   | 12923 ||| Stepping ~*~*~tactically~*~*~ (outnumbered).
 12925 | Lair:1   | 12925 ||| Stepping ~*~*~tactically~*~*~ (outnumbered).
 12927 | Lair:1   | 12927 ||| Stepping ~*~*~tactically~*~*~ (outnumbered).
 12929 | Lair:1   | 12929 ||| Stepping ~*~*~tactically~*~*~ (outnumbered).
 12931 | Lair:1   | 12931 ||| Stepping ~*~*~tactically~*~*~ (outnumbered).
 12933 | Lair:1   | 12933 ||| Stepping ~*~*~tactically~*~*~ (outnumbered).
 12935 | Lair:1   | 12935 ||| Stepping ~*~*~tactically~*~*~ (outnumbered).
 12937 | Lair:1   | 12937 ||| Stepping ~*~*~tactically~*~*~ (outnumbered).
 12939 | Lair:1   | 12939 ||| Stepping ~*~*~tactically~*~*~ (outnumbered).
 12941 | Lair:1   | 12941 ||| Stepping ~*~*~tactically~*~*~ (outnumbered).
 12943 | Lair:1   | 12943 ||| Stepping ~*~*~tactically~*~*~ (outnumbered).
 12945 | Lair:1   | 12945 ||| Stepping ~*~*~tactically~*~*~ (outnumbered).
 12947 | Lair:1   | 12947 ||| Stepping ~*~*~tactically~*~*~ (outnumbered).
 12949 | Lair:1   | 12949 ||| Stepping ~*~*~tactically~*~*~ (outnumbered).
 12951 | Lair:1   | 12951 ||| Stepping ~*~*~tactically~*~*~ (outnumbered).
 12953 | Lair:1   | 12953 ||| Stepping ~*~*~tactically~*~*~ (outnumbered).
 12955 | Lair:1   | 12955 ||| Stepping ~*~*~tactically~*~*~ (outnumbered).
 12957 | Lair:1   | 12957 ||| Stepping ~*~*~tactically~*~*~ (outnumbered).
 12959 | Lair:1   | 12959 ||| Stepping ~*~*~tactically~*~*~ (outnumbered).
 12961 | Lair:1   | 12961 ||| Stepping ~*~*~tactically~*~*~ (outnumbered).
 12963 | Lair:1   | 12963 ||| Stepping ~*~*~tactically~*~*~ (outnumbered).
 12965 | Lair:1   | 12965 ||| Stepping ~*~*~tactically~*~*~ (outnumbered).
 12967 | Lair:1   | 12967 ||| Stepping ~*~*~tactically~*~*~ (outnumbered).
 12969 | Lair:1   | 12969 ||| Stepping ~*~*~tactically~*~*~ (outnumbered).
 12971 | Lair:1   | 12971 ||| Stepping ~*~*~tactically~*~*~ (outnumbered).
 12973 | Lair:1   | 12973 ||| Stepping ~*~*~tactically~*~*~ (outnumbered).
 12975 | Lair:1   | 12975 ||| Stepping ~*~*~tactically~*~*~ (outnumbered).
 12977 | Lair:1   | 12977 ||| Stepping ~*~*~tactically~*~*~ (outnumbered).
 12979 | Lair:1   | 12979 ||| Stepping ~*~*~tactically~*~*~ (outnumbered).
 12981 | Lair:1   | 12981 ||| Stepping ~*~*~tactically~*~*~ (outnumbered).
 12983 | Lair:1   | 12983 ||| Stepping ~*~*~tactically~*~*~ (outnumbered).
 12985 | Lair:1   | 12985 ||| Stepping ~*~*~tactically~*~*~ (outnumbered).
 12987 | Lair:1   | 12987 ||| Stepping ~*~*~tactically~*~*~ (outnumbered).
 12989 | Lair:1   | 12989 ||| Stepping ~*~*~tactically~*~*~ (outnumbered).
 12991 | Lair:1   | 12991 ||| Stepping ~*~*~tactically~*~*~ (outnumbered).
 12993 | Lair:1   | 12993 ||| Stepping ~*~*~tactically~*~*~ (outnumbered).
 12995 | Lair:1   | 12995 ||| Stepping ~*~*~tactically~*~*~ (outnumbered).
 12997 | Lair:1   | 12997 ||| Stepping ~*~*~tactically~*~*~ (outnumbered).
 12999 | Lair:1   | 12999 ||| Stepping ~*~*~tactically~*~*~ (outnumbered).
 13001 | Lair:1   | 13001 ||| Stepping ~*~*~tactically~*~*~ (outnumbered).
 13003 | Lair:1   | 13003 ||| Stepping ~*~*~tactically~*~*~ (outnumbered).
 13005 | Lair:1   | 13005 ||| Stepping ~*~*~tactically~*~*~ (outnumbered).
 13007 | Lair:1   | 13007 ||| Stepping ~*~*~tactically~*~*~ (outnumbered).
 13009 | Lair:1   | 13009 ||| Stepping ~*~*~tactically~*~*~ (outnumbered).
 13011 | Lair:1   | 13011 ||| Stepping ~*~*~tactically~*~*~ (outnumbered).
 13013 | Lair:1   | 13013 ||| Stepping ~*~*~tactically~*~*~ (outnumbered).
 13015 | Lair:1   | 13015 ||| Stepping ~*~*~tactically~*~*~ (outnumbered).
 13017 | Lair:1   | 13017 ||| Stepping ~*~*~tactically~*~*~ (outnumbered).
 13019 | Lair:1   | 13019 ||| Stepping ~*~*~tactically~*~*~ (outnumbered).
 13021 | Lair:1   | 13021 ||| Stepping ~*~*~tactically~*~*~ (outnumbered).
 13023 | Lair:1   | 13023 ||| Stepping ~*~*~tactically~*~*~ (outnumbered).
 13025 | Lair:1   | 13025 ||| Stepping ~*~*~tactically~*~*~ (outnumbered).
 13027 | Lair:1   | 13027 ||| Stepping ~*~*~tactically~*~*~ (outnumbered).
 13029 | Lair:1   | 13029 ||| Stepping ~*~*~tactically~*~*~ (outnumbered).
 13031 | Lair:1   | 13031 ||| Stepping ~*~*~tactically~*~*~ (outnumbered).
 13033 | Lair:1   | 13033 ||| Stepping ~*~*~tactically~*~*~ (outnumbered).
 13035 | Lair:1   | 13035 ||| Stepping ~*~*~tactically~*~*~ (outnumbered).
 13037 | Lair:1   | 13037 ||| Stepping ~*~*~tactically~*~*~ (outnumbered).
 13039 | Lair:1   | 13039 ||| Stepping ~*~*~tactically~*~*~ (outnumbered).
 13041 | Lair:1   | 13041 ||| Stepping ~*~*~tactically~*~*~ (outnumbered).
 13043 | Lair:1   | 13043 ||| Stepping ~*~*~tactically~*~*~ (outnumbered).
 13045 | Lair:1   | 13045 ||| Stepping ~*~*~tactically~*~*~ (outnumbered).
 13047 | Lair:1   | 13047 ||| Stepping ~*~*~tactically~*~*~ (outnumbered).
 13049 | Lair:1   | 13049 ||| Stepping ~*~*~tactically~*~*~ (outnumbered).
 13051 | Lair:1   | 13051 ||| Stepping ~*~*~tactically~*~*~ (outnumbered).
 13053 | Lair:1   | 13053 ||| Stepping ~*~*~tactically~*~*~ (outnumbered).
 13055 | Lair:1   | 13055 ||| Stepping ~*~*~tactically~*~*~ (outnumbered).
 13057 | Lair:1   | 13057 ||| Stepping ~*~*~tactically~*~*~ (outnumbered).
 13059 | Lair:1   | 13059 ||| Stepping ~*~*~tactically~*~*~ (outnumbered).
 13061 | Lair:1   | 13061 ||| Stepping ~*~*~tactically~*~*~ (outnumbered).
 13063 | Lair:1   | 13063 ||| Stepping ~*~*~tactically~*~*~ (outnumbered).
 13065 | Lair:1   | 13065 ||| Stepping ~*~*~tactically~*~*~ (outnumbered).
 13067 | Lair:1   | 13067 ||| Stepping ~*~*~tactically~*~*~ (outnumbered).
 13069 | Lair:1   | 13069 ||| Stepping ~*~*~tactically~*~*~ (outnumbered).
 13071 | Lair:1   | 13071 ||| Stepping ~*~*~tactically~*~*~ (outnumbered).
 13073 | Lair:1   | 13073 ||| Stepping ~*~*~tactically~*~*~ (outnumbered).
 13075 | Lair:1   | 13075 ||| Stepping ~*~*~tactically~*~*~ (outnumbered).
 13077 | Lair:1   | 13077 ||| Stepping ~*~*~tactically~*~*~ (outnumbered).
 13079 | Lair:1   | 13079 ||| Stepping ~*~*~tactically~*~*~ (outnumbered).
 13081 | Lair:1   | 13081 ||| Stepping ~*~*~tactically~*~*~ (outnumbered).
 13083 | Lair:1   | 13083 ||| Stepping ~*~*~tactically~*~*~ (outnumbered).
 13085 | Lair:1   | 13085 ||| Stepping ~*~*~tactically~*~*~ (outnumbered).
 13087 | Lair:1   | 13087 ||| Stepping ~*~*~tactically~*~*~ (outnumbered).
 13089 | Lair:1   | 13089 ||| Stepping ~*~*~tactically~*~*~ (outnumbered).
 13091 | Lair:1   | 13091 ||| Stepping ~*~*~tactically~*~*~ (outnumbered).
 13093 | Lair:1   | 13093 ||| Stepping ~*~*~tactically~*~*~ (outnumbered).
 13095 | Lair:1   | 13095 ||| Stepping ~*~*~tactically~*~*~ (outnumbered).
 13097 | Lair:1   | 13097 ||| Stepping ~*~*~tactically~*~*~ (outnumbered).
 13099 | Lair:1   | 13099 ||| Stepping ~*~*~tactically~*~*~ (outnumbered).
 13101 | Lair:1   | 13101 ||| Stepping ~*~*~tactically~*~*~ (outnumbered).
 13103 | Lair:1   | 13103 ||| Stepping ~*~*~tactically~*~*~ (outnumbered).
 13105 | Lair:1   | 13105 ||| Stepping ~*~*~tactically~*~*~ (outnumbered).
 13107 | Lair:1   | 13107 ||| Stepping ~*~*~tactically~*~*~ (outnumbered).
 13109 | Lair:1   | 13109 ||| Stepping ~*~*~tactically~*~*~ (outnumbered).
 13111 | Lair:1   | 13111 ||| Stepping ~*~*~tactically~*~*~ (outnumbered).
 13113 | Lair:1   | 13113 ||| Stepping ~*~*~tactically~*~*~ (outnumbered).
 13115 | Lair:1   | 13115 ||| Stepping ~*~*~tactically~*~*~ (outnumbered).
 13117 | Lair:1   | 13117 ||| Stepping ~*~*~tactically~*~*~ (outnumbered).
 13119 | Lair:1   | 13119 ||| Stepping ~*~*~tactically~*~*~ (outnumbered).
 13121 | Lair:1   | 13121 ||| Stepping ~*~*~tactically~*~*~ (outnumbered).
 13123 | Lair:1   | 13123 ||| Stepping ~*~*~tactically~*~*~ (outnumbered).
 13125 | Lair:1   | 13125 ||| Stepping ~*~*~tactically~*~*~ (outnumbered).
 13127 | Lair:1   | 13127 ||| Stepping ~*~*~tactically~*~*~ (outnumbered).
 13129 | Lair:1   | 13129 ||| Stepping ~*~*~tactically~*~*~ (outnumbered).
 13131 | Lair:1   | 13131 ||| Stepping ~*~*~tactically~*~*~ (outnumbered).
 13133 | Lair:1   | 13133 ||| Stepping ~*~*~tactically~*~*~ (outnumbered).
 13135 | Lair:1   | 13135 ||| Stepping ~*~*~tactically~*~*~ (outnumbered).
 13137 | Lair:1   | 13137 ||| Stepping ~*~*~tactically~*~*~ (outnumbered).
 13139 | Lair:1   | 13139 ||| Stepping ~*~*~tactically~*~*~ (outnumbered).
 13141 | Lair:1   | 13141 ||| Stepping ~*~*~tactically~*~*~ (outnumbered).
 13143 | Lair:1   | 13143 ||| Stepping ~*~*~tactically~*~*~ (outnumbered).
 13145 | Lair:1   | 13145 ||| Stepping ~*~*~tactically~*~*~ (outnumbered).
 13147 | Lair:1   | 13147 ||| Stepping ~*~*~tactically~*~*~ (outnumbered).
 13149 | Lair:1   | 13149 ||| Stepping ~*~*~tactically~*~*~ (outnumbered).
 13151 | Lair:1   | 13151 ||| Stepping ~*~*~tactically~*~*~ (outnumbered).
 13153 | Lair:1   | 13153 ||| Stepping ~*~*~tactically~*~*~ (outnumbered).
 13155 | Lair:1   | 13155 ||| Stepping ~*~*~tactically~*~*~ (outnumbered).
 13157 | Lair:1   | 13157 ||| Stepping ~*~*~tactically~*~*~ (outnumbered).
 13159 | Lair:1   | 13159 ||| Stepping ~*~*~tactically~*~*~ (outnumbered).
 13161 | Lair:1   | 13161 ||| Stepping ~*~*~tactically~*~*~ (outnumbered).
 13163 | Lair:1   | 13163 ||| Stepping ~*~*~tactically~*~*~ (outnumbered).
 13165 | Lair:1   | 13165 ||| Stepping ~*~*~tactically~*~*~ (outnumbered).
 13167 | Lair:1   | 13167 ||| Stepping ~*~*~tactically~*~*~ (outnumbered).
 13169 | Lair:1   | 13169 ||| Stepping ~*~*~tactically~*~*~ (outnumbered).
 13171 | Lair:1   | 13171 ||| Stepping ~*~*~tactically~*~*~ (outnumbered).
 13173 | Lair:1   | 13173 ||| Stepping ~*~*~tactically~*~*~ (outnumbered).
 13175 | Lair:1   | 13175 ||| Stepping ~*~*~tactically~*~*~ (outnumbered).
 13177 | Lair:1   | 13177 ||| Stepping ~*~*~tactically~*~*~ (outnumbered).
 13179 | Lair:1   | 13179 ||| Stepping ~*~*~tactically~*~*~ (outnumbered).
 13181 | Lair:1   | 13181 ||| Stepping ~*~*~tactically~*~*~ (outnumbered).
 13183 | Lair:1   | 13183 ||| Stepping ~*~*~tactically~*~*~ (outnumbered).
 13185 | Lair:1   | 13185 ||| Stepping ~*~*~tactically~*~*~ (outnumbered).
 13187 | Lair:1   | 13187 ||| Stepping ~*~*~tactically~*~*~ (outnumbered).
 13189 | Lair:1   | 13189 ||| Stepping ~*~*~tactically~*~*~ (outnumbered).
 13191 | Lair:1   | 13191 ||| Stepping ~*~*~tactically~*~*~ (outnumbered).
 13193 | Lair:1   | 13193 ||| Stepping ~*~*~tactically~*~*~ (outnumbered).
 13195 | Lair:1   | 13195 ||| Stepping ~*~*~tactically~*~*~ (outnumbered).
 13197 | Lair:1   | 13197 ||| Stepping ~*~*~tactically~*~*~ (outnumbered).
 13199 | Lair:1   | 13199 ||| Stepping ~*~*~tactically~*~*~ (outnumbered).
 13201 | Lair:1   | 13201 ||| Stepping ~*~*~tactically~*~*~ (outnumbered).
 13203 | Lair:1   | 13203 ||| Stepping ~*~*~tactically~*~*~ (outnumbered).
 13205 | Lair:1   | 13205 ||| Stepping ~*~*~tactically~*~*~ (outnumbered).
 13207 | Lair:1   | 13207 ||| Stepping ~*~*~tactically~*~*~ (outnumbered).
 13209 | Lair:1   | 13209 ||| Stepping ~*~*~tactically~*~*~ (outnumbered).
 13211 | Lair:1   | 13211 ||| Stepping ~*~*~tactically~*~*~ (outnumbered).
 13213 | Lair:1   | 13213 ||| Stepping ~*~*~tactically~*~*~ (outnumbered).
 13215 | Lair:1   | 13215 ||| Stepping ~*~*~tactically~*~*~ (outnumbered).
 13217 | Lair:1   | 13217 ||| Stepping ~*~*~tactically~*~*~ (outnumbered).
 13219 | Lair:1   | 13219 ||| Stepping ~*~*~tactically~*~*~ (outnumbered).
 13221 | Lair:1   | 13221 ||| Stepping ~*~*~tactically~*~*~ (outnumbered).
 13223 | Lair:1   | 13223 ||| Stepping ~*~*~tactically~*~*~ (outnumbered).
 13225 | Lair:1   | 13225 ||| Stepping ~*~*~tactically~*~*~ (outnumbered).
 13227 | Lair:1   | 13227 ||| Stepping ~*~*~tactically~*~*~ (outnumbered).
 13229 | Lair:1   | 13229 ||| Stepping ~*~*~tactically~*~*~ (outnumbered).
 13231 | Lair:1   | 13231 ||| Stepping ~*~*~tactically~*~*~ (outnumbered).
 13233 | Lair:1   | 13233 ||| Stepping ~*~*~tactically~*~*~ (outnumbered).
 13235 | Lair:1   | 13235 ||| Stepping ~*~*~tactically~*~*~ (outnumbered).
 13237 | Lair:1   | 13237 ||| Stepping ~*~*~tactically~*~*~ (outnumbered).
 13239 | Lair:1   | 13239 ||| Stepping ~*~*~tactically~*~*~ (outnumbered).
 13241 | Lair:1   | 13241 ||| Stepping ~*~*~tactically~*~*~ (outnumbered).
 13243 | Lair:1   | 13243 ||| Stepping ~*~*~tactically~*~*~ (outnumbered).
 13245 | Lair:1   | 13245 ||| Stepping ~*~*~tactically~*~*~ (outnumbered).
 13247 | Lair:1   | 13247 ||| Stepping ~*~*~tactically~*~*~ (outnumbered).
 13249 | Lair:1   | 13249 ||| Stepping ~*~*~tactically~*~*~ (outnumbered).
 13251 | Lair:1   | 13251 ||| Stepping ~*~*~tactically~*~*~ (outnumbered).
 13253 | Lair:1   | 13253 ||| Stepping ~*~*~tactically~*~*~ (outnumbered).
 13255 | Lair:1   | 13255 ||| Stepping ~*~*~tactically~*~*~ (outnumbered).
 13257 | Lair:1   | 13257 ||| Stepping ~*~*~tactically~*~*~ (outnumbered).
 13259 | Lair:1   | 13259 ||| Stepping ~*~*~tactically~*~*~ (outnumbered).
 13261 | Lair:1   | 13261 ||| Stepping ~*~*~tactically~*~*~ (outnumbered).
 13263 | Lair:1   | 13263 ||| Stepping ~*~*~tactically~*~*~ (outnumbered).
 13265 | Lair:1   | 13265 ||| Stepping ~*~*~tactically~*~*~ (outnumbered).
 13267 | Lair:1   | 13267 ||| Stepping ~*~*~tactically~*~*~ (outnumbered).
 13269 | Lair:1   | 13269 ||| Stepping ~*~*~tactically~*~*~ (outnumbered).
 13271 | Lair:1   | 13271 ||| Stepping ~*~*~tactically~*~*~ (outnumbered).
 13273 | Lair:1   | 13273 ||| Stepping ~*~*~tactically~*~*~ (outnumbered).
 13275 | Lair:1   | 13275 ||| Stepping ~*~*~tactically~*~*~ (outnumbered).
 13277 | Lair:1   | 13277 ||| Stepping ~*~*~tactically~*~*~ (outnumbered).
 13279 | Lair:1   | 13279 ||| Stepping ~*~*~tactically~*~*~ (outnumbered).
 13281 | Lair:1   | 13281 ||| Stepping ~*~*~tactically~*~*~ (outnumbered).
 13283 | Lair:1   | 13283 ||| Stepping ~*~*~tactically~*~*~ (outnumbered).
 13285 | Lair:1   | 13285 ||| Stepping ~*~*~tactically~*~*~ (outnumbered).
 13287 | Lair:1   | 13287 ||| Stepping ~*~*~tactically~*~*~ (outnumbered).
 13289 | Lair:1   | 13289 ||| Stepping ~*~*~tactically~*~*~ (outnumbered).
 13291 | Lair:1   | 13291 ||| Stepping ~*~*~tactically~*~*~ (outnumbered).
 13293 | Lair:1   | 13293 ||| Stepping ~*~*~tactically~*~*~ (outnumbered).
 13295 | Lair:1   | 13295 ||| Stepping ~*~*~tactically~*~*~ (outnumbered).
 13297 | Lair:1   | 13297 ||| Stepping ~*~*~tactically~*~*~ (outnumbered).
 13297 | Lair:1   | Glimpsed the power of Zot.
 13299 | Lair:1   | 13299 ||| Stepping ~*~*~tactically~*~*~ (outnumbered).
 13301 | Lair:1   | 13301 ||| Stepping ~*~*~tactically~*~*~ (outnumbered).
 13303 | Lair:1   | 13303 ||| Stepping ~*~*~tactically~*~*~ (outnumbered).
 13305 | Lair:1   | 13305 ||| Stepping ~*~*~tactically~*~*~ (outnumbered).
 13307 | Lair:1   | 13307 ||| Stepping ~*~*~tactically~*~*~ (outnumbered).
 13309 | Lair:1   | 13309 ||| Stepping ~*~*~tactically~*~*~ (outnumbered).
 13311 | Lair:1   | 13311 ||| Stepping ~*~*~tactically~*~*~ (outnumbered).
 13313 | Lair:1   | 13313 ||| Stepping ~*~*~tactically~*~*~ (outnumbered).
 13315 | Lair:1   | 13315 ||| Stepping ~*~*~tactically~*~*~ (outnumbered).
 13317 | Lair:1   | 13317 ||| Stepping ~*~*~tactically~*~*~ (outnumbered).
 13319 | Lair:1   | 13319 ||| Stepping ~*~*~tactically~*~*~ (outnumbered).
 13321 | Lair:1   | 13321 ||| Stepping ~*~*~tactically~*~*~ (outnumbered).
 13323 | Lair:1   | 13323 ||| Stepping ~*~*~tactically~*~*~ (outnumbered).
 13325 | Lair:1   | 13325 ||| Stepping ~*~*~tactically~*~*~ (outnumbered).
 13327 | Lair:1   | 13327 ||| Stepping ~*~*~tactically~*~*~ (outnumbered).
 13329 | Lair:1   | 13329 ||| Stepping ~*~*~tactically~*~*~ (outnumbered).
 13331 | Lair:1   | 13331 ||| Stepping ~*~*~tactically~*~*~ (outnumbered).
 13333 | Lair:1   | 13333 ||| Stepping ~*~*~tactically~*~*~ (outnumbered).
 13335 | Lair:1   | 13335 ||| Stepping ~*~*~tactically~*~*~ (outnumbered).
 13337 | Lair:1   | 13337 ||| Stepping ~*~*~tactically~*~*~ (outnumbered).
 13339 | Lair:1   | 13339 ||| Stepping ~*~*~tactically~*~*~ (outnumbered).
 13341 | Lair:1   | 13341 ||| Stepping ~*~*~tactically~*~*~ (outnumbered).
 13343 | Lair:1   | 13343 ||| Stepping ~*~*~tactically~*~*~ (outnumbered).
 13345 | Lair:1   | 13345 ||| Stepping ~*~*~tactically~*~*~ (outnumbered).
 13347 | Lair:1   | 13347 ||| Stepping ~*~*~tactically~*~*~ (outnumbered).
 13349 | Lair:1   | 13349 ||| Stepping ~*~*~tactically~*~*~ (outnumbered).
 13351 | Lair:1   | 13351 ||| Stepping ~*~*~tactically~*~*~ (outnumbered).
 13353 | Lair:1   | 13353 ||| Stepping ~*~*~tactically~*~*~ (outnumbered).
 13355 | Lair:1   | 13355 ||| Stepping ~*~*~tactically~*~*~ (outnumbered).
 13357 | Lair:1   | 13357 ||| Stepping ~*~*~tactically~*~*~ (outnumbered).
 13359 | Lair:1   | 13359 ||| Stepping ~*~*~tactically~*~*~ (outnumbered).
 13361 | Lair:1   | 13361 ||| Stepping ~*~*~tactically~*~*~ (outnumbered).
 13363 | Lair:1   | 13363 ||| Stepping ~*~*~tactically~*~*~ (outnumbered).
 13365 | Lair:1   | 13365 ||| Stepping ~*~*~tactically~*~*~ (outnumbered).
 13367 | Lair:1   | 13367 ||| Stepping ~*~*~tactically~*~*~ (outnumbered).
 13369 | Lair:1   | 13369 ||| Stepping ~*~*~tactically~*~*~ (outnumbered).
 13371 | Lair:1   | 13371 ||| Stepping ~*~*~tactically~*~*~ (outnumbered).
 13373 | Lair:1   | 13373 ||| Stepping ~*~*~tactically~*~*~ (outnumbered).
 13375 | Lair:1   | 13375 ||| Stepping ~*~*~tactically~*~*~ (outnumbered).
 13377 | Lair:1   | 13377 ||| Stepping ~*~*~tactically~*~*~ (outnumbered).
 13379 | Lair:1   | 13379 ||| Stepping ~*~*~tactically~*~*~ (outnumbered).
 13381 | Lair:1   | 13381 ||| Stepping ~*~*~tactically~*~*~ (outnumbered).
 13383 | Lair:1   | 13383 ||| Stepping ~*~*~tactically~*~*~ (outnumbered).
 13385 | Lair:1   | 13385 ||| Stepping ~*~*~tactically~*~*~ (outnumbered).
 13387 | Lair:1   | 13387 ||| Stepping ~*~*~tactically~*~*~ (outnumbered).
 13389 | Lair:1   | 13389 ||| Stepping ~*~*~tactically~*~*~ (outnumbered).
 13391 | Lair:1   | 13391 ||| Stepping ~*~*~tactically~*~*~ (outnumbered).
 13393 | Lair:1   | 13393 ||| Stepping ~*~*~tactically~*~*~ (outnumbered).
 13395 | Lair:1   | 13395 ||| Stepping ~*~*~tactically~*~*~ (outnumbered).
 13397 | Lair:1   | 13397 ||| Stepping ~*~*~tactically~*~*~ (outnumbered).
 13399 | Lair:1   | 13399 ||| Stepping ~*~*~tactically~*~*~ (outnumbered).
 13401 | Lair:1   | 13401 ||| Stepping ~*~*~tactically~*~*~ (outnumbered).
 13403 | Lair:1   | 13403 ||| Stepping ~*~*~tactically~*~*~ (outnumbered).
 13405 | Lair:1   | 13405 ||| Stepping ~*~*~tactically~*~*~ (outnumbered).
 13407 | Lair:1   | 13407 ||| Stepping ~*~*~tactically~*~*~ (outnumbered).
 13409 | Lair:1   | 13409 ||| Stepping ~*~*~tactically~*~*~ (outnumbered).
 13411 | Lair:1   | 13411 ||| Stepping ~*~*~tactically~*~*~ (outnumbered).
 13413 | Lair:1   | 13413 ||| Stepping ~*~*~tactically~*~*~ (outnumbered).
 13415 | Lair:1   | 13415 ||| Stepping ~*~*~tactically~*~*~ (outnumbered).
 13417 | Lair:1   | 13417 ||| Stepping ~*~*~tactically~*~*~ (outnumbered).
 13419 | Lair:1   | 13419 ||| Stepping ~*~*~tactically~*~*~ (outnumbered).
 13421 | Lair:1   | 13421 ||| Stepping ~*~*~tactically~*~*~ (outnumbered).
 13423 | Lair:1   | 13423 ||| Stepping ~*~*~tactically~*~*~ (outnumbered).
 13425 | Lair:1   | 13425 ||| Stepping ~*~*~tactically~*~*~ (outnumbered).
 13427 | Lair:1   | 13427 ||| Stepping ~*~*~tactically~*~*~ (outnumbered).
 13429 | Lair:1   | 13429 ||| Stepping ~*~*~tactically~*~*~ (outnumbered).
 13431 | Lair:1   | 13431 ||| Stepping ~*~*~tactically~*~*~ (outnumbered).
 13433 | Lair:1   | 13433 ||| Stepping ~*~*~tactically~*~*~ (outnumbered).
 13435 | Lair:1   | 13435 ||| Stepping ~*~*~tactically~*~*~ (outnumbered).
 13437 | Lair:1   | 13437 ||| Stepping ~*~*~tactically~*~*~ (outnumbered).
 13439 | Lair:1   | 13439 ||| Stepping ~*~*~tactically~*~*~ (outnumbered).
 13441 | Lair:1   | 13441 ||| Stepping ~*~*~tactically~*~*~ (outnumbered).
 13443 | Lair:1   | 13443 ||| Stepping ~*~*~tactically~*~*~ (outnumbered).
 13445 | Lair:1   | 13445 ||| Stepping ~*~*~tactically~*~*~ (outnumbered).
 13447 | Lair:1   | 13447 ||| Stepping ~*~*~tactically~*~*~ (outnumbered).
 13449 | Lair:1   | 13449 ||| Stepping ~*~*~tactically~*~*~ (outnumbered).
 13451 | Lair:1   | 13451 ||| Stepping ~*~*~tactically~*~*~ (outnumbered).
 13453 | Lair:1   | 13453 ||| Stepping ~*~*~tactically~*~*~ (outnumbered).
 13455 | Lair:1   | 13455 ||| Stepping ~*~*~tactically~*~*~ (outnumbered).
 13457 | Lair:1   | 13457 ||| Stepping ~*~*~tactically~*~*~ (outnumbered).
 13459 | Lair:1   | 13459 ||| Stepping ~*~*~tactically~*~*~ (outnumbered).
 13461 | Lair:1   | 13461 ||| Stepping ~*~*~tactically~*~*~ (outnumbered).
 13463 | Lair:1   | 13463 ||| Stepping ~*~*~tactically~*~*~ (outnumbered).
 13465 | Lair:1   | 13465 ||| Stepping ~*~*~tactically~*~*~ (outnumbered).
 13467 | Lair:1   | 13467 ||| Stepping ~*~*~tactically~*~*~ (outnumbered).
 13469 | Lair:1   | 13469 ||| Stepping ~*~*~tactically~*~*~ (outnumbered).
 13471 | Lair:1   | 13471 ||| Stepping ~*~*~tactically~*~*~ (outnumbered).
 13473 | Lair:1   | 13473 ||| Stepping ~*~*~tactically~*~*~ (outnumbered).
 13475 | Lair:1   | 13475 ||| Stepping ~*~*~tactically~*~*~ (outnumbered).
 13477 | Lair:1   | 13477 ||| Stepping ~*~*~tactically~*~*~ (outnumbered).
 13479 | Lair:1   | 13479 ||| Stepping ~*~*~tactically~*~*~ (outnumbered).
 13481 | Lair:1   | 13481 ||| Stepping ~*~*~tactically~*~*~ (outnumbered).
 13483 | Lair:1   | 13483 ||| Stepping ~*~*~tactically~*~*~ (outnumbered).
 13485 | Lair:1   | 13485 ||| Stepping ~*~*~tactically~*~*~ (outnumbered).
 13487 | Lair:1   | 13487 ||| Stepping ~*~*~tactically~*~*~ (outnumbered).
 13489 | Lair:1   | 13489 ||| Stepping ~*~*~tactically~*~*~ (outnumbered).
 13491 | Lair:1   | 13491 ||| Stepping ~*~*~tactically~*~*~ (outnumbered).
 13493 | Lair:1   | 13493 ||| Stepping ~*~*~tactically~*~*~ (outnumbered).
 13495 | Lair:1   | 13495 ||| Stepping ~*~*~tactically~*~*~ (outnumbered).
 13497 | Lair:1   | 13497 ||| Stepping ~*~*~tactically~*~*~ (outnumbered).
 13499 | Lair:1   | 13499 ||| Stepping ~*~*~tactically~*~*~ (outnumbered).
 13501 | Lair:1   | 13501 ||| Stepping ~*~*~tactically~*~*~ (outnumbered).
 13503 | Lair:1   | 13503 ||| Stepping ~*~*~tactically~*~*~ (outnumbered).
 13505 | Lair:1   | 13505 ||| Stepping ~*~*~tactically~*~*~ (outnumbered).
 13507 | Lair:1   | 13507 ||| Stepping ~*~*~tactically~*~*~ (outnumbered).
 13509 | Lair:1   | 13509 ||| Stepping ~*~*~tactically~*~*~ (outnumbered).
 13511 | Lair:1   | 13511 ||| Stepping ~*~*~tactically~*~*~ (outnumbered).
 13513 | Lair:1   | 13513 ||| Stepping ~*~*~tactically~*~*~ (outnumbered).
 13515 | Lair:1   | 13515 ||| Stepping ~*~*~tactically~*~*~ (outnumbered).
 13517 | Lair:1   | 13517 ||| Stepping ~*~*~tactically~*~*~ (outnumbered).
 13519 | Lair:1   | 13519 ||| Stepping ~*~*~tactically~*~*~ (outnumbered).
 13521 | Lair:1   | 13521 ||| Stepping ~*~*~tactically~*~*~ (outnumbered).
 13523 | Lair:1   | 13523 ||| Stepping ~*~*~tactically~*~*~ (outnumbered).
 13525 | Lair:1   | 13525 ||| Stepping ~*~*~tactically~*~*~ (outnumbered).
 13527 | Lair:1   | 13527 ||| Stepping ~*~*~tactically~*~*~ (outnumbered).
 13529 | Lair:1   | 13529 ||| Stepping ~*~*~tactically~*~*~ (outnumbered).
 13531 | Lair:1   | 13531 ||| Stepping ~*~*~tactically~*~*~ (outnumbered).
 13533 | Lair:1   | 13533 ||| Stepping ~*~*~tactically~*~*~ (outnumbered).
 13535 | Lair:1   | 13535 ||| Stepping ~*~*~tactically~*~*~ (outnumbered).
 13537 | Lair:1   | 13537 ||| Stepping ~*~*~tactically~*~*~ (outnumbered).
 13539 | Lair:1   | 13539 ||| Stepping ~*~*~tactically~*~*~ (outnumbered).
 13541 | Lair:1   | 13541 ||| Stepping ~*~*~tactically~*~*~ (outnumbered).
 13543 | Lair:1   | 13543 ||| Stepping ~*~*~tactically~*~*~ (outnumbered).
 13545 | Lair:1   | 13545 ||| Stepping ~*~*~tactically~*~*~ (outnumbered).
 13547 | Lair:1   | 13547 ||| Stepping ~*~*~tactically~*~*~ (outnumbered).
 13549 | Lair:1   | 13549 ||| Stepping ~*~*~tactically~*~*~ (outnumbered).
 13551 | Lair:1   | 13551 ||| Stepping ~*~*~tactically~*~*~ (outnumbered).
 13553 | Lair:1   | 13553 ||| Stepping ~*~*~tactically~*~*~ (outnumbered).
 13555 | Lair:1   | 13555 ||| Stepping ~*~*~tactically~*~*~ (outnumbered).
 13557 | Lair:1   | 13557 ||| Stepping ~*~*~tactically~*~*~ (outnumbered).
 13559 | Lair:1   | 13559 ||| Stepping ~*~*~tactically~*~*~ (outnumbered).
 13561 | Lair:1   | 13561 ||| Stepping ~*~*~tactically~*~*~ (outnumbered).
 13563 | Lair:1   | 13563 ||| Stepping ~*~*~tactically~*~*~ (outnumbered).
 13565 | Lair:1   | 13565 ||| Stepping ~*~*~tactically~*~*~ (outnumbered).
 13567 | Lair:1   | 13567 ||| Stepping ~*~*~tactically~*~*~ (outnumbered).
 13569 | Lair:1   | 13569 ||| Stepping ~*~*~tactically~*~*~ (outnumbered).
 13571 | Lair:1   | 13571 ||| Stepping ~*~*~tactically~*~*~ (outnumbered).
 13573 | Lair:1   | 13573 ||| Stepping ~*~*~tactically~*~*~ (outnumbered).
 13575 | Lair:1   | 13575 ||| Stepping ~*~*~tactically~*~*~ (outnumbered).
 13577 | Lair:1   | 13577 ||| Stepping ~*~*~tactically~*~*~ (outnumbered).
 13579 | Lair:1   | 13579 ||| Stepping ~*~*~tactically~*~*~ (outnumbered).
 13581 | Lair:1   | 13581 ||| Stepping ~*~*~tactically~*~*~ (outnumbered).
 13583 | Lair:1   | 13583 ||| Stepping ~*~*~tactically~*~*~ (outnumbered).
 13585 | Lair:1   | 13585 ||| Stepping ~*~*~tactically~*~*~ (outnumbered).
 13587 | Lair:1   | 13587 ||| Stepping ~*~*~tactically~*~*~ (outnumbered).
 13589 | Lair:1   | 13589 ||| Stepping ~*~*~tactically~*~*~ (outnumbered).
 13591 | Lair:1   | 13591 ||| Stepping ~*~*~tactically~*~*~ (outnumbered).
 13593 | Lair:1   | 13593 ||| Stepping ~*~*~tactically~*~*~ (outnumbered).
 13595 | Lair:1   | 13595 ||| Stepping ~*~*~tactically~*~*~ (outnumbered).
 13597 | Lair:1   | 13597 ||| Stepping ~*~*~tactically~*~*~ (outnumbered).
 13599 | Lair:1   | 13599 ||| Stepping ~*~*~tactically~*~*~ (outnumbered).
 13601 | Lair:1   | 13601 ||| Stepping ~*~*~tactically~*~*~ (outnumbered).
 13603 | Lair:1   | 13603 ||| Stepping ~*~*~tactically~*~*~ (outnumbered).
 13605 | Lair:1   | 13605 ||| Stepping ~*~*~tactically~*~*~ (outnumbered).
 13607 | Lair:1   | 13607 ||| Stepping ~*~*~tactically~*~*~ (outnumbered).
 13609 | Lair:1   | 13609 ||| Stepping ~*~*~tactically~*~*~ (outnumbered).
 13611 | Lair:1   | 13611 ||| Stepping ~*~*~tactically~*~*~ (outnumbered).
 13613 | Lair:1   | 13613 ||| Stepping ~*~*~tactically~*~*~ (outnumbered).
 13615 | Lair:1   | 13615 ||| Stepping ~*~*~tactically~*~*~ (outnumbered).
 13617 | Lair:1   | 13617 ||| Stepping ~*~*~tactically~*~*~ (outnumbered).
 13619 | Lair:1   | 13619 ||| Stepping ~*~*~tactically~*~*~ (outnumbered).
 13621 | Lair:1   | 13621 ||| Stepping ~*~*~tactically~*~*~ (outnumbered).
 13623 | Lair:1   | 13623 ||| Stepping ~*~*~tactically~*~*~ (outnumbered).
 13625 | Lair:1   | 13625 ||| Stepping ~*~*~tactically~*~*~ (outnumbered).
 13627 | Lair:1   | 13627 ||| Stepping ~*~*~tactically~*~*~ (outnumbered).
 13629 | Lair:1   | 13629 ||| Stepping ~*~*~tactically~*~*~ (outnumbered).
 13631 | Lair:1   | 13631 ||| Stepping ~*~*~tactically~*~*~ (outnumbered).
 13633 | Lair:1   | 13633 ||| Stepping ~*~*~tactically~*~*~ (outnumbered).
 13635 | Lair:1   | 13635 ||| Stepping ~*~*~tactically~*~*~ (outnumbered).
 13637 | Lair:1   | 13637 ||| Stepping ~*~*~tactically~*~*~ (outnumbered).
 13639 | Lair:1   | 13639 ||| Stepping ~*~*~tactically~*~*~ (outnumbered).
 13641 | Lair:1   | 13641 ||| Stepping ~*~*~tactically~*~*~ (outnumbered).
 13643 | Lair:1   | 13643 ||| Stepping ~*~*~tactically~*~*~ (outnumbered).
 13645 | Lair:1   | 13645 ||| Stepping ~*~*~tactically~*~*~ (outnumbered).
 13647 | Lair:1   | 13647 ||| Stepping ~*~*~tactically~*~*~ (outnumbered).
 13649 | Lair:1   | 13649 ||| Stepping ~*~*~tactically~*~*~ (outnumbered).
 13651 | Lair:1   | 13651 ||| Stepping ~*~*~tactically~*~*~ (outnumbered).
 13653 | Lair:1   | 13653 ||| Stepping ~*~*~tactically~*~*~ (outnumbered).
 13655 | Lair:1   | 13655 ||| Stepping ~*~*~tactically~*~*~ (outnumbered).
 13657 | Lair:1   | 13657 ||| Stepping ~*~*~tactically~*~*~ (outnumbered).
 13659 | Lair:1   | 13659 ||| Stepping ~*~*~tactically~*~*~ (outnumbered).
 13661 | Lair:1   | 13661 ||| Stepping ~*~*~tactically~*~*~ (outnumbered).
 13663 | Lair:1   | 13663 ||| Stepping ~*~*~tactically~*~*~ (outnumbered).
 13665 | Lair:1   | 13665 ||| Stepping ~*~*~tactically~*~*~ (outnumbered).
 13667 | Lair:1   | 13667 ||| Stepping ~*~*~tactically~*~*~ (outnumbered).
 13669 | Lair:1   | 13669 ||| Stepping ~*~*~tactically~*~*~ (outnumbered).
 13671 | Lair:1   | 13671 ||| Stepping ~*~*~tactically~*~*~ (outnumbered).
 13673 | Lair:1   | 13673 ||| Stepping ~*~*~tactically~*~*~ (outnumbered).
 13675 | Lair:1   | 13675 ||| Stepping ~*~*~tactically~*~*~ (outnumbered).
 13677 | Lair:1   | 13677 ||| Stepping ~*~*~tactically~*~*~ (outnumbered).
 13679 | Lair:1   | 13679 ||| Stepping ~*~*~tactically~*~*~ (outnumbered).
 13681 | Lair:1   | 13681 ||| Stepping ~*~*~tactically~*~*~ (outnumbered).
 13683 | Lair:1   | 13683 ||| Stepping ~*~*~tactically~*~*~ (outnumbered).
 13685 | Lair:1   | 13685 ||| Stepping ~*~*~tactically~*~*~ (outnumbered).
 13687 | Lair:1   | 13687 ||| Stepping ~*~*~tactically~*~*~ (outnumbered).
 13689 | Lair:1   | 13689 ||| Stepping ~*~*~tactically~*~*~ (outnumbered).
 13691 | Lair:1   | 13691 ||| Stepping ~*~*~tactically~*~*~ (outnumbered).
 13693 | Lair:1   | 13693 ||| Stepping ~*~*~tactically~*~*~ (outnumbered).
 13695 | Lair:1   | 13695 ||| Stepping ~*~*~tactically~*~*~ (outnumbered).
 13697 | Lair:1   | 13697 ||| Stepping ~*~*~tactically~*~*~ (outnumbered).
 13697 | Lair:1   | Glimpsed the power of Zot.
 13699 | Lair:1   | 13699 ||| Stepping ~*~*~tactically~*~*~ (outnumbered).
 13701 | Lair:1   | 13701 ||| Stepping ~*~*~tactically~*~*~ (outnumbered).
 13703 | Lair:1   | 13703 ||| Stepping ~*~*~tactically~*~*~ (outnumbered).
 13705 | Lair:1   | 13705 ||| Stepping ~*~*~tactically~*~*~ (outnumbered).
 13707 | Lair:1   | 13707 ||| Stepping ~*~*~tactically~*~*~ (outnumbered).
 13709 | Lair:1   | 13709 ||| Stepping ~*~*~tactically~*~*~ (outnumbered).
 13711 | Lair:1   | 13711 ||| Stepping ~*~*~tactically~*~*~ (outnumbered).
 13713 | Lair:1   | 13713 ||| Stepping ~*~*~tactically~*~*~ (outnumbered).
 13715 | Lair:1   | 13715 ||| Stepping ~*~*~tactically~*~*~ (outnumbered).
 13717 | Lair:1   | 13717 ||| Stepping ~*~*~tactically~*~*~ (outnumbered).
 13719 | Lair:1   | 13719 ||| Stepping ~*~*~tactically~*~*~ (outnumbered).
 13721 | Lair:1   | 13721 ||| Stepping ~*~*~tactically~*~*~ (outnumbered).
 13723 | Lair:1   | 13723 ||| Stepping ~*~*~tactically~*~*~ (outnumbered).
 13725 | Lair:1   | 13725 ||| Stepping ~*~*~tactically~*~*~ (outnumbered).
 13727 | Lair:1   | 13727 ||| Stepping ~*~*~tactically~*~*~ (outnumbered).
 13729 | Lair:1   | 13729 ||| Stepping ~*~*~tactically~*~*~ (outnumbered).
 13731 | Lair:1   | 13731 ||| Stepping ~*~*~tactically~*~*~ (outnumbered).
 13733 | Lair:1   | 13733 ||| Stepping ~*~*~tactically~*~*~ (outnumbered).
 13735 | Lair:1   | 13735 ||| Stepping ~*~*~tactically~*~*~ (outnumbered).
 13737 | Lair:1   | 13737 ||| Stepping ~*~*~tactically~*~*~ (outnumbered).
 13739 | Lair:1   | 13739 ||| Stepping ~*~*~tactically~*~*~ (outnumbered).
 13741 | Lair:1   | 13741 ||| Stepping ~*~*~tactically~*~*~ (outnumbered).
 13743 | Lair:1   | 13743 ||| Stepping ~*~*~tactically~*~*~ (outnumbered).
 13745 | Lair:1   | 13745 ||| Stepping ~*~*~tactically~*~*~ (outnumbered).
 13747 | Lair:1   | 13747 ||| Stepping ~*~*~tactically~*~*~ (outnumbered).
 13749 | Lair:1   | 13749 ||| Stepping ~*~*~tactically~*~*~ (outnumbered).
 13751 | Lair:1   | 13751 ||| Stepping ~*~*~tactically~*~*~ (outnumbered).
 13753 | Lair:1   | 13753 ||| Stepping ~*~*~tactically~*~*~ (outnumbered).
 13755 | Lair:1   | 13755 ||| Stepping ~*~*~tactically~*~*~ (outnumbered).
 13757 | Lair:1   | 13757 ||| Stepping ~*~*~tactically~*~*~ (outnumbered).
 13759 | Lair:1   | 13759 ||| Stepping ~*~*~tactically~*~*~ (outnumbered).
 13761 | Lair:1   | 13761 ||| Stepping ~*~*~tactically~*~*~ (outnumbered).
 13763 | Lair:1   | 13763 ||| Stepping ~*~*~tactically~*~*~ (outnumbered).
 13765 | Lair:1   | 13765 ||| Stepping ~*~*~tactically~*~*~ (outnumbered).
 13767 | Lair:1   | 13767 ||| Stepping ~*~*~tactically~*~*~ (outnumbered).
 13769 | Lair:1   | 13769 ||| Stepping ~*~*~tactically~*~*~ (outnumbered).
 13771 | Lair:1   | 13771 ||| Stepping ~*~*~tactically~*~*~ (outnumbered).
 13773 | Lair:1   | 13773 ||| Stepping ~*~*~tactically~*~*~ (outnumbered).
 13775 | Lair:1   | 13775 ||| Stepping ~*~*~tactically~*~*~ (outnumbered).
 13777 | Lair:1   | 13777 ||| Stepping ~*~*~tactically~*~*~ (outnumbered).
 13779 | Lair:1   | 13779 ||| Stepping ~*~*~tactically~*~*~ (outnumbered).
 13781 | Lair:1   | 13781 ||| Stepping ~*~*~tactically~*~*~ (outnumbered).
 13783 | Lair:1   | 13783 ||| Stepping ~*~*~tactically~*~*~ (outnumbered).
 13785 | Lair:1   | 13785 ||| Stepping ~*~*~tactically~*~*~ (outnumbered).
 13787 | Lair:1   | 13787 ||| Stepping ~*~*~tactically~*~*~ (outnumbered).
 13789 | Lair:1   | 13789 ||| Stepping ~*~*~tactically~*~*~ (outnumbered).
 13791 | Lair:1   | 13791 ||| Stepping ~*~*~tactically~*~*~ (outnumbered).
 13793 | Lair:1   | 13793 ||| Stepping ~*~*~tactically~*~*~ (outnumbered).
 13795 | Lair:1   | 13795 ||| Stepping ~*~*~tactically~*~*~ (outnumbered).
 13796 | Lair:1   | Touched by the power of Zot (MHP 78 -> 62)
 13797 | Lair:1   | 13797 ||| Stepping ~*~*~tactically~*~*~ (outnumbered).
 13797 | Lair:1   | Glimpsed the power of Zot.
 13799 | Lair:1   | 13799 ||| Stepping ~*~*~tactically~*~*~ (outnumbered).
 13801 | Lair:1   | 13801 ||| Stepping ~*~*~tactically~*~*~ (outnumbered).
 13803 | Lair:1   | 13803 ||| Stepping ~*~*~tactically~*~*~ (outnumbered).
 13805 | Lair:1   | 13805 ||| Stepping ~*~*~tactically~*~*~ (outnumbered).
 13807 | Lair:1   | 13807 ||| Stepping ~*~*~tactically~*~*~ (outnumbered).
 13809 | Lair:1   | 13809 ||| Stepping ~*~*~tactically~*~*~ (outnumbered).
 13811 | Lair:1   | 13811 ||| Stepping ~*~*~tactically~*~*~ (outnumbered).
 13813 | Lair:1   | 13813 ||| Stepping ~*~*~tactically~*~*~ (outnumbered).
 13815 | Lair:1   | 13815 ||| Stepping ~*~*~tactically~*~*~ (outnumbered).
 13817 | Lair:1   | 13817 ||| Stepping ~*~*~tactically~*~*~ (outnumbered).
 13819 | Lair:1   | 13819 ||| Stepping ~*~*~tactically~*~*~ (outnumbered).
 13821 | Lair:1   | 13821 ||| Stepping ~*~*~tactically~*~*~ (outnumbered).
 13823 | Lair:1   | 13823 ||| Stepping ~*~*~tactically~*~*~ (outnumbered).
 13825 | Lair:1   | 13825 ||| Stepping ~*~*~tactically~*~*~ (outnumbered).
 13827 | Lair:1   | 13827 ||| Stepping ~*~*~tactically~*~*~ (outnumbered).
 13829 | Lair:1   | 13829 ||| Stepping ~*~*~tactically~*~*~ (outnumbered).
 13831 | Lair:1   | 13831 ||| Stepping ~*~*~tactically~*~*~ (outnumbered).
 13833 | Lair:1   | 13833 ||| Stepping ~*~*~tactically~*~*~ (outnumbered).
 13835 | Lair:1   | 13835 ||| Stepping ~*~*~tactically~*~*~ (outnumbered).
 13837 | Lair:1   | 13837 ||| Stepping ~*~*~tactically~*~*~ (outnumbered).
 13839 | Lair:1   | 13839 ||| Stepping ~*~*~tactically~*~*~ (outnumbered).
 13841 | Lair:1   | 13841 ||| Stepping ~*~*~tactically~*~*~ (outnumbered).
 13843 | Lair:1   | 13843 ||| Stepping ~*~*~tactically~*~*~ (outnumbered).
 13845 | Lair:1   | 13845 ||| Stepping ~*~*~tactically~*~*~ (outnumbered).
 13847 | Lair:1   | 13847 ||| Stepping ~*~*~tactically~*~*~ (outnumbered).
 13849 | Lair:1   | 13849 ||| Stepping ~*~*~tactically~*~*~ (outnumbered).
 13851 | Lair:1   | 13851 ||| Stepping ~*~*~tactically~*~*~ (outnumbered).
 13853 | Lair:1   | 13853 ||| Stepping ~*~*~tactically~*~*~ (outnumbered).
 13855 | Lair:1   | 13855 ||| Stepping ~*~*~tactically~*~*~ (outnumbered).
 13857 | Lair:1   | 13857 ||| Stepping ~*~*~tactically~*~*~ (outnumbered).
 13859 | Lair:1   | 13859 ||| Stepping ~*~*~tactically~*~*~ (outnumbered).
 13861 | Lair:1   | 13861 ||| Stepping ~*~*~tactically~*~*~ (outnumbered).
 13863 | Lair:1   | 13863 ||| Stepping ~*~*~tactically~*~*~ (outnumbered).
 13865 | Lair:1   | 13865 ||| Stepping ~*~*~tactically~*~*~ (outnumbered).
 13867 | Lair:1   | 13867 ||| Stepping ~*~*~tactically~*~*~ (outnumbered).
 13869 | Lair:1   | 13869 ||| Stepping ~*~*~tactically~*~*~ (outnumbered).
 13871 | Lair:1   | 13871 ||| Stepping ~*~*~tactically~*~*~ (outnumbered).
 13873 | Lair:1   | 13873 ||| Stepping ~*~*~tactically~*~*~ (outnumbered).
 13875 | Lair:1   | 13875 ||| Stepping ~*~*~tactically~*~*~ (outnumbered).
 13877 | Lair:1   | 13877 ||| Stepping ~*~*~tactically~*~*~ (outnumbered).
 13879 | Lair:1   | 13879 ||| Stepping ~*~*~tactically~*~*~ (outnumbered).
 13881 | Lair:1   | 13881 ||| Stepping ~*~*~tactically~*~*~ (outnumbered).
 13883 | Lair:1   | 13883 ||| Stepping ~*~*~tactically~*~*~ (outnumbered).
 13885 | Lair:1   | 13885 ||| Stepping ~*~*~tactically~*~*~ (outnumbered).
 13887 | Lair:1   | 13887 ||| Stepping ~*~*~tactically~*~*~ (outnumbered).
 13889 | Lair:1   | 13889 ||| Stepping ~*~*~tactically~*~*~ (outnumbered).
 13891 | Lair:1   | 13891 ||| Stepping ~*~*~tactically~*~*~ (outnumbered).
 13893 | Lair:1   | 13893 ||| Stepping ~*~*~tactically~*~*~ (outnumbered).
 13895 | Lair:1   | 13895 ||| Stepping ~*~*~tactically~*~*~ (outnumbered).
 13897 | Lair:1   | 13897 ||| Stepping ~*~*~tactically~*~*~ (outnumbered).
 13899 | Lair:1   | 13899 ||| Stepping ~*~*~tactically~*~*~ (outnumbered).
 13901 | Lair:1   | 13901 ||| Stepping ~*~*~tactically~*~*~ (outnumbered).
 13903 | Lair:1   | 13903 ||| Stepping ~*~*~tactically~*~*~ (outnumbered).
 13905 | Lair:1   | 13905 ||| Stepping ~*~*~tactically~*~*~ (outnumbered).
 13907 | Lair:1   | 13907 ||| Stepping ~*~*~tactically~*~*~ (outnumbered).
 13909 | Lair:1   | 13909 ||| Stepping ~*~*~tactically~*~*~ (outnumbered).
 13911 | Lair:1   | 13911 ||| Stepping ~*~*~tactically~*~*~ (outnumbered).
 13913 | Lair:1   | 13913 ||| Stepping ~*~*~tactically~*~*~ (outnumbered).
 13915 | Lair:1   | 13915 ||| Stepping ~*~*~tactically~*~*~ (outnumbered).
 13917 | Lair:1   | 13917 ||| Stepping ~*~*~tactically~*~*~ (outnumbered).
 13919 | Lair:1   | 13919 ||| Stepping ~*~*~tactically~*~*~ (outnumbered).
 13921 | Lair:1   | 13921 ||| Stepping ~*~*~tactically~*~*~ (outnumbered).
 13923 | Lair:1   | 13923 ||| Stepping ~*~*~tactically~*~*~ (outnumbered).
 13925 | Lair:1   | 13925 ||| Stepping ~*~*~tactically~*~*~ (outnumbered).
 13927 | Lair:1   | 13927 ||| Stepping ~*~*~tactically~*~*~ (outnumbered).
 13929 | Lair:1   | 13929 ||| Stepping ~*~*~tactically~*~*~ (outnumbered).
 13931 | Lair:1   | 13931 ||| Stepping ~*~*~tactically~*~*~ (outnumbered).
 13933 | Lair:1   | 13933 ||| Stepping ~*~*~tactically~*~*~ (outnumbered).
 13935 | Lair:1   | 13935 ||| Stepping ~*~*~tactically~*~*~ (outnumbered).
 13937 | Lair:1   | 13937 ||| Stepping ~*~*~tactically~*~*~ (outnumbered).
 13939 | Lair:1   | 13939 ||| Stepping ~*~*~tactically~*~*~ (outnumbered).
 13941 | Lair:1   | 13941 ||| Stepping ~*~*~tactically~*~*~ (outnumbered).
 13943 | Lair:1   | 13943 ||| Stepping ~*~*~tactically~*~*~ (outnumbered).
 13945 | Lair:1   | 13945 ||| Stepping ~*~*~tactically~*~*~ (outnumbered).
 13947 | Lair:1   | 13947 ||| Stepping ~*~*~tactically~*~*~ (outnumbered).
 13949 | Lair:1   | 13949 ||| Stepping ~*~*~tactically~*~*~ (outnumbered).
 13951 | Lair:1   | 13951 ||| Stepping ~*~*~tactically~*~*~ (outnumbered).
 13953 | Lair:1   | 13953 ||| Stepping ~*~*~tactically~*~*~ (outnumbered).
 13955 | Lair:1   | 13955 ||| Stepping ~*~*~tactically~*~*~ (outnumbered).
 13957 | Lair:1   | 13957 ||| Stepping ~*~*~tactically~*~*~ (outnumbered).
 13959 | Lair:1   | 13959 ||| Stepping ~*~*~tactically~*~*~ (outnumbered).
 13961 | Lair:1   | 13961 ||| Stepping ~*~*~tactically~*~*~ (outnumbered).
 13963 | Lair:1   | 13963 ||| Stepping ~*~*~tactically~*~*~ (outnumbered).
 13965 | Lair:1   | 13965 ||| Stepping ~*~*~tactically~*~*~ (outnumbered).
 13967 | Lair:1   | 13967 ||| Stepping ~*~*~tactically~*~*~ (outnumbered).
 13969 | Lair:1   | 13969 ||| Stepping ~*~*~tactically~*~*~ (outnumbered).
 13971 | Lair:1   | 13971 ||| Stepping ~*~*~tactically~*~*~ (outnumbered).
 13973 | Lair:1   | 13973 ||| Stepping ~*~*~tactically~*~*~ (outnumbered).
 13975 | Lair:1   | 13975 ||| Stepping ~*~*~tactically~*~*~ (outnumbered).
 13977 | Lair:1   | 13977 ||| Stepping ~*~*~tactically~*~*~ (outnumbered).
 13979 | Lair:1   | 13979 ||| Stepping ~*~*~tactically~*~*~ (outnumbered).
 13981 | Lair:1   | 13981 ||| Stepping ~*~*~tactically~*~*~ (outnumbered).
 13983 | Lair:1   | 13983 ||| Stepping ~*~*~tactically~*~*~ (outnumbered).
 13985 | Lair:1   | 13985 ||| Stepping ~*~*~tactically~*~*~ (outnumbered).
 13987 | Lair:1   | 13987 ||| Stepping ~*~*~tactically~*~*~ (outnumbered).
 13989 | Lair:1   | 13989 ||| Stepping ~*~*~tactically~*~*~ (outnumbered).
 13991 | Lair:1   | 13991 ||| Stepping ~*~*~tactically~*~*~ (outnumbered).
 13993 | Lair:1   | 13993 ||| Stepping ~*~*~tactically~*~*~ (outnumbered).
 13995 | Lair:1   | 13995 ||| Stepping ~*~*~tactically~*~*~ (outnumbered).
 13997 | Lair:1   | 13997 ||| Stepping ~*~*~tactically~*~*~ (outnumbered).
 13999 | Lair:1   | 13999 ||| Stepping ~*~*~tactically~*~*~ (outnumbered).
 14001 | Lair:1   | 14001 ||| Stepping ~*~*~tactically~*~*~ (outnumbered).
 14003 | Lair:1   | 14003 ||| Stepping ~*~*~tactically~*~*~ (outnumbered).
 14005 | Lair:1   | 14005 ||| Stepping ~*~*~tactically~*~*~ (outnumbered).
 14007 | Lair:1   | 14007 ||| Stepping ~*~*~tactically~*~*~ (outnumbered).
 14009 | Lair:1   | 14009 ||| Stepping ~*~*~tactically~*~*~ (outnumbered).
 14011 | Lair:1   | 14011 ||| Stepping ~*~*~tactically~*~*~ (outnumbered).
 14013 | Lair:1   | 14013 ||| Stepping ~*~*~tactically~*~*~ (outnumbered).
 14015 | Lair:1   | 14015 ||| Stepping ~*~*~tactically~*~*~ (outnumbered).
 14017 | Lair:1   | 14017 ||| Stepping ~*~*~tactically~*~*~ (outnumbered).
 14019 | Lair:1   | 14019 ||| Stepping ~*~*~tactically~*~*~ (outnumbered).
 14021 | Lair:1   | 14021 ||| Stepping ~*~*~tactically~*~*~ (outnumbered).
 14023 | Lair:1   | 14023 ||| Stepping ~*~*~tactically~*~*~ (outnumbered).
 14025 | Lair:1   | 14025 ||| Stepping ~*~*~tactically~*~*~ (outnumbered).
 14027 | Lair:1   | 14027 ||| Stepping ~*~*~tactically~*~*~ (outnumbered).
 14029 | Lair:1   | 14029 ||| Stepping ~*~*~tactically~*~*~ (outnumbered).
 14031 | Lair:1   | 14031 ||| Stepping ~*~*~tactically~*~*~ (outnumbered).
 14033 | Lair:1   | 14033 ||| Stepping ~*~*~tactically~*~*~ (outnumbered).
 14035 | Lair:1   | 14035 ||| Stepping ~*~*~tactically~*~*~ (outnumbered).
 14037 | Lair:1   | 14037 ||| Stepping ~*~*~tactically~*~*~ (outnumbered).
 14039 | Lair:1   | 14039 ||| Stepping ~*~*~tactically~*~*~ (outnumbered).
 14041 | Lair:1   | 14041 ||| Stepping ~*~*~tactically~*~*~ (outnumbered).
 14043 | Lair:1   | 14043 ||| Stepping ~*~*~tactically~*~*~ (outnumbered).
 14045 | Lair:1   | 14045 ||| Stepping ~*~*~tactically~*~*~ (outnumbered).
 14047 | Lair:1   | 14047 ||| Stepping ~*~*~tactically~*~*~ (outnumbered).
 14049 | Lair:1   | 14049 ||| Stepping ~*~*~tactically~*~*~ (outnumbered).
 14051 | Lair:1   | 14051 ||| Stepping ~*~*~tactically~*~*~ (outnumbered).
 14053 | Lair:1   | 14053 ||| Stepping ~*~*~tactically~*~*~ (outnumbered).
 14055 | Lair:1   | 14055 ||| Stepping ~*~*~tactically~*~*~ (outnumbered).
 14057 | Lair:1   | 14057 ||| Stepping ~*~*~tactically~*~*~ (outnumbered).
 14059 | Lair:1   | 14059 ||| Stepping ~*~*~tactically~*~*~ (outnumbered).
 14061 | Lair:1   | 14061 ||| Stepping ~*~*~tactically~*~*~ (outnumbered).
 14063 | Lair:1   | 14063 ||| Stepping ~*~*~tactically~*~*~ (outnumbered).
 14065 | Lair:1   | 14065 ||| Stepping ~*~*~tactically~*~*~ (outnumbered).
 14067 | Lair:1   | 14067 ||| Stepping ~*~*~tactically~*~*~ (outnumbered).
 14069 | Lair:1   | 14069 ||| Stepping ~*~*~tactically~*~*~ (outnumbered).
 14071 | Lair:1   | 14071 ||| Stepping ~*~*~tactically~*~*~ (outnumbered).
 14073 | Lair:1   | 14073 ||| Stepping ~*~*~tactically~*~*~ (outnumbered).
 14075 | Lair:1   | 14075 ||| Stepping ~*~*~tactically~*~*~ (outnumbered).
 14077 | Lair:1   | 14077 ||| Stepping ~*~*~tactically~*~*~ (outnumbered).
 14079 | Lair:1   | 14079 ||| Stepping ~*~*~tactically~*~*~ (outnumbered).
 14081 | Lair:1   | 14081 ||| Stepping ~*~*~tactically~*~*~ (outnumbered).
 14083 | Lair:1   | 14083 ||| Stepping ~*~*~tactically~*~*~ (outnumbered).
 14085 | Lair:1   | 14085 ||| Stepping ~*~*~tactically~*~*~ (outnumbered).
 14087 | Lair:1   | 14087 ||| Stepping ~*~*~tactically~*~*~ (outnumbered).
 14089 | Lair:1   | 14089 ||| Stepping ~*~*~tactically~*~*~ (outnumbered).
 14091 | Lair:1   | 14091 ||| Stepping ~*~*~tactically~*~*~ (outnumbered).
 14093 | Lair:1   | 14093 ||| Stepping ~*~*~tactically~*~*~ (outnumbered).
 14095 | Lair:1   | 14095 ||| Stepping ~*~*~tactically~*~*~ (outnumbered).
 14097 | Lair:1   | 14097 ||| Stepping ~*~*~tactically~*~*~ (outnumbered).
 14099 | Lair:1   | 14099 ||| Stepping ~*~*~tactically~*~*~ (outnumbered).
 14101 | Lair:1   | 14101 ||| Stepping ~*~*~tactically~*~*~ (outnumbered).
 14103 | Lair:1   | 14103 ||| Stepping ~*~*~tactically~*~*~ (outnumbered).
 14105 | Lair:1   | 14105 ||| Stepping ~*~*~tactically~*~*~ (outnumbered).
 14107 | Lair:1   | 14107 ||| Stepping ~*~*~tactically~*~*~ (outnumbered).
 14109 | Lair:1   | 14109 ||| Stepping ~*~*~tactically~*~*~ (outnumbered).
 14111 | Lair:1   | 14111 ||| Stepping ~*~*~tactically~*~*~ (outnumbered).
 14113 | Lair:1   | 14113 ||| Stepping ~*~*~tactically~*~*~ (outnumbered).
 14115 | Lair:1   | 14115 ||| Stepping ~*~*~tactically~*~*~ (outnumbered).
 14117 | Lair:1   | 14117 ||| Stepping ~*~*~tactically~*~*~ (outnumbered).
 14119 | Lair:1   | 14119 ||| Stepping ~*~*~tactically~*~*~ (outnumbered).
 14121 | Lair:1   | 14121 ||| Stepping ~*~*~tactically~*~*~ (outnumbered).
 14123 | Lair:1   | 14123 ||| Stepping ~*~*~tactically~*~*~ (outnumbered).
 14125 | Lair:1   | 14125 ||| Stepping ~*~*~tactically~*~*~ (outnumbered).
 14127 | Lair:1   | 14127 ||| Stepping ~*~*~tactically~*~*~ (outnumbered).
 14129 | Lair:1   | 14129 ||| Stepping ~*~*~tactically~*~*~ (outnumbered).
 14131 | Lair:1   | 14131 ||| Stepping ~*~*~tactically~*~*~ (outnumbered).
 14133 | Lair:1   | 14133 ||| Stepping ~*~*~tactically~*~*~ (outnumbered).
 14135 | Lair:1   | 14135 ||| Stepping ~*~*~tactically~*~*~ (outnumbered).
 14137 | Lair:1   | 14137 ||| Stepping ~*~*~tactically~*~*~ (outnumbered).
 14139 | Lair:1   | 14139 ||| Stepping ~*~*~tactically~*~*~ (outnumbered).
 14141 | Lair:1   | 14141 ||| Stepping ~*~*~tactically~*~*~ (outnumbered).
 14143 | Lair:1   | 14143 ||| Stepping ~*~*~tactically~*~*~ (outnumbered).
 14145 | Lair:1   | 14145 ||| Stepping ~*~*~tactically~*~*~ (outnumbered).
 14147 | Lair:1   | 14147 ||| Stepping ~*~*~tactically~*~*~ (outnumbered).
 14149 | Lair:1   | 14149 ||| Stepping ~*~*~tactically~*~*~ (outnumbered).
 14151 | Lair:1   | 14151 ||| Stepping ~*~*~tactically~*~*~ (outnumbered).
 14153 | Lair:1   | 14153 ||| Stepping ~*~*~tactically~*~*~ (outnumbered).
 14155 | Lair:1   | 14155 ||| Stepping ~*~*~tactically~*~*~ (outnumbered).
 14157 | Lair:1   | 14157 ||| Stepping ~*~*~tactically~*~*~ (outnumbered).
 14159 | Lair:1   | 14159 ||| Stepping ~*~*~tactically~*~*~ (outnumbered).
 14161 | Lair:1   | 14161 ||| Stepping ~*~*~tactically~*~*~ (outnumbered).
 14163 | Lair:1   | 14163 ||| Stepping ~*~*~tactically~*~*~ (outnumbered).
 14165 | Lair:1   | 14165 ||| Stepping ~*~*~tactically~*~*~ (outnumbered).
 14167 | Lair:1   | 14167 ||| Stepping ~*~*~tactically~*~*~ (outnumbered).
 14169 | Lair:1   | 14169 ||| Stepping ~*~*~tactically~*~*~ (outnumbered).
 14171 | Lair:1   | 14171 ||| Stepping ~*~*~tactically~*~*~ (outnumbered).
 14173 | Lair:1   | 14173 ||| Stepping ~*~*~tactically~*~*~ (outnumbered).
 14175 | Lair:1   | 14175 ||| Stepping ~*~*~tactically~*~*~ (outnumbered).
 14177 | Lair:1   | 14177 ||| Stepping ~*~*~tactically~*~*~ (outnumbered).
 14179 | Lair:1   | 14179 ||| Stepping ~*~*~tactically~*~*~ (outnumbered).
 14181 | Lair:1   | 14181 ||| Stepping ~*~*~tactically~*~*~ (outnumbered).
 14183 | Lair:1   | 14183 ||| Stepping ~*~*~tactically~*~*~ (outnumbered).
 14185 | Lair:1   | 14185 ||| Stepping ~*~*~tactically~*~*~ (outnumbered).
 14187 | Lair:1   | 14187 ||| Stepping ~*~*~tactically~*~*~ (outnumbered).
 14189 | Lair:1   | 14189 ||| Stepping ~*~*~tactically~*~*~ (outnumbered).
 14191 | Lair:1   | 14191 ||| Stepping ~*~*~tactically~*~*~ (outnumbered).
 14193 | Lair:1   | 14193 ||| Stepping ~*~*~tactically~*~*~ (outnumbered).
 14195 | Lair:1   | 14195 ||| Stepping ~*~*~tactically~*~*~ (outnumbered).
 14197 | Lair:1   | 14197 ||| Stepping ~*~*~tactically~*~*~ (outnumbered).
 14199 | Lair:1   | 14199 ||| Stepping ~*~*~tactically~*~*~ (outnumbered).
 14201 | Lair:1   | 14201 ||| Stepping ~*~*~tactically~*~*~ (outnumbered).
 14203 | Lair:1   | 14203 ||| Stepping ~*~*~tactically~*~*~ (outnumbered).
 14205 | Lair:1   | 14205 ||| Stepping ~*~*~tactically~*~*~ (outnumbered).
 14207 | Lair:1   | 14207 ||| Stepping ~*~*~tactically~*~*~ (outnumbered).
 14209 | Lair:1   | 14209 ||| Stepping ~*~*~tactically~*~*~ (outnumbered).
 14211 | Lair:1   | 14211 ||| Stepping ~*~*~tactically~*~*~ (outnumbered).
 14213 | Lair:1   | 14213 ||| Stepping ~*~*~tactically~*~*~ (outnumbered).
 14215 | Lair:1   | 14215 ||| Stepping ~*~*~tactically~*~*~ (outnumbered).
 14217 | Lair:1   | 14217 ||| Stepping ~*~*~tactically~*~*~ (outnumbered).
 14219 | Lair:1   | 14219 ||| Stepping ~*~*~tactically~*~*~ (outnumbered).
 14221 | Lair:1   | 14221 ||| Stepping ~*~*~tactically~*~*~ (outnumbered).
 14223 | Lair:1   | 14223 ||| Stepping ~*~*~tactically~*~*~ (outnumbered).
 14225 | Lair:1   | 14225 ||| Stepping ~*~*~tactically~*~*~ (outnumbered).
 14227 | Lair:1   | 14227 ||| Stepping ~*~*~tactically~*~*~ (outnumbered).
 14229 | Lair:1   | 14229 ||| Stepping ~*~*~tactically~*~*~ (outnumbered).
 14231 | Lair:1   | 14231 ||| Stepping ~*~*~tactically~*~*~ (outnumbered).
 14233 | Lair:1   | 14233 ||| Stepping ~*~*~tactically~*~*~ (outnumbered).
 14235 | Lair:1   | 14235 ||| Stepping ~*~*~tactically~*~*~ (outnumbered).
 14237 | Lair:1   | 14237 ||| Stepping ~*~*~tactically~*~*~ (outnumbered).
 14239 | Lair:1   | 14239 ||| Stepping ~*~*~tactically~*~*~ (outnumbered).
 14241 | Lair:1   | 14241 ||| Stepping ~*~*~tactically~*~*~ (outnumbered).
 14243 | Lair:1   | 14243 ||| Stepping ~*~*~tactically~*~*~ (outnumbered).
 14245 | Lair:1   | 14245 ||| Stepping ~*~*~tactically~*~*~ (outnumbered).
 14247 | Lair:1   | 14247 ||| Stepping ~*~*~tactically~*~*~ (outnumbered).
 14249 | Lair:1   | 14249 ||| Stepping ~*~*~tactically~*~*~ (outnumbered).
 14251 | Lair:1   | 14251 ||| Stepping ~*~*~tactically~*~*~ (outnumbered).
 14253 | Lair:1   | 14253 ||| Stepping ~*~*~tactically~*~*~ (outnumbered).
 14255 | Lair:1   | 14255 ||| Stepping ~*~*~tactically~*~*~ (outnumbered).
 14257 | Lair:1   | 14257 ||| Stepping ~*~*~tactically~*~*~ (outnumbered).
 14259 | Lair:1   | 14259 ||| Stepping ~*~*~tactically~*~*~ (outnumbered).
 14261 | Lair:1   | 14261 ||| Stepping ~*~*~tactically~*~*~ (outnumbered).
 14263 | Lair:1   | 14263 ||| Stepping ~*~*~tactically~*~*~ (outnumbered).
 14265 | Lair:1   | 14265 ||| Stepping ~*~*~tactically~*~*~ (outnumbered).
 14267 | Lair:1   | 14267 ||| Stepping ~*~*~tactically~*~*~ (outnumbered).
 14269 | Lair:1   | 14269 ||| Stepping ~*~*~tactically~*~*~ (outnumbered).
 14271 | Lair:1   | 14271 ||| Stepping ~*~*~tactically~*~*~ (outnumbered).
 14273 | Lair:1   | 14273 ||| Stepping ~*~*~tactically~*~*~ (outnumbered).
 14275 | Lair:1   | 14275 ||| Stepping ~*~*~tactically~*~*~ (outnumbered).
 14277 | Lair:1   | 14277 ||| Stepping ~*~*~tactically~*~*~ (outnumbered).
 14279 | Lair:1   | 14279 ||| Stepping ~*~*~tactically~*~*~ (outnumbered).
 14281 | Lair:1   | 14281 ||| Stepping ~*~*~tactically~*~*~ (outnumbered).
 14283 | Lair:1   | 14283 ||| Stepping ~*~*~tactically~*~*~ (outnumbered).
 14285 | Lair:1   | 14285 ||| Stepping ~*~*~tactically~*~*~ (outnumbered).
 14287 | Lair:1   | 14287 ||| Stepping ~*~*~tactically~*~*~ (outnumbered).
 14289 | Lair:1   | 14289 ||| Stepping ~*~*~tactically~*~*~ (outnumbered).
 14291 | Lair:1   | 14291 ||| Stepping ~*~*~tactically~*~*~ (outnumbered).
 14293 | Lair:1   | 14293 ||| Stepping ~*~*~tactically~*~*~ (outnumbered).
 14295 | Lair:1   | 14295 ||| Stepping ~*~*~tactically~*~*~ (outnumbered).
 14297 | Lair:1   | 14297 ||| Stepping ~*~*~tactically~*~*~ (outnumbered).
 14297 | Lair:1   | Glimpsed the power of Zot.
 14299 | Lair:1   | 14299 ||| Stepping ~*~*~tactically~*~*~ (outnumbered).
 14301 | Lair:1   | 14301 ||| Stepping ~*~*~tactically~*~*~ (outnumbered).
 14303 | Lair:1   | 14303 ||| Stepping ~*~*~tactically~*~*~ (outnumbered).
 14305 | Lair:1   | 14305 ||| Stepping ~*~*~tactically~*~*~ (outnumbered).
 14307 | Lair:1   | 14307 ||| Stepping ~*~*~tactically~*~*~ (outnumbered).
 14309 | Lair:1   | 14309 ||| Stepping ~*~*~tactically~*~*~ (outnumbered).
 14311 | Lair:1   | 14311 ||| Stepping ~*~*~tactically~*~*~ (outnumbered).
 14313 | Lair:1   | 14313 ||| Stepping ~*~*~tactically~*~*~ (outnumbered).
 14315 | Lair:1   | 14315 ||| Stepping ~*~*~tactically~*~*~ (outnumbered).
 14317 | Lair:1   | 14317 ||| Stepping ~*~*~tactically~*~*~ (outnumbered).
 14319 | Lair:1   | 14319 ||| Stepping ~*~*~tactically~*~*~ (outnumbered).
 14321 | Lair:1   | 14321 ||| Stepping ~*~*~tactically~*~*~ (outnumbered).
 14323 | Lair:1   | 14323 ||| Stepping ~*~*~tactically~*~*~ (outnumbered).
 14325 | Lair:1   | 14325 ||| Stepping ~*~*~tactically~*~*~ (outnumbered).
 14327 | Lair:1   | 14327 ||| Stepping ~*~*~tactically~*~*~ (outnumbered).
 14329 | Lair:1   | 14329 ||| Stepping ~*~*~tactically~*~*~ (outnumbered).
 14331 | Lair:1   | 14331 ||| Stepping ~*~*~tactically~*~*~ (outnumbered).
 14333 | Lair:1   | 14333 ||| Stepping ~*~*~tactically~*~*~ (outnumbered).
 14335 | Lair:1   | 14335 ||| Stepping ~*~*~tactically~*~*~ (outnumbered).
 14337 | Lair:1   | 14337 ||| Stepping ~*~*~tactically~*~*~ (outnumbered).
 14339 | Lair:1   | 14339 ||| Stepping ~*~*~tactically~*~*~ (outnumbered).
 14341 | Lair:1   | 14341 ||| Stepping ~*~*~tactically~*~*~ (outnumbered).
 14343 | Lair:1   | 14343 ||| Stepping ~*~*~tactically~*~*~ (outnumbered).
 14345 | Lair:1   | 14345 ||| Stepping ~*~*~tactically~*~*~ (outnumbered).
 14347 | Lair:1   | 14347 ||| Stepping ~*~*~tactically~*~*~ (outnumbered).
 14349 | Lair:1   | 14349 ||| Stepping ~*~*~tactically~*~*~ (outnumbered).
 14351 | Lair:1   | 14351 ||| Stepping ~*~*~tactically~*~*~ (outnumbered).
 14353 | Lair:1   | 14353 ||| Stepping ~*~*~tactically~*~*~ (outnumbered).
 14355 | Lair:1   | 14355 ||| Stepping ~*~*~tactically~*~*~ (outnumbered).
 14357 | Lair:1   | 14357 ||| Stepping ~*~*~tactically~*~*~ (outnumbered).
 14359 | Lair:1   | 14359 ||| Stepping ~*~*~tactically~*~*~ (outnumbered).
 14361 | Lair:1   | 14361 ||| Stepping ~*~*~tactically~*~*~ (outnumbered).
 14363 | Lair:1   | 14363 ||| Stepping ~*~*~tactically~*~*~ (outnumbered).
 14365 | Lair:1   | 14365 ||| Stepping ~*~*~tactically~*~*~ (outnumbered).
 14367 | Lair:1   | 14367 ||| Stepping ~*~*~tactically~*~*~ (outnumbered).
 14369 | Lair:1   | 14369 ||| Stepping ~*~*~tactically~*~*~ (outnumbered).
 14371 | Lair:1   | 14371 ||| Stepping ~*~*~tactically~*~*~ (outnumbered).
 14373 | Lair:1   | 14373 ||| Stepping ~*~*~tactically~*~*~ (outnumbered).
 14375 | Lair:1   | 14375 ||| Stepping ~*~*~tactically~*~*~ (outnumbered).
 14377 | Lair:1   | 14377 ||| Stepping ~*~*~tactically~*~*~ (outnumbered).
 14379 | Lair:1   | 14379 ||| Stepping ~*~*~tactically~*~*~ (outnumbered).
 14381 | Lair:1   | 14381 ||| Stepping ~*~*~tactically~*~*~ (outnumbered).
 14383 | Lair:1   | 14383 ||| Stepping ~*~*~tactically~*~*~ (outnumbered).
 14385 | Lair:1   | 14385 ||| Stepping ~*~*~tactically~*~*~ (outnumbered).
 14387 | Lair:1   | 14387 ||| Stepping ~*~*~tactically~*~*~ (outnumbered).
 14389 | Lair:1   | 14389 ||| Stepping ~*~*~tactically~*~*~ (outnumbered).
 14391 | Lair:1   | 14391 ||| Stepping ~*~*~tactically~*~*~ (outnumbered).
 14393 | Lair:1   | 14393 ||| Stepping ~*~*~tactically~*~*~ (outnumbered).
 14395 | Lair:1   | 14395 ||| Stepping ~*~*~tactically~*~*~ (outnumbered).
 14397 | Lair:1   | 14397 ||| Stepping ~*~*~tactically~*~*~ (outnumbered).
 14399 | Lair:1   | 14399 ||| Stepping ~*~*~tactically~*~*~ (outnumbered).
 14401 | Lair:1   | 14401 ||| Stepping ~*~*~tactically~*~*~ (outnumbered).
 14403 | Lair:1   | 14403 ||| Stepping ~*~*~tactically~*~*~ (outnumbered).
 14405 | Lair:1   | 14405 ||| Stepping ~*~*~tactically~*~*~ (outnumbered).
 14407 | Lair:1   | 14407 ||| Stepping ~*~*~tactically~*~*~ (outnumbered).
 14409 | Lair:1   | 14409 ||| Stepping ~*~*~tactically~*~*~ (outnumbered).
 14411 | Lair:1   | 14411 ||| Stepping ~*~*~tactically~*~*~ (outnumbered).
 14413 | Lair:1   | 14413 ||| Stepping ~*~*~tactically~*~*~ (outnumbered).
 14415 | Lair:1   | 14415 ||| Stepping ~*~*~tactically~*~*~ (outnumbered).
 14417 | Lair:1   | 14417 ||| Stepping ~*~*~tactically~*~*~ (outnumbered).
 14419 | Lair:1   | 14419 ||| Stepping ~*~*~tactically~*~*~ (outnumbered).
 14421 | Lair:1   | 14421 ||| Stepping ~*~*~tactically~*~*~ (outnumbered).
 14423 | Lair:1   | 14423 ||| Stepping ~*~*~tactically~*~*~ (outnumbered).
 14425 | Lair:1   | 14425 ||| Stepping ~*~*~tactically~*~*~ (outnumbered).
 14427 | Lair:1   | 14427 ||| Stepping ~*~*~tactically~*~*~ (outnumbered).
 14429 | Lair:1   | 14429 ||| Stepping ~*~*~tactically~*~*~ (outnumbered).
 14431 | Lair:1   | 14431 ||| Stepping ~*~*~tactically~*~*~ (outnumbered).
 14433 | Lair:1   | 14433 ||| Stepping ~*~*~tactically~*~*~ (outnumbered).
 14435 | Lair:1   | 14435 ||| Stepping ~*~*~tactically~*~*~ (outnumbered).
 14437 | Lair:1   | 14437 ||| Stepping ~*~*~tactically~*~*~ (outnumbered).
 14439 | Lair:1   | 14439 ||| Stepping ~*~*~tactically~*~*~ (outnumbered).
 14441 | Lair:1   | 14441 ||| Stepping ~*~*~tactically~*~*~ (outnumbered).
 14443 | Lair:1   | 14443 ||| Stepping ~*~*~tactically~*~*~ (outnumbered).
 14445 | Lair:1   | 14445 ||| Stepping ~*~*~tactically~*~*~ (outnumbered).
 14447 | Lair:1   | 14447 ||| Stepping ~*~*~tactically~*~*~ (outnumbered).
 14449 | Lair:1   | 14449 ||| Stepping ~*~*~tactically~*~*~ (outnumbered).
 14451 | Lair:1   | 14451 ||| Stepping ~*~*~tactically~*~*~ (outnumbered).
 14453 | Lair:1   | 14453 ||| Stepping ~*~*~tactically~*~*~ (outnumbered).
 14455 | Lair:1   | 14455 ||| Stepping ~*~*~tactically~*~*~ (outnumbered).
 14457 | Lair:1   | 14457 ||| Stepping ~*~*~tactically~*~*~ (outnumbered).
 14459 | Lair:1   | 14459 ||| Stepping ~*~*~tactically~*~*~ (outnumbered).
 14461 | Lair:1   | 14461 ||| Stepping ~*~*~tactically~*~*~ (outnumbered).
 14463 | Lair:1   | 14463 ||| Stepping ~*~*~tactically~*~*~ (outnumbered).
 14465 | Lair:1   | 14465 ||| Stepping ~*~*~tactically~*~*~ (outnumbered).
 14467 | Lair:1   | 14467 ||| Stepping ~*~*~tactically~*~*~ (outnumbered).
 14469 | Lair:1   | 14469 ||| Stepping ~*~*~tactically~*~*~ (outnumbered).
 14471 | Lair:1   | 14471 ||| Stepping ~*~*~tactically~*~*~ (outnumbered).
 14473 | Lair:1   | 14473 ||| Stepping ~*~*~tactically~*~*~ (outnumbered).
 14475 | Lair:1   | 14475 ||| Stepping ~*~*~tactically~*~*~ (outnumbered).
 14477 | Lair:1   | 14477 ||| Stepping ~*~*~tactically~*~*~ (outnumbered).
 14479 | Lair:1   | 14479 ||| Stepping ~*~*~tactically~*~*~ (outnumbered).
 14481 | Lair:1   | 14481 ||| Stepping ~*~*~tactically~*~*~ (outnumbered).
 14483 | Lair:1   | 14483 ||| Stepping ~*~*~tactically~*~*~ (outnumbered).
 14485 | Lair:1   | 14485 ||| Stepping ~*~*~tactically~*~*~ (outnumbered).
 14487 | Lair:1   | 14487 ||| Stepping ~*~*~tactically~*~*~ (outnumbered).
 14489 | Lair:1   | 14489 ||| Stepping ~*~*~tactically~*~*~ (outnumbered).
 14491 | Lair:1   | 14491 ||| Stepping ~*~*~tactically~*~*~ (outnumbered).
 14493 | Lair:1   | 14493 ||| Stepping ~*~*~tactically~*~*~ (outnumbered).
 14495 | Lair:1   | 14495 ||| Stepping ~*~*~tactically~*~*~ (outnumbered).
 14497 | Lair:1   | 14497 ||| Stepping ~*~*~tactically~*~*~ (outnumbered).
 14499 | Lair:1   | 14499 ||| Stepping ~*~*~tactically~*~*~ (outnumbered).
 14501 | Lair:1   | 14501 ||| Stepping ~*~*~tactically~*~*~ (outnumbered).
 14503 | Lair:1   | 14503 ||| Stepping ~*~*~tactically~*~*~ (outnumbered).
 14505 | Lair:1   | 14505 ||| Stepping ~*~*~tactically~*~*~ (outnumbered).
 14507 | Lair:1   | 14507 ||| Stepping ~*~*~tactically~*~*~ (outnumbered).
 14509 | Lair:1   | 14509 ||| Stepping ~*~*~tactically~*~*~ (outnumbered).
 14511 | Lair:1   | 14511 ||| Stepping ~*~*~tactically~*~*~ (outnumbered).
 14513 | Lair:1   | 14513 ||| Stepping ~*~*~tactically~*~*~ (outnumbered).
 14515 | Lair:1   | 14515 ||| Stepping ~*~*~tactically~*~*~ (outnumbered).
 14517 | Lair:1   | 14517 ||| Stepping ~*~*~tactically~*~*~ (outnumbered).
 14519 | Lair:1   | 14519 ||| Stepping ~*~*~tactically~*~*~ (outnumbered).
 14521 | Lair:1   | 14521 ||| Stepping ~*~*~tactically~*~*~ (outnumbered).
 14523 | Lair:1   | 14523 ||| Stepping ~*~*~tactically~*~*~ (outnumbered).
 14525 | Lair:1   | 14525 ||| Stepping ~*~*~tactically~*~*~ (outnumbered).
 14527 | Lair:1   | 14527 ||| Stepping ~*~*~tactically~*~*~ (outnumbered).
 14529 | Lair:1   | 14529 ||| Stepping ~*~*~tactically~*~*~ (outnumbered).
 14531 | Lair:1   | 14531 ||| Stepping ~*~*~tactically~*~*~ (outnumbered).
 14533 | Lair:1   | 14533 ||| Stepping ~*~*~tactically~*~*~ (outnumbered).
 14535 | Lair:1   | 14535 ||| Stepping ~*~*~tactically~*~*~ (outnumbered).
 14537 | Lair:1   | 14537 ||| Stepping ~*~*~tactically~*~*~ (outnumbered).
 14539 | Lair:1   | 14539 ||| Stepping ~*~*~tactically~*~*~ (outnumbered).
 14541 | Lair:1   | 14541 ||| Stepping ~*~*~tactically~*~*~ (outnumbered).
 14543 | Lair:1   | 14543 ||| Stepping ~*~*~tactically~*~*~ (outnumbered).
 14545 | Lair:1   | 14545 ||| Stepping ~*~*~tactically~*~*~ (outnumbered).
 14547 | Lair:1   | 14547 ||| Stepping ~*~*~tactically~*~*~ (outnumbered).
 14549 | Lair:1   | 14549 ||| Stepping ~*~*~tactically~*~*~ (outnumbered).
 14551 | Lair:1   | 14551 ||| Stepping ~*~*~tactically~*~*~ (outnumbered).
 14553 | Lair:1   | 14553 ||| Stepping ~*~*~tactically~*~*~ (outnumbered).
 14555 | Lair:1   | 14555 ||| Stepping ~*~*~tactically~*~*~ (outnumbered).
 14557 | Lair:1   | 14557 ||| Stepping ~*~*~tactically~*~*~ (outnumbered).
 14559 | Lair:1   | 14559 ||| Stepping ~*~*~tactically~*~*~ (outnumbered).
 14561 | Lair:1   | 14561 ||| Stepping ~*~*~tactically~*~*~ (outnumbered).
 14563 | Lair:1   | 14563 ||| Stepping ~*~*~tactically~*~*~ (outnumbered).
 14565 | Lair:1   | 14565 ||| Stepping ~*~*~tactically~*~*~ (outnumbered).
 14567 | Lair:1   | 14567 ||| Stepping ~*~*~tactically~*~*~ (outnumbered).
 14569 | Lair:1   | 14569 ||| Stepping ~*~*~tactically~*~*~ (outnumbered).
 14571 | Lair:1   | 14571 ||| Stepping ~*~*~tactically~*~*~ (outnumbered).
 14573 | Lair:1   | 14573 ||| Stepping ~*~*~tactically~*~*~ (outnumbered).
 14575 | Lair:1   | 14575 ||| Stepping ~*~*~tactically~*~*~ (outnumbered).
 14577 | Lair:1   | 14577 ||| Stepping ~*~*~tactically~*~*~ (outnumbered).
 14579 | Lair:1   | 14579 ||| Stepping ~*~*~tactically~*~*~ (outnumbered).
 14581 | Lair:1   | 14581 ||| Stepping ~*~*~tactically~*~*~ (outnumbered).
 14583 | Lair:1   | 14583 ||| Stepping ~*~*~tactically~*~*~ (outnumbered).
 14585 | Lair:1   | 14585 ||| Stepping ~*~*~tactically~*~*~ (outnumbered).
 14587 | Lair:1   | 14587 ||| Stepping ~*~*~tactically~*~*~ (outnumbered).
 14589 | Lair:1   | 14589 ||| Stepping ~*~*~tactically~*~*~ (outnumbered).
 14591 | Lair:1   | 14591 ||| Stepping ~*~*~tactically~*~*~ (outnumbered).
 14593 | Lair:1   | 14593 ||| Stepping ~*~*~tactically~*~*~ (outnumbered).
 14595 | Lair:1   | 14595 ||| Stepping ~*~*~tactically~*~*~ (outnumbered).
 14597 | Lair:1   | 14597 ||| Stepping ~*~*~tactically~*~*~ (outnumbered).
 14599 | Lair:1   | 14599 ||| Stepping ~*~*~tactically~*~*~ (outnumbered).
 14601 | Lair:1   | 14601 ||| Stepping ~*~*~tactically~*~*~ (outnumbered).
 14603 | Lair:1   | 14603 ||| Stepping ~*~*~tactically~*~*~ (outnumbered).
 14605 | Lair:1   | 14605 ||| Stepping ~*~*~tactically~*~*~ (outnumbered).
 14607 | Lair:1   | 14607 ||| Stepping ~*~*~tactically~*~*~ (outnumbered).
 14609 | Lair:1   | 14609 ||| Stepping ~*~*~tactically~*~*~ (outnumbered).
 14611 | Lair:1   | 14611 ||| Stepping ~*~*~tactically~*~*~ (outnumbered).
 14613 | Lair:1   | 14613 ||| Stepping ~*~*~tactically~*~*~ (outnumbered).
 14615 | Lair:1   | 14615 ||| Stepping ~*~*~tactically~*~*~ (outnumbered).
 14617 | Lair:1   | 14617 ||| Stepping ~*~*~tactically~*~*~ (outnumbered).
 14619 | Lair:1   | 14619 ||| Stepping ~*~*~tactically~*~*~ (outnumbered).
 14621 | Lair:1   | 14621 ||| Stepping ~*~*~tactically~*~*~ (outnumbered).
 14623 | Lair:1   | 14623 ||| Stepping ~*~*~tactically~*~*~ (outnumbered).
 14625 | Lair:1   | 14625 ||| Stepping ~*~*~tactically~*~*~ (outnumbered).
 14627 | Lair:1   | 14627 ||| Stepping ~*~*~tactically~*~*~ (outnumbered).
 14629 | Lair:1   | 14629 ||| Stepping ~*~*~tactically~*~*~ (outnumbered).
 14631 | Lair:1   | 14631 ||| Stepping ~*~*~tactically~*~*~ (outnumbered).
 14633 | Lair:1   | 14633 ||| Stepping ~*~*~tactically~*~*~ (outnumbered).
 14635 | Lair:1   | 14635 ||| Stepping ~*~*~tactically~*~*~ (outnumbered).
 14637 | Lair:1   | 14637 ||| Stepping ~*~*~tactically~*~*~ (outnumbered).
 14639 | Lair:1   | 14639 ||| Stepping ~*~*~tactically~*~*~ (outnumbered).
 14641 | Lair:1   | 14641 ||| Stepping ~*~*~tactically~*~*~ (outnumbered).
 14643 | Lair:1   | 14643 ||| Stepping ~*~*~tactically~*~*~ (outnumbered).
 14645 | Lair:1   | 14645 ||| Stepping ~*~*~tactically~*~*~ (outnumbered).
 14647 | Lair:1   | 14647 ||| Stepping ~*~*~tactically~*~*~ (outnumbered).
 14649 | Lair:1   | 14649 ||| Stepping ~*~*~tactically~*~*~ (outnumbered).
 14651 | Lair:1   | 14651 ||| Stepping ~*~*~tactically~*~*~ (outnumbered).
 14653 | Lair:1   | 14653 ||| Stepping ~*~*~tactically~*~*~ (outnumbered).
 14655 | Lair:1   | 14655 ||| Stepping ~*~*~tactically~*~*~ (outnumbered).
 14657 | Lair:1   | 14657 ||| Stepping ~*~*~tactically~*~*~ (outnumbered).
 14659 | Lair:1   | 14659 ||| Stepping ~*~*~tactically~*~*~ (outnumbered).
 14661 | Lair:1   | 14661 ||| Stepping ~*~*~tactically~*~*~ (outnumbered).
 14663 | Lair:1   | 14663 ||| Stepping ~*~*~tactically~*~*~ (outnumbered).
 14665 | Lair:1   | 14665 ||| Stepping ~*~*~tactically~*~*~ (outnumbered).
 14667 | Lair:1   | 14667 ||| Stepping ~*~*~tactically~*~*~ (outnumbered).
 14669 | Lair:1   | 14669 ||| Stepping ~*~*~tactically~*~*~ (outnumbered).
 14671 | Lair:1   | 14671 ||| Stepping ~*~*~tactically~*~*~ (outnumbered).
 14673 | Lair:1   | 14673 ||| Stepping ~*~*~tactically~*~*~ (outnumbered).
 14675 | Lair:1   | 14675 ||| Stepping ~*~*~tactically~*~*~ (outnumbered).
 14677 | Lair:1   | 14677 ||| Stepping ~*~*~tactically~*~*~ (outnumbered).
 14679 | Lair:1   | 14679 ||| Stepping ~*~*~tactically~*~*~ (outnumbered).
 14681 | Lair:1   | 14681 ||| Stepping ~*~*~tactically~*~*~ (outnumbered).
 14683 | Lair:1   | 14683 ||| Stepping ~*~*~tactically~*~*~ (outnumbered).
 14685 | Lair:1   | 14685 ||| Stepping ~*~*~tactically~*~*~ (outnumbered).
 14687 | Lair:1   | 14687 ||| Stepping ~*~*~tactically~*~*~ (outnumbered).
 14689 | Lair:1   | 14689 ||| Stepping ~*~*~tactically~*~*~ (outnumbered).
 14691 | Lair:1   | 14691 ||| Stepping ~*~*~tactically~*~*~ (outnumbered).
 14693 | Lair:1   | 14693 ||| Stepping ~*~*~tactically~*~*~ (outnumbered).
 14695 | Lair:1   | 14695 ||| Stepping ~*~*~tactically~*~*~ (outnumbered).
 14697 | Lair:1   | 14697 ||| Stepping ~*~*~tactically~*~*~ (outnumbered).
 14697 | Lair:1   | Glimpsed the power of Zot.
 14699 | Lair:1   | 14699 ||| Stepping ~*~*~tactically~*~*~ (outnumbered).
 14701 | Lair:1   | 14701 ||| Stepping ~*~*~tactically~*~*~ (outnumbered).
 14703 | Lair:1   | 14703 ||| Stepping ~*~*~tactically~*~*~ (outnumbered).
 14705 | Lair:1   | 14705 ||| Stepping ~*~*~tactically~*~*~ (outnumbered).
 14707 | Lair:1   | 14707 ||| Stepping ~*~*~tactically~*~*~ (outnumbered).
 14709 | Lair:1   | 14709 ||| Stepping ~*~*~tactically~*~*~ (outnumbered).
 14711 | Lair:1   | 14711 ||| Stepping ~*~*~tactically~*~*~ (outnumbered).
 14713 | Lair:1   | 14713 ||| Stepping ~*~*~tactically~*~*~ (outnumbered).
 14715 | Lair:1   | 14715 ||| Stepping ~*~*~tactically~*~*~ (outnumbered).
 14717 | Lair:1   | 14717 ||| Stepping ~*~*~tactically~*~*~ (outnumbered).
 14719 | Lair:1   | 14719 ||| Stepping ~*~*~tactically~*~*~ (outnumbered).
 14721 | Lair:1   | 14721 ||| Stepping ~*~*~tactically~*~*~ (outnumbered).
 14723 | Lair:1   | 14723 ||| Stepping ~*~*~tactically~*~*~ (outnumbered).
 14725 | Lair:1   | 14725 ||| Stepping ~*~*~tactically~*~*~ (outnumbered).
 14727 | Lair:1   | 14727 ||| Stepping ~*~*~tactically~*~*~ (outnumbered).
 14729 | Lair:1   | 14729 ||| Stepping ~*~*~tactically~*~*~ (outnumbered).
 14731 | Lair:1   | 14731 ||| Stepping ~*~*~tactically~*~*~ (outnumbered).
 14733 | Lair:1   | 14733 ||| Stepping ~*~*~tactically~*~*~ (outnumbered).
 14735 | Lair:1   | 14735 ||| Stepping ~*~*~tactically~*~*~ (outnumbered).
 14737 | Lair:1   | 14737 ||| Stepping ~*~*~tactically~*~*~ (outnumbered).
 14739 | Lair:1   | 14739 ||| Stepping ~*~*~tactically~*~*~ (outnumbered).
 14741 | Lair:1   | 14741 ||| Stepping ~*~*~tactically~*~*~ (outnumbered).
 14743 | Lair:1   | 14743 ||| Stepping ~*~*~tactically~*~*~ (outnumbered).
 14745 | Lair:1   | 14745 ||| Stepping ~*~*~tactically~*~*~ (outnumbered).
 14747 | Lair:1   | 14747 ||| Stepping ~*~*~tactically~*~*~ (outnumbered).
 14749 | Lair:1   | 14749 ||| Stepping ~*~*~tactically~*~*~ (outnumbered).
 14751 | Lair:1   | 14751 ||| Stepping ~*~*~tactically~*~*~ (outnumbered).
 14753 | Lair:1   | 14753 ||| Stepping ~*~*~tactically~*~*~ (outnumbered).
 14755 | Lair:1   | 14755 ||| Stepping ~*~*~tactically~*~*~ (outnumbered).
 14757 | Lair:1   | 14757 ||| Stepping ~*~*~tactically~*~*~ (outnumbered).
 14759 | Lair:1   | 14759 ||| Stepping ~*~*~tactically~*~*~ (outnumbered).
 14761 | Lair:1   | 14761 ||| Stepping ~*~*~tactically~*~*~ (outnumbered).
 14763 | Lair:1   | 14763 ||| Stepping ~*~*~tactically~*~*~ (outnumbered).
 14765 | Lair:1   | 14765 ||| Stepping ~*~*~tactically~*~*~ (outnumbered).
 14767 | Lair:1   | 14767 ||| Stepping ~*~*~tactically~*~*~ (outnumbered).
 14769 | Lair:1   | 14769 ||| Stepping ~*~*~tactically~*~*~ (outnumbered).
 14771 | Lair:1   | 14771 ||| Stepping ~*~*~tactically~*~*~ (outnumbered).
 14773 | Lair:1   | 14773 ||| Stepping ~*~*~tactically~*~*~ (outnumbered).
 14775 | Lair:1   | 14775 ||| Stepping ~*~*~tactically~*~*~ (outnumbered).
 14777 | Lair:1   | 14777 ||| Stepping ~*~*~tactically~*~*~ (outnumbered).
 14779 | Lair:1   | 14779 ||| Stepping ~*~*~tactically~*~*~ (outnumbered).
 14781 | Lair:1   | 14781 ||| Stepping ~*~*~tactically~*~*~ (outnumbered).
 14783 | Lair:1   | 14783 ||| Stepping ~*~*~tactically~*~*~ (outnumbered).
 14785 | Lair:1   | 14785 ||| Stepping ~*~*~tactically~*~*~ (outnumbered).
 14787 | Lair:1   | 14787 ||| Stepping ~*~*~tactically~*~*~ (outnumbered).
 14789 | Lair:1   | 14789 ||| Stepping ~*~*~tactically~*~*~ (outnumbered).
 14791 | Lair:1   | 14791 ||| Stepping ~*~*~tactically~*~*~ (outnumbered).
 14793 | Lair:1   | 14793 ||| Stepping ~*~*~tactically~*~*~ (outnumbered).
 14795 | Lair:1   | 14795 ||| Stepping ~*~*~tactically~*~*~ (outnumbered).
 14796 | Lair:1   | Touched by the power of Zot (MHP 60 -> 47)
 14797 | Lair:1   | 14797 ||| Stepping ~*~*~tactically~*~*~ (outnumbered).
 14797 | Lair:1   | Glimpsed the power of Zot.
 14799 | Lair:1   | 14799 ||| Stepping ~*~*~tactically~*~*~ (outnumbered).
 14801 | Lair:1   | 14801 ||| Stepping ~*~*~tactically~*~*~ (outnumbered).
 14803 | Lair:1   | 14803 ||| Stepping ~*~*~tactically~*~*~ (outnumbered).
 14805 | Lair:1   | 14805 ||| Stepping ~*~*~tactically~*~*~ (outnumbered).
 14807 | Lair:1   | 14807 ||| Stepping ~*~*~tactically~*~*~ (outnumbered).
 14809 | Lair:1   | 14809 ||| Stepping ~*~*~tactically~*~*~ (outnumbered).
 14811 | Lair:1   | 14811 ||| Stepping ~*~*~tactically~*~*~ (outnumbered).
 14813 | Lair:1   | 14813 ||| Stepping ~*~*~tactically~*~*~ (outnumbered).
 14815 | Lair:1   | 14815 ||| Stepping ~*~*~tactically~*~*~ (outnumbered).
 14817 | Lair:1   | 14817 ||| Stepping ~*~*~tactically~*~*~ (outnumbered).
 14819 | Lair:1   | 14819 ||| Stepping ~*~*~tactically~*~*~ (outnumbered).
 14821 | Lair:1   | 14821 ||| Stepping ~*~*~tactically~*~*~ (outnumbered).
 14823 | Lair:1   | 14823 ||| Stepping ~*~*~tactically~*~*~ (outnumbered).
 14825 | Lair:1   | 14825 ||| Stepping ~*~*~tactically~*~*~ (outnumbered).
 14827 | Lair:1   | 14827 ||| Stepping ~*~*~tactically~*~*~ (outnumbered).
 14829 | Lair:1   | 14829 ||| Stepping ~*~*~tactically~*~*~ (outnumbered).
 14831 | Lair:1   | 14831 ||| Stepping ~*~*~tactically~*~*~ (outnumbered).
 14833 | Lair:1   | 14833 ||| Stepping ~*~*~tactically~*~*~ (outnumbered).
 14835 | Lair:1   | 14835 ||| Stepping ~*~*~tactically~*~*~ (outnumbered).
 14837 | Lair:1   | 14837 ||| Stepping ~*~*~tactically~*~*~ (outnumbered).
 14839 | Lair:1   | 14839 ||| Stepping ~*~*~tactically~*~*~ (outnumbered).
 14841 | Lair:1   | 14841 ||| Stepping ~*~*~tactically~*~*~ (outnumbered).
 14843 | Lair:1   | 14843 ||| Stepping ~*~*~tactically~*~*~ (outnumbered).
 14845 | Lair:1   | 14845 ||| Stepping ~*~*~tactically~*~*~ (outnumbered).
 14847 | Lair:1   | 14847 ||| Stepping ~*~*~tactically~*~*~ (outnumbered).
 14849 | Lair:1   | 14849 ||| Stepping ~*~*~tactically~*~*~ (outnumbered).
 14851 | Lair:1   | 14851 ||| Stepping ~*~*~tactically~*~*~ (outnumbered).
 14853 | Lair:1   | 14853 ||| Stepping ~*~*~tactically~*~*~ (outnumbered).
 14855 | Lair:1   | 14855 ||| Stepping ~*~*~tactically~*~*~ (outnumbered).
 14857 | Lair:1   | 14857 ||| Stepping ~*~*~tactically~*~*~ (outnumbered).
 14859 | Lair:1   | 14859 ||| Stepping ~*~*~tactically~*~*~ (outnumbered).
 14861 | Lair:1   | 14861 ||| Stepping ~*~*~tactically~*~*~ (outnumbered).
 14863 | Lair:1   | 14863 ||| Stepping ~*~*~tactically~*~*~ (outnumbered).
 14865 | Lair:1   | 14865 ||| Stepping ~*~*~tactically~*~*~ (outnumbered).
 14867 | Lair:1   | 14867 ||| Stepping ~*~*~tactically~*~*~ (outnumbered).
 14869 | Lair:1   | 14869 ||| Stepping ~*~*~tactically~*~*~ (outnumbered).
 14871 | Lair:1   | 14871 ||| Stepping ~*~*~tactically~*~*~ (outnumbered).
 14873 | Lair:1   | 14873 ||| Stepping ~*~*~tactically~*~*~ (outnumbered).
 14875 | Lair:1   | 14875 ||| Stepping ~*~*~tactically~*~*~ (outnumbered).
 14877 | Lair:1   | 14877 ||| Stepping ~*~*~tactically~*~*~ (outnumbered).
 14879 | Lair:1   | 14879 ||| Stepping ~*~*~tactically~*~*~ (outnumbered).
 14881 | Lair:1   | 14881 ||| Stepping ~*~*~tactically~*~*~ (outnumbered).
 14883 | Lair:1   | 14883 ||| Stepping ~*~*~tactically~*~*~ (outnumbered).
 14885 | Lair:1   | 14885 ||| Stepping ~*~*~tactically~*~*~ (outnumbered).
 14887 | Lair:1   | 14887 ||| Stepping ~*~*~tactically~*~*~ (outnumbered).
 14889 | Lair:1   | 14889 ||| Stepping ~*~*~tactically~*~*~ (outnumbered).
 14891 | Lair:1   | 14891 ||| Stepping ~*~*~tactically~*~*~ (outnumbered).
 14893 | Lair:1   | 14893 ||| Stepping ~*~*~tactically~*~*~ (outnumbered).
 14895 | Lair:1   | 14895 ||| Stepping ~*~*~tactically~*~*~ (outnumbered).
 14897 | Lair:1   | 14897 ||| Stepping ~*~*~tactically~*~*~ (outnumbered).
 14899 | Lair:1   | 14899 ||| Stepping ~*~*~tactically~*~*~ (outnumbered).
 14901 | Lair:1   | 14901 ||| Stepping ~*~*~tactically~*~*~ (outnumbered).
 14903 | Lair:1   | 14903 ||| Stepping ~*~*~tactically~*~*~ (outnumbered).
 14905 | Lair:1   | 14905 ||| Stepping ~*~*~tactically~*~*~ (outnumbered).
 14907 | Lair:1   | 14907 ||| Stepping ~*~*~tactically~*~*~ (outnumbered).
 14909 | Lair:1   | 14909 ||| Stepping ~*~*~tactically~*~*~ (outnumbered).
 14911 | Lair:1   | 14911 ||| Stepping ~*~*~tactically~*~*~ (outnumbered).
 14913 | Lair:1   | 14913 ||| Stepping ~*~*~tactically~*~*~ (outnumbered).
 14915 | Lair:1   | 14915 ||| Stepping ~*~*~tactically~*~*~ (outnumbered).
 14917 | Lair:1   | 14917 ||| Stepping ~*~*~tactically~*~*~ (outnumbered).
 14919 | Lair:1   | 14919 ||| Stepping ~*~*~tactically~*~*~ (outnumbered).
 14921 | Lair:1   | 14921 ||| Stepping ~*~*~tactically~*~*~ (outnumbered).
 14923 | Lair:1   | 14923 ||| Stepping ~*~*~tactically~*~*~ (outnumbered).
 14925 | Lair:1   | 14925 ||| Stepping ~*~*~tactically~*~*~ (outnumbered).
 14927 | Lair:1   | 14927 ||| Stepping ~*~*~tactically~*~*~ (outnumbered).
 14929 | Lair:1   | 14929 ||| Stepping ~*~*~tactically~*~*~ (outnumbered).
 14931 | Lair:1   | 14931 ||| Stepping ~*~*~tactically~*~*~ (outnumbered).
 14933 | Lair:1   | 14933 ||| Stepping ~*~*~tactically~*~*~ (outnumbered).
 14935 | Lair:1   | 14935 ||| Stepping ~*~*~tactically~*~*~ (outnumbered).
 14937 | Lair:1   | 14937 ||| Stepping ~*~*~tactically~*~*~ (outnumbered).
 14939 | Lair:1   | 14939 ||| Stepping ~*~*~tactically~*~*~ (outnumbered).
 14941 | Lair:1   | 14941 ||| Stepping ~*~*~tactically~*~*~ (outnumbered).
 14943 | Lair:1   | 14943 ||| Stepping ~*~*~tactically~*~*~ (outnumbered).
 14945 | Lair:1   | 14945 ||| Stepping ~*~*~tactically~*~*~ (outnumbered).
 14947 | Lair:1   | 14947 ||| Stepping ~*~*~tactically~*~*~ (outnumbered).
 14949 | Lair:1   | 14949 ||| Stepping ~*~*~tactically~*~*~ (outnumbered).
 14951 | Lair:1   | 14951 ||| Stepping ~*~*~tactically~*~*~ (outnumbered).
 14953 | Lair:1   | 14953 ||| Stepping ~*~*~tactically~*~*~ (outnumbered).
 14955 | Lair:1   | 14955 ||| Stepping ~*~*~tactically~*~*~ (outnumbered).
 14957 | Lair:1   | 14957 ||| Stepping ~*~*~tactically~*~*~ (outnumbered).
 14959 | Lair:1   | 14959 ||| Stepping ~*~*~tactically~*~*~ (outnumbered).
 14961 | Lair:1   | 14961 ||| Stepping ~*~*~tactically~*~*~ (outnumbered).
 14963 | Lair:1   | 14963 ||| Stepping ~*~*~tactically~*~*~ (outnumbered).
 14965 | Lair:1   | 14965 ||| Stepping ~*~*~tactically~*~*~ (outnumbered).
 14967 | Lair:1   | 14967 ||| Stepping ~*~*~tactically~*~*~ (outnumbered).
 14969 | Lair:1   | 14969 ||| Stepping ~*~*~tactically~*~*~ (outnumbered).
 14971 | Lair:1   | 14971 ||| Stepping ~*~*~tactically~*~*~ (outnumbered).
 14973 | Lair:1   | 14973 ||| Stepping ~*~*~tactically~*~*~ (outnumbered).
 14975 | Lair:1   | 14975 ||| Stepping ~*~*~tactically~*~*~ (outnumbered).
 14977 | Lair:1   | 14977 ||| Stepping ~*~*~tactically~*~*~ (outnumbered).
 14979 | Lair:1   | 14979 ||| Stepping ~*~*~tactically~*~*~ (outnumbered).
 14981 | Lair:1   | 14981 ||| Stepping ~*~*~tactically~*~*~ (outnumbered).
 14983 | Lair:1   | 14983 ||| Stepping ~*~*~tactically~*~*~ (outnumbered).
 14985 | Lair:1   | 14985 ||| Stepping ~*~*~tactically~*~*~ (outnumbered).
 14987 | Lair:1   | 14987 ||| Stepping ~*~*~tactically~*~*~ (outnumbered).
 14989 | Lair:1   | 14989 ||| Stepping ~*~*~tactically~*~*~ (outnumbered).
 14991 | Lair:1   | 14991 ||| Stepping ~*~*~tactically~*~*~ (outnumbered).
 14993 | Lair:1   | 14993 ||| Stepping ~*~*~tactically~*~*~ (outnumbered).
 14995 | Lair:1   | 14995 ||| Stepping ~*~*~tactically~*~*~ (outnumbered).
 14997 | Lair:1   | 14997 ||| Stepping ~*~*~tactically~*~*~ (outnumbered).
 14999 | Lair:1   | 14999 ||| Stepping ~*~*~tactically~*~*~ (outnumbered).
 15001 | Lair:1   | 15001 ||| Stepping ~*~*~tactically~*~*~ (outnumbered).
 15003 | Lair:1   | 15003 ||| Stepping ~*~*~tactically~*~*~ (outnumbered).
 15005 | Lair:1   | 15005 ||| Stepping ~*~*~tactically~*~*~ (outnumbered).
 15007 | Lair:1   | 15007 ||| Stepping ~*~*~tactically~*~*~ (outnumbered).
 15009 | Lair:1   | 15009 ||| Stepping ~*~*~tactically~*~*~ (outnumbered).
 15011 | Lair:1   | 15011 ||| Stepping ~*~*~tactically~*~*~ (outnumbered).
 15013 | Lair:1   | 15013 ||| Stepping ~*~*~tactically~*~*~ (outnumbered).
 15015 | Lair:1   | 15015 ||| Stepping ~*~*~tactically~*~*~ (outnumbered).
 15017 | Lair:1   | 15017 ||| Stepping ~*~*~tactically~*~*~ (outnumbered).
 15019 | Lair:1   | 15019 ||| Stepping ~*~*~tactically~*~*~ (outnumbered).
 15021 | Lair:1   | 15021 ||| Stepping ~*~*~tactically~*~*~ (outnumbered).
 15023 | Lair:1   | 15023 ||| Stepping ~*~*~tactically~*~*~ (outnumbered).
 15025 | Lair:1   | 15025 ||| Stepping ~*~*~tactically~*~*~ (outnumbered).
 15027 | Lair:1   | 15027 ||| Stepping ~*~*~tactically~*~*~ (outnumbered).
 15029 | Lair:1   | 15029 ||| Stepping ~*~*~tactically~*~*~ (outnumbered).
 15031 | Lair:1   | 15031 ||| Stepping ~*~*~tactically~*~*~ (outnumbered).
 15033 | Lair:1   | 15033 ||| Stepping ~*~*~tactically~*~*~ (outnumbered).
 15035 | Lair:1   | 15035 ||| Stepping ~*~*~tactically~*~*~ (outnumbered).
 15037 | Lair:1   | 15037 ||| Stepping ~*~*~tactically~*~*~ (outnumbered).
 15039 | Lair:1   | 15039 ||| Stepping ~*~*~tactically~*~*~ (outnumbered).
 15041 | Lair:1   | 15041 ||| Stepping ~*~*~tactically~*~*~ (outnumbered).
 15043 | Lair:1   | 15043 ||| Stepping ~*~*~tactically~*~*~ (outnumbered).
 15045 | Lair:1   | 15045 ||| Stepping ~*~*~tactically~*~*~ (outnumbered).
 15047 | Lair:1   | 15047 ||| Stepping ~*~*~tactically~*~*~ (outnumbered).
 15049 | Lair:1   | 15049 ||| Stepping ~*~*~tactically~*~*~ (outnumbered).
 15051 | Lair:1   | 15051 ||| Stepping ~*~*~tactically~*~*~ (outnumbered).
 15053 | Lair:1   | 15053 ||| Stepping ~*~*~tactically~*~*~ (outnumbered).
 15055 | Lair:1   | 15055 ||| Stepping ~*~*~tactically~*~*~ (outnumbered).
 15057 | Lair:1   | 15057 ||| Stepping ~*~*~tactically~*~*~ (outnumbered).
 15059 | Lair:1   | 15059 ||| Stepping ~*~*~tactically~*~*~ (outnumbered).
 15061 | Lair:1   | 15061 ||| Stepping ~*~*~tactically~*~*~ (outnumbered).
 15063 | Lair:1   | 15063 ||| Stepping ~*~*~tactically~*~*~ (outnumbered).
 15065 | Lair:1   | 15065 ||| Stepping ~*~*~tactically~*~*~ (outnumbered).
 15067 | Lair:1   | 15067 ||| Stepping ~*~*~tactically~*~*~ (outnumbered).
 15069 | Lair:1   | 15069 ||| Stepping ~*~*~tactically~*~*~ (outnumbered).
 15071 | Lair:1   | 15071 ||| Stepping ~*~*~tactically~*~*~ (outnumbered).
 15073 | Lair:1   | 15073 ||| Stepping ~*~*~tactically~*~*~ (outnumbered).
 15075 | Lair:1   | 15075 ||| Stepping ~*~*~tactically~*~*~ (outnumbered).
 15077 | Lair:1   | 15077 ||| Stepping ~*~*~tactically~*~*~ (outnumbered).
 15079 | Lair:1   | 15079 ||| Stepping ~*~*~tactically~*~*~ (outnumbered).
 15081 | Lair:1   | 15081 ||| Stepping ~*~*~tactically~*~*~ (outnumbered).
 15083 | Lair:1   | 15083 ||| Stepping ~*~*~tactically~*~*~ (outnumbered).
 15085 | Lair:1   | 15085 ||| Stepping ~*~*~tactically~*~*~ (outnumbered).
 15087 | Lair:1   | 15087 ||| Stepping ~*~*~tactically~*~*~ (outnumbered).
 15089 | Lair:1   | 15089 ||| Stepping ~*~*~tactically~*~*~ (outnumbered).
 15091 | Lair:1   | 15091 ||| Stepping ~*~*~tactically~*~*~ (outnumbered).
 15093 | Lair:1   | 15093 ||| Stepping ~*~*~tactically~*~*~ (outnumbered).
 15095 | Lair:1   | 15095 ||| Stepping ~*~*~tactically~*~*~ (outnumbered).
 15097 | Lair:1   | 15097 ||| Stepping ~*~*~tactically~*~*~ (outnumbered).
 15099 | Lair:1   | 15099 ||| Stepping ~*~*~tactically~*~*~ (outnumbered).
 15101 | Lair:1   | 15101 ||| Stepping ~*~*~tactically~*~*~ (outnumbered).
 15103 | Lair:1   | 15103 ||| Stepping ~*~*~tactically~*~*~ (outnumbered).
 15105 | Lair:1   | 15105 ||| Stepping ~*~*~tactically~*~*~ (outnumbered).
 15107 | Lair:1   | 15107 ||| Stepping ~*~*~tactically~*~*~ (outnumbered).
 15109 | Lair:1   | 15109 ||| Stepping ~*~*~tactically~*~*~ (outnumbered).
 15111 | Lair:1   | 15111 ||| Stepping ~*~*~tactically~*~*~ (outnumbered).
 15113 | Lair:1   | 15113 ||| Stepping ~*~*~tactically~*~*~ (outnumbered).
 15115 | Lair:1   | 15115 ||| Stepping ~*~*~tactically~*~*~ (outnumbered).
 15117 | Lair:1   | 15117 ||| Stepping ~*~*~tactically~*~*~ (outnumbered).
 15119 | Lair:1   | 15119 ||| Stepping ~*~*~tactically~*~*~ (outnumbered).
 15121 | Lair:1   | 15121 ||| Stepping ~*~*~tactically~*~*~ (outnumbered).
 15123 | Lair:1   | 15123 ||| Stepping ~*~*~tactically~*~*~ (outnumbered).
 15125 | Lair:1   | 15125 ||| Stepping ~*~*~tactically~*~*~ (outnumbered).
 15127 | Lair:1   | 15127 ||| Stepping ~*~*~tactically~*~*~ (outnumbered).
 15129 | Lair:1   | 15129 ||| Stepping ~*~*~tactically~*~*~ (outnumbered).
 15131 | Lair:1   | 15131 ||| Stepping ~*~*~tactically~*~*~ (outnumbered).
 15133 | Lair:1   | 15133 ||| Stepping ~*~*~tactically~*~*~ (outnumbered).
 15135 | Lair:1   | 15135 ||| Stepping ~*~*~tactically~*~*~ (outnumbered).
 15137 | Lair:1   | 15137 ||| Stepping ~*~*~tactically~*~*~ (outnumbered).
 15139 | Lair:1   | 15139 ||| Stepping ~*~*~tactically~*~*~ (outnumbered).
 15141 | Lair:1   | 15141 ||| Stepping ~*~*~tactically~*~*~ (outnumbered).
 15143 | Lair:1   | 15143 ||| Stepping ~*~*~tactically~*~*~ (outnumbered).
 15145 | Lair:1   | 15145 ||| Stepping ~*~*~tactically~*~*~ (outnumbered).
 15147 | Lair:1   | 15147 ||| Stepping ~*~*~tactically~*~*~ (outnumbered).
 15149 | Lair:1   | 15149 ||| Stepping ~*~*~tactically~*~*~ (outnumbered).
 15151 | Lair:1   | 15151 ||| Stepping ~*~*~tactically~*~*~ (outnumbered).
 15153 | Lair:1   | 15153 ||| Stepping ~*~*~tactically~*~*~ (outnumbered).
 15155 | Lair:1   | 15155 ||| Stepping ~*~*~tactically~*~*~ (outnumbered).
 15157 | Lair:1   | 15157 ||| Stepping ~*~*~tactically~*~*~ (outnumbered).
 15159 | Lair:1   | 15159 ||| Stepping ~*~*~tactically~*~*~ (outnumbered).
 15161 | Lair:1   | 15161 ||| Stepping ~*~*~tactically~*~*~ (outnumbered).
 15163 | Lair:1   | 15163 ||| Stepping ~*~*~tactically~*~*~ (outnumbered).
 15165 | Lair:1   | 15165 ||| Stepping ~*~*~tactically~*~*~ (outnumbered).
 15167 | Lair:1   | 15167 ||| Stepping ~*~*~tactically~*~*~ (outnumbered).
 15169 | Lair:1   | 15169 ||| Stepping ~*~*~tactically~*~*~ (outnumbered).
 15171 | Lair:1   | 15171 ||| Stepping ~*~*~tactically~*~*~ (outnumbered).
 15173 | Lair:1   | 15173 ||| Stepping ~*~*~tactically~*~*~ (outnumbered).
 15175 | Lair:1   | 15175 ||| Stepping ~*~*~tactically~*~*~ (outnumbered).
 15177 | Lair:1   | 15177 ||| Stepping ~*~*~tactically~*~*~ (outnumbered).
 15179 | Lair:1   | 15179 ||| Stepping ~*~*~tactically~*~*~ (outnumbered).
 15181 | Lair:1   | 15181 ||| Stepping ~*~*~tactically~*~*~ (outnumbered).
 15183 | Lair:1   | 15183 ||| Stepping ~*~*~tactically~*~*~ (outnumbered).
 15185 | Lair:1   | 15185 ||| Stepping ~*~*~tactically~*~*~ (outnumbered).
 15187 | Lair:1   | 15187 ||| Stepping ~*~*~tactically~*~*~ (outnumbered).
 15189 | Lair:1   | 15189 ||| Stepping ~*~*~tactically~*~*~ (outnumbered).
 15191 | Lair:1   | 15191 ||| Stepping ~*~*~tactically~*~*~ (outnumbered).
 15193 | Lair:1   | 15193 ||| Stepping ~*~*~tactically~*~*~ (outnumbered).
 15195 | Lair:1   | 15195 ||| Stepping ~*~*~tactically~*~*~ (outnumbered).
 15197 | Lair:1   | 15197 ||| Stepping ~*~*~tactically~*~*~ (outnumbered).
 15199 | Lair:1   | 15199 ||| Stepping ~*~*~tactically~*~*~ (outnumbered).
 15201 | Lair:1   | 15201 ||| Stepping ~*~*~tactically~*~*~ (outnumbered).
 15203 | Lair:1   | 15203 ||| Stepping ~*~*~tactically~*~*~ (outnumbered).
 15205 | Lair:1   | 15205 ||| Stepping ~*~*~tactically~*~*~ (outnumbered).
 15207 | Lair:1   | 15207 ||| Stepping ~*~*~tactically~*~*~ (outnumbered).
 15209 | Lair:1   | 15209 ||| Stepping ~*~*~tactically~*~*~ (outnumbered).
 15211 | Lair:1   | 15211 ||| Stepping ~*~*~tactically~*~*~ (outnumbered).
 15213 | Lair:1   | 15213 ||| Stepping ~*~*~tactically~*~*~ (outnumbered).
 15215 | Lair:1   | 15215 ||| Stepping ~*~*~tactically~*~*~ (outnumbered).
 15217 | Lair:1   | 15217 ||| Stepping ~*~*~tactically~*~*~ (outnumbered).
 15219 | Lair:1   | 15219 ||| Stepping ~*~*~tactically~*~*~ (outnumbered).
 15221 | Lair:1   | 15221 ||| Stepping ~*~*~tactically~*~*~ (outnumbered).
 15223 | Lair:1   | 15223 ||| Stepping ~*~*~tactically~*~*~ (outnumbered).
 15225 | Lair:1   | 15225 ||| Stepping ~*~*~tactically~*~*~ (outnumbered).
 15227 | Lair:1   | 15227 ||| Stepping ~*~*~tactically~*~*~ (outnumbered).
 15229 | Lair:1   | 15229 ||| Stepping ~*~*~tactically~*~*~ (outnumbered).
 15231 | Lair:1   | 15231 ||| Stepping ~*~*~tactically~*~*~ (outnumbered).
 15233 | Lair:1   | 15233 ||| Stepping ~*~*~tactically~*~*~ (outnumbered).
 15235 | Lair:1   | 15235 ||| Stepping ~*~*~tactically~*~*~ (outnumbered).
 15237 | Lair:1   | 15237 ||| Stepping ~*~*~tactically~*~*~ (outnumbered).
 15239 | Lair:1   | 15239 ||| Stepping ~*~*~tactically~*~*~ (outnumbered).
 15241 | Lair:1   | 15241 ||| Stepping ~*~*~tactically~*~*~ (outnumbered).
 15243 | Lair:1   | 15243 ||| Stepping ~*~*~tactically~*~*~ (outnumbered).
 15245 | Lair:1   | 15245 ||| Stepping ~*~*~tactically~*~*~ (outnumbered).
 15247 | Lair:1   | 15247 ||| Stepping ~*~*~tactically~*~*~ (outnumbered).
 15249 | Lair:1   | 15249 ||| Stepping ~*~*~tactically~*~*~ (outnumbered).
 15251 | Lair:1   | 15251 ||| Stepping ~*~*~tactically~*~*~ (outnumbered).
 15253 | Lair:1   | 15253 ||| Stepping ~*~*~tactically~*~*~ (outnumbered).
 15255 | Lair:1   | 15255 ||| Stepping ~*~*~tactically~*~*~ (outnumbered).
 15257 | Lair:1   | 15257 ||| Stepping ~*~*~tactically~*~*~ (outnumbered).
 15259 | Lair:1   | 15259 ||| Stepping ~*~*~tactically~*~*~ (outnumbered).
 15261 | Lair:1   | 15261 ||| Stepping ~*~*~tactically~*~*~ (outnumbered).
 15263 | Lair:1   | 15263 ||| Stepping ~*~*~tactically~*~*~ (outnumbered).
 15265 | Lair:1   | 15265 ||| Stepping ~*~*~tactically~*~*~ (outnumbered).
 15267 | Lair:1   | 15267 ||| Stepping ~*~*~tactically~*~*~ (outnumbered).
 15269 | Lair:1   | 15269 ||| Stepping ~*~*~tactically~*~*~ (outnumbered).
 15271 | Lair:1   | 15271 ||| Stepping ~*~*~tactically~*~*~ (outnumbered).
 15273 | Lair:1   | 15273 ||| Stepping ~*~*~tactically~*~*~ (outnumbered).
 15275 | Lair:1   | 15275 ||| Stepping ~*~*~tactically~*~*~ (outnumbered).
 15277 | Lair:1   | 15277 ||| Stepping ~*~*~tactically~*~*~ (outnumbered).
 15279 | Lair:1   | 15279 ||| Stepping ~*~*~tactically~*~*~ (outnumbered).
 15281 | Lair:1   | 15281 ||| Stepping ~*~*~tactically~*~*~ (outnumbered).
 15283 | Lair:1   | 15283 ||| Stepping ~*~*~tactically~*~*~ (outnumbered).
 15285 | Lair:1   | 15285 ||| Stepping ~*~*~tactically~*~*~ (outnumbered).
 15287 | Lair:1   | 15287 ||| Stepping ~*~*~tactically~*~*~ (outnumbered).
 15289 | Lair:1   | 15289 ||| Stepping ~*~*~tactically~*~*~ (outnumbered).
 15291 | Lair:1   | 15291 ||| Stepping ~*~*~tactically~*~*~ (outnumbered).
 15293 | Lair:1   | 15293 ||| Stepping ~*~*~tactically~*~*~ (outnumbered).
 15295 | Lair:1   | 15295 ||| Stepping ~*~*~tactically~*~*~ (outnumbered).
 15297 | Lair:1   | 15297 ||| Stepping ~*~*~tactically~*~*~ (outnumbered).
 15297 | Lair:1   | Glimpsed the power of Zot.
 15299 | Lair:1   | 15299 ||| Stepping ~*~*~tactically~*~*~ (outnumbered).
 15301 | Lair:1   | 15301 ||| Stepping ~*~*~tactically~*~*~ (outnumbered).
 15303 | Lair:1   | 15303 ||| Stepping ~*~*~tactically~*~*~ (outnumbered).
 15305 | Lair:1   | 15305 ||| Stepping ~*~*~tactically~*~*~ (outnumbered).
 15307 | Lair:1   | 15307 ||| Stepping ~*~*~tactically~*~*~ (outnumbered).
 15309 | Lair:1   | 15309 ||| Stepping ~*~*~tactically~*~*~ (outnumbered).
 15311 | Lair:1   | 15311 ||| Stepping ~*~*~tactically~*~*~ (outnumbered).
 15313 | Lair:1   | 15313 ||| Stepping ~*~*~tactically~*~*~ (outnumbered).
 15315 | Lair:1   | 15315 ||| Stepping ~*~*~tactically~*~*~ (outnumbered).
 15317 | Lair:1   | 15317 ||| Stepping ~*~*~tactically~*~*~ (outnumbered).
 15319 | Lair:1   | 15319 ||| Stepping ~*~*~tactically~*~*~ (outnumbered).
 15321 | Lair:1   | 15321 ||| Stepping ~*~*~tactically~*~*~ (outnumbered).
 15323 | Lair:1   | 15323 ||| Stepping ~*~*~tactically~*~*~ (outnumbered).
 15325 | Lair:1   | 15325 ||| Stepping ~*~*~tactically~*~*~ (outnumbered).
 15327 | Lair:1   | 15327 ||| Stepping ~*~*~tactically~*~*~ (outnumbered).
 15329 | Lair:1   | 15329 ||| Stepping ~*~*~tactically~*~*~ (outnumbered).
 15331 | Lair:1   | 15331 ||| Stepping ~*~*~tactically~*~*~ (outnumbered).
 15333 | Lair:1   | 15333 ||| Stepping ~*~*~tactically~*~*~ (outnumbered).
 15335 | Lair:1   | 15335 ||| Stepping ~*~*~tactically~*~*~ (outnumbered).
 15337 | Lair:1   | 15337 ||| Stepping ~*~*~tactically~*~*~ (outnumbered).
 15339 | Lair:1   | 15339 ||| Stepping ~*~*~tactically~*~*~ (outnumbered).
 15341 | Lair:1   | 15341 ||| Stepping ~*~*~tactically~*~*~ (outnumbered).
 15343 | Lair:1   | 15343 ||| Stepping ~*~*~tactically~*~*~ (outnumbered).
 15345 | Lair:1   | 15345 ||| Stepping ~*~*~tactically~*~*~ (outnumbered).
 15347 | Lair:1   | 15347 ||| Stepping ~*~*~tactically~*~*~ (outnumbered).
 15349 | Lair:1   | 15349 ||| Stepping ~*~*~tactically~*~*~ (outnumbered).
 15351 | Lair:1   | 15351 ||| Stepping ~*~*~tactically~*~*~ (outnumbered).
 15353 | Lair:1   | 15353 ||| Stepping ~*~*~tactically~*~*~ (outnumbered).
 15355 | Lair:1   | 15355 ||| Stepping ~*~*~tactically~*~*~ (outnumbered).
 15357 | Lair:1   | 15357 ||| Stepping ~*~*~tactically~*~*~ (outnumbered).
 15359 | Lair:1   | 15359 ||| Stepping ~*~*~tactically~*~*~ (outnumbered).
 15361 | Lair:1   | 15361 ||| Stepping ~*~*~tactically~*~*~ (outnumbered).
 15363 | Lair:1   | 15363 ||| Stepping ~*~*~tactically~*~*~ (outnumbered).
 15365 | Lair:1   | 15365 ||| Stepping ~*~*~tactically~*~*~ (outnumbered).
 15367 | Lair:1   | 15367 ||| Stepping ~*~*~tactically~*~*~ (outnumbered).
 15369 | Lair:1   | 15369 ||| Stepping ~*~*~tactically~*~*~ (outnumbered).
 15371 | Lair:1   | 15371 ||| Stepping ~*~*~tactically~*~*~ (outnumbered).
 15373 | Lair:1   | 15373 ||| Stepping ~*~*~tactically~*~*~ (outnumbered).
 15375 | Lair:1   | 15375 ||| Stepping ~*~*~tactically~*~*~ (outnumbered).
 15377 | Lair:1   | 15377 ||| Stepping ~*~*~tactically~*~*~ (outnumbered).
 15379 | Lair:1   | 15379 ||| Stepping ~*~*~tactically~*~*~ (outnumbered).
 15381 | Lair:1   | 15381 ||| Stepping ~*~*~tactically~*~*~ (outnumbered).
 15383 | Lair:1   | 15383 ||| Stepping ~*~*~tactically~*~*~ (outnumbered).
 15385 | Lair:1   | 15385 ||| Stepping ~*~*~tactically~*~*~ (outnumbered).
 15387 | Lair:1   | 15387 ||| Stepping ~*~*~tactically~*~*~ (outnumbered).
 15389 | Lair:1   | 15389 ||| Stepping ~*~*~tactically~*~*~ (outnumbered).
 15391 | Lair:1   | 15391 ||| Stepping ~*~*~tactically~*~*~ (outnumbered).
 15393 | Lair:1   | 15393 ||| Stepping ~*~*~tactically~*~*~ (outnumbered).
 15395 | Lair:1   | 15395 ||| Stepping ~*~*~tactically~*~*~ (outnumbered).
 15397 | Lair:1   | 15397 ||| Stepping ~*~*~tactically~*~*~ (outnumbered).
 15399 | Lair:1   | 15399 ||| Stepping ~*~*~tactically~*~*~ (outnumbered).
 15401 | Lair:1   | 15401 ||| Stepping ~*~*~tactically~*~*~ (outnumbered).
 15403 | Lair:1   | 15403 ||| Stepping ~*~*~tactically~*~*~ (outnumbered).
 15405 | Lair:1   | 15405 ||| Stepping ~*~*~tactically~*~*~ (outnumbered).
 15407 | Lair:1   | 15407 ||| Stepping ~*~*~tactically~*~*~ (outnumbered).
 15409 | Lair:1   | 15409 ||| Stepping ~*~*~tactically~*~*~ (outnumbered).
 15411 | Lair:1   | 15411 ||| Stepping ~*~*~tactically~*~*~ (outnumbered).
 15413 | Lair:1   | 15413 ||| Stepping ~*~*~tactically~*~*~ (outnumbered).
 15415 | Lair:1   | 15415 ||| Stepping ~*~*~tactically~*~*~ (outnumbered).
 15417 | Lair:1   | 15417 ||| Stepping ~*~*~tactically~*~*~ (outnumbered).
 15419 | Lair:1   | 15419 ||| Stepping ~*~*~tactically~*~*~ (outnumbered).
 15421 | Lair:1   | 15421 ||| Stepping ~*~*~tactically~*~*~ (outnumbered).
 15423 | Lair:1   | 15423 ||| Stepping ~*~*~tactically~*~*~ (outnumbered).
 15425 | Lair:1   | 15425 ||| Stepping ~*~*~tactically~*~*~ (outnumbered).
 15427 | Lair:1   | 15427 ||| Stepping ~*~*~tactically~*~*~ (outnumbered).
 15429 | Lair:1   | 15429 ||| Stepping ~*~*~tactically~*~*~ (outnumbered).
 15431 | Lair:1   | 15431 ||| Stepping ~*~*~tactically~*~*~ (outnumbered).
 15433 | Lair:1   | 15433 ||| Stepping ~*~*~tactically~*~*~ (outnumbered).
 15435 | Lair:1   | 15435 ||| Stepping ~*~*~tactically~*~*~ (outnumbered).
 15437 | Lair:1   | 15437 ||| Stepping ~*~*~tactically~*~*~ (outnumbered).
 15439 | Lair:1   | 15439 ||| Stepping ~*~*~tactically~*~*~ (outnumbered).
 15441 | Lair:1   | 15441 ||| Stepping ~*~*~tactically~*~*~ (outnumbered).
 15443 | Lair:1   | 15443 ||| Stepping ~*~*~tactically~*~*~ (outnumbered).
 15445 | Lair:1   | 15445 ||| Stepping ~*~*~tactically~*~*~ (outnumbered).
 15447 | Lair:1   | 15447 ||| Stepping ~*~*~tactically~*~*~ (outnumbered).
 15449 | Lair:1   | 15449 ||| Stepping ~*~*~tactically~*~*~ (outnumbered).
 15451 | Lair:1   | 15451 ||| Stepping ~*~*~tactically~*~*~ (outnumbered).
 15453 | Lair:1   | 15453 ||| Stepping ~*~*~tactically~*~*~ (outnumbered).
 15455 | Lair:1   | 15455 ||| Stepping ~*~*~tactically~*~*~ (outnumbered).
 15457 | Lair:1   | 15457 ||| Stepping ~*~*~tactically~*~*~ (outnumbered).
 15459 | Lair:1   | 15459 ||| Stepping ~*~*~tactically~*~*~ (outnumbered).
 15461 | Lair:1   | 15461 ||| Stepping ~*~*~tactically~*~*~ (outnumbered).
 15463 | Lair:1   | 15463 ||| Stepping ~*~*~tactically~*~*~ (outnumbered).
 15465 | Lair:1   | 15465 ||| Stepping ~*~*~tactically~*~*~ (outnumbered).
 15467 | Lair:1   | 15467 ||| Stepping ~*~*~tactically~*~*~ (outnumbered).
 15469 | Lair:1   | 15469 ||| Stepping ~*~*~tactically~*~*~ (outnumbered).
 15471 | Lair:1   | 15471 ||| Stepping ~*~*~tactically~*~*~ (outnumbered).
 15473 | Lair:1   | 15473 ||| Stepping ~*~*~tactically~*~*~ (outnumbered).
 15475 | Lair:1   | 15475 ||| Stepping ~*~*~tactically~*~*~ (outnumbered).
 15477 | Lair:1   | 15477 ||| Stepping ~*~*~tactically~*~*~ (outnumbered).
 15479 | Lair:1   | 15479 ||| Stepping ~*~*~tactically~*~*~ (outnumbered).
 15481 | Lair:1   | 15481 ||| Stepping ~*~*~tactically~*~*~ (outnumbered).
 15483 | Lair:1   | 15483 ||| Stepping ~*~*~tactically~*~*~ (outnumbered).
 15485 | Lair:1   | 15485 ||| Stepping ~*~*~tactically~*~*~ (outnumbered).
 15487 | Lair:1   | 15487 ||| Stepping ~*~*~tactically~*~*~ (outnumbered).
 15489 | Lair:1   | 15489 ||| Stepping ~*~*~tactically~*~*~ (outnumbered).
 15491 | Lair:1   | 15491 ||| Stepping ~*~*~tactically~*~*~ (outnumbered).
 15493 | Lair:1   | 15493 ||| Stepping ~*~*~tactically~*~*~ (outnumbered).
 15495 | Lair:1   | 15495 ||| Stepping ~*~*~tactically~*~*~ (outnumbered).
 15497 | Lair:1   | 15497 ||| Stepping ~*~*~tactically~*~*~ (outnumbered).
 15499 | Lair:1   | 15499 ||| Stepping ~*~*~tactically~*~*~ (outnumbered).
 15501 | Lair:1   | 15501 ||| Stepping ~*~*~tactically~*~*~ (outnumbered).
 15503 | Lair:1   | 15503 ||| Stepping ~*~*~tactically~*~*~ (outnumbered).
 15505 | Lair:1   | 15505 ||| Stepping ~*~*~tactically~*~*~ (outnumbered).
 15507 | Lair:1   | 15507 ||| Stepping ~*~*~tactically~*~*~ (outnumbered).
 15509 | Lair:1   | 15509 ||| Stepping ~*~*~tactically~*~*~ (outnumbered).
 15511 | Lair:1   | 15511 ||| Stepping ~*~*~tactically~*~*~ (outnumbered).
 15513 | Lair:1   | 15513 ||| Stepping ~*~*~tactically~*~*~ (outnumbered).
 15515 | Lair:1   | 15515 ||| Stepping ~*~*~tactically~*~*~ (outnumbered).
 15517 | Lair:1   | 15517 ||| Stepping ~*~*~tactically~*~*~ (outnumbered).
 15519 | Lair:1   | 15519 ||| Stepping ~*~*~tactically~*~*~ (outnumbered).
 15521 | Lair:1   | 15521 ||| Stepping ~*~*~tactically~*~*~ (outnumbered).
 15523 | Lair:1   | 15523 ||| Stepping ~*~*~tactically~*~*~ (outnumbered).
 15525 | Lair:1   | 15525 ||| Stepping ~*~*~tactically~*~*~ (outnumbered).
 15527 | Lair:1   | 15527 ||| Stepping ~*~*~tactically~*~*~ (outnumbered).
 15529 | Lair:1   | 15529 ||| Stepping ~*~*~tactically~*~*~ (outnumbered).
 15531 | Lair:1   | 15531 ||| Stepping ~*~*~tactically~*~*~ (outnumbered).
 15533 | Lair:1   | 15533 ||| Stepping ~*~*~tactically~*~*~ (outnumbered).
 15535 | Lair:1   | 15535 ||| Stepping ~*~*~tactically~*~*~ (outnumbered).
 15537 | Lair:1   | 15537 ||| Stepping ~*~*~tactically~*~*~ (outnumbered).
 15539 | Lair:1   | 15539 ||| Stepping ~*~*~tactically~*~*~ (outnumbered).
 15541 | Lair:1   | 15541 ||| Stepping ~*~*~tactically~*~*~ (outnumbered).
 15543 | Lair:1   | 15543 ||| Stepping ~*~*~tactically~*~*~ (outnumbered).
 15545 | Lair:1   | 15545 ||| Stepping ~*~*~tactically~*~*~ (outnumbered).
 15547 | Lair:1   | 15547 ||| Stepping ~*~*~tactically~*~*~ (outnumbered).
 15549 | Lair:1   | 15549 ||| Stepping ~*~*~tactically~*~*~ (outnumbered).
 15551 | Lair:1   | 15551 ||| Stepping ~*~*~tactically~*~*~ (outnumbered).
 15553 | Lair:1   | 15553 ||| Stepping ~*~*~tactically~*~*~ (outnumbered).
 15555 | Lair:1   | 15555 ||| Stepping ~*~*~tactically~*~*~ (outnumbered).
 15557 | Lair:1   | 15557 ||| Stepping ~*~*~tactically~*~*~ (outnumbered).
 15559 | Lair:1   | 15559 ||| Stepping ~*~*~tactically~*~*~ (outnumbered).
 15561 | Lair:1   | 15561 ||| Stepping ~*~*~tactically~*~*~ (outnumbered).
 15563 | Lair:1   | 15563 ||| Stepping ~*~*~tactically~*~*~ (outnumbered).
 15565 | Lair:1   | 15565 ||| Stepping ~*~*~tactically~*~*~ (outnumbered).
 15567 | Lair:1   | 15567 ||| Stepping ~*~*~tactically~*~*~ (outnumbered).
 15569 | Lair:1   | 15569 ||| Stepping ~*~*~tactically~*~*~ (outnumbered).
 15571 | Lair:1   | 15571 ||| Stepping ~*~*~tactically~*~*~ (outnumbered).
 15573 | Lair:1   | 15573 ||| Stepping ~*~*~tactically~*~*~ (outnumbered).
 15575 | Lair:1   | 15575 ||| Stepping ~*~*~tactically~*~*~ (outnumbered).
 15577 | Lair:1   | 15577 ||| Stepping ~*~*~tactically~*~*~ (outnumbered).
 15579 | Lair:1   | 15579 ||| Stepping ~*~*~tactically~*~*~ (outnumbered).
 15581 | Lair:1   | 15581 ||| Stepping ~*~*~tactically~*~*~ (outnumbered).
 15583 | Lair:1   | 15583 ||| Stepping ~*~*~tactically~*~*~ (outnumbered).
 15585 | Lair:1   | 15585 ||| Stepping ~*~*~tactically~*~*~ (outnumbered).
 15587 | Lair:1   | 15587 ||| Stepping ~*~*~tactically~*~*~ (outnumbered).
 15589 | Lair:1   | 15589 ||| Stepping ~*~*~tactically~*~*~ (outnumbered).
 15591 | Lair:1   | 15591 ||| Stepping ~*~*~tactically~*~*~ (outnumbered).
 15593 | Lair:1   | 15593 ||| Stepping ~*~*~tactically~*~*~ (outnumbered).
 15595 | Lair:1   | 15595 ||| Stepping ~*~*~tactically~*~*~ (outnumbered).
 15597 | Lair:1   | 15597 ||| Stepping ~*~*~tactically~*~*~ (outnumbered).
 15599 | Lair:1   | 15599 ||| Stepping ~*~*~tactically~*~*~ (outnumbered).
 15601 | Lair:1   | 15601 ||| Stepping ~*~*~tactically~*~*~ (outnumbered).
 15603 | Lair:1   | 15603 ||| Stepping ~*~*~tactically~*~*~ (outnumbered).
 15605 | Lair:1   | 15605 ||| Stepping ~*~*~tactically~*~*~ (outnumbered).
 15607 | Lair:1   | 15607 ||| Stepping ~*~*~tactically~*~*~ (outnumbered).
 15609 | Lair:1   | 15609 ||| Stepping ~*~*~tactically~*~*~ (outnumbered).
 15611 | Lair:1   | 15611 ||| Stepping ~*~*~tactically~*~*~ (outnumbered).
 15613 | Lair:1   | 15613 ||| Stepping ~*~*~tactically~*~*~ (outnumbered).
 15615 | Lair:1   | 15615 ||| Stepping ~*~*~tactically~*~*~ (outnumbered).
 15617 | Lair:1   | 15617 ||| Stepping ~*~*~tactically~*~*~ (outnumbered).
 15619 | Lair:1   | 15619 ||| Stepping ~*~*~tactically~*~*~ (outnumbered).
 15621 | Lair:1   | 15621 ||| Stepping ~*~*~tactically~*~*~ (outnumbered).
 15623 | Lair:1   | 15623 ||| Stepping ~*~*~tactically~*~*~ (outnumbered).
 15625 | Lair:1   | 15625 ||| Stepping ~*~*~tactically~*~*~ (outnumbered).
 15627 | Lair:1   | 15627 ||| Stepping ~*~*~tactically~*~*~ (outnumbered).
 15629 | Lair:1   | 15629 ||| Stepping ~*~*~tactically~*~*~ (outnumbered).
 15631 | Lair:1   | 15631 ||| Stepping ~*~*~tactically~*~*~ (outnumbered).
 15633 | Lair:1   | 15633 ||| Stepping ~*~*~tactically~*~*~ (outnumbered).
 15635 | Lair:1   | 15635 ||| Stepping ~*~*~tactically~*~*~ (outnumbered).
 15637 | Lair:1   | 15637 ||| Stepping ~*~*~tactically~*~*~ (outnumbered).
 15639 | Lair:1   | 15639 ||| Stepping ~*~*~tactically~*~*~ (outnumbered).
 15641 | Lair:1   | 15641 ||| Stepping ~*~*~tactically~*~*~ (outnumbered).
 15643 | Lair:1   | 15643 ||| Stepping ~*~*~tactically~*~*~ (outnumbered).
 15645 | Lair:1   | 15645 ||| Stepping ~*~*~tactically~*~*~ (outnumbered).
 15647 | Lair:1   | 15647 ||| Stepping ~*~*~tactically~*~*~ (outnumbered).
 15649 | Lair:1   | 15649 ||| Stepping ~*~*~tactically~*~*~ (outnumbered).
 15651 | Lair:1   | 15651 ||| Stepping ~*~*~tactically~*~*~ (outnumbered).
 15653 | Lair:1   | 15653 ||| Stepping ~*~*~tactically~*~*~ (outnumbered).
 15655 | Lair:1   | 15655 ||| Stepping ~*~*~tactically~*~*~ (outnumbered).
 15657 | Lair:1   | 15657 ||| Stepping ~*~*~tactically~*~*~ (outnumbered).
 15659 | Lair:1   | 15659 ||| Stepping ~*~*~tactically~*~*~ (outnumbered).
 15661 | Lair:1   | 15661 ||| Stepping ~*~*~tactically~*~*~ (outnumbered).
 15663 | Lair:1   | 15663 ||| Stepping ~*~*~tactically~*~*~ (outnumbered).
 15665 | Lair:1   | 15665 ||| Stepping ~*~*~tactically~*~*~ (outnumbered).
 15667 | Lair:1   | 15667 ||| Stepping ~*~*~tactically~*~*~ (outnumbered).
 15669 | Lair:1   | 15669 ||| Stepping ~*~*~tactically~*~*~ (outnumbered).
 15671 | Lair:1   | 15671 ||| Stepping ~*~*~tactically~*~*~ (outnumbered).
 15673 | Lair:1   | 15673 ||| Stepping ~*~*~tactically~*~*~ (outnumbered).
 15675 | Lair:1   | 15675 ||| Stepping ~*~*~tactically~*~*~ (outnumbered).
 15677 | Lair:1   | 15677 ||| Stepping ~*~*~tactically~*~*~ (outnumbered).
 15679 | Lair:1   | 15679 ||| Stepping ~*~*~tactically~*~*~ (outnumbered).
 15681 | Lair:1   | 15681 ||| Stepping ~*~*~tactically~*~*~ (outnumbered).
 15683 | Lair:1   | 15683 ||| Stepping ~*~*~tactically~*~*~ (outnumbered).
 15685 | Lair:1   | 15685 ||| Stepping ~*~*~tactically~*~*~ (outnumbered).
 15687 | Lair:1   | 15687 ||| Stepping ~*~*~tactically~*~*~ (outnumbered).
 15689 | Lair:1   | 15689 ||| Stepping ~*~*~tactically~*~*~ (outnumbered).
 15691 | Lair:1   | 15691 ||| Stepping ~*~*~tactically~*~*~ (outnumbered).
 15693 | Lair:1   | 15693 ||| Stepping ~*~*~tactically~*~*~ (outnumbered).
 15695 | Lair:1   | 15695 ||| Stepping ~*~*~tactically~*~*~ (outnumbered).
 15697 | Lair:1   | 15697 ||| Stepping ~*~*~tactically~*~*~ (outnumbered).
 15697 | Lair:1   | Glimpsed the power of Zot.
 15699 | Lair:1   | 15699 ||| Stepping ~*~*~tactically~*~*~ (outnumbered).
 15701 | Lair:1   | 15701 ||| Stepping ~*~*~tactically~*~*~ (outnumbered).
 15703 | Lair:1   | 15703 ||| Stepping ~*~*~tactically~*~*~ (outnumbered).
 15705 | Lair:1   | 15705 ||| Stepping ~*~*~tactically~*~*~ (outnumbered).
 15707 | Lair:1   | 15707 ||| Stepping ~*~*~tactically~*~*~ (outnumbered).
 15709 | Lair:1   | 15709 ||| Stepping ~*~*~tactically~*~*~ (outnumbered).
 15711 | Lair:1   | 15711 ||| Stepping ~*~*~tactically~*~*~ (outnumbered).
 15713 | Lair:1   | 15713 ||| Stepping ~*~*~tactically~*~*~ (outnumbered).
 15715 | Lair:1   | 15715 ||| Stepping ~*~*~tactically~*~*~ (outnumbered).
 15717 | Lair:1   | 15717 ||| Stepping ~*~*~tactically~*~*~ (outnumbered).
 15719 | Lair:1   | 15719 ||| Stepping ~*~*~tactically~*~*~ (outnumbered).
 15721 | Lair:1   | 15721 ||| Stepping ~*~*~tactically~*~*~ (outnumbered).
 15723 | Lair:1   | 15723 ||| Stepping ~*~*~tactically~*~*~ (outnumbered).
 15725 | Lair:1   | 15725 ||| Stepping ~*~*~tactically~*~*~ (outnumbered).
 15727 | Lair:1   | 15727 ||| Stepping ~*~*~tactically~*~*~ (outnumbered).
 15729 | Lair:1   | 15729 ||| Stepping ~*~*~tactically~*~*~ (outnumbered).
 15731 | Lair:1   | 15731 ||| Stepping ~*~*~tactically~*~*~ (outnumbered).
 15733 | Lair:1   | 15733 ||| Stepping ~*~*~tactically~*~*~ (outnumbered).
 15735 | Lair:1   | 15735 ||| Stepping ~*~*~tactically~*~*~ (outnumbered).
 15737 | Lair:1   | 15737 ||| Stepping ~*~*~tactically~*~*~ (outnumbered).
 15739 | Lair:1   | 15739 ||| Stepping ~*~*~tactically~*~*~ (outnumbered).
 15741 | Lair:1   | 15741 ||| Stepping ~*~*~tactically~*~*~ (outnumbered).
 15743 | Lair:1   | 15743 ||| Stepping ~*~*~tactically~*~*~ (outnumbered).
 15745 | Lair:1   | 15745 ||| Stepping ~*~*~tactically~*~*~ (outnumbered).
 15747 | Lair:1   | 15747 ||| Stepping ~*~*~tactically~*~*~ (outnumbered).
 15749 | Lair:1   | 15749 ||| Stepping ~*~*~tactically~*~*~ (outnumbered).
 15751 | Lair:1   | 15751 ||| Stepping ~*~*~tactically~*~*~ (outnumbered).
 15753 | Lair:1   | 15753 ||| Stepping ~*~*~tactically~*~*~ (outnumbered).
 15755 | Lair:1   | 15755 ||| Stepping ~*~*~tactically~*~*~ (outnumbered).
 15757 | Lair:1   | 15757 ||| Stepping ~*~*~tactically~*~*~ (outnumbered).
 15759 | Lair:1   | 15759 ||| Stepping ~*~*~tactically~*~*~ (outnumbered).
 15761 | Lair:1   | 15761 ||| Stepping ~*~*~tactically~*~*~ (outnumbered).
 15763 | Lair:1   | 15763 ||| Stepping ~*~*~tactically~*~*~ (outnumbered).
 15765 | Lair:1   | 15765 ||| Stepping ~*~*~tactically~*~*~ (outnumbered).
 15767 | Lair:1   | 15767 ||| Stepping ~*~*~tactically~*~*~ (outnumbered).
 15769 | Lair:1   | 15769 ||| Stepping ~*~*~tactically~*~*~ (outnumbered).
 15771 | Lair:1   | 15771 ||| Stepping ~*~*~tactically~*~*~ (outnumbered).
 15773 | Lair:1   | 15773 ||| Stepping ~*~*~tactically~*~*~ (outnumbered).
 15775 | Lair:1   | 15775 ||| Stepping ~*~*~tactically~*~*~ (outnumbered).
 15777 | Lair:1   | 15777 ||| Stepping ~*~*~tactically~*~*~ (outnumbered).
 15779 | Lair:1   | 15779 ||| Stepping ~*~*~tactically~*~*~ (outnumbered).
 15781 | Lair:1   | 15781 ||| Stepping ~*~*~tactically~*~*~ (outnumbered).
 15783 | Lair:1   | 15783 ||| Stepping ~*~*~tactically~*~*~ (outnumbered).
 15785 | Lair:1   | 15785 ||| Stepping ~*~*~tactically~*~*~ (outnumbered).
 15787 | Lair:1   | 15787 ||| Stepping ~*~*~tactically~*~*~ (outnumbered).
 15789 | Lair:1   | 15789 ||| Stepping ~*~*~tactically~*~*~ (outnumbered).
 15791 | Lair:1   | 15791 ||| Stepping ~*~*~tactically~*~*~ (outnumbered).
 15793 | Lair:1   | 15793 ||| Stepping ~*~*~tactically~*~*~ (outnumbered).
 15795 | Lair:1   | 15795 ||| Stepping ~*~*~tactically~*~*~ (outnumbered).
 15796 | Lair:1   | Touched by the power of Zot (MHP 46 -> 36)
 15797 | Lair:1   | 15797 ||| Stepping ~*~*~tactically~*~*~ (outnumbered).
 15797 | Lair:1   | Glimpsed the power of Zot.
 15799 | Lair:1   | 15799 ||| Stepping ~*~*~tactically~*~*~ (outnumbered).
 15801 | Lair:1   | 15801 ||| Stepping ~*~*~tactically~*~*~ (outnumbered).
 15803 | Lair:1   | 15803 ||| Stepping ~*~*~tactically~*~*~ (outnumbered).
 15805 | Lair:1   | 15805 ||| Stepping ~*~*~tactically~*~*~ (outnumbered).
 15807 | Lair:1   | 15807 ||| Stepping ~*~*~tactically~*~*~ (outnumbered).
 15809 | Lair:1   | 15809 ||| Stepping ~*~*~tactically~*~*~ (outnumbered).
 15811 | Lair:1   | 15811 ||| Stepping ~*~*~tactically~*~*~ (outnumbered).
 15813 | Lair:1   | 15813 ||| Stepping ~*~*~tactically~*~*~ (outnumbered).
 15815 | Lair:1   | 15815 ||| Stepping ~*~*~tactically~*~*~ (outnumbered).
 15817 | Lair:1   | 15817 ||| Stepping ~*~*~tactically~*~*~ (outnumbered).
 15819 | Lair:1   | 15819 ||| Stepping ~*~*~tactically~*~*~ (outnumbered).
 15821 | Lair:1   | 15821 ||| Stepping ~*~*~tactically~*~*~ (outnumbered).
 15823 | Lair:1   | 15823 ||| Stepping ~*~*~tactically~*~*~ (outnumbered).
 15825 | Lair:1   | 15825 ||| Stepping ~*~*~tactically~*~*~ (outnumbered).
 15827 | Lair:1   | 15827 ||| Stepping ~*~*~tactically~*~*~ (outnumbered).
 15829 | Lair:1   | 15829 ||| Stepping ~*~*~tactically~*~*~ (outnumbered).
 15831 | Lair:1   | 15831 ||| Stepping ~*~*~tactically~*~*~ (outnumbered).
 15833 | Lair:1   | 15833 ||| Stepping ~*~*~tactically~*~*~ (outnumbered).
 15835 | Lair:1   | 15835 ||| Stepping ~*~*~tactically~*~*~ (outnumbered).
 15837 | Lair:1   | 15837 ||| Stepping ~*~*~tactically~*~*~ (outnumbered).
 15839 | Lair:1   | 15839 ||| Stepping ~*~*~tactically~*~*~ (outnumbered).
 15841 | Lair:1   | 15841 ||| Stepping ~*~*~tactically~*~*~ (outnumbered).
 15843 | Lair:1   | 15843 ||| Stepping ~*~*~tactically~*~*~ (outnumbered).
 15845 | Lair:1   | 15845 ||| Stepping ~*~*~tactically~*~*~ (outnumbered).
 15847 | Lair:1   | 15847 ||| Stepping ~*~*~tactically~*~*~ (outnumbered).
 15849 | Lair:1   | 15849 ||| Stepping ~*~*~tactically~*~*~ (outnumbered).
 15851 | Lair:1   | 15851 ||| Stepping ~*~*~tactically~*~*~ (outnumbered).
 15853 | Lair:1   | 15853 ||| Stepping ~*~*~tactically~*~*~ (outnumbered).
 15855 | Lair:1   | 15855 ||| Stepping ~*~*~tactically~*~*~ (outnumbered).
 15857 | Lair:1   | 15857 ||| Stepping ~*~*~tactically~*~*~ (outnumbered).
 15859 | Lair:1   | 15859 ||| Stepping ~*~*~tactically~*~*~ (outnumbered).
 15861 | Lair:1   | 15861 ||| Stepping ~*~*~tactically~*~*~ (outnumbered).
 15863 | Lair:1   | 15863 ||| Stepping ~*~*~tactically~*~*~ (outnumbered).
 15865 | Lair:1   | 15865 ||| Stepping ~*~*~tactically~*~*~ (outnumbered).
 15867 | Lair:1   | 15867 ||| Stepping ~*~*~tactically~*~*~ (outnumbered).
 15869 | Lair:1   | 15869 ||| Stepping ~*~*~tactically~*~*~ (outnumbered).
 15871 | Lair:1   | 15871 ||| Stepping ~*~*~tactically~*~*~ (outnumbered).
 15873 | Lair:1   | 15873 ||| Stepping ~*~*~tactically~*~*~ (outnumbered).
 15875 | Lair:1   | 15875 ||| Stepping ~*~*~tactically~*~*~ (outnumbered).
 15877 | Lair:1   | 15877 ||| Stepping ~*~*~tactically~*~*~ (outnumbered).
 15879 | Lair:1   | 15879 ||| Stepping ~*~*~tactically~*~*~ (outnumbered).
 15881 | Lair:1   | 15881 ||| Stepping ~*~*~tactically~*~*~ (outnumbered).
 15883 | Lair:1   | 15883 ||| Stepping ~*~*~tactically~*~*~ (outnumbered).
 15885 | Lair:1   | 15885 ||| Stepping ~*~*~tactically~*~*~ (outnumbered).
 15887 | Lair:1   | 15887 ||| Stepping ~*~*~tactically~*~*~ (outnumbered).
 15889 | Lair:1   | 15889 ||| Stepping ~*~*~tactically~*~*~ (outnumbered).
 15891 | Lair:1   | 15891 ||| Stepping ~*~*~tactically~*~*~ (outnumbered).
 15893 | Lair:1   | 15893 ||| Stepping ~*~*~tactically~*~*~ (outnumbered).
 15895 | Lair:1   | 15895 ||| Stepping ~*~*~tactically~*~*~ (outnumbered).
 15897 | Lair:1   | 15897 ||| Stepping ~*~*~tactically~*~*~ (outnumbered).
 15899 | Lair:1   | 15899 ||| Stepping ~*~*~tactically~*~*~ (outnumbered).
 15901 | Lair:1   | 15901 ||| Stepping ~*~*~tactically~*~*~ (outnumbered).
 15903 | Lair:1   | 15903 ||| Stepping ~*~*~tactically~*~*~ (outnumbered).
 15905 | Lair:1   | 15905 ||| Stepping ~*~*~tactically~*~*~ (outnumbered).
 15907 | Lair:1   | 15907 ||| Stepping ~*~*~tactically~*~*~ (outnumbered).
 15909 | Lair:1   | 15909 ||| Stepping ~*~*~tactically~*~*~ (outnumbered).
 15911 | Lair:1   | 15911 ||| Stepping ~*~*~tactically~*~*~ (outnumbered).
 15913 | Lair:1   | 15913 ||| Stepping ~*~*~tactically~*~*~ (outnumbered).
 15915 | Lair:1   | 15915 ||| Stepping ~*~*~tactically~*~*~ (outnumbered).
 15917 | Lair:1   | 15917 ||| Stepping ~*~*~tactically~*~*~ (outnumbered).
 15919 | Lair:1   | 15919 ||| Stepping ~*~*~tactically~*~*~ (outnumbered).
 15921 | Lair:1   | 15921 ||| Stepping ~*~*~tactically~*~*~ (outnumbered).
 15923 | Lair:1   | 15923 ||| Stepping ~*~*~tactically~*~*~ (outnumbered).
 15925 | Lair:1   | 15925 ||| Stepping ~*~*~tactically~*~*~ (outnumbered).
 15927 | Lair:1   | 15927 ||| Stepping ~*~*~tactically~*~*~ (outnumbered).
 15929 | Lair:1   | 15929 ||| Stepping ~*~*~tactically~*~*~ (outnumbered).
 15931 | Lair:1   | 15931 ||| Stepping ~*~*~tactically~*~*~ (outnumbered).
 15933 | Lair:1   | 15933 ||| Stepping ~*~*~tactically~*~*~ (outnumbered).
 15935 | Lair:1   | 15935 ||| Stepping ~*~*~tactically~*~*~ (outnumbered).
 15937 | Lair:1   | 15937 ||| Stepping ~*~*~tactically~*~*~ (outnumbered).
 15939 | Lair:1   | 15939 ||| Stepping ~*~*~tactically~*~*~ (outnumbered).
 15941 | Lair:1   | 15941 ||| Stepping ~*~*~tactically~*~*~ (outnumbered).
 15943 | Lair:1   | 15943 ||| Stepping ~*~*~tactically~*~*~ (outnumbered).
 15945 | Lair:1   | 15945 ||| Stepping ~*~*~tactically~*~*~ (outnumbered).
 15947 | Lair:1   | 15947 ||| Stepping ~*~*~tactically~*~*~ (outnumbered).
 15949 | Lair:1   | 15949 ||| Stepping ~*~*~tactically~*~*~ (outnumbered).
 15951 | Lair:1   | 15951 ||| Stepping ~*~*~tactically~*~*~ (outnumbered).
 15953 | Lair:1   | 15953 ||| Stepping ~*~*~tactically~*~*~ (outnumbered).
 15955 | Lair:1   | 15955 ||| Stepping ~*~*~tactically~*~*~ (outnumbered).
 15957 | Lair:1   | 15957 ||| Stepping ~*~*~tactically~*~*~ (outnumbered).
 15959 | Lair:1   | 15959 ||| Stepping ~*~*~tactically~*~*~ (outnumbered).
 15961 | Lair:1   | 15961 ||| Stepping ~*~*~tactically~*~*~ (outnumbered).
 15963 | Lair:1   | 15963 ||| Stepping ~*~*~tactically~*~*~ (outnumbered).
 15965 | Lair:1   | 15965 ||| Stepping ~*~*~tactically~*~*~ (outnumbered).
 15967 | Lair:1   | 15967 ||| Stepping ~*~*~tactically~*~*~ (outnumbered).
 15969 | Lair:1   | 15969 ||| Stepping ~*~*~tactically~*~*~ (outnumbered).
 15971 | Lair:1   | 15971 ||| Stepping ~*~*~tactically~*~*~ (outnumbered).
 15973 | Lair:1   | 15973 ||| Stepping ~*~*~tactically~*~*~ (outnumbered).
 15975 | Lair:1   | 15975 ||| Stepping ~*~*~tactically~*~*~ (outnumbered).
 15977 | Lair:1   | 15977 ||| Stepping ~*~*~tactically~*~*~ (outnumbered).
 15979 | Lair:1   | 15979 ||| Stepping ~*~*~tactically~*~*~ (outnumbered).
 15981 | Lair:1   | 15981 ||| Stepping ~*~*~tactically~*~*~ (outnumbered).
 15983 | Lair:1   | 15983 ||| Stepping ~*~*~tactically~*~*~ (outnumbered).
 15985 | Lair:1   | 15985 ||| Stepping ~*~*~tactically~*~*~ (outnumbered).
 15987 | Lair:1   | 15987 ||| Stepping ~*~*~tactically~*~*~ (outnumbered).
 15989 | Lair:1   | 15989 ||| Stepping ~*~*~tactically~*~*~ (outnumbered).
 15991 | Lair:1   | 15991 ||| Stepping ~*~*~tactically~*~*~ (outnumbered).
 15993 | Lair:1   | 15993 ||| Stepping ~*~*~tactically~*~*~ (outnumbered).
 15995 | Lair:1   | 15995 ||| Stepping ~*~*~tactically~*~*~ (outnumbered).
 15997 | Lair:1   | 15997 ||| Stepping ~*~*~tactically~*~*~ (outnumbered).
 15999 | Lair:1   | 15999 ||| Stepping ~*~*~tactically~*~*~ (outnumbered).
 16001 | Lair:1   | 16001 ||| Stepping ~*~*~tactically~*~*~ (outnumbered).
 16003 | Lair:1   | 16003 ||| Stepping ~*~*~tactically~*~*~ (outnumbered).
 16005 | Lair:1   | 16005 ||| Stepping ~*~*~tactically~*~*~ (outnumbered).
 16007 | Lair:1   | 16007 ||| Stepping ~*~*~tactically~*~*~ (outnumbered).
 16009 | Lair:1   | 16009 ||| Stepping ~*~*~tactically~*~*~ (outnumbered).
 16011 | Lair:1   | 16011 ||| Stepping ~*~*~tactically~*~*~ (outnumbered).
 16013 | Lair:1   | 16013 ||| Stepping ~*~*~tactically~*~*~ (outnumbered).
 16015 | Lair:1   | 16015 ||| Stepping ~*~*~tactically~*~*~ (outnumbered).
 16017 | Lair:1   | 16017 ||| Stepping ~*~*~tactically~*~*~ (outnumbered).
 16019 | Lair:1   | 16019 ||| Stepping ~*~*~tactically~*~*~ (outnumbered).
 16021 | Lair:1   | 16021 ||| Stepping ~*~*~tactically~*~*~ (outnumbered).
 16023 | Lair:1   | 16023 ||| Stepping ~*~*~tactically~*~*~ (outnumbered).
 16025 | Lair:1   | 16025 ||| Stepping ~*~*~tactically~*~*~ (outnumbered).
 16027 | Lair:1   | 16027 ||| Stepping ~*~*~tactically~*~*~ (outnumbered).
 16029 | Lair:1   | 16029 ||| Stepping ~*~*~tactically~*~*~ (outnumbered).
 16031 | Lair:1   | 16031 ||| Stepping ~*~*~tactically~*~*~ (outnumbered).
 16033 | Lair:1   | 16033 ||| Stepping ~*~*~tactically~*~*~ (outnumbered).
 16035 | Lair:1   | 16035 ||| Stepping ~*~*~tactically~*~*~ (outnumbered).
 16037 | Lair:1   | 16037 ||| Stepping ~*~*~tactically~*~*~ (outnumbered).
 16039 | Lair:1   | 16039 ||| Stepping ~*~*~tactically~*~*~ (outnumbered).
 16041 | Lair:1   | 16041 ||| Stepping ~*~*~tactically~*~*~ (outnumbered).
 16043 | Lair:1   | 16043 ||| Stepping ~*~*~tactically~*~*~ (outnumbered).
 16045 | Lair:1   | 16045 ||| Stepping ~*~*~tactically~*~*~ (outnumbered).
 16047 | Lair:1   | 16047 ||| Stepping ~*~*~tactically~*~*~ (outnumbered).
 16049 | Lair:1   | 16049 ||| Stepping ~*~*~tactically~*~*~ (outnumbered).
 16051 | Lair:1   | 16051 ||| Stepping ~*~*~tactically~*~*~ (outnumbered).
 16053 | Lair:1   | 16053 ||| Stepping ~*~*~tactically~*~*~ (outnumbered).
 16055 | Lair:1   | 16055 ||| Stepping ~*~*~tactically~*~*~ (outnumbered).
 16057 | Lair:1   | 16057 ||| Stepping ~*~*~tactically~*~*~ (outnumbered).
 16059 | Lair:1   | 16059 ||| Stepping ~*~*~tactically~*~*~ (outnumbered).
 16061 | Lair:1   | 16061 ||| Stepping ~*~*~tactically~*~*~ (outnumbered).
 16063 | Lair:1   | 16063 ||| Stepping ~*~*~tactically~*~*~ (outnumbered).
 16065 | Lair:1   | 16065 ||| Stepping ~*~*~tactically~*~*~ (outnumbered).
 16067 | Lair:1   | 16067 ||| Stepping ~*~*~tactically~*~*~ (outnumbered).
 16069 | Lair:1   | 16069 ||| Stepping ~*~*~tactically~*~*~ (outnumbered).
 16071 | Lair:1   | 16071 ||| Stepping ~*~*~tactically~*~*~ (outnumbered).
 16073 | Lair:1   | 16073 ||| Stepping ~*~*~tactically~*~*~ (outnumbered).
 16075 | Lair:1   | 16075 ||| Stepping ~*~*~tactically~*~*~ (outnumbered).
 16077 | Lair:1   | 16077 ||| Stepping ~*~*~tactically~*~*~ (outnumbered).
 16079 | Lair:1   | 16079 ||| Stepping ~*~*~tactically~*~*~ (outnumbered).
 16081 | Lair:1   | 16081 ||| Stepping ~*~*~tactically~*~*~ (outnumbered).
 16083 | Lair:1   | 16083 ||| Stepping ~*~*~tactically~*~*~ (outnumbered).
 16085 | Lair:1   | 16085 ||| Stepping ~*~*~tactically~*~*~ (outnumbered).
 16087 | Lair:1   | 16087 ||| Stepping ~*~*~tactically~*~*~ (outnumbered).
 16089 | Lair:1   | 16089 ||| Stepping ~*~*~tactically~*~*~ (outnumbered).
 16091 | Lair:1   | 16091 ||| Stepping ~*~*~tactically~*~*~ (outnumbered).
 16093 | Lair:1   | 16093 ||| Stepping ~*~*~tactically~*~*~ (outnumbered).
 16095 | Lair:1   | 16095 ||| Stepping ~*~*~tactically~*~*~ (outnumbered).
 16097 | Lair:1   | 16097 ||| Stepping ~*~*~tactically~*~*~ (outnumbered).
 16099 | Lair:1   | 16099 ||| Stepping ~*~*~tactically~*~*~ (outnumbered).
 16101 | Lair:1   | 16101 ||| Stepping ~*~*~tactically~*~*~ (outnumbered).
 16103 | Lair:1   | 16103 ||| Stepping ~*~*~tactically~*~*~ (outnumbered).
 16105 | Lair:1   | 16105 ||| Stepping ~*~*~tactically~*~*~ (outnumbered).
 16107 | Lair:1   | 16107 ||| Stepping ~*~*~tactically~*~*~ (outnumbered).
 16109 | Lair:1   | 16109 ||| Stepping ~*~*~tactically~*~*~ (outnumbered).
 16111 | Lair:1   | 16111 ||| Stepping ~*~*~tactically~*~*~ (outnumbered).
 16113 | Lair:1   | 16113 ||| Stepping ~*~*~tactically~*~*~ (outnumbered).
 16115 | Lair:1   | 16115 ||| Stepping ~*~*~tactically~*~*~ (outnumbered).
 16117 | Lair:1   | 16117 ||| Stepping ~*~*~tactically~*~*~ (outnumbered).
 16119 | Lair:1   | 16119 ||| Stepping ~*~*~tactically~*~*~ (outnumbered).
 16121 | Lair:1   | 16121 ||| Stepping ~*~*~tactically~*~*~ (outnumbered).
 16123 | Lair:1   | 16123 ||| Stepping ~*~*~tactically~*~*~ (outnumbered).
 16125 | Lair:1   | 16125 ||| Stepping ~*~*~tactically~*~*~ (outnumbered).
 16127 | Lair:1   | 16127 ||| Stepping ~*~*~tactically~*~*~ (outnumbered).
 16129 | Lair:1   | 16129 ||| Stepping ~*~*~tactically~*~*~ (outnumbered).
 16131 | Lair:1   | 16131 ||| Stepping ~*~*~tactically~*~*~ (outnumbered).
 16133 | Lair:1   | 16133 ||| Stepping ~*~*~tactically~*~*~ (outnumbered).
 16135 | Lair:1   | 16135 ||| Stepping ~*~*~tactically~*~*~ (outnumbered).
 16137 | Lair:1   | 16137 ||| Stepping ~*~*~tactically~*~*~ (outnumbered).
 16139 | Lair:1   | 16139 ||| Stepping ~*~*~tactically~*~*~ (outnumbered).
 16141 | Lair:1   | 16141 ||| Stepping ~*~*~tactically~*~*~ (outnumbered).
 16143 | Lair:1   | 16143 ||| Stepping ~*~*~tactically~*~*~ (outnumbered).
 16145 | Lair:1   | 16145 ||| Stepping ~*~*~tactically~*~*~ (outnumbered).
 16147 | Lair:1   | 16147 ||| Stepping ~*~*~tactically~*~*~ (outnumbered).
 16149 | Lair:1   | 16149 ||| Stepping ~*~*~tactically~*~*~ (outnumbered).
 16151 | Lair:1   | 16151 ||| Stepping ~*~*~tactically~*~*~ (outnumbered).
 16153 | Lair:1   | 16153 ||| Stepping ~*~*~tactically~*~*~ (outnumbered).
 16155 | Lair:1   | 16155 ||| Stepping ~*~*~tactically~*~*~ (outnumbered).
 16157 | Lair:1   | 16157 ||| Stepping ~*~*~tactically~*~*~ (outnumbered).
 16159 | Lair:1   | 16159 ||| Stepping ~*~*~tactically~*~*~ (outnumbered).
 16161 | Lair:1   | 16161 ||| Stepping ~*~*~tactically~*~*~ (outnumbered).
 16163 | Lair:1   | 16163 ||| Stepping ~*~*~tactically~*~*~ (outnumbered).
 16165 | Lair:1   | 16165 ||| Stepping ~*~*~tactically~*~*~ (outnumbered).
 16167 | Lair:1   | 16167 ||| Stepping ~*~*~tactically~*~*~ (outnumbered).
 16169 | Lair:1   | 16169 ||| Stepping ~*~*~tactically~*~*~ (outnumbered).
 16171 | Lair:1   | 16171 ||| Stepping ~*~*~tactically~*~*~ (outnumbered).
 16173 | Lair:1   | 16173 ||| Stepping ~*~*~tactically~*~*~ (outnumbered).
 16175 | Lair:1   | 16175 ||| Stepping ~*~*~tactically~*~*~ (outnumbered).
 16177 | Lair:1   | 16177 ||| Stepping ~*~*~tactically~*~*~ (outnumbered).
 16179 | Lair:1   | 16179 ||| Stepping ~*~*~tactically~*~*~ (outnumbered).
 16181 | Lair:1   | 16181 ||| Stepping ~*~*~tactically~*~*~ (outnumbered).
 16183 | Lair:1   | 16183 ||| Stepping ~*~*~tactically~*~*~ (outnumbered).
 16185 | Lair:1   | 16185 ||| Stepping ~*~*~tactically~*~*~ (outnumbered).
 16187 | Lair:1   | 16187 ||| Stepping ~*~*~tactically~*~*~ (outnumbered).
 16189 | Lair:1   | 16189 ||| Stepping ~*~*~tactically~*~*~ (outnumbered).
 16191 | Lair:1   | 16191 ||| Stepping ~*~*~tactically~*~*~ (outnumbered).
 16193 | Lair:1   | 16193 ||| Stepping ~*~*~tactically~*~*~ (outnumbered).
 16195 | Lair:1   | 16195 ||| Stepping ~*~*~tactically~*~*~ (outnumbered).
 16197 | Lair:1   | 16197 ||| Stepping ~*~*~tactically~*~*~ (outnumbered).
 16199 | Lair:1   | 16199 ||| Stepping ~*~*~tactically~*~*~ (outnumbered).
 16201 | Lair:1   | 16201 ||| Stepping ~*~*~tactically~*~*~ (outnumbered).
 16203 | Lair:1   | 16203 ||| Stepping ~*~*~tactically~*~*~ (outnumbered).
 16205 | Lair:1   | 16205 ||| Stepping ~*~*~tactically~*~*~ (outnumbered).
 16207 | Lair:1   | 16207 ||| Stepping ~*~*~tactically~*~*~ (outnumbered).
 16209 | Lair:1   | 16209 ||| Stepping ~*~*~tactically~*~*~ (outnumbered).
 16211 | Lair:1   | 16211 ||| Stepping ~*~*~tactically~*~*~ (outnumbered).
 16213 | Lair:1   | 16213 ||| Stepping ~*~*~tactically~*~*~ (outnumbered).
 16215 | Lair:1   | 16215 ||| Stepping ~*~*~tactically~*~*~ (outnumbered).
 16217 | Lair:1   | 16217 ||| Stepping ~*~*~tactically~*~*~ (outnumbered).
 16219 | Lair:1   | 16219 ||| Stepping ~*~*~tactically~*~*~ (outnumbered).
 16221 | Lair:1   | 16221 ||| Stepping ~*~*~tactically~*~*~ (outnumbered).
 16223 | Lair:1   | 16223 ||| Stepping ~*~*~tactically~*~*~ (outnumbered).
 16225 | Lair:1   | 16225 ||| Stepping ~*~*~tactically~*~*~ (outnumbered).
 16227 | Lair:1   | 16227 ||| Stepping ~*~*~tactically~*~*~ (outnumbered).
 16229 | Lair:1   | 16229 ||| Stepping ~*~*~tactically~*~*~ (outnumbered).
 16231 | Lair:1   | 16231 ||| Stepping ~*~*~tactically~*~*~ (outnumbered).
 16233 | Lair:1   | 16233 ||| Stepping ~*~*~tactically~*~*~ (outnumbered).
 16235 | Lair:1   | 16235 ||| Stepping ~*~*~tactically~*~*~ (outnumbered).
 16237 | Lair:1   | 16237 ||| Stepping ~*~*~tactically~*~*~ (outnumbered).
 16239 | Lair:1   | 16239 ||| Stepping ~*~*~tactically~*~*~ (outnumbered).
 16241 | Lair:1   | 16241 ||| Stepping ~*~*~tactically~*~*~ (outnumbered).
 16243 | Lair:1   | 16243 ||| Stepping ~*~*~tactically~*~*~ (outnumbered).
 16245 | Lair:1   | 16245 ||| Stepping ~*~*~tactically~*~*~ (outnumbered).
 16247 | Lair:1   | 16247 ||| Stepping ~*~*~tactically~*~*~ (outnumbered).
 16249 | Lair:1   | 16249 ||| Stepping ~*~*~tactically~*~*~ (outnumbered).
 16251 | Lair:1   | 16251 ||| Stepping ~*~*~tactically~*~*~ (outnumbered).
 16253 | Lair:1   | 16253 ||| Stepping ~*~*~tactically~*~*~ (outnumbered).
 16255 | Lair:1   | 16255 ||| Stepping ~*~*~tactically~*~*~ (outnumbered).
 16257 | Lair:1   | 16257 ||| Stepping ~*~*~tactically~*~*~ (outnumbered).
 16259 | Lair:1   | 16259 ||| Stepping ~*~*~tactically~*~*~ (outnumbered).
 16261 | Lair:1   | 16261 ||| Stepping ~*~*~tactically~*~*~ (outnumbered).
 16263 | Lair:1   | 16263 ||| Stepping ~*~*~tactically~*~*~ (outnumbered).
 16265 | Lair:1   | 16265 ||| Stepping ~*~*~tactically~*~*~ (outnumbered).
 16267 | Lair:1   | 16267 ||| Stepping ~*~*~tactically~*~*~ (outnumbered).
 16269 | Lair:1   | 16269 ||| Stepping ~*~*~tactically~*~*~ (outnumbered).
 16271 | Lair:1   | 16271 ||| Stepping ~*~*~tactically~*~*~ (outnumbered).
 16273 | Lair:1   | 16273 ||| Stepping ~*~*~tactically~*~*~ (outnumbered).
 16275 | Lair:1   | 16275 ||| Stepping ~*~*~tactically~*~*~ (outnumbered).
 16277 | Lair:1   | 16277 ||| Stepping ~*~*~tactically~*~*~ (outnumbered).
 16279 | Lair:1   | 16279 ||| Stepping ~*~*~tactically~*~*~ (outnumbered).
 16281 | Lair:1   | 16281 ||| Stepping ~*~*~tactically~*~*~ (outnumbered).
 16283 | Lair:1   | 16283 ||| Stepping ~*~*~tactically~*~*~ (outnumbered).
 16285 | Lair:1   | 16285 ||| Stepping ~*~*~tactically~*~*~ (outnumbered).
 16287 | Lair:1   | 16287 ||| Stepping ~*~*~tactically~*~*~ (outnumbered).
 16289 | Lair:1   | 16289 ||| Stepping ~*~*~tactically~*~*~ (outnumbered).
 16291 | Lair:1   | 16291 ||| Stepping ~*~*~tactically~*~*~ (outnumbered).
 16293 | Lair:1   | 16293 ||| Stepping ~*~*~tactically~*~*~ (outnumbered).
 16295 | Lair:1   | 16295 ||| Stepping ~*~*~tactically~*~*~ (outnumbered).
 16297 | Lair:1   | 16297 ||| Stepping ~*~*~tactically~*~*~ (outnumbered).
 16297 | Lair:1   | Glimpsed the power of Zot.
 16299 | Lair:1   | 16299 ||| Stepping ~*~*~tactically~*~*~ (outnumbered).
 16301 | Lair:1   | 16301 ||| Stepping ~*~*~tactically~*~*~ (outnumbered).
 16303 | Lair:1   | 16303 ||| Stepping ~*~*~tactically~*~*~ (outnumbered).
 16305 | Lair:1   | 16305 ||| Stepping ~*~*~tactically~*~*~ (outnumbered).
 16307 | Lair:1   | 16307 ||| Stepping ~*~*~tactically~*~*~ (outnumbered).
 16309 | Lair:1   | 16309 ||| Stepping ~*~*~tactically~*~*~ (outnumbered).
 16311 | Lair:1   | 16311 ||| Stepping ~*~*~tactically~*~*~ (outnumbered).
 16313 | Lair:1   | 16313 ||| Stepping ~*~*~tactically~*~*~ (outnumbered).
 16315 | Lair:1   | 16315 ||| Stepping ~*~*~tactically~*~*~ (outnumbered).
 16317 | Lair:1   | 16317 ||| Stepping ~*~*~tactically~*~*~ (outnumbered).
 16319 | Lair:1   | 16319 ||| Stepping ~*~*~tactically~*~*~ (outnumbered).
 16321 | Lair:1   | 16321 ||| Stepping ~*~*~tactically~*~*~ (outnumbered).
 16323 | Lair:1   | 16323 ||| Stepping ~*~*~tactically~*~*~ (outnumbered).
 16325 | Lair:1   | 16325 ||| Stepping ~*~*~tactically~*~*~ (outnumbered).
 16327 | Lair:1   | 16327 ||| Stepping ~*~*~tactically~*~*~ (outnumbered).
 16329 | Lair:1   | 16329 ||| Stepping ~*~*~tactically~*~*~ (outnumbered).
 16331 | Lair:1   | 16331 ||| Stepping ~*~*~tactically~*~*~ (outnumbered).
 16333 | Lair:1   | 16333 ||| Stepping ~*~*~tactically~*~*~ (outnumbered).
 16335 | Lair:1   | 16335 ||| Stepping ~*~*~tactically~*~*~ (outnumbered).
 16337 | Lair:1   | 16337 ||| Stepping ~*~*~tactically~*~*~ (outnumbered).
 16339 | Lair:1   | 16339 ||| Stepping ~*~*~tactically~*~*~ (outnumbered).
 16341 | Lair:1   | 16341 ||| Stepping ~*~*~tactically~*~*~ (outnumbered).
 16343 | Lair:1   | 16343 ||| Stepping ~*~*~tactically~*~*~ (outnumbered).
 16345 | Lair:1   | 16345 ||| Stepping ~*~*~tactically~*~*~ (outnumbered).
 16347 | Lair:1   | 16347 ||| Stepping ~*~*~tactically~*~*~ (outnumbered).
 16349 | Lair:1   | 16349 ||| Stepping ~*~*~tactically~*~*~ (outnumbered).
 16351 | Lair:1   | 16351 ||| Stepping ~*~*~tactically~*~*~ (outnumbered).
 16353 | Lair:1   | 16353 ||| Stepping ~*~*~tactically~*~*~ (outnumbered).
 16355 | Lair:1   | 16355 ||| Stepping ~*~*~tactically~*~*~ (outnumbered).
 16357 | Lair:1   | 16357 ||| Stepping ~*~*~tactically~*~*~ (outnumbered).
 16359 | Lair:1   | 16359 ||| Stepping ~*~*~tactically~*~*~ (outnumbered).
 16361 | Lair:1   | 16361 ||| Stepping ~*~*~tactically~*~*~ (outnumbered).
 16363 | Lair:1   | 16363 ||| Stepping ~*~*~tactically~*~*~ (outnumbered).
 16365 | Lair:1   | 16365 ||| Stepping ~*~*~tactically~*~*~ (outnumbered).
 16367 | Lair:1   | 16367 ||| Stepping ~*~*~tactically~*~*~ (outnumbered).
 16369 | Lair:1   | 16369 ||| Stepping ~*~*~tactically~*~*~ (outnumbered).
 16371 | Lair:1   | 16371 ||| Stepping ~*~*~tactically~*~*~ (outnumbered).
 16373 | Lair:1   | 16373 ||| Stepping ~*~*~tactically~*~*~ (outnumbered).
 16375 | Lair:1   | 16375 ||| Stepping ~*~*~tactically~*~*~ (outnumbered).
 16377 | Lair:1   | 16377 ||| Stepping ~*~*~tactically~*~*~ (outnumbered).
 16379 | Lair:1   | 16379 ||| Stepping ~*~*~tactically~*~*~ (outnumbered).
 16381 | Lair:1   | 16381 ||| Stepping ~*~*~tactically~*~*~ (outnumbered).
 16383 | Lair:1   | 16383 ||| Stepping ~*~*~tactically~*~*~ (outnumbered).
 16385 | Lair:1   | 16385 ||| Stepping ~*~*~tactically~*~*~ (outnumbered).
 16387 | Lair:1   | 16387 ||| Stepping ~*~*~tactically~*~*~ (outnumbered).
 16389 | Lair:1   | 16389 ||| Stepping ~*~*~tactically~*~*~ (outnumbered).
 16391 | Lair:1   | 16391 ||| Stepping ~*~*~tactically~*~*~ (outnumbered).
 16393 | Lair:1   | 16393 ||| Stepping ~*~*~tactically~*~*~ (outnumbered).
 16395 | Lair:1   | 16395 ||| Stepping ~*~*~tactically~*~*~ (outnumbered).
 16397 | Lair:1   | 16397 ||| Stepping ~*~*~tactically~*~*~ (outnumbered).
 16399 | Lair:1   | 16399 ||| Stepping ~*~*~tactically~*~*~ (outnumbered).
 16401 | Lair:1   | 16401 ||| Stepping ~*~*~tactically~*~*~ (outnumbered).
 16403 | Lair:1   | 16403 ||| Stepping ~*~*~tactically~*~*~ (outnumbered).
 16405 | Lair:1   | 16405 ||| Stepping ~*~*~tactically~*~*~ (outnumbered).
 16407 | Lair:1   | 16407 ||| Stepping ~*~*~tactically~*~*~ (outnumbered).
 16409 | Lair:1   | 16409 ||| Stepping ~*~*~tactically~*~*~ (outnumbered).
 16411 | Lair:1   | 16411 ||| Stepping ~*~*~tactically~*~*~ (outnumbered).
 16413 | Lair:1   | 16413 ||| Stepping ~*~*~tactically~*~*~ (outnumbered).
 16415 | Lair:1   | 16415 ||| Stepping ~*~*~tactically~*~*~ (outnumbered).
 16417 | Lair:1   | 16417 ||| Stepping ~*~*~tactically~*~*~ (outnumbered).
 16419 | Lair:1   | 16419 ||| Stepping ~*~*~tactically~*~*~ (outnumbered).
 16421 | Lair:1   | 16421 ||| Stepping ~*~*~tactically~*~*~ (outnumbered).
 16423 | Lair:1   | 16423 ||| Stepping ~*~*~tactically~*~*~ (outnumbered).
 16425 | Lair:1   | 16425 ||| Stepping ~*~*~tactically~*~*~ (outnumbered).
 16427 | Lair:1   | 16427 ||| Stepping ~*~*~tactically~*~*~ (outnumbered).
 16429 | Lair:1   | 16429 ||| Stepping ~*~*~tactically~*~*~ (outnumbered).
 16431 | Lair:1   | 16431 ||| Stepping ~*~*~tactically~*~*~ (outnumbered).
 16433 | Lair:1   | 16433 ||| Stepping ~*~*~tactically~*~*~ (outnumbered).
 16435 | Lair:1   | 16435 ||| Stepping ~*~*~tactically~*~*~ (outnumbered).
 16437 | Lair:1   | 16437 ||| Stepping ~*~*~tactically~*~*~ (outnumbered).
 16439 | Lair:1   | 16439 ||| Stepping ~*~*~tactically~*~*~ (outnumbered).
 16441 | Lair:1   | 16441 ||| Stepping ~*~*~tactically~*~*~ (outnumbered).
 16443 | Lair:1   | 16443 ||| Stepping ~*~*~tactically~*~*~ (outnumbered).
 16445 | Lair:1   | 16445 ||| Stepping ~*~*~tactically~*~*~ (outnumbered).
 16447 | Lair:1   | 16447 ||| Stepping ~*~*~tactically~*~*~ (outnumbered).
 16449 | Lair:1   | 16449 ||| Stepping ~*~*~tactically~*~*~ (outnumbered).
 16451 | Lair:1   | 16451 ||| Stepping ~*~*~tactically~*~*~ (outnumbered).
 16453 | Lair:1   | 16453 ||| Stepping ~*~*~tactically~*~*~ (outnumbered).
 16455 | Lair:1   | 16455 ||| Stepping ~*~*~tactically~*~*~ (outnumbered).
 16457 | Lair:1   | 16457 ||| Stepping ~*~*~tactically~*~*~ (outnumbered).
 16459 | Lair:1   | 16459 ||| Stepping ~*~*~tactically~*~*~ (outnumbered).
 16461 | Lair:1   | 16461 ||| Stepping ~*~*~tactically~*~*~ (outnumbered).
 16463 | Lair:1   | 16463 ||| Stepping ~*~*~tactically~*~*~ (outnumbered).
 16465 | Lair:1   | 16465 ||| Stepping ~*~*~tactically~*~*~ (outnumbered).
 16467 | Lair:1   | 16467 ||| Stepping ~*~*~tactically~*~*~ (outnumbered).
 16469 | Lair:1   | 16469 ||| Stepping ~*~*~tactically~*~*~ (outnumbered).
 16471 | Lair:1   | 16471 ||| Stepping ~*~*~tactically~*~*~ (outnumbered).
 16473 | Lair:1   | 16473 ||| Stepping ~*~*~tactically~*~*~ (outnumbered).
 16475 | Lair:1   | 16475 ||| Stepping ~*~*~tactically~*~*~ (outnumbered).
 16477 | Lair:1   | 16477 ||| Stepping ~*~*~tactically~*~*~ (outnumbered).
 16479 | Lair:1   | 16479 ||| Stepping ~*~*~tactically~*~*~ (outnumbered).
 16481 | Lair:1   | 16481 ||| Stepping ~*~*~tactically~*~*~ (outnumbered).
 16483 | Lair:1   | 16483 ||| Stepping ~*~*~tactically~*~*~ (outnumbered).
 16485 | Lair:1   | 16485 ||| Stepping ~*~*~tactically~*~*~ (outnumbered).
 16487 | Lair:1   | 16487 ||| Stepping ~*~*~tactically~*~*~ (outnumbered).
 16489 | Lair:1   | 16489 ||| Stepping ~*~*~tactically~*~*~ (outnumbered).
 16491 | Lair:1   | 16491 ||| Stepping ~*~*~tactically~*~*~ (outnumbered).
 16493 | Lair:1   | 16493 ||| Stepping ~*~*~tactically~*~*~ (outnumbered).
 16495 | Lair:1   | 16495 ||| Stepping ~*~*~tactically~*~*~ (outnumbered).
 16497 | Lair:1   | 16497 ||| Stepping ~*~*~tactically~*~*~ (outnumbered).
 16499 | Lair:1   | 16499 ||| Stepping ~*~*~tactically~*~*~ (outnumbered).
 16501 | Lair:1   | 16501 ||| Stepping ~*~*~tactically~*~*~ (outnumbered).
 16503 | Lair:1   | 16503 ||| Stepping ~*~*~tactically~*~*~ (outnumbered).
 16505 | Lair:1   | 16505 ||| Stepping ~*~*~tactically~*~*~ (outnumbered).
 16507 | Lair:1   | 16507 ||| Stepping ~*~*~tactically~*~*~ (outnumbered).
 16509 | Lair:1   | 16509 ||| Stepping ~*~*~tactically~*~*~ (outnumbered).
 16511 | Lair:1   | 16511 ||| Stepping ~*~*~tactically~*~*~ (outnumbered).
 16513 | Lair:1   | 16513 ||| Stepping ~*~*~tactically~*~*~ (outnumbered).
 16515 | Lair:1   | 16515 ||| Stepping ~*~*~tactically~*~*~ (outnumbered).
 16517 | Lair:1   | 16517 ||| Stepping ~*~*~tactically~*~*~ (outnumbered).
 16519 | Lair:1   | 16519 ||| Stepping ~*~*~tactically~*~*~ (outnumbered).
 16521 | Lair:1   | 16521 ||| Stepping ~*~*~tactically~*~*~ (outnumbered).
 16523 | Lair:1   | 16523 ||| Stepping ~*~*~tactically~*~*~ (outnumbered).
 16525 | Lair:1   | 16525 ||| Stepping ~*~*~tactically~*~*~ (outnumbered).
 16527 | Lair:1   | 16527 ||| Stepping ~*~*~tactically~*~*~ (outnumbered).
 16529 | Lair:1   | 16529 ||| Stepping ~*~*~tactically~*~*~ (outnumbered).
 16531 | Lair:1   | 16531 ||| Stepping ~*~*~tactically~*~*~ (outnumbered).
 16533 | Lair:1   | 16533 ||| Stepping ~*~*~tactically~*~*~ (outnumbered).
 16535 | Lair:1   | 16535 ||| Stepping ~*~*~tactically~*~*~ (outnumbered).
 16537 | Lair:1   | 16537 ||| Stepping ~*~*~tactically~*~*~ (outnumbered).
 16539 | Lair:1   | 16539 ||| Stepping ~*~*~tactically~*~*~ (outnumbered).
 16541 | Lair:1   | 16541 ||| Stepping ~*~*~tactically~*~*~ (outnumbered).
 16543 | Lair:1   | 16543 ||| Stepping ~*~*~tactically~*~*~ (outnumbered).
 16545 | Lair:1   | 16545 ||| Stepping ~*~*~tactically~*~*~ (outnumbered).
 16547 | Lair:1   | 16547 ||| Stepping ~*~*~tactically~*~*~ (outnumbered).
 16549 | Lair:1   | 16549 ||| Stepping ~*~*~tactically~*~*~ (outnumbered).
 16551 | Lair:1   | 16551 ||| Stepping ~*~*~tactically~*~*~ (outnumbered).
 16553 | Lair:1   | 16553 ||| Stepping ~*~*~tactically~*~*~ (outnumbered).
 16555 | Lair:1   | 16555 ||| Stepping ~*~*~tactically~*~*~ (outnumbered).
 16557 | Lair:1   | 16557 ||| Stepping ~*~*~tactically~*~*~ (outnumbered).
 16559 | Lair:1   | 16559 ||| Stepping ~*~*~tactically~*~*~ (outnumbered).
 16561 | Lair:1   | 16561 ||| Stepping ~*~*~tactically~*~*~ (outnumbered).
 16563 | Lair:1   | 16563 ||| Stepping ~*~*~tactically~*~*~ (outnumbered).
 16565 | Lair:1   | 16565 ||| Stepping ~*~*~tactically~*~*~ (outnumbered).
 16567 | Lair:1   | 16567 ||| Stepping ~*~*~tactically~*~*~ (outnumbered).
 16569 | Lair:1   | 16569 ||| Stepping ~*~*~tactically~*~*~ (outnumbered).
 16571 | Lair:1   | 16571 ||| Stepping ~*~*~tactically~*~*~ (outnumbered).
 16573 | Lair:1   | 16573 ||| Stepping ~*~*~tactically~*~*~ (outnumbered).
 16575 | Lair:1   | 16575 ||| Stepping ~*~*~tactically~*~*~ (outnumbered).
 16577 | Lair:1   | 16577 ||| Stepping ~*~*~tactically~*~*~ (outnumbered).
 16579 | Lair:1   | 16579 ||| Stepping ~*~*~tactically~*~*~ (outnumbered).
 16581 | Lair:1   | 16581 ||| Stepping ~*~*~tactically~*~*~ (outnumbered).
 16583 | Lair:1   | 16583 ||| Stepping ~*~*~tactically~*~*~ (outnumbered).
 16585 | Lair:1   | 16585 ||| Stepping ~*~*~tactically~*~*~ (outnumbered).
 16587 | Lair:1   | 16587 ||| Stepping ~*~*~tactically~*~*~ (outnumbered).
 16589 | Lair:1   | 16589 ||| Stepping ~*~*~tactically~*~*~ (outnumbered).
 16591 | Lair:1   | 16591 ||| Stepping ~*~*~tactically~*~*~ (outnumbered).
 16593 | Lair:1   | 16593 ||| Stepping ~*~*~tactically~*~*~ (outnumbered).
 16595 | Lair:1   | 16595 ||| Stepping ~*~*~tactically~*~*~ (outnumbered).
 16597 | Lair:1   | 16597 ||| Stepping ~*~*~tactically~*~*~ (outnumbered).
 16599 | Lair:1   | 16599 ||| Stepping ~*~*~tactically~*~*~ (outnumbered).
 16601 | Lair:1   | 16601 ||| Stepping ~*~*~tactically~*~*~ (outnumbered).
 16603 | Lair:1   | 16603 ||| Stepping ~*~*~tactically~*~*~ (outnumbered).
 16605 | Lair:1   | 16605 ||| Stepping ~*~*~tactically~*~*~ (outnumbered).
 16607 | Lair:1   | 16607 ||| Stepping ~*~*~tactically~*~*~ (outnumbered).
 16609 | Lair:1   | 16609 ||| Stepping ~*~*~tactically~*~*~ (outnumbered).
 16611 | Lair:1   | 16611 ||| Stepping ~*~*~tactically~*~*~ (outnumbered).
 16613 | Lair:1   | 16613 ||| Stepping ~*~*~tactically~*~*~ (outnumbered).
 16615 | Lair:1   | 16615 ||| Stepping ~*~*~tactically~*~*~ (outnumbered).
 16617 | Lair:1   | 16617 ||| Stepping ~*~*~tactically~*~*~ (outnumbered).
 16619 | Lair:1   | 16619 ||| Stepping ~*~*~tactically~*~*~ (outnumbered).
 16621 | Lair:1   | 16621 ||| Stepping ~*~*~tactically~*~*~ (outnumbered).
 16623 | Lair:1   | 16623 ||| Stepping ~*~*~tactically~*~*~ (outnumbered).
 16625 | Lair:1   | 16625 ||| Stepping ~*~*~tactically~*~*~ (outnumbered).
 16627 | Lair:1   | 16627 ||| Stepping ~*~*~tactically~*~*~ (outnumbered).
 16629 | Lair:1   | 16629 ||| Stepping ~*~*~tactically~*~*~ (outnumbered).
 16631 | Lair:1   | 16631 ||| Stepping ~*~*~tactically~*~*~ (outnumbered).
 16633 | Lair:1   | 16633 ||| Stepping ~*~*~tactically~*~*~ (outnumbered).
 16635 | Lair:1   | 16635 ||| Stepping ~*~*~tactically~*~*~ (outnumbered).
 16637 | Lair:1   | 16637 ||| Stepping ~*~*~tactically~*~*~ (outnumbered).
 16639 | Lair:1   | 16639 ||| Stepping ~*~*~tactically~*~*~ (outnumbered).
 16641 | Lair:1   | 16641 ||| Stepping ~*~*~tactically~*~*~ (outnumbered).
 16643 | Lair:1   | 16643 ||| Stepping ~*~*~tactically~*~*~ (outnumbered).
 16645 | Lair:1   | 16645 ||| Stepping ~*~*~tactically~*~*~ (outnumbered).
 16647 | Lair:1   | 16647 ||| Stepping ~*~*~tactically~*~*~ (outnumbered).
 16649 | Lair:1   | 16649 ||| Stepping ~*~*~tactically~*~*~ (outnumbered).
 16651 | Lair:1   | 16651 ||| Stepping ~*~*~tactically~*~*~ (outnumbered).
 16653 | Lair:1   | 16653 ||| Stepping ~*~*~tactically~*~*~ (outnumbered).
 16655 | Lair:1   | 16655 ||| Stepping ~*~*~tactically~*~*~ (outnumbered).
 16657 | Lair:1   | 16657 ||| Stepping ~*~*~tactically~*~*~ (outnumbered).
 16659 | Lair:1   | 16659 ||| Stepping ~*~*~tactically~*~*~ (outnumbered).
 16661 | Lair:1   | 16661 ||| Stepping ~*~*~tactically~*~*~ (outnumbered).
 16663 | Lair:1   | 16663 ||| Stepping ~*~*~tactically~*~*~ (outnumbered).
 16665 | Lair:1   | 16665 ||| Stepping ~*~*~tactically~*~*~ (outnumbered).
 16667 | Lair:1   | 16667 ||| Stepping ~*~*~tactically~*~*~ (outnumbered).
 16669 | Lair:1   | 16669 ||| Stepping ~*~*~tactically~*~*~ (outnumbered).
 16671 | Lair:1   | 16671 ||| Stepping ~*~*~tactically~*~*~ (outnumbered).
 16673 | Lair:1   | 16673 ||| Stepping ~*~*~tactically~*~*~ (outnumbered).
 16675 | Lair:1   | 16675 ||| Stepping ~*~*~tactically~*~*~ (outnumbered).
 16677 | Lair:1   | 16677 ||| Stepping ~*~*~tactically~*~*~ (outnumbered).
 16679 | Lair:1   | 16679 ||| Stepping ~*~*~tactically~*~*~ (outnumbered).
 16681 | Lair:1   | 16681 ||| Stepping ~*~*~tactically~*~*~ (outnumbered).
 16683 | Lair:1   | 16683 ||| Stepping ~*~*~tactically~*~*~ (outnumbered).
 16685 | Lair:1   | 16685 ||| Stepping ~*~*~tactically~*~*~ (outnumbered).
 16687 | Lair:1   | 16687 ||| Stepping ~*~*~tactically~*~*~ (outnumbered).
 16689 | Lair:1   | 16689 ||| Stepping ~*~*~tactically~*~*~ (outnumbered).
 16691 | Lair:1   | 16691 ||| Stepping ~*~*~tactically~*~*~ (outnumbered).
 16693 | Lair:1   | 16693 ||| Stepping ~*~*~tactically~*~*~ (outnumbered).
 16695 | Lair:1   | 16695 ||| Stepping ~*~*~tactically~*~*~ (outnumbered).
 16697 | Lair:1   | 16697 ||| Stepping ~*~*~tactically~*~*~ (outnumbered).
 16697 | Lair:1   | Glimpsed the power of Zot.
 16699 | Lair:1   | 16699 ||| Stepping ~*~*~tactically~*~*~ (outnumbered).
 16701 | Lair:1   | 16701 ||| Stepping ~*~*~tactically~*~*~ (outnumbered).
 16703 | Lair:1   | 16703 ||| Stepping ~*~*~tactically~*~*~ (outnumbered).
 16705 | Lair:1   | 16705 ||| Stepping ~*~*~tactically~*~*~ (outnumbered).
 16707 | Lair:1   | 16707 ||| Stepping ~*~*~tactically~*~*~ (outnumbered).
 16709 | Lair:1   | 16709 ||| Stepping ~*~*~tactically~*~*~ (outnumbered).
 16711 | Lair:1   | 16711 ||| Stepping ~*~*~tactically~*~*~ (outnumbered).
 16713 | Lair:1   | 16713 ||| Stepping ~*~*~tactically~*~*~ (outnumbered).
 16715 | Lair:1   | 16715 ||| Stepping ~*~*~tactically~*~*~ (outnumbered).
 16717 | Lair:1   | 16717 ||| Stepping ~*~*~tactically~*~*~ (outnumbered).
 16719 | Lair:1   | 16719 ||| Stepping ~*~*~tactically~*~*~ (outnumbered).
 16721 | Lair:1   | 16721 ||| Stepping ~*~*~tactically~*~*~ (outnumbered).
 16723 | Lair:1   | 16723 ||| Stepping ~*~*~tactically~*~*~ (outnumbered).
 16725 | Lair:1   | 16725 ||| Stepping ~*~*~tactically~*~*~ (outnumbered).
 16727 | Lair:1   | 16727 ||| Stepping ~*~*~tactically~*~*~ (outnumbered).
 16729 | Lair:1   | 16729 ||| Stepping ~*~*~tactically~*~*~ (outnumbered).
 16731 | Lair:1   | 16731 ||| Stepping ~*~*~tactically~*~*~ (outnumbered).
 16733 | Lair:1   | 16733 ||| Stepping ~*~*~tactically~*~*~ (outnumbered).
 16735 | Lair:1   | 16735 ||| Stepping ~*~*~tactically~*~*~ (outnumbered).
 16737 | Lair:1   | 16737 ||| Stepping ~*~*~tactically~*~*~ (outnumbered).
 16739 | Lair:1   | 16739 ||| Stepping ~*~*~tactically~*~*~ (outnumbered).
 16741 | Lair:1   | 16741 ||| Stepping ~*~*~tactically~*~*~ (outnumbered).
 16743 | Lair:1   | 16743 ||| Stepping ~*~*~tactically~*~*~ (outnumbered).
 16745 | Lair:1   | 16745 ||| Stepping ~*~*~tactically~*~*~ (outnumbered).
 16747 | Lair:1   | 16747 ||| Stepping ~*~*~tactically~*~*~ (outnumbered).
 16749 | Lair:1   | 16749 ||| Stepping ~*~*~tactically~*~*~ (outnumbered).
 16751 | Lair:1   | 16751 ||| Stepping ~*~*~tactically~*~*~ (outnumbered).
 16753 | Lair:1   | 16753 ||| Stepping ~*~*~tactically~*~*~ (outnumbered).
 16755 | Lair:1   | 16755 ||| Stepping ~*~*~tactically~*~*~ (outnumbered).
 16757 | Lair:1   | 16757 ||| Stepping ~*~*~tactically~*~*~ (outnumbered).
 16759 | Lair:1   | 16759 ||| Stepping ~*~*~tactically~*~*~ (outnumbered).
 16761 | Lair:1   | 16761 ||| Stepping ~*~*~tactically~*~*~ (outnumbered).
 16763 | Lair:1   | 16763 ||| Stepping ~*~*~tactically~*~*~ (outnumbered).
 16765 | Lair:1   | 16765 ||| Stepping ~*~*~tactically~*~*~ (outnumbered).
 16767 | Lair:1   | 16767 ||| Stepping ~*~*~tactically~*~*~ (outnumbered).
 16769 | Lair:1   | 16769 ||| Stepping ~*~*~tactically~*~*~ (outnumbered).
 16771 | Lair:1   | 16771 ||| Stepping ~*~*~tactically~*~*~ (outnumbered).
 16773 | Lair:1   | 16773 ||| Stepping ~*~*~tactically~*~*~ (outnumbered).
 16775 | Lair:1   | 16775 ||| Stepping ~*~*~tactically~*~*~ (outnumbered).
 16777 | Lair:1   | 16777 ||| Stepping ~*~*~tactically~*~*~ (outnumbered).
 16779 | Lair:1   | 16779 ||| Stepping ~*~*~tactically~*~*~ (outnumbered).
 16781 | Lair:1   | 16781 ||| Stepping ~*~*~tactically~*~*~ (outnumbered).
 16783 | Lair:1   | 16783 ||| Stepping ~*~*~tactically~*~*~ (outnumbered).
 16785 | Lair:1   | 16785 ||| Stepping ~*~*~tactically~*~*~ (outnumbered).
 16787 | Lair:1   | 16787 ||| Stepping ~*~*~tactically~*~*~ (outnumbered).
 16789 | Lair:1   | 16789 ||| Stepping ~*~*~tactically~*~*~ (outnumbered).
 16791 | Lair:1   | 16791 ||| Stepping ~*~*~tactically~*~*~ (outnumbered).
 16793 | Lair:1   | 16793 ||| Stepping ~*~*~tactically~*~*~ (outnumbered).
 16795 | Lair:1   | 16795 ||| Stepping ~*~*~tactically~*~*~ (outnumbered).
 16796 | Lair:1   | Touched by the power of Zot (MHP 35 -> 27)
 16797 | Lair:1   | 16797 ||| Stepping ~*~*~tactically~*~*~ (outnumbered).
 16797 | Lair:1   | Glimpsed the power of Zot.
 16799 | Lair:1   | 16799 ||| Stepping ~*~*~tactically~*~*~ (outnumbered).
 16801 | Lair:1   | 16801 ||| Stepping ~*~*~tactically~*~*~ (outnumbered).
 16803 | Lair:1   | 16803 ||| Stepping ~*~*~tactically~*~*~ (outnumbered).
 16805 | Lair:1   | 16805 ||| Stepping ~*~*~tactically~*~*~ (outnumbered).
 16807 | Lair:1   | 16807 ||| Stepping ~*~*~tactically~*~*~ (outnumbered).
 16809 | Lair:1   | 16809 ||| Stepping ~*~*~tactically~*~*~ (outnumbered).
 16811 | Lair:1   | 16811 ||| Stepping ~*~*~tactically~*~*~ (outnumbered).
 16813 | Lair:1   | 16813 ||| Stepping ~*~*~tactically~*~*~ (outnumbered).
 16815 | Lair:1   | 16815 ||| Stepping ~*~*~tactically~*~*~ (outnumbered).
 16817 | Lair:1   | 16817 ||| Stepping ~*~*~tactically~*~*~ (outnumbered).
 16819 | Lair:1   | 16819 ||| Stepping ~*~*~tactically~*~*~ (outnumbered).
 16821 | Lair:1   | 16821 ||| Stepping ~*~*~tactically~*~*~ (outnumbered).
 16823 | Lair:1   | 16823 ||| Stepping ~*~*~tactically~*~*~ (outnumbered).
 16825 | Lair:1   | 16825 ||| Stepping ~*~*~tactically~*~*~ (outnumbered).
 16827 | Lair:1   | 16827 ||| Stepping ~*~*~tactically~*~*~ (outnumbered).
 16829 | Lair:1   | 16829 ||| Stepping ~*~*~tactically~*~*~ (outnumbered).
 16831 | Lair:1   | 16831 ||| Stepping ~*~*~tactically~*~*~ (outnumbered).
 16833 | Lair:1   | 16833 ||| Stepping ~*~*~tactically~*~*~ (outnumbered).
 16835 | Lair:1   | 16835 ||| Stepping ~*~*~tactically~*~*~ (outnumbered).
 16837 | Lair:1   | 16837 ||| Stepping ~*~*~tactically~*~*~ (outnumbered).
 16839 | Lair:1   | 16839 ||| Stepping ~*~*~tactically~*~*~ (outnumbered).
 16841 | Lair:1   | 16841 ||| Stepping ~*~*~tactically~*~*~ (outnumbered).
 16843 | Lair:1   | 16843 ||| Stepping ~*~*~tactically~*~*~ (outnumbered).
 16845 | Lair:1   | 16845 ||| Stepping ~*~*~tactically~*~*~ (outnumbered).
 16847 | Lair:1   | 16847 ||| Stepping ~*~*~tactically~*~*~ (outnumbered).
 16849 | Lair:1   | 16849 ||| Stepping ~*~*~tactically~*~*~ (outnumbered).
 16851 | Lair:1   | 16851 ||| Stepping ~*~*~tactically~*~*~ (outnumbered).
 16853 | Lair:1   | 16853 ||| Stepping ~*~*~tactically~*~*~ (outnumbered).
 16855 | Lair:1   | 16855 ||| Stepping ~*~*~tactically~*~*~ (outnumbered).
 16857 | Lair:1   | 16857 ||| Stepping ~*~*~tactically~*~*~ (outnumbered).
 16859 | Lair:1   | 16859 ||| Stepping ~*~*~tactically~*~*~ (outnumbered).
 16861 | Lair:1   | 16861 ||| Stepping ~*~*~tactically~*~*~ (outnumbered).
 16863 | Lair:1   | 16863 ||| Stepping ~*~*~tactically~*~*~ (outnumbered).
 16865 | Lair:1   | 16865 ||| Stepping ~*~*~tactically~*~*~ (outnumbered).
 16867 | Lair:1   | 16867 ||| Stepping ~*~*~tactically~*~*~ (outnumbered).
 16869 | Lair:1   | 16869 ||| Stepping ~*~*~tactically~*~*~ (outnumbered).
 16871 | Lair:1   | 16871 ||| Stepping ~*~*~tactically~*~*~ (outnumbered).
 16873 | Lair:1   | 16873 ||| Stepping ~*~*~tactically~*~*~ (outnumbered).
 16875 | Lair:1   | 16875 ||| Stepping ~*~*~tactically~*~*~ (outnumbered).
 16877 | Lair:1   | 16877 ||| Stepping ~*~*~tactically~*~*~ (outnumbered).
 16879 | Lair:1   | 16879 ||| Stepping ~*~*~tactically~*~*~ (outnumbered).
 16881 | Lair:1   | 16881 ||| Stepping ~*~*~tactically~*~*~ (outnumbered).
 16883 | Lair:1   | 16883 ||| Stepping ~*~*~tactically~*~*~ (outnumbered).
 16885 | Lair:1   | 16885 ||| Stepping ~*~*~tactically~*~*~ (outnumbered).
 16887 | Lair:1   | 16887 ||| Stepping ~*~*~tactically~*~*~ (outnumbered).
 16889 | Lair:1   | 16889 ||| Stepping ~*~*~tactically~*~*~ (outnumbered).
 16891 | Lair:1   | 16891 ||| Stepping ~*~*~tactically~*~*~ (outnumbered).
 16893 | Lair:1   | 16893 ||| Stepping ~*~*~tactically~*~*~ (outnumbered).
 16895 | Lair:1   | 16895 ||| Stepping ~*~*~tactically~*~*~ (outnumbered).
 16897 | Lair:1   | 16897 ||| Stepping ~*~*~tactically~*~*~ (outnumbered).
 16899 | Lair:1   | 16899 ||| Stepping ~*~*~tactically~*~*~ (outnumbered).
 16901 | Lair:1   | 16901 ||| Stepping ~*~*~tactically~*~*~ (outnumbered).
 16903 | Lair:1   | 16903 ||| Stepping ~*~*~tactically~*~*~ (outnumbered).
 16905 | Lair:1   | 16905 ||| Stepping ~*~*~tactically~*~*~ (outnumbered).
 16907 | Lair:1   | 16907 ||| Stepping ~*~*~tactically~*~*~ (outnumbered).
 16909 | Lair:1   | 16909 ||| Stepping ~*~*~tactically~*~*~ (outnumbered).
 16911 | Lair:1   | 16911 ||| Stepping ~*~*~tactically~*~*~ (outnumbered).
 16913 | Lair:1   | 16913 ||| Stepping ~*~*~tactically~*~*~ (outnumbered).
 16915 | Lair:1   | 16915 ||| Stepping ~*~*~tactically~*~*~ (outnumbered).
 16917 | Lair:1   | 16917 ||| Stepping ~*~*~tactically~*~*~ (outnumbered).
 16919 | Lair:1   | 16919 ||| Stepping ~*~*~tactically~*~*~ (outnumbered).
 16921 | Lair:1   | 16921 ||| Stepping ~*~*~tactically~*~*~ (outnumbered).
 16923 | Lair:1   | 16923 ||| Stepping ~*~*~tactically~*~*~ (outnumbered).
 16925 | Lair:1   | 16925 ||| Stepping ~*~*~tactically~*~*~ (outnumbered).
 16927 | Lair:1   | 16927 ||| Stepping ~*~*~tactically~*~*~ (outnumbered).
 16929 | Lair:1   | 16929 ||| Stepping ~*~*~tactically~*~*~ (outnumbered).
 16931 | Lair:1   | 16931 ||| Stepping ~*~*~tactically~*~*~ (outnumbered).
 16933 | Lair:1   | 16933 ||| Stepping ~*~*~tactically~*~*~ (outnumbered).
 16935 | Lair:1   | 16935 ||| Stepping ~*~*~tactically~*~*~ (outnumbered).
 16937 | Lair:1   | 16937 ||| Stepping ~*~*~tactically~*~*~ (outnumbered).
 16939 | Lair:1   | 16939 ||| Stepping ~*~*~tactically~*~*~ (outnumbered).
 16941 | Lair:1   | 16941 ||| Stepping ~*~*~tactically~*~*~ (outnumbered).
 16943 | Lair:1   | 16943 ||| Stepping ~*~*~tactically~*~*~ (outnumbered).
 16945 | Lair:1   | 16945 ||| Stepping ~*~*~tactically~*~*~ (outnumbered).
 16947 | Lair:1   | 16947 ||| Stepping ~*~*~tactically~*~*~ (outnumbered).
 16949 | Lair:1   | 16949 ||| Stepping ~*~*~tactically~*~*~ (outnumbered).
 16951 | Lair:1   | 16951 ||| Stepping ~*~*~tactically~*~*~ (outnumbered).
 16953 | Lair:1   | 16953 ||| Stepping ~*~*~tactically~*~*~ (outnumbered).
 16955 | Lair:1   | 16955 ||| Stepping ~*~*~tactically~*~*~ (outnumbered).
 16957 | Lair:1   | 16957 ||| Stepping ~*~*~tactically~*~*~ (outnumbered).
 16959 | Lair:1   | 16959 ||| Stepping ~*~*~tactically~*~*~ (outnumbered).
 16961 | Lair:1   | 16961 ||| Stepping ~*~*~tactically~*~*~ (outnumbered).
 16963 | Lair:1   | 16963 ||| Stepping ~*~*~tactically~*~*~ (outnumbered).
 16965 | Lair:1   | 16965 ||| Stepping ~*~*~tactically~*~*~ (outnumbered).
 16967 | Lair:1   | 16967 ||| Stepping ~*~*~tactically~*~*~ (outnumbered).
 16969 | Lair:1   | 16969 ||| Stepping ~*~*~tactically~*~*~ (outnumbered).
 16971 | Lair:1   | 16971 ||| Stepping ~*~*~tactically~*~*~ (outnumbered).
 16973 | Lair:1   | 16973 ||| Stepping ~*~*~tactically~*~*~ (outnumbered).
 16975 | Lair:1   | 16975 ||| Stepping ~*~*~tactically~*~*~ (outnumbered).
 16977 | Lair:1   | 16977 ||| Stepping ~*~*~tactically~*~*~ (outnumbered).
 16979 | Lair:1   | 16979 ||| Stepping ~*~*~tactically~*~*~ (outnumbered).
 16981 | Lair:1   | 16981 ||| Stepping ~*~*~tactically~*~*~ (outnumbered).
 16983 | Lair:1   | 16983 ||| Stepping ~*~*~tactically~*~*~ (outnumbered).
 16985 | Lair:1   | 16985 ||| Stepping ~*~*~tactically~*~*~ (outnumbered).
 16987 | Lair:1   | 16987 ||| Stepping ~*~*~tactically~*~*~ (outnumbered).
 16989 | Lair:1   | 16989 ||| Stepping ~*~*~tactically~*~*~ (outnumbered).
 16991 | Lair:1   | 16991 ||| Stepping ~*~*~tactically~*~*~ (outnumbered).
 16993 | Lair:1   | 16993 ||| Stepping ~*~*~tactically~*~*~ (outnumbered).
 16995 | Lair:1   | 16995 ||| Stepping ~*~*~tactically~*~*~ (outnumbered).
 16997 | Lair:1   | 16997 ||| Stepping ~*~*~tactically~*~*~ (outnumbered).
 16999 | Lair:1   | 16999 ||| Stepping ~*~*~tactically~*~*~ (outnumbered).
 17001 | Lair:1   | 17001 ||| Stepping ~*~*~tactically~*~*~ (outnumbered).
 17003 | Lair:1   | 17003 ||| Stepping ~*~*~tactically~*~*~ (outnumbered).
 17005 | Lair:1   | 17005 ||| Stepping ~*~*~tactically~*~*~ (outnumbered).
 17007 | Lair:1   | 17007 ||| Stepping ~*~*~tactically~*~*~ (outnumbered).
 17009 | Lair:1   | 17009 ||| Stepping ~*~*~tactically~*~*~ (outnumbered).
 17011 | Lair:1   | 17011 ||| Stepping ~*~*~tactically~*~*~ (outnumbered).
 17013 | Lair:1   | 17013 ||| Stepping ~*~*~tactically~*~*~ (outnumbered).
 17015 | Lair:1   | 17015 ||| Stepping ~*~*~tactically~*~*~ (outnumbered).
 17017 | Lair:1   | 17017 ||| Stepping ~*~*~tactically~*~*~ (outnumbered).
 17019 | Lair:1   | 17019 ||| Stepping ~*~*~tactically~*~*~ (outnumbered).
 17021 | Lair:1   | 17021 ||| Stepping ~*~*~tactically~*~*~ (outnumbered).
 17023 | Lair:1   | 17023 ||| Stepping ~*~*~tactically~*~*~ (outnumbered).
 17025 | Lair:1   | 17025 ||| Stepping ~*~*~tactically~*~*~ (outnumbered).
 17027 | Lair:1   | 17027 ||| Stepping ~*~*~tactically~*~*~ (outnumbered).
 17029 | Lair:1   | 17029 ||| Stepping ~*~*~tactically~*~*~ (outnumbered).
 17031 | Lair:1   | 17031 ||| Stepping ~*~*~tactically~*~*~ (outnumbered).
 17033 | Lair:1   | 17033 ||| Stepping ~*~*~tactically~*~*~ (outnumbered).
 17035 | Lair:1   | 17035 ||| Stepping ~*~*~tactically~*~*~ (outnumbered).
 17037 | Lair:1   | 17037 ||| Stepping ~*~*~tactically~*~*~ (outnumbered).
 17039 | Lair:1   | 17039 ||| Stepping ~*~*~tactically~*~*~ (outnumbered).
 17041 | Lair:1   | 17041 ||| Stepping ~*~*~tactically~*~*~ (outnumbered).
 17043 | Lair:1   | 17043 ||| Stepping ~*~*~tactically~*~*~ (outnumbered).
 17045 | Lair:1   | 17045 ||| Stepping ~*~*~tactically~*~*~ (outnumbered).
 17047 | Lair:1   | 17047 ||| Stepping ~*~*~tactically~*~*~ (outnumbered).
 17049 | Lair:1   | 17049 ||| Stepping ~*~*~tactically~*~*~ (outnumbered).
 17051 | Lair:1   | 17051 ||| Stepping ~*~*~tactically~*~*~ (outnumbered).
 17053 | Lair:1   | 17053 ||| Stepping ~*~*~tactically~*~*~ (outnumbered).
 17055 | Lair:1   | 17055 ||| Stepping ~*~*~tactically~*~*~ (outnumbered).
 17057 | Lair:1   | 17057 ||| Stepping ~*~*~tactically~*~*~ (outnumbered).
 17059 | Lair:1   | 17059 ||| Stepping ~*~*~tactically~*~*~ (outnumbered).
 17061 | Lair:1   | 17061 ||| Stepping ~*~*~tactically~*~*~ (outnumbered).
 17063 | Lair:1   | 17063 ||| Stepping ~*~*~tactically~*~*~ (outnumbered).
 17065 | Lair:1   | 17065 ||| Stepping ~*~*~tactically~*~*~ (outnumbered).
 17067 | Lair:1   | 17067 ||| Stepping ~*~*~tactically~*~*~ (outnumbered).
 17069 | Lair:1   | 17069 ||| Stepping ~*~*~tactically~*~*~ (outnumbered).
 17071 | Lair:1   | 17071 ||| Stepping ~*~*~tactically~*~*~ (outnumbered).
 17073 | Lair:1   | 17073 ||| Stepping ~*~*~tactically~*~*~ (outnumbered).
 17075 | Lair:1   | 17075 ||| Stepping ~*~*~tactically~*~*~ (outnumbered).
 17077 | Lair:1   | 17077 ||| Stepping ~*~*~tactically~*~*~ (outnumbered).
 17079 | Lair:1   | 17079 ||| Stepping ~*~*~tactically~*~*~ (outnumbered).
 17081 | Lair:1   | 17081 ||| Stepping ~*~*~tactically~*~*~ (outnumbered).
 17083 | Lair:1   | 17083 ||| Stepping ~*~*~tactically~*~*~ (outnumbered).
 17085 | Lair:1   | 17085 ||| Stepping ~*~*~tactically~*~*~ (outnumbered).
 17087 | Lair:1   | 17087 ||| Stepping ~*~*~tactically~*~*~ (outnumbered).
 17089 | Lair:1   | 17089 ||| Stepping ~*~*~tactically~*~*~ (outnumbered).
 17091 | Lair:1   | 17091 ||| Stepping ~*~*~tactically~*~*~ (outnumbered).
 17093 | Lair:1   | 17093 ||| Stepping ~*~*~tactically~*~*~ (outnumbered).
 17095 | Lair:1   | 17095 ||| Stepping ~*~*~tactically~*~*~ (outnumbered).
 17097 | Lair:1   | 17097 ||| Stepping ~*~*~tactically~*~*~ (outnumbered).
 17099 | Lair:1   | 17099 ||| Stepping ~*~*~tactically~*~*~ (outnumbered).
 17101 | Lair:1   | 17101 ||| Stepping ~*~*~tactically~*~*~ (outnumbered).
 17103 | Lair:1   | 17103 ||| Stepping ~*~*~tactically~*~*~ (outnumbered).
 17105 | Lair:1   | 17105 ||| Stepping ~*~*~tactically~*~*~ (outnumbered).
 17107 | Lair:1   | 17107 ||| Stepping ~*~*~tactically~*~*~ (outnumbered).
 17109 | Lair:1   | 17109 ||| Stepping ~*~*~tactically~*~*~ (outnumbered).
 17111 | Lair:1   | 17111 ||| Stepping ~*~*~tactically~*~*~ (outnumbered).
 17113 | Lair:1   | 17113 ||| Stepping ~*~*~tactically~*~*~ (outnumbered).
 17115 | Lair:1   | 17115 ||| Stepping ~*~*~tactically~*~*~ (outnumbered).
 17117 | Lair:1   | 17117 ||| Stepping ~*~*~tactically~*~*~ (outnumbered).
 17119 | Lair:1   | 17119 ||| Stepping ~*~*~tactically~*~*~ (outnumbered).
 17121 | Lair:1   | 17121 ||| Stepping ~*~*~tactically~*~*~ (outnumbered).
 17123 | Lair:1   | 17123 ||| Stepping ~*~*~tactically~*~*~ (outnumbered).
 17125 | Lair:1   | 17125 ||| Stepping ~*~*~tactically~*~*~ (outnumbered).
 17127 | Lair:1   | 17127 ||| Stepping ~*~*~tactically~*~*~ (outnumbered).
 17129 | Lair:1   | 17129 ||| Stepping ~*~*~tactically~*~*~ (outnumbered).
 17131 | Lair:1   | 17131 ||| Stepping ~*~*~tactically~*~*~ (outnumbered).
 17133 | Lair:1   | 17133 ||| Stepping ~*~*~tactically~*~*~ (outnumbered).
 17135 | Lair:1   | 17135 ||| Stepping ~*~*~tactically~*~*~ (outnumbered).
 17137 | Lair:1   | 17137 ||| Stepping ~*~*~tactically~*~*~ (outnumbered).
 17139 | Lair:1   | 17139 ||| Stepping ~*~*~tactically~*~*~ (outnumbered).
 17141 | Lair:1   | 17141 ||| Stepping ~*~*~tactically~*~*~ (outnumbered).
 17143 | Lair:1   | 17143 ||| Stepping ~*~*~tactically~*~*~ (outnumbered).
 17145 | Lair:1   | 17145 ||| Stepping ~*~*~tactically~*~*~ (outnumbered).
 17147 | Lair:1   | 17147 ||| Stepping ~*~*~tactically~*~*~ (outnumbered).
 17149 | Lair:1   | 17149 ||| Stepping ~*~*~tactically~*~*~ (outnumbered).
 17151 | Lair:1   | 17151 ||| Stepping ~*~*~tactically~*~*~ (outnumbered).
 17153 | Lair:1   | 17153 ||| Stepping ~*~*~tactically~*~*~ (outnumbered).
 17155 | Lair:1   | 17155 ||| Stepping ~*~*~tactically~*~*~ (outnumbered).
 17157 | Lair:1   | 17157 ||| Stepping ~*~*~tactically~*~*~ (outnumbered).
 17159 | Lair:1   | 17159 ||| Stepping ~*~*~tactically~*~*~ (outnumbered).
 17161 | Lair:1   | 17161 ||| Stepping ~*~*~tactically~*~*~ (outnumbered).
 17163 | Lair:1   | 17163 ||| Stepping ~*~*~tactically~*~*~ (outnumbered).
 17165 | Lair:1   | 17165 ||| Stepping ~*~*~tactically~*~*~ (outnumbered).
 17167 | Lair:1   | 17167 ||| Stepping ~*~*~tactically~*~*~ (outnumbered).
 17169 | Lair:1   | 17169 ||| Stepping ~*~*~tactically~*~*~ (outnumbered).
 17171 | Lair:1   | 17171 ||| Stepping ~*~*~tactically~*~*~ (outnumbered).
 17173 | Lair:1   | 17173 ||| Stepping ~*~*~tactically~*~*~ (outnumbered).
 17175 | Lair:1   | 17175 ||| Stepping ~*~*~tactically~*~*~ (outnumbered).
 17177 | Lair:1   | 17177 ||| Stepping ~*~*~tactically~*~*~ (outnumbered).
 17179 | Lair:1   | 17179 ||| Stepping ~*~*~tactically~*~*~ (outnumbered).
 17181 | Lair:1   | 17181 ||| Stepping ~*~*~tactically~*~*~ (outnumbered).
 17183 | Lair:1   | 17183 ||| Stepping ~*~*~tactically~*~*~ (outnumbered).
 17185 | Lair:1   | 17185 ||| Stepping ~*~*~tactically~*~*~ (outnumbered).
 17187 | Lair:1   | 17187 ||| Stepping ~*~*~tactically~*~*~ (outnumbered).
 17189 | Lair:1   | 17189 ||| Stepping ~*~*~tactically~*~*~ (outnumbered).
 17191 | Lair:1   | 17191 ||| Stepping ~*~*~tactically~*~*~ (outnumbered).
 17193 | Lair:1   | 17193 ||| Stepping ~*~*~tactically~*~*~ (outnumbered).
 17195 | Lair:1   | 17195 ||| Stepping ~*~*~tactically~*~*~ (outnumbered).
 17197 | Lair:1   | 17197 ||| Stepping ~*~*~tactically~*~*~ (outnumbered).
 17199 | Lair:1   | 17199 ||| Stepping ~*~*~tactically~*~*~ (outnumbered).
 17201 | Lair:1   | 17201 ||| Stepping ~*~*~tactically~*~*~ (outnumbered).
 17203 | Lair:1   | 17203 ||| Stepping ~*~*~tactically~*~*~ (outnumbered).
 17205 | Lair:1   | 17205 ||| Stepping ~*~*~tactically~*~*~ (outnumbered).
 17207 | Lair:1   | 17207 ||| Stepping ~*~*~tactically~*~*~ (outnumbered).
 17209 | Lair:1   | 17209 ||| Stepping ~*~*~tactically~*~*~ (outnumbered).
 17211 | Lair:1   | 17211 ||| Stepping ~*~*~tactically~*~*~ (outnumbered).
 17213 | Lair:1   | 17213 ||| Stepping ~*~*~tactically~*~*~ (outnumbered).
 17215 | Lair:1   | 17215 ||| Stepping ~*~*~tactically~*~*~ (outnumbered).
 17217 | Lair:1   | 17217 ||| Stepping ~*~*~tactically~*~*~ (outnumbered).
 17219 | Lair:1   | 17219 ||| Stepping ~*~*~tactically~*~*~ (outnumbered).
 17221 | Lair:1   | 17221 ||| Stepping ~*~*~tactically~*~*~ (outnumbered).
 17223 | Lair:1   | 17223 ||| Stepping ~*~*~tactically~*~*~ (outnumbered).
 17225 | Lair:1   | 17225 ||| Stepping ~*~*~tactically~*~*~ (outnumbered).
 17227 | Lair:1   | 17227 ||| Stepping ~*~*~tactically~*~*~ (outnumbered).
 17229 | Lair:1   | 17229 ||| Stepping ~*~*~tactically~*~*~ (outnumbered).
 17231 | Lair:1   | 17231 ||| Stepping ~*~*~tactically~*~*~ (outnumbered).
 17233 | Lair:1   | 17233 ||| Stepping ~*~*~tactically~*~*~ (outnumbered).
 17235 | Lair:1   | 17235 ||| Stepping ~*~*~tactically~*~*~ (outnumbered).
 17237 | Lair:1   | 17237 ||| Stepping ~*~*~tactically~*~*~ (outnumbered).
 17239 | Lair:1   | 17239 ||| Stepping ~*~*~tactically~*~*~ (outnumbered).
 17241 | Lair:1   | 17241 ||| Stepping ~*~*~tactically~*~*~ (outnumbered).
 17243 | Lair:1   | 17243 ||| Stepping ~*~*~tactically~*~*~ (outnumbered).
 17245 | Lair:1   | 17245 ||| Stepping ~*~*~tactically~*~*~ (outnumbered).
 17247 | Lair:1   | 17247 ||| Stepping ~*~*~tactically~*~*~ (outnumbered).
 17249 | Lair:1   | 17249 ||| Stepping ~*~*~tactically~*~*~ (outnumbered).
 17251 | Lair:1   | 17251 ||| Stepping ~*~*~tactically~*~*~ (outnumbered).
 17253 | Lair:1   | 17253 ||| Stepping ~*~*~tactically~*~*~ (outnumbered).
 17255 | Lair:1   | 17255 ||| Stepping ~*~*~tactically~*~*~ (outnumbered).
 17257 | Lair:1   | 17257 ||| Stepping ~*~*~tactically~*~*~ (outnumbered).
 17259 | Lair:1   | 17259 ||| Stepping ~*~*~tactically~*~*~ (outnumbered).
 17261 | Lair:1   | 17261 ||| Stepping ~*~*~tactically~*~*~ (outnumbered).
 17263 | Lair:1   | 17263 ||| Stepping ~*~*~tactically~*~*~ (outnumbered).
 17265 | Lair:1   | 17265 ||| Stepping ~*~*~tactically~*~*~ (outnumbered).
 17267 | Lair:1   | 17267 ||| Stepping ~*~*~tactically~*~*~ (outnumbered).
 17269 | Lair:1   | 17269 ||| Stepping ~*~*~tactically~*~*~ (outnumbered).
 17271 | Lair:1   | 17271 ||| Stepping ~*~*~tactically~*~*~ (outnumbered).
 17273 | Lair:1   | 17273 ||| Stepping ~*~*~tactically~*~*~ (outnumbered).
 17275 | Lair:1   | 17275 ||| Stepping ~*~*~tactically~*~*~ (outnumbered).
 17277 | Lair:1   | 17277 ||| Stepping ~*~*~tactically~*~*~ (outnumbered).
 17279 | Lair:1   | 17279 ||| Stepping ~*~*~tactically~*~*~ (outnumbered).
 17281 | Lair:1   | 17281 ||| Stepping ~*~*~tactically~*~*~ (outnumbered).
 17283 | Lair:1   | 17283 ||| Stepping ~*~*~tactically~*~*~ (outnumbered).
 17285 | Lair:1   | 17285 ||| Stepping ~*~*~tactically~*~*~ (outnumbered).
 17287 | Lair:1   | 17287 ||| Stepping ~*~*~tactically~*~*~ (outnumbered).
 17289 | Lair:1   | 17289 ||| Stepping ~*~*~tactically~*~*~ (outnumbered).
 17291 | Lair:1   | 17291 ||| Stepping ~*~*~tactically~*~*~ (outnumbered).
 17293 | Lair:1   | 17293 ||| Stepping ~*~*~tactically~*~*~ (outnumbered).
 17295 | Lair:1   | 17295 ||| Stepping ~*~*~tactically~*~*~ (outnumbered).
 17297 | Lair:1   | 17297 ||| Stepping ~*~*~tactically~*~*~ (outnumbered).
 17297 | Lair:1   | Glimpsed the power of Zot.
 17299 | Lair:1   | 17299 ||| Stepping ~*~*~tactically~*~*~ (outnumbered).
 17301 | Lair:1   | 17301 ||| Stepping ~*~*~tactically~*~*~ (outnumbered).
 17303 | Lair:1   | 17303 ||| Stepping ~*~*~tactically~*~*~ (outnumbered).
 17305 | Lair:1   | 17305 ||| Stepping ~*~*~tactically~*~*~ (outnumbered).
 17307 | Lair:1   | 17307 ||| Stepping ~*~*~tactically~*~*~ (outnumbered).
 17309 | Lair:1   | 17309 ||| Stepping ~*~*~tactically~*~*~ (outnumbered).
 17311 | Lair:1   | 17311 ||| Stepping ~*~*~tactically~*~*~ (outnumbered).
 17313 | Lair:1   | 17313 ||| Stepping ~*~*~tactically~*~*~ (outnumbered).
 17315 | Lair:1   | 17315 ||| Stepping ~*~*~tactically~*~*~ (outnumbered).
 17317 | Lair:1   | 17317 ||| Stepping ~*~*~tactically~*~*~ (outnumbered).
 17319 | Lair:1   | 17319 ||| Stepping ~*~*~tactically~*~*~ (outnumbered).
 17321 | Lair:1   | 17321 ||| Stepping ~*~*~tactically~*~*~ (outnumbered).
 17323 | Lair:1   | 17323 ||| Stepping ~*~*~tactically~*~*~ (outnumbered).
 17325 | Lair:1   | 17325 ||| Stepping ~*~*~tactically~*~*~ (outnumbered).
 17327 | Lair:1   | 17327 ||| Stepping ~*~*~tactically~*~*~ (outnumbered).
 17329 | Lair:1   | 17329 ||| Stepping ~*~*~tactically~*~*~ (outnumbered).
 17331 | Lair:1   | 17331 ||| Stepping ~*~*~tactically~*~*~ (outnumbered).
 17333 | Lair:1   | 17333 ||| Stepping ~*~*~tactically~*~*~ (outnumbered).
 17335 | Lair:1   | 17335 ||| Stepping ~*~*~tactically~*~*~ (outnumbered).
 17337 | Lair:1   | 17337 ||| Stepping ~*~*~tactically~*~*~ (outnumbered).
 17339 | Lair:1   | 17339 ||| Stepping ~*~*~tactically~*~*~ (outnumbered).
 17341 | Lair:1   | 17341 ||| Stepping ~*~*~tactically~*~*~ (outnumbered).
 17343 | Lair:1   | 17343 ||| Stepping ~*~*~tactically~*~*~ (outnumbered).
 17345 | Lair:1   | 17345 ||| Stepping ~*~*~tactically~*~*~ (outnumbered).
 17347 | Lair:1   | 17347 ||| Stepping ~*~*~tactically~*~*~ (outnumbered).
 17349 | Lair:1   | 17349 ||| Stepping ~*~*~tactically~*~*~ (outnumbered).
 17351 | Lair:1   | 17351 ||| Stepping ~*~*~tactically~*~*~ (outnumbered).
 17353 | Lair:1   | 17353 ||| Stepping ~*~*~tactically~*~*~ (outnumbered).
 17355 | Lair:1   | 17355 ||| Stepping ~*~*~tactically~*~*~ (outnumbered).
 17357 | Lair:1   | 17357 ||| Stepping ~*~*~tactically~*~*~ (outnumbered).
 17359 | Lair:1   | 17359 ||| Stepping ~*~*~tactically~*~*~ (outnumbered).
 17361 | Lair:1   | 17361 ||| Stepping ~*~*~tactically~*~*~ (outnumbered).
 17363 | Lair:1   | 17363 ||| Stepping ~*~*~tactically~*~*~ (outnumbered).
 17365 | Lair:1   | 17365 ||| Stepping ~*~*~tactically~*~*~ (outnumbered).
 17367 | Lair:1   | 17367 ||| Stepping ~*~*~tactically~*~*~ (outnumbered).
 17369 | Lair:1   | 17369 ||| Stepping ~*~*~tactically~*~*~ (outnumbered).
 17371 | Lair:1   | 17371 ||| Stepping ~*~*~tactically~*~*~ (outnumbered).
 17373 | Lair:1   | 17373 ||| Stepping ~*~*~tactically~*~*~ (outnumbered).
 17375 | Lair:1   | 17375 ||| Stepping ~*~*~tactically~*~*~ (outnumbered).
 17377 | Lair:1   | 17377 ||| Stepping ~*~*~tactically~*~*~ (outnumbered).
 17379 | Lair:1   | 17379 ||| Stepping ~*~*~tactically~*~*~ (outnumbered).
 17381 | Lair:1   | 17381 ||| Stepping ~*~*~tactically~*~*~ (outnumbered).
 17383 | Lair:1   | 17383 ||| Stepping ~*~*~tactically~*~*~ (outnumbered).
 17385 | Lair:1   | 17385 ||| Stepping ~*~*~tactically~*~*~ (outnumbered).
 17387 | Lair:1   | 17387 ||| Stepping ~*~*~tactically~*~*~ (outnumbered).
 17389 | Lair:1   | 17389 ||| Stepping ~*~*~tactically~*~*~ (outnumbered).
 17391 | Lair:1   | 17391 ||| Stepping ~*~*~tactically~*~*~ (outnumbered).
 17393 | Lair:1   | 17393 ||| Stepping ~*~*~tactically~*~*~ (outnumbered).
 17395 | Lair:1   | 17395 ||| Stepping ~*~*~tactically~*~*~ (outnumbered).
 17397 | Lair:1   | 17397 ||| Stepping ~*~*~tactically~*~*~ (outnumbered).
 17399 | Lair:1   | 17399 ||| Stepping ~*~*~tactically~*~*~ (outnumbered).
 17401 | Lair:1   | 17401 ||| Stepping ~*~*~tactically~*~*~ (outnumbered).
 17403 | Lair:1   | 17403 ||| Stepping ~*~*~tactically~*~*~ (outnumbered).
 17405 | Lair:1   | 17405 ||| Stepping ~*~*~tactically~*~*~ (outnumbered).
 17407 | Lair:1   | 17407 ||| Stepping ~*~*~tactically~*~*~ (outnumbered).
 17409 | Lair:1   | 17409 ||| Stepping ~*~*~tactically~*~*~ (outnumbered).
 17411 | Lair:1   | 17411 ||| Stepping ~*~*~tactically~*~*~ (outnumbered).
 17413 | Lair:1   | 17413 ||| Stepping ~*~*~tactically~*~*~ (outnumbered).
 17415 | Lair:1   | 17415 ||| Stepping ~*~*~tactically~*~*~ (outnumbered).
 17417 | Lair:1   | 17417 ||| Stepping ~*~*~tactically~*~*~ (outnumbered).
 17419 | Lair:1   | 17419 ||| Stepping ~*~*~tactically~*~*~ (outnumbered).
 17421 | Lair:1   | 17421 ||| Stepping ~*~*~tactically~*~*~ (outnumbered).
 17423 | Lair:1   | 17423 ||| Stepping ~*~*~tactically~*~*~ (outnumbered).
 17425 | Lair:1   | 17425 ||| Stepping ~*~*~tactically~*~*~ (outnumbered).
 17427 | Lair:1   | 17427 ||| Stepping ~*~*~tactically~*~*~ (outnumbered).
 17429 | Lair:1   | 17429 ||| Stepping ~*~*~tactically~*~*~ (outnumbered).
 17431 | Lair:1   | 17431 ||| Stepping ~*~*~tactically~*~*~ (outnumbered).
 17433 | Lair:1   | 17433 ||| Stepping ~*~*~tactically~*~*~ (outnumbered).
 17435 | Lair:1   | 17435 ||| Stepping ~*~*~tactically~*~*~ (outnumbered).
 17437 | Lair:1   | 17437 ||| Stepping ~*~*~tactically~*~*~ (outnumbered).
 17439 | Lair:1   | 17439 ||| Stepping ~*~*~tactically~*~*~ (outnumbered).
 17441 | Lair:1   | 17441 ||| Stepping ~*~*~tactically~*~*~ (outnumbered).
 17443 | Lair:1   | 17443 ||| Stepping ~*~*~tactically~*~*~ (outnumbered).
 17445 | Lair:1   | 17445 ||| Stepping ~*~*~tactically~*~*~ (outnumbered).
 17447 | Lair:1   | 17447 ||| Stepping ~*~*~tactically~*~*~ (outnumbered).
 17449 | Lair:1   | 17449 ||| Stepping ~*~*~tactically~*~*~ (outnumbered).
 17451 | Lair:1   | 17451 ||| Stepping ~*~*~tactically~*~*~ (outnumbered).
 17453 | Lair:1   | 17453 ||| Stepping ~*~*~tactically~*~*~ (outnumbered).
 17455 | Lair:1   | 17455 ||| Stepping ~*~*~tactically~*~*~ (outnumbered).
 17457 | Lair:1   | 17457 ||| Stepping ~*~*~tactically~*~*~ (outnumbered).
 17459 | Lair:1   | 17459 ||| Stepping ~*~*~tactically~*~*~ (outnumbered).
 17461 | Lair:1   | 17461 ||| Stepping ~*~*~tactically~*~*~ (outnumbered).
 17463 | Lair:1   | 17463 ||| Stepping ~*~*~tactically~*~*~ (outnumbered).
 17465 | Lair:1   | 17465 ||| Stepping ~*~*~tactically~*~*~ (outnumbered).
 17467 | Lair:1   | 17467 ||| Stepping ~*~*~tactically~*~*~ (outnumbered).
 17469 | Lair:1   | 17469 ||| Stepping ~*~*~tactically~*~*~ (outnumbered).
 17471 | Lair:1   | 17471 ||| Stepping ~*~*~tactically~*~*~ (outnumbered).
 17473 | Lair:1   | 17473 ||| Stepping ~*~*~tactically~*~*~ (outnumbered).
 17475 | Lair:1   | 17475 ||| Stepping ~*~*~tactically~*~*~ (outnumbered).
 17477 | Lair:1   | 17477 ||| Stepping ~*~*~tactically~*~*~ (outnumbered).
 17479 | Lair:1   | 17479 ||| Stepping ~*~*~tactically~*~*~ (outnumbered).
 17481 | Lair:1   | 17481 ||| Stepping ~*~*~tactically~*~*~ (outnumbered).
 17483 | Lair:1   | 17483 ||| Stepping ~*~*~tactically~*~*~ (outnumbered).
 17485 | Lair:1   | 17485 ||| Stepping ~*~*~tactically~*~*~ (outnumbered).
 17487 | Lair:1   | 17487 ||| Stepping ~*~*~tactically~*~*~ (outnumbered).
 17489 | Lair:1   | 17489 ||| Stepping ~*~*~tactically~*~*~ (outnumbered).
 17491 | Lair:1   | 17491 ||| Stepping ~*~*~tactically~*~*~ (outnumbered).
 17493 | Lair:1   | 17493 ||| Stepping ~*~*~tactically~*~*~ (outnumbered).
 17495 | Lair:1   | 17495 ||| Stepping ~*~*~tactically~*~*~ (outnumbered).
 17497 | Lair:1   | 17497 ||| Stepping ~*~*~tactically~*~*~ (outnumbered).
 17499 | Lair:1   | 17499 ||| Stepping ~*~*~tactically~*~*~ (outnumbered).
 17501 | Lair:1   | 17501 ||| Stepping ~*~*~tactically~*~*~ (outnumbered).
 17503 | Lair:1   | 17503 ||| Stepping ~*~*~tactically~*~*~ (outnumbered).
 17505 | Lair:1   | 17505 ||| Stepping ~*~*~tactically~*~*~ (outnumbered).
 17507 | Lair:1   | 17507 ||| Stepping ~*~*~tactically~*~*~ (outnumbered).
 17509 | Lair:1   | 17509 ||| Stepping ~*~*~tactically~*~*~ (outnumbered).
 17511 | Lair:1   | 17511 ||| Stepping ~*~*~tactically~*~*~ (outnumbered).
 17513 | Lair:1   | 17513 ||| Stepping ~*~*~tactically~*~*~ (outnumbered).
 17515 | Lair:1   | 17515 ||| Stepping ~*~*~tactically~*~*~ (outnumbered).
 17517 | Lair:1   | 17517 ||| Stepping ~*~*~tactically~*~*~ (outnumbered).
 17519 | Lair:1   | 17519 ||| Stepping ~*~*~tactically~*~*~ (outnumbered).
 17521 | Lair:1   | 17521 ||| Stepping ~*~*~tactically~*~*~ (outnumbered).
 17523 | Lair:1   | 17523 ||| Stepping ~*~*~tactically~*~*~ (outnumbered).
 17525 | Lair:1   | 17525 ||| Stepping ~*~*~tactically~*~*~ (outnumbered).
 17527 | Lair:1   | 17527 ||| Stepping ~*~*~tactically~*~*~ (outnumbered).
 17529 | Lair:1   | 17529 ||| Stepping ~*~*~tactically~*~*~ (outnumbered).
 17531 | Lair:1   | 17531 ||| Stepping ~*~*~tactically~*~*~ (outnumbered).
 17533 | Lair:1   | 17533 ||| Stepping ~*~*~tactically~*~*~ (outnumbered).
 17535 | Lair:1   | 17535 ||| Stepping ~*~*~tactically~*~*~ (outnumbered).
 17537 | Lair:1   | 17537 ||| Stepping ~*~*~tactically~*~*~ (outnumbered).
 17539 | Lair:1   | 17539 ||| Stepping ~*~*~tactically~*~*~ (outnumbered).
 17541 | Lair:1   | 17541 ||| Stepping ~*~*~tactically~*~*~ (outnumbered).
 17543 | Lair:1   | 17543 ||| Stepping ~*~*~tactically~*~*~ (outnumbered).
 17545 | Lair:1   | 17545 ||| Stepping ~*~*~tactically~*~*~ (outnumbered).
 17547 | Lair:1   | 17547 ||| Stepping ~*~*~tactically~*~*~ (outnumbered).
 17549 | Lair:1   | 17549 ||| Stepping ~*~*~tactically~*~*~ (outnumbered).
 17551 | Lair:1   | 17551 ||| Stepping ~*~*~tactically~*~*~ (outnumbered).
 17553 | Lair:1   | 17553 ||| Stepping ~*~*~tactically~*~*~ (outnumbered).
 17555 | Lair:1   | 17555 ||| Stepping ~*~*~tactically~*~*~ (outnumbered).
 17557 | Lair:1   | 17557 ||| Stepping ~*~*~tactically~*~*~ (outnumbered).
 17559 | Lair:1   | 17559 ||| Stepping ~*~*~tactically~*~*~ (outnumbered).
 17561 | Lair:1   | 17561 ||| Stepping ~*~*~tactically~*~*~ (outnumbered).
 17563 | Lair:1   | 17563 ||| Stepping ~*~*~tactically~*~*~ (outnumbered).
 17565 | Lair:1   | 17565 ||| Stepping ~*~*~tactically~*~*~ (outnumbered).
 17567 | Lair:1   | 17567 ||| Stepping ~*~*~tactically~*~*~ (outnumbered).
 17569 | Lair:1   | 17569 ||| Stepping ~*~*~tactically~*~*~ (outnumbered).
 17571 | Lair:1   | 17571 ||| Stepping ~*~*~tactically~*~*~ (outnumbered).
 17573 | Lair:1   | 17573 ||| Stepping ~*~*~tactically~*~*~ (outnumbered).
 17575 | Lair:1   | 17575 ||| Stepping ~*~*~tactically~*~*~ (outnumbered).
 17577 | Lair:1   | 17577 ||| Stepping ~*~*~tactically~*~*~ (outnumbered).
 17579 | Lair:1   | 17579 ||| Stepping ~*~*~tactically~*~*~ (outnumbered).
 17581 | Lair:1   | 17581 ||| Stepping ~*~*~tactically~*~*~ (outnumbered).
 17583 | Lair:1   | 17583 ||| Stepping ~*~*~tactically~*~*~ (outnumbered).
 17585 | Lair:1   | 17585 ||| Stepping ~*~*~tactically~*~*~ (outnumbered).
 17587 | Lair:1   | 17587 ||| Stepping ~*~*~tactically~*~*~ (outnumbered).
 17589 | Lair:1   | 17589 ||| Stepping ~*~*~tactically~*~*~ (outnumbered).
 17591 | Lair:1   | 17591 ||| Stepping ~*~*~tactically~*~*~ (outnumbered).
 17593 | Lair:1   | 17593 ||| Stepping ~*~*~tactically~*~*~ (outnumbered).
 17595 | Lair:1   | 17595 ||| Stepping ~*~*~tactically~*~*~ (outnumbered).
 17597 | Lair:1   | 17597 ||| Stepping ~*~*~tactically~*~*~ (outnumbered).
 17599 | Lair:1   | 17599 ||| Stepping ~*~*~tactically~*~*~ (outnumbered).
 17601 | Lair:1   | 17601 ||| Stepping ~*~*~tactically~*~*~ (outnumbered).
 17603 | Lair:1   | 17603 ||| Stepping ~*~*~tactically~*~*~ (outnumbered).
 17605 | Lair:1   | 17605 ||| Stepping ~*~*~tactically~*~*~ (outnumbered).
 17607 | Lair:1   | 17607 ||| Stepping ~*~*~tactically~*~*~ (outnumbered).
 17609 | Lair:1   | 17609 ||| Stepping ~*~*~tactically~*~*~ (outnumbered).
 17611 | Lair:1   | 17611 ||| Stepping ~*~*~tactically~*~*~ (outnumbered).
 17613 | Lair:1   | 17613 ||| Stepping ~*~*~tactically~*~*~ (outnumbered).
 17615 | Lair:1   | 17615 ||| Stepping ~*~*~tactically~*~*~ (outnumbered).
 17617 | Lair:1   | 17617 ||| Stepping ~*~*~tactically~*~*~ (outnumbered).
 17619 | Lair:1   | 17619 ||| Stepping ~*~*~tactically~*~*~ (outnumbered).
 17621 | Lair:1   | 17621 ||| Stepping ~*~*~tactically~*~*~ (outnumbered).
 17623 | Lair:1   | 17623 ||| Stepping ~*~*~tactically~*~*~ (outnumbered).
 17625 | Lair:1   | 17625 ||| Stepping ~*~*~tactically~*~*~ (outnumbered).
 17627 | Lair:1   | 17627 ||| Stepping ~*~*~tactically~*~*~ (outnumbered).
 17629 | Lair:1   | 17629 ||| Stepping ~*~*~tactically~*~*~ (outnumbered).
 17631 | Lair:1   | 17631 ||| Stepping ~*~*~tactically~*~*~ (outnumbered).
 17633 | Lair:1   | 17633 ||| Stepping ~*~*~tactically~*~*~ (outnumbered).
 17635 | Lair:1   | 17635 ||| Stepping ~*~*~tactically~*~*~ (outnumbered).
 17637 | Lair:1   | 17637 ||| Stepping ~*~*~tactically~*~*~ (outnumbered).
 17639 | Lair:1   | 17639 ||| Stepping ~*~*~tactically~*~*~ (outnumbered).
 17641 | Lair:1   | 17641 ||| Stepping ~*~*~tactically~*~*~ (outnumbered).
 17643 | Lair:1   | 17643 ||| Stepping ~*~*~tactically~*~*~ (outnumbered).
 17645 | Lair:1   | 17645 ||| Stepping ~*~*~tactically~*~*~ (outnumbered).
 17647 | Lair:1   | 17647 ||| Stepping ~*~*~tactically~*~*~ (outnumbered).
 17649 | Lair:1   | 17649 ||| Stepping ~*~*~tactically~*~*~ (outnumbered).
 17651 | Lair:1   | 17651 ||| Stepping ~*~*~tactically~*~*~ (outnumbered).
 17653 | Lair:1   | 17653 ||| Stepping ~*~*~tactically~*~*~ (outnumbered).
 17655 | Lair:1   | 17655 ||| Stepping ~*~*~tactically~*~*~ (outnumbered).
 17657 | Lair:1   | 17657 ||| Stepping ~*~*~tactically~*~*~ (outnumbered).
 17659 | Lair:1   | 17659 ||| Stepping ~*~*~tactically~*~*~ (outnumbered).
 17661 | Lair:1   | 17661 ||| Stepping ~*~*~tactically~*~*~ (outnumbered).
 17663 | Lair:1   | 17663 ||| Stepping ~*~*~tactically~*~*~ (outnumbered).
 17665 | Lair:1   | 17665 ||| Stepping ~*~*~tactically~*~*~ (outnumbered).
 17667 | Lair:1   | 17667 ||| Stepping ~*~*~tactically~*~*~ (outnumbered).
 17669 | Lair:1   | 17669 ||| Stepping ~*~*~tactically~*~*~ (outnumbered).
 17671 | Lair:1   | 17671 ||| Stepping ~*~*~tactically~*~*~ (outnumbered).
 17673 | Lair:1   | 17673 ||| Stepping ~*~*~tactically~*~*~ (outnumbered).
 17675 | Lair:1   | 17675 ||| Stepping ~*~*~tactically~*~*~ (outnumbered).
 17677 | Lair:1   | 17677 ||| Stepping ~*~*~tactically~*~*~ (outnumbered).
 17679 | Lair:1   | 17679 ||| Stepping ~*~*~tactically~*~*~ (outnumbered).
 17681 | Lair:1   | 17681 ||| Stepping ~*~*~tactically~*~*~ (outnumbered).
 17683 | Lair:1   | 17683 ||| Stepping ~*~*~tactically~*~*~ (outnumbered).
 17685 | Lair:1   | 17685 ||| Stepping ~*~*~tactically~*~*~ (outnumbered).
 17687 | Lair:1   | 17687 ||| Stepping ~*~*~tactically~*~*~ (outnumbered).
 17689 | Lair:1   | 17689 ||| Stepping ~*~*~tactically~*~*~ (outnumbered).
 17691 | Lair:1   | 17691 ||| Stepping ~*~*~tactically~*~*~ (outnumbered).
 17693 | Lair:1   | 17693 ||| Stepping ~*~*~tactically~*~*~ (outnumbered).
 17695 | Lair:1   | 17695 ||| Stepping ~*~*~tactically~*~*~ (outnumbered).
 17697 | Lair:1   | 17697 ||| Stepping ~*~*~tactically~*~*~ (outnumbered).
 17697 | Lair:1   | Glimpsed the power of Zot.
 17699 | Lair:1   | 17699 ||| Stepping ~*~*~tactically~*~*~ (outnumbered).
 17701 | Lair:1   | 17701 ||| Stepping ~*~*~tactically~*~*~ (outnumbered).
 17703 | Lair:1   | 17703 ||| Stepping ~*~*~tactically~*~*~ (outnumbered).
 17705 | Lair:1   | 17705 ||| Stepping ~*~*~tactically~*~*~ (outnumbered).
 17707 | Lair:1   | 17707 ||| Stepping ~*~*~tactically~*~*~ (outnumbered).
 17709 | Lair:1   | 17709 ||| Stepping ~*~*~tactically~*~*~ (outnumbered).
 17711 | Lair:1   | 17711 ||| Stepping ~*~*~tactically~*~*~ (outnumbered).
 17713 | Lair:1   | 17713 ||| Stepping ~*~*~tactically~*~*~ (outnumbered).
 17715 | Lair:1   | 17715 ||| Stepping ~*~*~tactically~*~*~ (outnumbered).
 17717 | Lair:1   | 17717 ||| Stepping ~*~*~tactically~*~*~ (outnumbered).
 17719 | Lair:1   | 17719 ||| Stepping ~*~*~tactically~*~*~ (outnumbered).
 17721 | Lair:1   | 17721 ||| Stepping ~*~*~tactically~*~*~ (outnumbered).
 17723 | Lair:1   | 17723 ||| Stepping ~*~*~tactically~*~*~ (outnumbered).
 17725 | Lair:1   | 17725 ||| Stepping ~*~*~tactically~*~*~ (outnumbered).
 17727 | Lair:1   | 17727 ||| Stepping ~*~*~tactically~*~*~ (outnumbered).
 17729 | Lair:1   | 17729 ||| Stepping ~*~*~tactically~*~*~ (outnumbered).
 17731 | Lair:1   | 17731 ||| Stepping ~*~*~tactically~*~*~ (outnumbered).
 17733 | Lair:1   | 17733 ||| Stepping ~*~*~tactically~*~*~ (outnumbered).
 17735 | Lair:1   | 17735 ||| Stepping ~*~*~tactically~*~*~ (outnumbered).
 17737 | Lair:1   | 17737 ||| Stepping ~*~*~tactically~*~*~ (outnumbered).
 17739 | Lair:1   | 17739 ||| Stepping ~*~*~tactically~*~*~ (outnumbered).
 17741 | Lair:1   | 17741 ||| Stepping ~*~*~tactically~*~*~ (outnumbered).
 17743 | Lair:1   | 17743 ||| Stepping ~*~*~tactically~*~*~ (outnumbered).
 17745 | Lair:1   | 17745 ||| Stepping ~*~*~tactically~*~*~ (outnumbered).
 17747 | Lair:1   | 17747 ||| Stepping ~*~*~tactically~*~*~ (outnumbered).
 17749 | Lair:1   | 17749 ||| Stepping ~*~*~tactically~*~*~ (outnumbered).
 17751 | Lair:1   | 17751 ||| Stepping ~*~*~tactically~*~*~ (outnumbered).
 17753 | Lair:1   | 17753 ||| Stepping ~*~*~tactically~*~*~ (outnumbered).
 17755 | Lair:1   | 17755 ||| Stepping ~*~*~tactically~*~*~ (outnumbered).
 17757 | Lair:1   | 17757 ||| Stepping ~*~*~tactically~*~*~ (outnumbered).
 17759 | Lair:1   | 17759 ||| Stepping ~*~*~tactically~*~*~ (outnumbered).
 17761 | Lair:1   | 17761 ||| Stepping ~*~*~tactically~*~*~ (outnumbered).
 17763 | Lair:1   | 17763 ||| Stepping ~*~*~tactically~*~*~ (outnumbered).
 17765 | Lair:1   | 17765 ||| Stepping ~*~*~tactically~*~*~ (outnumbered).
 17767 | Lair:1   | 17767 ||| Stepping ~*~*~tactically~*~*~ (outnumbered).
 17769 | Lair:1   | 17769 ||| Stepping ~*~*~tactically~*~*~ (outnumbered).
 17771 | Lair:1   | 17771 ||| Stepping ~*~*~tactically~*~*~ (outnumbered).
 17773 | Lair:1   | 17773 ||| Stepping ~*~*~tactically~*~*~ (outnumbered).
 17775 | Lair:1   | 17775 ||| Stepping ~*~*~tactically~*~*~ (outnumbered).
 17777 | Lair:1   | 17777 ||| Stepping ~*~*~tactically~*~*~ (outnumbered).
 17779 | Lair:1   | 17779 ||| Stepping ~*~*~tactically~*~*~ (outnumbered).
 17781 | Lair:1   | 17781 ||| Stepping ~*~*~tactically~*~*~ (outnumbered).
 17783 | Lair:1   | 17783 ||| Stepping ~*~*~tactically~*~*~ (outnumbered).
 17785 | Lair:1   | 17785 ||| Stepping ~*~*~tactically~*~*~ (outnumbered).
 17787 | Lair:1   | 17787 ||| Stepping ~*~*~tactically~*~*~ (outnumbered).
 17789 | Lair:1   | 17789 ||| Stepping ~*~*~tactically~*~*~ (outnumbered).
 17791 | Lair:1   | 17791 ||| Stepping ~*~*~tactically~*~*~ (outnumbered).
 17793 | Lair:1   | 17793 ||| Stepping ~*~*~tactically~*~*~ (outnumbered).
 17795 | Lair:1   | 17795 ||| Stepping ~*~*~tactically~*~*~ (outnumbered).
 17796 | Lair:1   | Touched by the power of Zot (MHP 26 -> 19)
 17797 | Lair:1   | 17797 ||| Stepping ~*~*~tactically~*~*~ (outnumbered).
 17797 | Lair:1   | Glimpsed the power of Zot.
 17799 | Lair:1   | 17799 ||| Stepping ~*~*~tactically~*~*~ (outnumbered).
 17801 | Lair:1   | 17801 ||| Stepping ~*~*~tactically~*~*~ (outnumbered).
 17803 | Lair:1   | 17803 ||| Stepping ~*~*~tactically~*~*~ (outnumbered).
 17805 | Lair:1   | 17805 ||| Stepping ~*~*~tactically~*~*~ (outnumbered).
 17807 | Lair:1   | 17807 ||| Stepping ~*~*~tactically~*~*~ (outnumbered).
 17809 | Lair:1   | 17809 ||| Stepping ~*~*~tactically~*~*~ (outnumbered).
 17811 | Lair:1   | 17811 ||| Stepping ~*~*~tactically~*~*~ (outnumbered).
 17813 | Lair:1   | 17813 ||| Stepping ~*~*~tactically~*~*~ (outnumbered).
 17815 | Lair:1   | 17815 ||| Stepping ~*~*~tactically~*~*~ (outnumbered).
 17817 | Lair:1   | 17817 ||| Stepping ~*~*~tactically~*~*~ (outnumbered).
 17819 | Lair:1   | 17819 ||| Stepping ~*~*~tactically~*~*~ (outnumbered).
 17821 | Lair:1   | 17821 ||| Stepping ~*~*~tactically~*~*~ (outnumbered).
 17823 | Lair:1   | 17823 ||| Stepping ~*~*~tactically~*~*~ (outnumbered).
 17825 | Lair:1   | 17825 ||| Stepping ~*~*~tactically~*~*~ (outnumbered).
 17827 | Lair:1   | 17827 ||| Stepping ~*~*~tactically~*~*~ (outnumbered).
 17829 | Lair:1   | 17829 ||| Stepping ~*~*~tactically~*~*~ (outnumbered).
 17831 | Lair:1   | 17831 ||| Stepping ~*~*~tactically~*~*~ (outnumbered).
 17833 | Lair:1   | 17833 ||| Stepping ~*~*~tactically~*~*~ (outnumbered).
 17835 | Lair:1   | 17835 ||| Stepping ~*~*~tactically~*~*~ (outnumbered).
 17837 | Lair:1   | 17837 ||| Stepping ~*~*~tactically~*~*~ (outnumbered).
 17839 | Lair:1   | 17839 ||| Stepping ~*~*~tactically~*~*~ (outnumbered).
 17841 | Lair:1   | 17841 ||| Stepping ~*~*~tactically~*~*~ (outnumbered).
 17843 | Lair:1   | 17843 ||| Stepping ~*~*~tactically~*~*~ (outnumbered).
 17845 | Lair:1   | 17845 ||| Stepping ~*~*~tactically~*~*~ (outnumbered).
 17847 | Lair:1   | 17847 ||| Stepping ~*~*~tactically~*~*~ (outnumbered).
 17849 | Lair:1   | 17849 ||| Stepping ~*~*~tactically~*~*~ (outnumbered).
 17851 | Lair:1   | 17851 ||| Stepping ~*~*~tactically~*~*~ (outnumbered).
 17853 | Lair:1   | 17853 ||| Stepping ~*~*~tactically~*~*~ (outnumbered).
 17855 | Lair:1   | 17855 ||| Stepping ~*~*~tactically~*~*~ (outnumbered).
 17857 | Lair:1   | 17857 ||| Stepping ~*~*~tactically~*~*~ (outnumbered).
 17859 | Lair:1   | 17859 ||| Stepping ~*~*~tactically~*~*~ (outnumbered).
 17861 | Lair:1   | 17861 ||| Stepping ~*~*~tactically~*~*~ (outnumbered).
 17863 | Lair:1   | 17863 ||| Stepping ~*~*~tactically~*~*~ (outnumbered).
 17865 | Lair:1   | 17865 ||| Stepping ~*~*~tactically~*~*~ (outnumbered).
 17867 | Lair:1   | 17867 ||| Stepping ~*~*~tactically~*~*~ (outnumbered).
 17869 | Lair:1   | 17869 ||| Stepping ~*~*~tactically~*~*~ (outnumbered).
 17871 | Lair:1   | 17871 ||| Stepping ~*~*~tactically~*~*~ (outnumbered).
 17873 | Lair:1   | 17873 ||| Stepping ~*~*~tactically~*~*~ (outnumbered).
 17875 | Lair:1   | 17875 ||| Stepping ~*~*~tactically~*~*~ (outnumbered).
 17877 | Lair:1   | 17877 ||| Stepping ~*~*~tactically~*~*~ (outnumbered).
 17879 | Lair:1   | 17879 ||| Stepping ~*~*~tactically~*~*~ (outnumbered).
 17881 | Lair:1   | 17881 ||| Stepping ~*~*~tactically~*~*~ (outnumbered).
 17883 | Lair:1   | 17883 ||| Stepping ~*~*~tactically~*~*~ (outnumbered).
 17885 | Lair:1   | 17885 ||| Stepping ~*~*~tactically~*~*~ (outnumbered).
 17887 | Lair:1   | 17887 ||| Stepping ~*~*~tactically~*~*~ (outnumbered).
 17889 | Lair:1   | 17889 ||| Stepping ~*~*~tactically~*~*~ (outnumbered).
 17891 | Lair:1   | 17891 ||| Stepping ~*~*~tactically~*~*~ (outnumbered).
 17893 | Lair:1   | 17893 ||| Stepping ~*~*~tactically~*~*~ (outnumbered).
 17895 | Lair:1   | 17895 ||| Stepping ~*~*~tactically~*~*~ (outnumbered).
 17897 | Lair:1   | 17897 ||| Stepping ~*~*~tactically~*~*~ (outnumbered).
 17899 | Lair:1   | 17899 ||| Stepping ~*~*~tactically~*~*~ (outnumbered).
 17901 | Lair:1   | 17901 ||| Stepping ~*~*~tactically~*~*~ (outnumbered).
 17903 | Lair:1   | 17903 ||| Stepping ~*~*~tactically~*~*~ (outnumbered).
 17905 | Lair:1   | 17905 ||| Stepping ~*~*~tactically~*~*~ (outnumbered).
 17907 | Lair:1   | 17907 ||| Stepping ~*~*~tactically~*~*~ (outnumbered).
 17909 | Lair:1   | 17909 ||| Stepping ~*~*~tactically~*~*~ (outnumbered).
 17911 | Lair:1   | 17911 ||| Stepping ~*~*~tactically~*~*~ (outnumbered).
 17913 | Lair:1   | 17913 ||| Stepping ~*~*~tactically~*~*~ (outnumbered).
 17915 | Lair:1   | 17915 ||| Stepping ~*~*~tactically~*~*~ (outnumbered).
 17917 | Lair:1   | 17917 ||| Stepping ~*~*~tactically~*~*~ (outnumbered).
 17919 | Lair:1   | 17919 ||| Stepping ~*~*~tactically~*~*~ (outnumbered).
 17921 | Lair:1   | 17921 ||| Stepping ~*~*~tactically~*~*~ (outnumbered).
 17923 | Lair:1   | 17923 ||| Stepping ~*~*~tactically~*~*~ (outnumbered).
 17925 | Lair:1   | 17925 ||| Stepping ~*~*~tactically~*~*~ (outnumbered).
 17927 | Lair:1   | 17927 ||| Stepping ~*~*~tactically~*~*~ (outnumbered).
 17929 | Lair:1   | 17929 ||| Stepping ~*~*~tactically~*~*~ (outnumbered).
 17931 | Lair:1   | 17931 ||| Stepping ~*~*~tactically~*~*~ (outnumbered).
 17933 | Lair:1   | 17933 ||| Stepping ~*~*~tactically~*~*~ (outnumbered).
 17935 | Lair:1   | 17935 ||| Stepping ~*~*~tactically~*~*~ (outnumbered).
 17937 | Lair:1   | 17937 ||| Stepping ~*~*~tactically~*~*~ (outnumbered).
 17939 | Lair:1   | 17939 ||| Stepping ~*~*~tactically~*~*~ (outnumbered).
 17941 | Lair:1   | 17941 ||| Stepping ~*~*~tactically~*~*~ (outnumbered).
 17943 | Lair:1   | 17943 ||| Stepping ~*~*~tactically~*~*~ (outnumbered).
 17945 | Lair:1   | 17945 ||| Stepping ~*~*~tactically~*~*~ (outnumbered).
 17947 | Lair:1   | 17947 ||| Stepping ~*~*~tactically~*~*~ (outnumbered).
 17949 | Lair:1   | 17949 ||| Stepping ~*~*~tactically~*~*~ (outnumbered).
 17951 | Lair:1   | 17951 ||| Stepping ~*~*~tactically~*~*~ (outnumbered).
 17953 | Lair:1   | 17953 ||| Stepping ~*~*~tactically~*~*~ (outnumbered).
 17955 | Lair:1   | 17955 ||| Stepping ~*~*~tactically~*~*~ (outnumbered).
 17957 | Lair:1   | 17957 ||| Stepping ~*~*~tactically~*~*~ (outnumbered).
 17959 | Lair:1   | 17959 ||| Stepping ~*~*~tactically~*~*~ (outnumbered).
 17961 | Lair:1   | 17961 ||| Stepping ~*~*~tactically~*~*~ (outnumbered).
 17963 | Lair:1   | 17963 ||| Stepping ~*~*~tactically~*~*~ (outnumbered).
 17965 | Lair:1   | 17965 ||| Stepping ~*~*~tactically~*~*~ (outnumbered).
 17967 | Lair:1   | 17967 ||| Stepping ~*~*~tactically~*~*~ (outnumbered).
 17969 | Lair:1   | 17969 ||| Stepping ~*~*~tactically~*~*~ (outnumbered).
 17971 | Lair:1   | 17971 ||| Stepping ~*~*~tactically~*~*~ (outnumbered).
 17973 | Lair:1   | 17973 ||| Stepping ~*~*~tactically~*~*~ (outnumbered).
 17975 | Lair:1   | 17975 ||| Stepping ~*~*~tactically~*~*~ (outnumbered).
 17977 | Lair:1   | 17977 ||| Stepping ~*~*~tactically~*~*~ (outnumbered).
 17979 | Lair:1   | 17979 ||| Stepping ~*~*~tactically~*~*~ (outnumbered).
 17981 | Lair:1   | 17981 ||| Stepping ~*~*~tactically~*~*~ (outnumbered).
 17983 | Lair:1   | 17983 ||| Stepping ~*~*~tactically~*~*~ (outnumbered).
 17985 | Lair:1   | 17985 ||| Stepping ~*~*~tactically~*~*~ (outnumbered).
 17987 | Lair:1   | 17987 ||| Stepping ~*~*~tactically~*~*~ (outnumbered).
 17989 | Lair:1   | 17989 ||| Stepping ~*~*~tactically~*~*~ (outnumbered).
 17991 | Lair:1   | 17991 ||| Stepping ~*~*~tactically~*~*~ (outnumbered).
 17993 | Lair:1   | 17993 ||| Stepping ~*~*~tactically~*~*~ (outnumbered).
 17995 | Lair:1   | 17995 ||| Stepping ~*~*~tactically~*~*~ (outnumbered).
 17997 | Lair:1   | 17997 ||| Stepping ~*~*~tactically~*~*~ (outnumbered).
 17999 | Lair:1   | 17999 ||| Stepping ~*~*~tactically~*~*~ (outnumbered).
 18001 | Lair:1   | 18001 ||| Stepping ~*~*~tactically~*~*~ (outnumbered).
 18003 | Lair:1   | 18003 ||| Stepping ~*~*~tactically~*~*~ (outnumbered).
 18005 | Lair:1   | 18005 ||| Stepping ~*~*~tactically~*~*~ (outnumbered).
 18007 | Lair:1   | 18007 ||| Stepping ~*~*~tactically~*~*~ (outnumbered).
 18009 | Lair:1   | 18009 ||| Stepping ~*~*~tactically~*~*~ (outnumbered).
 18011 | Lair:1   | 18011 ||| Stepping ~*~*~tactically~*~*~ (outnumbered).
 18013 | Lair:1   | 18013 ||| Stepping ~*~*~tactically~*~*~ (outnumbered).
 18015 | Lair:1   | 18015 ||| Stepping ~*~*~tactically~*~*~ (outnumbered).
 18017 | Lair:1   | 18017 ||| Stepping ~*~*~tactically~*~*~ (outnumbered).
 18019 | Lair:1   | 18019 ||| Stepping ~*~*~tactically~*~*~ (outnumbered).
 18021 | Lair:1   | 18021 ||| Stepping ~*~*~tactically~*~*~ (outnumbered).
 18023 | Lair:1   | 18023 ||| Stepping ~*~*~tactically~*~*~ (outnumbered).
 18025 | Lair:1   | 18025 ||| Stepping ~*~*~tactically~*~*~ (outnumbered).
 18027 | Lair:1   | 18027 ||| Stepping ~*~*~tactically~*~*~ (outnumbered).
 18029 | Lair:1   | 18029 ||| Stepping ~*~*~tactically~*~*~ (outnumbered).
 18031 | Lair:1   | 18031 ||| Stepping ~*~*~tactically~*~*~ (outnumbered).
 18033 | Lair:1   | 18033 ||| Stepping ~*~*~tactically~*~*~ (outnumbered).
 18035 | Lair:1   | 18035 ||| Stepping ~*~*~tactically~*~*~ (outnumbered).
 18037 | Lair:1   | 18037 ||| Stepping ~*~*~tactically~*~*~ (outnumbered).
 18039 | Lair:1   | 18039 ||| Stepping ~*~*~tactically~*~*~ (outnumbered).
 18041 | Lair:1   | 18041 ||| Stepping ~*~*~tactically~*~*~ (outnumbered).
 18043 | Lair:1   | 18043 ||| Stepping ~*~*~tactically~*~*~ (outnumbered).
 18045 | Lair:1   | 18045 ||| Stepping ~*~*~tactically~*~*~ (outnumbered).
 18047 | Lair:1   | 18047 ||| Stepping ~*~*~tactically~*~*~ (outnumbered).
 18049 | Lair:1   | 18049 ||| Stepping ~*~*~tactically~*~*~ (outnumbered).
 18051 | Lair:1   | 18051 ||| Stepping ~*~*~tactically~*~*~ (outnumbered).
 18053 | Lair:1   | 18053 ||| Stepping ~*~*~tactically~*~*~ (outnumbered).
 18055 | Lair:1   | 18055 ||| Stepping ~*~*~tactically~*~*~ (outnumbered).
 18057 | Lair:1   | 18057 ||| Stepping ~*~*~tactically~*~*~ (outnumbered).
 18059 | Lair:1   | 18059 ||| Stepping ~*~*~tactically~*~*~ (outnumbered).
 18061 | Lair:1   | 18061 ||| Stepping ~*~*~tactically~*~*~ (outnumbered).
 18063 | Lair:1   | 18063 ||| Stepping ~*~*~tactically~*~*~ (outnumbered).
 18065 | Lair:1   | 18065 ||| Stepping ~*~*~tactically~*~*~ (outnumbered).
 18067 | Lair:1   | 18067 ||| Stepping ~*~*~tactically~*~*~ (outnumbered).
 18069 | Lair:1   | 18069 ||| Stepping ~*~*~tactically~*~*~ (outnumbered).
 18071 | Lair:1   | 18071 ||| Stepping ~*~*~tactically~*~*~ (outnumbered).
 18073 | Lair:1   | 18073 ||| Stepping ~*~*~tactically~*~*~ (outnumbered).
 18075 | Lair:1   | 18075 ||| Stepping ~*~*~tactically~*~*~ (outnumbered).
 18077 | Lair:1   | 18077 ||| Stepping ~*~*~tactically~*~*~ (outnumbered).
 18079 | Lair:1   | 18079 ||| Stepping ~*~*~tactically~*~*~ (outnumbered).
 18081 | Lair:1   | 18081 ||| Stepping ~*~*~tactically~*~*~ (outnumbered).
 18083 | Lair:1   | 18083 ||| Stepping ~*~*~tactically~*~*~ (outnumbered).
 18085 | Lair:1   | 18085 ||| Stepping ~*~*~tactically~*~*~ (outnumbered).
 18087 | Lair:1   | 18087 ||| Stepping ~*~*~tactically~*~*~ (outnumbered).
 18089 | Lair:1   | 18089 ||| Stepping ~*~*~tactically~*~*~ (outnumbered).
 18091 | Lair:1   | 18091 ||| Stepping ~*~*~tactically~*~*~ (outnumbered).
 18093 | Lair:1   | 18093 ||| Stepping ~*~*~tactically~*~*~ (outnumbered).
 18095 | Lair:1   | 18095 ||| Stepping ~*~*~tactically~*~*~ (outnumbered).
 18097 | Lair:1   | 18097 ||| Stepping ~*~*~tactically~*~*~ (outnumbered).
 18099 | Lair:1   | 18099 ||| Stepping ~*~*~tactically~*~*~ (outnumbered).
 18101 | Lair:1   | 18101 ||| Stepping ~*~*~tactically~*~*~ (outnumbered).
 18103 | Lair:1   | 18103 ||| Stepping ~*~*~tactically~*~*~ (outnumbered).
 18105 | Lair:1   | 18105 ||| Stepping ~*~*~tactically~*~*~ (outnumbered).
 18107 | Lair:1   | 18107 ||| Stepping ~*~*~tactically~*~*~ (outnumbered).
 18109 | Lair:1   | 18109 ||| Stepping ~*~*~tactically~*~*~ (outnumbered).
 18111 | Lair:1   | 18111 ||| Stepping ~*~*~tactically~*~*~ (outnumbered).
 18113 | Lair:1   | 18113 ||| Stepping ~*~*~tactically~*~*~ (outnumbered).
 18115 | Lair:1   | 18115 ||| Stepping ~*~*~tactically~*~*~ (outnumbered).
 18117 | Lair:1   | 18117 ||| Stepping ~*~*~tactically~*~*~ (outnumbered).
 18119 | Lair:1   | 18119 ||| Stepping ~*~*~tactically~*~*~ (outnumbered).
 18121 | Lair:1   | 18121 ||| Stepping ~*~*~tactically~*~*~ (outnumbered).
 18123 | Lair:1   | 18123 ||| Stepping ~*~*~tactically~*~*~ (outnumbered).
 18125 | Lair:1   | 18125 ||| Stepping ~*~*~tactically~*~*~ (outnumbered).
 18127 | Lair:1   | 18127 ||| Stepping ~*~*~tactically~*~*~ (outnumbered).
 18129 | Lair:1   | 18129 ||| Stepping ~*~*~tactically~*~*~ (outnumbered).
 18131 | Lair:1   | 18131 ||| Stepping ~*~*~tactically~*~*~ (outnumbered).
 18133 | Lair:1   | 18133 ||| Stepping ~*~*~tactically~*~*~ (outnumbered).
 18135 | Lair:1   | 18135 ||| Stepping ~*~*~tactically~*~*~ (outnumbered).
 18137 | Lair:1   | 18137 ||| Stepping ~*~*~tactically~*~*~ (outnumbered).
 18139 | Lair:1   | 18139 ||| Stepping ~*~*~tactically~*~*~ (outnumbered).
 18141 | Lair:1   | 18141 ||| Stepping ~*~*~tactically~*~*~ (outnumbered).
 18143 | Lair:1   | 18143 ||| Stepping ~*~*~tactically~*~*~ (outnumbered).
 18145 | Lair:1   | 18145 ||| Stepping ~*~*~tactically~*~*~ (outnumbered).
 18147 | Lair:1   | 18147 ||| Stepping ~*~*~tactically~*~*~ (outnumbered).
 18149 | Lair:1   | 18149 ||| Stepping ~*~*~tactically~*~*~ (outnumbered).
 18151 | Lair:1   | 18151 ||| Stepping ~*~*~tactically~*~*~ (outnumbered).
 18153 | Lair:1   | 18153 ||| Stepping ~*~*~tactically~*~*~ (outnumbered).
 18155 | Lair:1   | 18155 ||| Stepping ~*~*~tactically~*~*~ (outnumbered).
 18157 | Lair:1   | 18157 ||| Stepping ~*~*~tactically~*~*~ (outnumbered).
 18159 | Lair:1   | 18159 ||| Stepping ~*~*~tactically~*~*~ (outnumbered).
 18161 | Lair:1   | 18161 ||| Stepping ~*~*~tactically~*~*~ (outnumbered).
 18163 | Lair:1   | 18163 ||| Stepping ~*~*~tactically~*~*~ (outnumbered).
 18165 | Lair:1   | 18165 ||| Stepping ~*~*~tactically~*~*~ (outnumbered).
 18167 | Lair:1   | 18167 ||| Stepping ~*~*~tactically~*~*~ (outnumbered).
 18169 | Lair:1   | 18169 ||| Stepping ~*~*~tactically~*~*~ (outnumbered).
 18171 | Lair:1   | 18171 ||| Stepping ~*~*~tactically~*~*~ (outnumbered).
 18173 | Lair:1   | 18173 ||| Stepping ~*~*~tactically~*~*~ (outnumbered).
 18175 | Lair:1   | 18175 ||| Stepping ~*~*~tactically~*~*~ (outnumbered).
 18177 | Lair:1   | 18177 ||| Stepping ~*~*~tactically~*~*~ (outnumbered).
 18179 | Lair:1   | 18179 ||| Stepping ~*~*~tactically~*~*~ (outnumbered).
 18181 | Lair:1   | 18181 ||| Stepping ~*~*~tactically~*~*~ (outnumbered).
 18183 | Lair:1   | 18183 ||| Stepping ~*~*~tactically~*~*~ (outnumbered).
 18185 | Lair:1   | 18185 ||| Stepping ~*~*~tactically~*~*~ (outnumbered).
 18187 | Lair:1   | 18187 ||| Stepping ~*~*~tactically~*~*~ (outnumbered).
 18189 | Lair:1   | 18189 ||| Stepping ~*~*~tactically~*~*~ (outnumbered).
 18191 | Lair:1   | 18191 ||| Stepping ~*~*~tactically~*~*~ (outnumbered).
 18193 | Lair:1   | 18193 ||| Stepping ~*~*~tactically~*~*~ (outnumbered).
 18195 | Lair:1   | 18195 ||| Stepping ~*~*~tactically~*~*~ (outnumbered).
 18197 | Lair:1   | 18197 ||| Stepping ~*~*~tactically~*~*~ (outnumbered).
 18199 | Lair:1   | 18199 ||| Stepping ~*~*~tactically~*~*~ (outnumbered).
 18201 | Lair:1   | 18201 ||| Stepping ~*~*~tactically~*~*~ (outnumbered).
 18203 | Lair:1   | 18203 ||| Stepping ~*~*~tactically~*~*~ (outnumbered).
 18205 | Lair:1   | 18205 ||| Stepping ~*~*~tactically~*~*~ (outnumbered).
 18207 | Lair:1   | 18207 ||| Stepping ~*~*~tactically~*~*~ (outnumbered).
 18209 | Lair:1   | 18209 ||| Stepping ~*~*~tactically~*~*~ (outnumbered).
 18211 | Lair:1   | 18211 ||| Stepping ~*~*~tactically~*~*~ (outnumbered).
 18213 | Lair:1   | 18213 ||| Stepping ~*~*~tactically~*~*~ (outnumbered).
 18215 | Lair:1   | 18215 ||| Stepping ~*~*~tactically~*~*~ (outnumbered).
 18217 | Lair:1   | 18217 ||| Stepping ~*~*~tactically~*~*~ (outnumbered).
 18219 | Lair:1   | 18219 ||| Stepping ~*~*~tactically~*~*~ (outnumbered).
 18221 | Lair:1   | 18221 ||| Stepping ~*~*~tactically~*~*~ (outnumbered).
 18223 | Lair:1   | 18223 ||| Stepping ~*~*~tactically~*~*~ (outnumbered).
 18225 | Lair:1   | 18225 ||| Stepping ~*~*~tactically~*~*~ (outnumbered).
 18227 | Lair:1   | 18227 ||| Stepping ~*~*~tactically~*~*~ (outnumbered).
 18229 | Lair:1   | 18229 ||| Stepping ~*~*~tactically~*~*~ (outnumbered).
 18231 | Lair:1   | 18231 ||| Stepping ~*~*~tactically~*~*~ (outnumbered).
 18233 | Lair:1   | 18233 ||| Stepping ~*~*~tactically~*~*~ (outnumbered).
 18235 | Lair:1   | 18235 ||| Stepping ~*~*~tactically~*~*~ (outnumbered).
 18237 | Lair:1   | 18237 ||| Stepping ~*~*~tactically~*~*~ (outnumbered).
 18239 | Lair:1   | 18239 ||| Stepping ~*~*~tactically~*~*~ (outnumbered).
 18241 | Lair:1   | 18241 ||| Stepping ~*~*~tactically~*~*~ (outnumbered).
 18243 | Lair:1   | 18243 ||| Stepping ~*~*~tactically~*~*~ (outnumbered).
 18245 | Lair:1   | 18245 ||| Stepping ~*~*~tactically~*~*~ (outnumbered).
 18247 | Lair:1   | 18247 ||| Stepping ~*~*~tactically~*~*~ (outnumbered).
 18249 | Lair:1   | 18249 ||| Stepping ~*~*~tactically~*~*~ (outnumbered).
 18251 | Lair:1   | 18251 ||| Stepping ~*~*~tactically~*~*~ (outnumbered).
 18253 | Lair:1   | 18253 ||| Stepping ~*~*~tactically~*~*~ (outnumbered).
 18255 | Lair:1   | 18255 ||| Stepping ~*~*~tactically~*~*~ (outnumbered).
 18257 | Lair:1   | 18257 ||| Stepping ~*~*~tactically~*~*~ (outnumbered).
 18259 | Lair:1   | 18259 ||| Stepping ~*~*~tactically~*~*~ (outnumbered).
 18261 | Lair:1   | 18261 ||| Stepping ~*~*~tactically~*~*~ (outnumbered).
 18263 | Lair:1   | 18263 ||| Stepping ~*~*~tactically~*~*~ (outnumbered).
 18265 | Lair:1   | 18265 ||| Stepping ~*~*~tactically~*~*~ (outnumbered).
 18267 | Lair:1   | 18267 ||| Stepping ~*~*~tactically~*~*~ (outnumbered).
 18269 | Lair:1   | 18269 ||| Stepping ~*~*~tactically~*~*~ (outnumbered).
 18271 | Lair:1   | 18271 ||| Stepping ~*~*~tactically~*~*~ (outnumbered).
 18273 | Lair:1   | 18273 ||| Stepping ~*~*~tactically~*~*~ (outnumbered).
 18275 | Lair:1   | 18275 ||| Stepping ~*~*~tactically~*~*~ (outnumbered).
 18277 | Lair:1   | 18277 ||| Stepping ~*~*~tactically~*~*~ (outnumbered).
 18279 | Lair:1   | 18279 ||| Stepping ~*~*~tactically~*~*~ (outnumbered).
 18281 | Lair:1   | 18281 ||| Stepping ~*~*~tactically~*~*~ (outnumbered).
 18283 | Lair:1   | 18283 ||| Stepping ~*~*~tactically~*~*~ (outnumbered).
 18285 | Lair:1   | 18285 ||| Stepping ~*~*~tactically~*~*~ (outnumbered).
 18287 | Lair:1   | 18287 ||| Stepping ~*~*~tactically~*~*~ (outnumbered).
 18289 | Lair:1   | 18289 ||| Stepping ~*~*~tactically~*~*~ (outnumbered).
 18291 | Lair:1   | 18291 ||| Stepping ~*~*~tactically~*~*~ (outnumbered).
 18293 | Lair:1   | 18293 ||| Stepping ~*~*~tactically~*~*~ (outnumbered).
 18295 | Lair:1   | 18295 ||| Stepping ~*~*~tactically~*~*~ (outnumbered).
 18297 | Lair:1   | 18297 ||| Stepping ~*~*~tactically~*~*~ (outnumbered).
 18297 | Lair:1   | Glimpsed the power of Zot.
 18299 | Lair:1   | 18299 ||| Stepping ~*~*~tactically~*~*~ (outnumbered).
 18301 | Lair:1   | 18301 ||| Stepping ~*~*~tactically~*~*~ (outnumbered).
 18303 | Lair:1   | 18303 ||| Stepping ~*~*~tactically~*~*~ (outnumbered).
 18305 | Lair:1   | 18305 ||| Stepping ~*~*~tactically~*~*~ (outnumbered).
 18307 | Lair:1   | 18307 ||| Stepping ~*~*~tactically~*~*~ (outnumbered).
 18309 | Lair:1   | 18309 ||| Stepping ~*~*~tactically~*~*~ (outnumbered).
 18311 | Lair:1   | 18311 ||| Stepping ~*~*~tactically~*~*~ (outnumbered).
 18313 | Lair:1   | 18313 ||| Stepping ~*~*~tactically~*~*~ (outnumbered).
 18315 | Lair:1   | 18315 ||| Stepping ~*~*~tactically~*~*~ (outnumbered).
 18317 | Lair:1   | 18317 ||| Stepping ~*~*~tactically~*~*~ (outnumbered).
 18319 | Lair:1   | 18319 ||| Stepping ~*~*~tactically~*~*~ (outnumbered).
 18321 | Lair:1   | 18321 ||| Stepping ~*~*~tactically~*~*~ (outnumbered).
 18323 | Lair:1   | 18323 ||| Stepping ~*~*~tactically~*~*~ (outnumbered).
 18325 | Lair:1   | 18325 ||| Stepping ~*~*~tactically~*~*~ (outnumbered).
 18327 | Lair:1   | 18327 ||| Stepping ~*~*~tactically~*~*~ (outnumbered).
 18329 | Lair:1   | 18329 ||| Stepping ~*~*~tactically~*~*~ (outnumbered).
 18331 | Lair:1   | 18331 ||| Stepping ~*~*~tactically~*~*~ (outnumbered).
 18333 | Lair:1   | 18333 ||| Stepping ~*~*~tactically~*~*~ (outnumbered).
 18335 | Lair:1   | 18335 ||| Stepping ~*~*~tactically~*~*~ (outnumbered).
 18337 | Lair:1   | 18337 ||| Stepping ~*~*~tactically~*~*~ (outnumbered).
 18339 | Lair:1   | 18339 ||| Stepping ~*~*~tactically~*~*~ (outnumbered).
 18341 | Lair:1   | 18341 ||| Stepping ~*~*~tactically~*~*~ (outnumbered).
 18343 | Lair:1   | 18343 ||| Stepping ~*~*~tactically~*~*~ (outnumbered).
 18345 | Lair:1   | 18345 ||| Stepping ~*~*~tactically~*~*~ (outnumbered).
 18347 | Lair:1   | 18347 ||| Stepping ~*~*~tactically~*~*~ (outnumbered).
 18349 | Lair:1   | 18349 ||| Stepping ~*~*~tactically~*~*~ (outnumbered).
 18351 | Lair:1   | 18351 ||| Stepping ~*~*~tactically~*~*~ (outnumbered).
 18353 | Lair:1   | 18353 ||| Stepping ~*~*~tactically~*~*~ (outnumbered).
 18355 | Lair:1   | 18355 ||| Stepping ~*~*~tactically~*~*~ (outnumbered).
 18357 | Lair:1   | 18357 ||| Stepping ~*~*~tactically~*~*~ (outnumbered).
 18359 | Lair:1   | 18359 ||| Stepping ~*~*~tactically~*~*~ (outnumbered).
 18361 | Lair:1   | 18361 ||| Stepping ~*~*~tactically~*~*~ (outnumbered).
 18363 | Lair:1   | 18363 ||| Stepping ~*~*~tactically~*~*~ (outnumbered).
 18365 | Lair:1   | 18365 ||| Stepping ~*~*~tactically~*~*~ (outnumbered).
 18367 | Lair:1   | 18367 ||| Stepping ~*~*~tactically~*~*~ (outnumbered).
 18369 | Lair:1   | 18369 ||| Stepping ~*~*~tactically~*~*~ (outnumbered).
 18371 | Lair:1   | 18371 ||| Stepping ~*~*~tactically~*~*~ (outnumbered).
 18373 | Lair:1   | 18373 ||| Stepping ~*~*~tactically~*~*~ (outnumbered).
 18375 | Lair:1   | 18375 ||| Stepping ~*~*~tactically~*~*~ (outnumbered).
 18377 | Lair:1   | 18377 ||| Stepping ~*~*~tactically~*~*~ (outnumbered).
 18379 | Lair:1   | 18379 ||| Stepping ~*~*~tactically~*~*~ (outnumbered).
 18381 | Lair:1   | 18381 ||| Stepping ~*~*~tactically~*~*~ (outnumbered).
 18383 | Lair:1   | 18383 ||| Stepping ~*~*~tactically~*~*~ (outnumbered).
 18385 | Lair:1   | 18385 ||| Stepping ~*~*~tactically~*~*~ (outnumbered).
 18387 | Lair:1   | 18387 ||| Stepping ~*~*~tactically~*~*~ (outnumbered).
 18389 | Lair:1   | 18389 ||| Stepping ~*~*~tactically~*~*~ (outnumbered).
 18391 | Lair:1   | 18391 ||| Stepping ~*~*~tactically~*~*~ (outnumbered).
 18393 | Lair:1   | 18393 ||| Stepping ~*~*~tactically~*~*~ (outnumbered).
 18395 | Lair:1   | 18395 ||| Stepping ~*~*~tactically~*~*~ (outnumbered).
 18397 | Lair:1   | 18397 ||| Stepping ~*~*~tactically~*~*~ (outnumbered).
 18399 | Lair:1   | 18399 ||| Stepping ~*~*~tactically~*~*~ (outnumbered).
 18401 | Lair:1   | 18401 ||| Stepping ~*~*~tactically~*~*~ (outnumbered).
 18403 | Lair:1   | 18403 ||| Stepping ~*~*~tactically~*~*~ (outnumbered).
 18405 | Lair:1   | 18405 ||| Stepping ~*~*~tactically~*~*~ (outnumbered).
 18407 | Lair:1   | 18407 ||| Stepping ~*~*~tactically~*~*~ (outnumbered).
 18409 | Lair:1   | 18409 ||| Stepping ~*~*~tactically~*~*~ (outnumbered).
 18411 | Lair:1   | 18411 ||| Stepping ~*~*~tactically~*~*~ (outnumbered).
 18413 | Lair:1   | 18413 ||| Stepping ~*~*~tactically~*~*~ (outnumbered).
 18415 | Lair:1   | 18415 ||| Stepping ~*~*~tactically~*~*~ (outnumbered).
 18417 | Lair:1   | 18417 ||| Stepping ~*~*~tactically~*~*~ (outnumbered).
 18419 | Lair:1   | 18419 ||| Stepping ~*~*~tactically~*~*~ (outnumbered).
 18421 | Lair:1   | 18421 ||| Stepping ~*~*~tactically~*~*~ (outnumbered).
 18423 | Lair:1   | 18423 ||| Stepping ~*~*~tactically~*~*~ (outnumbered).
 18425 | Lair:1   | 18425 ||| Stepping ~*~*~tactically~*~*~ (outnumbered).
 18427 | Lair:1   | 18427 ||| Stepping ~*~*~tactically~*~*~ (outnumbered).
 18429 | Lair:1   | 18429 ||| Stepping ~*~*~tactically~*~*~ (outnumbered).
 18431 | Lair:1   | 18431 ||| Stepping ~*~*~tactically~*~*~ (outnumbered).
 18433 | Lair:1   | 18433 ||| Stepping ~*~*~tactically~*~*~ (outnumbered).
 18435 | Lair:1   | 18435 ||| Stepping ~*~*~tactically~*~*~ (outnumbered).
 18437 | Lair:1   | 18437 ||| Stepping ~*~*~tactically~*~*~ (outnumbered).
 18439 | Lair:1   | 18439 ||| Stepping ~*~*~tactically~*~*~ (outnumbered).
 18441 | Lair:1   | 18441 ||| Stepping ~*~*~tactically~*~*~ (outnumbered).
 18443 | Lair:1   | 18443 ||| Stepping ~*~*~tactically~*~*~ (outnumbered).
 18445 | Lair:1   | 18445 ||| Stepping ~*~*~tactically~*~*~ (outnumbered).
 18447 | Lair:1   | 18447 ||| Stepping ~*~*~tactically~*~*~ (outnumbered).
 18449 | Lair:1   | 18449 ||| Stepping ~*~*~tactically~*~*~ (outnumbered).
 18451 | Lair:1   | 18451 ||| Stepping ~*~*~tactically~*~*~ (outnumbered).
 18453 | Lair:1   | 18453 ||| Stepping ~*~*~tactically~*~*~ (outnumbered).
 18455 | Lair:1   | 18455 ||| Stepping ~*~*~tactically~*~*~ (outnumbered).
 18457 | Lair:1   | 18457 ||| Stepping ~*~*~tactically~*~*~ (outnumbered).
 18459 | Lair:1   | 18459 ||| Stepping ~*~*~tactically~*~*~ (outnumbered).
 18461 | Lair:1   | 18461 ||| Stepping ~*~*~tactically~*~*~ (outnumbered).
 18463 | Lair:1   | 18463 ||| Stepping ~*~*~tactically~*~*~ (outnumbered).
 18465 | Lair:1   | 18465 ||| Stepping ~*~*~tactically~*~*~ (outnumbered).
 18467 | Lair:1   | 18467 ||| Stepping ~*~*~tactically~*~*~ (outnumbered).
 18469 | Lair:1   | 18469 ||| Stepping ~*~*~tactically~*~*~ (outnumbered).
 18471 | Lair:1   | 18471 ||| Stepping ~*~*~tactically~*~*~ (outnumbered).
 18473 | Lair:1   | 18473 ||| Stepping ~*~*~tactically~*~*~ (outnumbered).
 18475 | Lair:1   | 18475 ||| Stepping ~*~*~tactically~*~*~ (outnumbered).
 18477 | Lair:1   | 18477 ||| Stepping ~*~*~tactically~*~*~ (outnumbered).
 18479 | Lair:1   | 18479 ||| Stepping ~*~*~tactically~*~*~ (outnumbered).
 18481 | Lair:1   | 18481 ||| Stepping ~*~*~tactically~*~*~ (outnumbered).
 18483 | Lair:1   | 18483 ||| Stepping ~*~*~tactically~*~*~ (outnumbered).
 18485 | Lair:1   | 18485 ||| Stepping ~*~*~tactically~*~*~ (outnumbered).
 18487 | Lair:1   | 18487 ||| Stepping ~*~*~tactically~*~*~ (outnumbered).
 18489 | Lair:1   | 18489 ||| Stepping ~*~*~tactically~*~*~ (outnumbered).
 18491 | Lair:1   | 18491 ||| Stepping ~*~*~tactically~*~*~ (outnumbered).
 18493 | Lair:1   | 18493 ||| Stepping ~*~*~tactically~*~*~ (outnumbered).
 18495 | Lair:1   | 18495 ||| Stepping ~*~*~tactically~*~*~ (outnumbered).
 18497 | Lair:1   | 18497 ||| Stepping ~*~*~tactically~*~*~ (outnumbered).
 18499 | Lair:1   | 18499 ||| Stepping ~*~*~tactically~*~*~ (outnumbered).
 18501 | Lair:1   | 18501 ||| Stepping ~*~*~tactically~*~*~ (outnumbered).
 18503 | Lair:1   | 18503 ||| Stepping ~*~*~tactically~*~*~ (outnumbered).
 18505 | Lair:1   | 18505 ||| Stepping ~*~*~tactically~*~*~ (outnumbered).
 18507 | Lair:1   | 18507 ||| Stepping ~*~*~tactically~*~*~ (outnumbered).
 18509 | Lair:1   | 18509 ||| Stepping ~*~*~tactically~*~*~ (outnumbered).
 18511 | Lair:1   | 18511 ||| Stepping ~*~*~tactically~*~*~ (outnumbered).
 18513 | Lair:1   | 18513 ||| Stepping ~*~*~tactically~*~*~ (outnumbered).
 18515 | Lair:1   | 18515 ||| Stepping ~*~*~tactically~*~*~ (outnumbered).
 18517 | Lair:1   | 18517 ||| Stepping ~*~*~tactically~*~*~ (outnumbered).
 18519 | Lair:1   | 18519 ||| Stepping ~*~*~tactically~*~*~ (outnumbered).
 18521 | Lair:1   | 18521 ||| Stepping ~*~*~tactically~*~*~ (outnumbered).
 18523 | Lair:1   | 18523 ||| Stepping ~*~*~tactically~*~*~ (outnumbered).
 18525 | Lair:1   | 18525 ||| Stepping ~*~*~tactically~*~*~ (outnumbered).
 18527 | Lair:1   | 18527 ||| Stepping ~*~*~tactically~*~*~ (outnumbered).
 18529 | Lair:1   | 18529 ||| Stepping ~*~*~tactically~*~*~ (outnumbered).
 18531 | Lair:1   | 18531 ||| Stepping ~*~*~tactically~*~*~ (outnumbered).
 18533 | Lair:1   | 18533 ||| Stepping ~*~*~tactically~*~*~ (outnumbered).
 18535 | Lair:1   | 18535 ||| Stepping ~*~*~tactically~*~*~ (outnumbered).
 18537 | Lair:1   | 18537 ||| Stepping ~*~*~tactically~*~*~ (outnumbered).
 18539 | Lair:1   | 18539 ||| Stepping ~*~*~tactically~*~*~ (outnumbered).
 18541 | Lair:1   | 18541 ||| Stepping ~*~*~tactically~*~*~ (outnumbered).
 18543 | Lair:1   | 18543 ||| Stepping ~*~*~tactically~*~*~ (outnumbered).
 18545 | Lair:1   | 18545 ||| Stepping ~*~*~tactically~*~*~ (outnumbered).
 18547 | Lair:1   | 18547 ||| Stepping ~*~*~tactically~*~*~ (outnumbered).
 18549 | Lair:1   | 18549 ||| Stepping ~*~*~tactically~*~*~ (outnumbered).
 18551 | Lair:1   | 18551 ||| Stepping ~*~*~tactically~*~*~ (outnumbered).
 18553 | Lair:1   | 18553 ||| Stepping ~*~*~tactically~*~*~ (outnumbered).
 18555 | Lair:1   | 18555 ||| Stepping ~*~*~tactically~*~*~ (outnumbered).
 18557 | Lair:1   | 18557 ||| Stepping ~*~*~tactically~*~*~ (outnumbered).
 18559 | Lair:1   | 18559 ||| Stepping ~*~*~tactically~*~*~ (outnumbered).
 18561 | Lair:1   | 18561 ||| Stepping ~*~*~tactically~*~*~ (outnumbered).
 18563 | Lair:1   | 18563 ||| Stepping ~*~*~tactically~*~*~ (outnumbered).
 18565 | Lair:1   | 18565 ||| Stepping ~*~*~tactically~*~*~ (outnumbered).
 18567 | Lair:1   | 18567 ||| Stepping ~*~*~tactically~*~*~ (outnumbered).
 18569 | Lair:1   | 18569 ||| Stepping ~*~*~tactically~*~*~ (outnumbered).
 18571 | Lair:1   | 18571 ||| Stepping ~*~*~tactically~*~*~ (outnumbered).
 18573 | Lair:1   | 18573 ||| Stepping ~*~*~tactically~*~*~ (outnumbered).
 18575 | Lair:1   | 18575 ||| Stepping ~*~*~tactically~*~*~ (outnumbered).
 18577 | Lair:1   | 18577 ||| Stepping ~*~*~tactically~*~*~ (outnumbered).
 18579 | Lair:1   | 18579 ||| Stepping ~*~*~tactically~*~*~ (outnumbered).
 18581 | Lair:1   | 18581 ||| Stepping ~*~*~tactically~*~*~ (outnumbered).
 18583 | Lair:1   | 18583 ||| Stepping ~*~*~tactically~*~*~ (outnumbered).
 18585 | Lair:1   | 18585 ||| Stepping ~*~*~tactically~*~*~ (outnumbered).
 18587 | Lair:1   | 18587 ||| Stepping ~*~*~tactically~*~*~ (outnumbered).
 18589 | Lair:1   | 18589 ||| Stepping ~*~*~tactically~*~*~ (outnumbered).
 18591 | Lair:1   | 18591 ||| Stepping ~*~*~tactically~*~*~ (outnumbered).
 18593 | Lair:1   | 18593 ||| Stepping ~*~*~tactically~*~*~ (outnumbered).
 18595 | Lair:1   | 18595 ||| Stepping ~*~*~tactically~*~*~ (outnumbered).
 18597 | Lair:1   | 18597 ||| Stepping ~*~*~tactically~*~*~ (outnumbered).
 18599 | Lair:1   | 18599 ||| Stepping ~*~*~tactically~*~*~ (outnumbered).
 18601 | Lair:1   | 18601 ||| Stepping ~*~*~tactically~*~*~ (outnumbered).
 18603 | Lair:1   | 18603 ||| Stepping ~*~*~tactically~*~*~ (outnumbered).
 18605 | Lair:1   | 18605 ||| Stepping ~*~*~tactically~*~*~ (outnumbered).
 18607 | Lair:1   | 18607 ||| Stepping ~*~*~tactically~*~*~ (outnumbered).
 18609 | Lair:1   | 18609 ||| Stepping ~*~*~tactically~*~*~ (outnumbered).
 18611 | Lair:1   | 18611 ||| Stepping ~*~*~tactically~*~*~ (outnumbered).
 18613 | Lair:1   | 18613 ||| Stepping ~*~*~tactically~*~*~ (outnumbered).
 18615 | Lair:1   | 18615 ||| Stepping ~*~*~tactically~*~*~ (outnumbered).
 18617 | Lair:1   | 18617 ||| Stepping ~*~*~tactically~*~*~ (outnumbered).
 18619 | Lair:1   | 18619 ||| Stepping ~*~*~tactically~*~*~ (outnumbered).
 18621 | Lair:1   | 18621 ||| Stepping ~*~*~tactically~*~*~ (outnumbered).
 18623 | Lair:1   | 18623 ||| Stepping ~*~*~tactically~*~*~ (outnumbered).
 18625 | Lair:1   | 18625 ||| Stepping ~*~*~tactically~*~*~ (outnumbered).
 18627 | Lair:1   | 18627 ||| Stepping ~*~*~tactically~*~*~ (outnumbered).
 18629 | Lair:1   | 18629 ||| Stepping ~*~*~tactically~*~*~ (outnumbered).
 18631 | Lair:1   | 18631 ||| Stepping ~*~*~tactically~*~*~ (outnumbered).
 18633 | Lair:1   | 18633 ||| Stepping ~*~*~tactically~*~*~ (outnumbered).
 18635 | Lair:1   | 18635 ||| Stepping ~*~*~tactically~*~*~ (outnumbered).
 18637 | Lair:1   | 18637 ||| Stepping ~*~*~tactically~*~*~ (outnumbered).
 18639 | Lair:1   | 18639 ||| Stepping ~*~*~tactically~*~*~ (outnumbered).
 18641 | Lair:1   | 18641 ||| Stepping ~*~*~tactically~*~*~ (outnumbered).
 18643 | Lair:1   | 18643 ||| Stepping ~*~*~tactically~*~*~ (outnumbered).
 18645 | Lair:1   | 18645 ||| Stepping ~*~*~tactically~*~*~ (outnumbered).
 18647 | Lair:1   | 18647 ||| Stepping ~*~*~tactically~*~*~ (outnumbered).
 18649 | Lair:1   | 18649 ||| Stepping ~*~*~tactically~*~*~ (outnumbered).
 18651 | Lair:1   | 18651 ||| Stepping ~*~*~tactically~*~*~ (outnumbered).
 18653 | Lair:1   | 18653 ||| Stepping ~*~*~tactically~*~*~ (outnumbered).
 18655 | Lair:1   | 18655 ||| Stepping ~*~*~tactically~*~*~ (outnumbered).
 18657 | Lair:1   | 18657 ||| Stepping ~*~*~tactically~*~*~ (outnumbered).
 18659 | Lair:1   | 18659 ||| Stepping ~*~*~tactically~*~*~ (outnumbered).
 18661 | Lair:1   | 18661 ||| Stepping ~*~*~tactically~*~*~ (outnumbered).
 18663 | Lair:1   | 18663 ||| Stepping ~*~*~tactically~*~*~ (outnumbered).
 18665 | Lair:1   | 18665 ||| Stepping ~*~*~tactically~*~*~ (outnumbered).
 18667 | Lair:1   | 18667 ||| Stepping ~*~*~tactically~*~*~ (outnumbered).
 18669 | Lair:1   | 18669 ||| Stepping ~*~*~tactically~*~*~ (outnumbered).
 18671 | Lair:1   | 18671 ||| Stepping ~*~*~tactically~*~*~ (outnumbered).
 18673 | Lair:1   | 18673 ||| Stepping ~*~*~tactically~*~*~ (outnumbered).
 18675 | Lair:1   | 18675 ||| Stepping ~*~*~tactically~*~*~ (outnumbered).
 18677 | Lair:1   | 18677 ||| Stepping ~*~*~tactically~*~*~ (outnumbered).
 18679 | Lair:1   | 18679 ||| Stepping ~*~*~tactically~*~*~ (outnumbered).
 18681 | Lair:1   | 18681 ||| Stepping ~*~*~tactically~*~*~ (outnumbered).
 18683 | Lair:1   | 18683 ||| Stepping ~*~*~tactically~*~*~ (outnumbered).
 18685 | Lair:1   | 18685 ||| Stepping ~*~*~tactically~*~*~ (outnumbered).
 18687 | Lair:1   | 18687 ||| Stepping ~*~*~tactically~*~*~ (outnumbered).
 18689 | Lair:1   | 18689 ||| Stepping ~*~*~tactically~*~*~ (outnumbered).
 18691 | Lair:1   | 18691 ||| Stepping ~*~*~tactically~*~*~ (outnumbered).
 18693 | Lair:1   | 18693 ||| Stepping ~*~*~tactically~*~*~ (outnumbered).
 18695 | Lair:1   | 18695 ||| Stepping ~*~*~tactically~*~*~ (outnumbered).
 18697 | Lair:1   | 18697 ||| Stepping ~*~*~tactically~*~*~ (outnumbered).
 18697 | Lair:1   | Glimpsed the power of Zot.
 18699 | Lair:1   | 18699 ||| Stepping ~*~*~tactically~*~*~ (outnumbered).
 18701 | Lair:1   | 18701 ||| Stepping ~*~*~tactically~*~*~ (outnumbered).
 18703 | Lair:1   | 18703 ||| Stepping ~*~*~tactically~*~*~ (outnumbered).
 18705 | Lair:1   | 18705 ||| Stepping ~*~*~tactically~*~*~ (outnumbered).
 18707 | Lair:1   | 18707 ||| Stepping ~*~*~tactically~*~*~ (outnumbered).
 18709 | Lair:1   | 18709 ||| Stepping ~*~*~tactically~*~*~ (outnumbered).
 18711 | Lair:1   | 18711 ||| Stepping ~*~*~tactically~*~*~ (outnumbered).
 18713 | Lair:1   | 18713 ||| Stepping ~*~*~tactically~*~*~ (outnumbered).
 18715 | Lair:1   | 18715 ||| Stepping ~*~*~tactically~*~*~ (outnumbered).
 18717 | Lair:1   | 18717 ||| Stepping ~*~*~tactically~*~*~ (outnumbered).
 18719 | Lair:1   | 18719 ||| Stepping ~*~*~tactically~*~*~ (outnumbered).
 18721 | Lair:1   | 18721 ||| Stepping ~*~*~tactically~*~*~ (outnumbered).
 18723 | Lair:1   | 18723 ||| Stepping ~*~*~tactically~*~*~ (outnumbered).
 18725 | Lair:1   | 18725 ||| Stepping ~*~*~tactically~*~*~ (outnumbered).
 18727 | Lair:1   | 18727 ||| Stepping ~*~*~tactically~*~*~ (outnumbered).
 18729 | Lair:1   | 18729 ||| Stepping ~*~*~tactically~*~*~ (outnumbered).
 18731 | Lair:1   | 18731 ||| Stepping ~*~*~tactically~*~*~ (outnumbered).
 18733 | Lair:1   | 18733 ||| Stepping ~*~*~tactically~*~*~ (outnumbered).
 18735 | Lair:1   | 18735 ||| Stepping ~*~*~tactically~*~*~ (outnumbered).
 18737 | Lair:1   | 18737 ||| Stepping ~*~*~tactically~*~*~ (outnumbered).
 18739 | Lair:1   | 18739 ||| Stepping ~*~*~tactically~*~*~ (outnumbered).
 18741 | Lair:1   | 18741 ||| Stepping ~*~*~tactically~*~*~ (outnumbered).
 18743 | Lair:1   | 18743 ||| Stepping ~*~*~tactically~*~*~ (outnumbered).
 18745 | Lair:1   | 18745 ||| Stepping ~*~*~tactically~*~*~ (outnumbered).
 18747 | Lair:1   | 18747 ||| Stepping ~*~*~tactically~*~*~ (outnumbered).
 18749 | Lair:1   | 18749 ||| Stepping ~*~*~tactically~*~*~ (outnumbered).
 18751 | Lair:1   | 18751 ||| Stepping ~*~*~tactically~*~*~ (outnumbered).
 18753 | Lair:1   | 18753 ||| Stepping ~*~*~tactically~*~*~ (outnumbered).
 18755 | Lair:1   | 18755 ||| Stepping ~*~*~tactically~*~*~ (outnumbered).
 18757 | Lair:1   | 18757 ||| Stepping ~*~*~tactically~*~*~ (outnumbered).
 18759 | Lair:1   | 18759 ||| Stepping ~*~*~tactically~*~*~ (outnumbered).
 18761 | Lair:1   | 18761 ||| Stepping ~*~*~tactically~*~*~ (outnumbered).
 18763 | Lair:1   | 18763 ||| Stepping ~*~*~tactically~*~*~ (outnumbered).
 18765 | Lair:1   | 18765 ||| Stepping ~*~*~tactically~*~*~ (outnumbered).
 18767 | Lair:1   | 18767 ||| Stepping ~*~*~tactically~*~*~ (outnumbered).
 18769 | Lair:1   | 18769 ||| Stepping ~*~*~tactically~*~*~ (outnumbered).
 18771 | Lair:1   | 18771 ||| Stepping ~*~*~tactically~*~*~ (outnumbered).
 18773 | Lair:1   | 18773 ||| Stepping ~*~*~tactically~*~*~ (outnumbered).
 18775 | Lair:1   | 18775 ||| Stepping ~*~*~tactically~*~*~ (outnumbered).
 18777 | Lair:1   | 18777 ||| Stepping ~*~*~tactically~*~*~ (outnumbered).
 18779 | Lair:1   | 18779 ||| Stepping ~*~*~tactically~*~*~ (outnumbered).
 18781 | Lair:1   | 18781 ||| Stepping ~*~*~tactically~*~*~ (outnumbered).
 18783 | Lair:1   | 18783 ||| Stepping ~*~*~tactically~*~*~ (outnumbered).
 18785 | Lair:1   | 18785 ||| Stepping ~*~*~tactically~*~*~ (outnumbered).
 18787 | Lair:1   | 18787 ||| Stepping ~*~*~tactically~*~*~ (outnumbered).
 18789 | Lair:1   | 18789 ||| Stepping ~*~*~tactically~*~*~ (outnumbered).
 18791 | Lair:1   | 18791 ||| Stepping ~*~*~tactically~*~*~ (outnumbered).
 18793 | Lair:1   | 18793 ||| Stepping ~*~*~tactically~*~*~ (outnumbered).
 18795 | Lair:1   | 18795 ||| Stepping ~*~*~tactically~*~*~ (outnumbered).
 18796 | Lair:1   | Touched by the power of Zot (MHP 18 -> 12)
 18797 | Lair:1   | 18797 ||| Stepping ~*~*~tactically~*~*~ (outnumbered).
 18797 | Lair:1   | Glimpsed the power of Zot.
 18799 | Lair:1   | 18799 ||| Stepping ~*~*~tactically~*~*~ (outnumbered).
 18801 | Lair:1   | 18801 ||| Stepping ~*~*~tactically~*~*~ (outnumbered).
 18803 | Lair:1   | 18803 ||| Stepping ~*~*~tactically~*~*~ (outnumbered).
 18805 | Lair:1   | 18805 ||| Stepping ~*~*~tactically~*~*~ (outnumbered).
 18807 | Lair:1   | 18807 ||| Stepping ~*~*~tactically~*~*~ (outnumbered).
 18809 | Lair:1   | 18809 ||| Stepping ~*~*~tactically~*~*~ (outnumbered).
 18811 | Lair:1   | 18811 ||| Stepping ~*~*~tactically~*~*~ (outnumbered).
 18813 | Lair:1   | 18813 ||| Stepping ~*~*~tactically~*~*~ (outnumbered).
 18815 | Lair:1   | 18815 ||| Stepping ~*~*~tactically~*~*~ (outnumbered).
 18817 | Lair:1   | 18817 ||| Stepping ~*~*~tactically~*~*~ (outnumbered).
 18819 | Lair:1   | 18819 ||| Stepping ~*~*~tactically~*~*~ (outnumbered).
 18821 | Lair:1   | 18821 ||| Stepping ~*~*~tactically~*~*~ (outnumbered).
 18823 | Lair:1   | 18823 ||| Stepping ~*~*~tactically~*~*~ (outnumbered).
 18825 | Lair:1   | 18825 ||| Stepping ~*~*~tactically~*~*~ (outnumbered).
 18827 | Lair:1   | 18827 ||| Stepping ~*~*~tactically~*~*~ (outnumbered).
 18829 | Lair:1   | 18829 ||| Stepping ~*~*~tactically~*~*~ (outnumbered).
 18831 | Lair:1   | 18831 ||| Stepping ~*~*~tactically~*~*~ (outnumbered).
 18833 | Lair:1   | 18833 ||| Stepping ~*~*~tactically~*~*~ (outnumbered).
 18835 | Lair:1   | 18835 ||| Stepping ~*~*~tactically~*~*~ (outnumbered).
 18837 | Lair:1   | 18837 ||| Stepping ~*~*~tactically~*~*~ (outnumbered).
 18839 | Lair:1   | 18839 ||| Stepping ~*~*~tactically~*~*~ (outnumbered).
 18841 | Lair:1   | 18841 ||| Stepping ~*~*~tactically~*~*~ (outnumbered).
 18843 | Lair:1   | 18843 ||| Stepping ~*~*~tactically~*~*~ (outnumbered).
 18845 | Lair:1   | 18845 ||| Stepping ~*~*~tactically~*~*~ (outnumbered).
 18847 | Lair:1   | 18847 ||| Stepping ~*~*~tactically~*~*~ (outnumbered).
 18849 | Lair:1   | 18849 ||| Stepping ~*~*~tactically~*~*~ (outnumbered).
 18851 | Lair:1   | 18851 ||| Stepping ~*~*~tactically~*~*~ (outnumbered).
 18853 | Lair:1   | 18853 ||| Stepping ~*~*~tactically~*~*~ (outnumbered).
 18855 | Lair:1   | 18855 ||| Stepping ~*~*~tactically~*~*~ (outnumbered).
 18857 | Lair:1   | 18857 ||| Stepping ~*~*~tactically~*~*~ (outnumbered).
 18859 | Lair:1   | 18859 ||| Stepping ~*~*~tactically~*~*~ (outnumbered).
 18861 | Lair:1   | 18861 ||| Stepping ~*~*~tactically~*~*~ (outnumbered).
 18863 | Lair:1   | 18863 ||| Stepping ~*~*~tactically~*~*~ (outnumbered).
 18865 | Lair:1   | 18865 ||| Stepping ~*~*~tactically~*~*~ (outnumbered).
 18867 | Lair:1   | 18867 ||| Stepping ~*~*~tactically~*~*~ (outnumbered).
 18869 | Lair:1   | 18869 ||| Stepping ~*~*~tactically~*~*~ (outnumbered).
 18871 | Lair:1   | 18871 ||| Stepping ~*~*~tactically~*~*~ (outnumbered).
 18873 | Lair:1   | 18873 ||| Stepping ~*~*~tactically~*~*~ (outnumbered).
 18875 | Lair:1   | 18875 ||| Stepping ~*~*~tactically~*~*~ (outnumbered).
 18877 | Lair:1   | 18877 ||| Stepping ~*~*~tactically~*~*~ (outnumbered).
 18879 | Lair:1   | 18879 ||| Stepping ~*~*~tactically~*~*~ (outnumbered).
 18881 | Lair:1   | 18881 ||| Stepping ~*~*~tactically~*~*~ (outnumbered).
 18883 | Lair:1   | 18883 ||| Stepping ~*~*~tactically~*~*~ (outnumbered).
 18885 | Lair:1   | 18885 ||| Stepping ~*~*~tactically~*~*~ (outnumbered).
 18887 | Lair:1   | 18887 ||| Stepping ~*~*~tactically~*~*~ (outnumbered).
 18889 | Lair:1   | 18889 ||| Stepping ~*~*~tactically~*~*~ (outnumbered).
 18891 | Lair:1   | 18891 ||| Stepping ~*~*~tactically~*~*~ (outnumbered).
 18893 | Lair:1   | 18893 ||| Stepping ~*~*~tactically~*~*~ (outnumbered).
 18895 | Lair:1   | 18895 ||| Stepping ~*~*~tactically~*~*~ (outnumbered).
 18897 | Lair:1   | 18897 ||| Stepping ~*~*~tactically~*~*~ (outnumbered).
 18899 | Lair:1   | 18899 ||| Stepping ~*~*~tactically~*~*~ (outnumbered).
 18901 | Lair:1   | 18901 ||| Stepping ~*~*~tactically~*~*~ (outnumbered).
 18903 | Lair:1   | 18903 ||| Stepping ~*~*~tactically~*~*~ (outnumbered).
 18905 | Lair:1   | 18905 ||| Stepping ~*~*~tactically~*~*~ (outnumbered).
 18907 | Lair:1   | 18907 ||| Stepping ~*~*~tactically~*~*~ (outnumbered).
 18909 | Lair:1   | 18909 ||| Stepping ~*~*~tactically~*~*~ (outnumbered).
 18911 | Lair:1   | 18911 ||| Stepping ~*~*~tactically~*~*~ (outnumbered).
 18913 | Lair:1   | 18913 ||| Stepping ~*~*~tactically~*~*~ (outnumbered).
 18915 | Lair:1   | 18915 ||| Stepping ~*~*~tactically~*~*~ (outnumbered).
 18917 | Lair:1   | 18917 ||| Stepping ~*~*~tactically~*~*~ (outnumbered).
 18919 | Lair:1   | 18919 ||| Stepping ~*~*~tactically~*~*~ (outnumbered).
 18921 | Lair:1   | 18921 ||| Stepping ~*~*~tactically~*~*~ (outnumbered).
 18923 | Lair:1   | 18923 ||| Stepping ~*~*~tactically~*~*~ (outnumbered).
 18925 | Lair:1   | 18925 ||| Stepping ~*~*~tactically~*~*~ (outnumbered).
 18927 | Lair:1   | 18927 ||| Stepping ~*~*~tactically~*~*~ (outnumbered).
 18929 | Lair:1   | 18929 ||| Stepping ~*~*~tactically~*~*~ (outnumbered).
 18931 | Lair:1   | 18931 ||| Stepping ~*~*~tactically~*~*~ (outnumbered).
 18933 | Lair:1   | 18933 ||| Stepping ~*~*~tactically~*~*~ (outnumbered).
 18935 | Lair:1   | 18935 ||| Stepping ~*~*~tactically~*~*~ (outnumbered).
 18937 | Lair:1   | 18937 ||| Stepping ~*~*~tactically~*~*~ (outnumbered).
 18939 | Lair:1   | 18939 ||| Stepping ~*~*~tactically~*~*~ (outnumbered).
 18941 | Lair:1   | 18941 ||| Stepping ~*~*~tactically~*~*~ (outnumbered).
 18943 | Lair:1   | 18943 ||| Stepping ~*~*~tactically~*~*~ (outnumbered).
 18945 | Lair:1   | 18945 ||| Stepping ~*~*~tactically~*~*~ (outnumbered).
 18947 | Lair:1   | 18947 ||| Stepping ~*~*~tactically~*~*~ (outnumbered).
 18949 | Lair:1   | 18949 ||| Stepping ~*~*~tactically~*~*~ (outnumbered).
 18951 | Lair:1   | 18951 ||| Stepping ~*~*~tactically~*~*~ (outnumbered).
 18953 | Lair:1   | 18953 ||| Stepping ~*~*~tactically~*~*~ (outnumbered).
 18955 | Lair:1   | 18955 ||| Stepping ~*~*~tactically~*~*~ (outnumbered).
 18957 | Lair:1   | 18957 ||| Stepping ~*~*~tactically~*~*~ (outnumbered).
 18959 | Lair:1   | 18959 ||| Stepping ~*~*~tactically~*~*~ (outnumbered).
 18961 | Lair:1   | 18961 ||| Stepping ~*~*~tactically~*~*~ (outnumbered).
 18963 | Lair:1   | 18963 ||| Stepping ~*~*~tactically~*~*~ (outnumbered).
 18965 | Lair:1   | 18965 ||| Stepping ~*~*~tactically~*~*~ (outnumbered).
 18967 | Lair:1   | 18967 ||| Stepping ~*~*~tactically~*~*~ (outnumbered).
 18969 | Lair:1   | 18969 ||| Stepping ~*~*~tactically~*~*~ (outnumbered).
 18971 | Lair:1   | 18971 ||| Stepping ~*~*~tactically~*~*~ (outnumbered).
 18973 | Lair:1   | 18973 ||| Stepping ~*~*~tactically~*~*~ (outnumbered).
 18975 | Lair:1   | 18975 ||| Stepping ~*~*~tactically~*~*~ (outnumbered).
 18977 | Lair:1   | 18977 ||| Stepping ~*~*~tactically~*~*~ (outnumbered).
 18979 | Lair:1   | 18979 ||| Stepping ~*~*~tactically~*~*~ (outnumbered).
 18981 | Lair:1   | 18981 ||| Stepping ~*~*~tactically~*~*~ (outnumbered).
 18983 | Lair:1   | 18983 ||| Stepping ~*~*~tactically~*~*~ (outnumbered).
 18985 | Lair:1   | 18985 ||| Stepping ~*~*~tactically~*~*~ (outnumbered).
 18987 | Lair:1   | 18987 ||| Stepping ~*~*~tactically~*~*~ (outnumbered).
 18989 | Lair:1   | 18989 ||| Stepping ~*~*~tactically~*~*~ (outnumbered).
 18991 | Lair:1   | 18991 ||| Stepping ~*~*~tactically~*~*~ (outnumbered).
 18993 | Lair:1   | 18993 ||| Stepping ~*~*~tactically~*~*~ (outnumbered).
 18995 | Lair:1   | 18995 ||| Stepping ~*~*~tactically~*~*~ (outnumbered).
 18997 | Lair:1   | 18997 ||| Stepping ~*~*~tactically~*~*~ (outnumbered).
 18999 | Lair:1   | 18999 ||| Stepping ~*~*~tactically~*~*~ (outnumbered).
 19001 | Lair:1   | 19001 ||| Stepping ~*~*~tactically~*~*~ (outnumbered).
 19003 | Lair:1   | 19003 ||| Stepping ~*~*~tactically~*~*~ (outnumbered).
 19005 | Lair:1   | 19005 ||| Stepping ~*~*~tactically~*~*~ (outnumbered).
 19007 | Lair:1   | 19007 ||| Stepping ~*~*~tactically~*~*~ (outnumbered).
 19009 | Lair:1   | 19009 ||| Stepping ~*~*~tactically~*~*~ (outnumbered).
 19011 | Lair:1   | 19011 ||| Stepping ~*~*~tactically~*~*~ (outnumbered).
 19013 | Lair:1   | 19013 ||| Stepping ~*~*~tactically~*~*~ (outnumbered).
 19015 | Lair:1   | 19015 ||| Stepping ~*~*~tactically~*~*~ (outnumbered).
 19017 | Lair:1   | 19017 ||| Stepping ~*~*~tactically~*~*~ (outnumbered).
 19019 | Lair:1   | 19019 ||| Stepping ~*~*~tactically~*~*~ (outnumbered).
 19021 | Lair:1   | 19021 ||| Stepping ~*~*~tactically~*~*~ (outnumbered).
 19023 | Lair:1   | 19023 ||| Stepping ~*~*~tactically~*~*~ (outnumbered).
 19025 | Lair:1   | 19025 ||| Stepping ~*~*~tactically~*~*~ (outnumbered).
 19027 | Lair:1   | 19027 ||| Stepping ~*~*~tactically~*~*~ (outnumbered).
 19029 | Lair:1   | 19029 ||| Stepping ~*~*~tactically~*~*~ (outnumbered).
 19031 | Lair:1   | 19031 ||| Stepping ~*~*~tactically~*~*~ (outnumbered).
 19033 | Lair:1   | 19033 ||| Stepping ~*~*~tactically~*~*~ (outnumbered).
 19035 | Lair:1   | 19035 ||| Stepping ~*~*~tactically~*~*~ (outnumbered).
 19037 | Lair:1   | 19037 ||| Stepping ~*~*~tactically~*~*~ (outnumbered).
 19039 | Lair:1   | 19039 ||| Stepping ~*~*~tactically~*~*~ (outnumbered).
 19041 | Lair:1   | 19041 ||| Stepping ~*~*~tactically~*~*~ (outnumbered).
 19043 | Lair:1   | 19043 ||| Stepping ~*~*~tactically~*~*~ (outnumbered).
 19045 | Lair:1   | 19045 ||| Stepping ~*~*~tactically~*~*~ (outnumbered).
 19047 | Lair:1   | 19047 ||| Stepping ~*~*~tactically~*~*~ (outnumbered).
 19049 | Lair:1   | 19049 ||| Stepping ~*~*~tactically~*~*~ (outnumbered).
 19051 | Lair:1   | 19051 ||| Stepping ~*~*~tactically~*~*~ (outnumbered).
 19053 | Lair:1   | 19053 ||| Stepping ~*~*~tactically~*~*~ (outnumbered).
 19055 | Lair:1   | 19055 ||| Stepping ~*~*~tactically~*~*~ (outnumbered).
 19057 | Lair:1   | 19057 ||| Stepping ~*~*~tactically~*~*~ (outnumbered).
 19059 | Lair:1   | 19059 ||| Stepping ~*~*~tactically~*~*~ (outnumbered).
 19061 | Lair:1   | 19061 ||| Stepping ~*~*~tactically~*~*~ (outnumbered).
 19063 | Lair:1   | 19063 ||| Stepping ~*~*~tactically~*~*~ (outnumbered).
 19065 | Lair:1   | 19065 ||| Stepping ~*~*~tactically~*~*~ (outnumbered).
 19067 | Lair:1   | 19067 ||| Stepping ~*~*~tactically~*~*~ (outnumbered).
 19069 | Lair:1   | 19069 ||| Stepping ~*~*~tactically~*~*~ (outnumbered).
 19071 | Lair:1   | 19071 ||| Stepping ~*~*~tactically~*~*~ (outnumbered).
 19073 | Lair:1   | 19073 ||| Stepping ~*~*~tactically~*~*~ (outnumbered).
 19075 | Lair:1   | 19075 ||| Stepping ~*~*~tactically~*~*~ (outnumbered).
 19077 | Lair:1   | 19077 ||| Stepping ~*~*~tactically~*~*~ (outnumbered).
 19079 | Lair:1   | 19079 ||| Stepping ~*~*~tactically~*~*~ (outnumbered).
 19081 | Lair:1   | 19081 ||| Stepping ~*~*~tactically~*~*~ (outnumbered).
 19083 | Lair:1   | 19083 ||| Stepping ~*~*~tactically~*~*~ (outnumbered).
 19085 | Lair:1   | 19085 ||| Stepping ~*~*~tactically~*~*~ (outnumbered).
 19087 | Lair:1   | 19087 ||| Stepping ~*~*~tactically~*~*~ (outnumbered).
 19089 | Lair:1   | 19089 ||| Stepping ~*~*~tactically~*~*~ (outnumbered).
 19091 | Lair:1   | 19091 ||| Stepping ~*~*~tactically~*~*~ (outnumbered).
 19093 | Lair:1   | 19093 ||| Stepping ~*~*~tactically~*~*~ (outnumbered).
 19095 | Lair:1   | 19095 ||| Stepping ~*~*~tactically~*~*~ (outnumbered).
 19097 | Lair:1   | 19097 ||| Stepping ~*~*~tactically~*~*~ (outnumbered).
 19099 | Lair:1   | 19099 ||| Stepping ~*~*~tactically~*~*~ (outnumbered).
 19101 | Lair:1   | 19101 ||| Stepping ~*~*~tactically~*~*~ (outnumbered).
 19103 | Lair:1   | 19103 ||| Stepping ~*~*~tactically~*~*~ (outnumbered).
 19105 | Lair:1   | 19105 ||| Stepping ~*~*~tactically~*~*~ (outnumbered).
 19107 | Lair:1   | 19107 ||| Stepping ~*~*~tactically~*~*~ (outnumbered).
 19109 | Lair:1   | 19109 ||| Stepping ~*~*~tactically~*~*~ (outnumbered).
 19111 | Lair:1   | 19111 ||| Stepping ~*~*~tactically~*~*~ (outnumbered).
 19113 | Lair:1   | 19113 ||| Stepping ~*~*~tactically~*~*~ (outnumbered).
 19115 | Lair:1   | 19115 ||| Stepping ~*~*~tactically~*~*~ (outnumbered).
 19117 | Lair:1   | 19117 ||| Stepping ~*~*~tactically~*~*~ (outnumbered).
 19119 | Lair:1   | 19119 ||| Stepping ~*~*~tactically~*~*~ (outnumbered).
 19121 | Lair:1   | 19121 ||| Stepping ~*~*~tactically~*~*~ (outnumbered).
 19123 | Lair:1   | 19123 ||| Stepping ~*~*~tactically~*~*~ (outnumbered).
 19125 | Lair:1   | 19125 ||| Stepping ~*~*~tactically~*~*~ (outnumbered).
 19127 | Lair:1   | 19127 ||| Stepping ~*~*~tactically~*~*~ (outnumbered).
 19129 | Lair:1   | 19129 ||| Stepping ~*~*~tactically~*~*~ (outnumbered).
 19131 | Lair:1   | 19131 ||| Stepping ~*~*~tactically~*~*~ (outnumbered).
 19133 | Lair:1   | 19133 ||| Stepping ~*~*~tactically~*~*~ (outnumbered).
 19135 | Lair:1   | 19135 ||| Stepping ~*~*~tactically~*~*~ (outnumbered).
 19137 | Lair:1   | 19137 ||| Stepping ~*~*~tactically~*~*~ (outnumbered).
 19139 | Lair:1   | 19139 ||| Stepping ~*~*~tactically~*~*~ (outnumbered).
 19141 | Lair:1   | 19141 ||| Stepping ~*~*~tactically~*~*~ (outnumbered).
 19143 | Lair:1   | 19143 ||| Stepping ~*~*~tactically~*~*~ (outnumbered).
 19145 | Lair:1   | 19145 ||| Stepping ~*~*~tactically~*~*~ (outnumbered).
 19147 | Lair:1   | 19147 ||| Stepping ~*~*~tactically~*~*~ (outnumbered).
 19149 | Lair:1   | 19149 ||| Stepping ~*~*~tactically~*~*~ (outnumbered).
 19151 | Lair:1   | 19151 ||| Stepping ~*~*~tactically~*~*~ (outnumbered).
 19153 | Lair:1   | 19153 ||| Stepping ~*~*~tactically~*~*~ (outnumbered).
 19155 | Lair:1   | 19155 ||| Stepping ~*~*~tactically~*~*~ (outnumbered).
 19157 | Lair:1   | 19157 ||| Stepping ~*~*~tactically~*~*~ (outnumbered).
 19159 | Lair:1   | 19159 ||| Stepping ~*~*~tactically~*~*~ (outnumbered).
 19161 | Lair:1   | 19161 ||| Stepping ~*~*~tactically~*~*~ (outnumbered).
 19163 | Lair:1   | 19163 ||| Stepping ~*~*~tactically~*~*~ (outnumbered).
 19165 | Lair:1   | 19165 ||| Stepping ~*~*~tactically~*~*~ (outnumbered).
 19167 | Lair:1   | 19167 ||| Stepping ~*~*~tactically~*~*~ (outnumbered).
 19169 | Lair:1   | 19169 ||| Stepping ~*~*~tactically~*~*~ (outnumbered).
 19171 | Lair:1   | 19171 ||| Stepping ~*~*~tactically~*~*~ (outnumbered).
 19173 | Lair:1   | 19173 ||| Stepping ~*~*~tactically~*~*~ (outnumbered).
 19175 | Lair:1   | 19175 ||| Stepping ~*~*~tactically~*~*~ (outnumbered).
 19177 | Lair:1   | 19177 ||| Stepping ~*~*~tactically~*~*~ (outnumbered).
 19179 | Lair:1   | 19179 ||| Stepping ~*~*~tactically~*~*~ (outnumbered).
 19181 | Lair:1   | 19181 ||| Stepping ~*~*~tactically~*~*~ (outnumbered).
 19183 | Lair:1   | 19183 ||| Stepping ~*~*~tactically~*~*~ (outnumbered).
 19185 | Lair:1   | 19185 ||| Stepping ~*~*~tactically~*~*~ (outnumbered).
 19187 | Lair:1   | 19187 ||| Stepping ~*~*~tactically~*~*~ (outnumbered).
 19189 | Lair:1   | 19189 ||| Stepping ~*~*~tactically~*~*~ (outnumbered).
 19191 | Lair:1   | 19191 ||| Stepping ~*~*~tactically~*~*~ (outnumbered).
 19193 | Lair:1   | 19193 ||| Stepping ~*~*~tactically~*~*~ (outnumbered).
 19195 | Lair:1   | 19195 ||| Stepping ~*~*~tactically~*~*~ (outnumbered).
 19197 | Lair:1   | 19197 ||| Stepping ~*~*~tactically~*~*~ (outnumbered).
 19199 | Lair:1   | 19199 ||| Stepping ~*~*~tactically~*~*~ (outnumbered).
 19201 | Lair:1   | 19201 ||| Stepping ~*~*~tactically~*~*~ (outnumbered).
 19203 | Lair:1   | 19203 ||| Stepping ~*~*~tactically~*~*~ (outnumbered).
 19205 | Lair:1   | 19205 ||| Stepping ~*~*~tactically~*~*~ (outnumbered).
 19207 | Lair:1   | 19207 ||| Stepping ~*~*~tactically~*~*~ (outnumbered).
 19209 | Lair:1   | 19209 ||| Stepping ~*~*~tactically~*~*~ (outnumbered).
 19211 | Lair:1   | 19211 ||| Stepping ~*~*~tactically~*~*~ (outnumbered).
 19213 | Lair:1   | 19213 ||| Stepping ~*~*~tactically~*~*~ (outnumbered).
 19215 | Lair:1   | 19215 ||| Stepping ~*~*~tactically~*~*~ (outnumbered).
 19217 | Lair:1   | 19217 ||| Stepping ~*~*~tactically~*~*~ (outnumbered).
 19219 | Lair:1   | 19219 ||| Stepping ~*~*~tactically~*~*~ (outnumbered).
 19221 | Lair:1   | 19221 ||| Stepping ~*~*~tactically~*~*~ (outnumbered).
 19223 | Lair:1   | 19223 ||| Stepping ~*~*~tactically~*~*~ (outnumbered).
 19225 | Lair:1   | 19225 ||| Stepping ~*~*~tactically~*~*~ (outnumbered).
 19227 | Lair:1   | 19227 ||| Stepping ~*~*~tactically~*~*~ (outnumbered).
 19229 | Lair:1   | 19229 ||| Stepping ~*~*~tactically~*~*~ (outnumbered).
 19231 | Lair:1   | 19231 ||| Stepping ~*~*~tactically~*~*~ (outnumbered).
 19233 | Lair:1   | 19233 ||| Stepping ~*~*~tactically~*~*~ (outnumbered).
 19235 | Lair:1   | 19235 ||| Stepping ~*~*~tactically~*~*~ (outnumbered).
 19237 | Lair:1   | 19237 ||| Stepping ~*~*~tactically~*~*~ (outnumbered).
 19239 | Lair:1   | 19239 ||| Stepping ~*~*~tactically~*~*~ (outnumbered).
 19241 | Lair:1   | 19241 ||| Stepping ~*~*~tactically~*~*~ (outnumbered).
 19243 | Lair:1   | 19243 ||| Stepping ~*~*~tactically~*~*~ (outnumbered).
 19245 | Lair:1   | 19245 ||| Stepping ~*~*~tactically~*~*~ (outnumbered).
 19247 | Lair:1   | 19247 ||| Stepping ~*~*~tactically~*~*~ (outnumbered).
 19249 | Lair:1   | 19249 ||| Stepping ~*~*~tactically~*~*~ (outnumbered).
 19251 | Lair:1   | 19251 ||| Stepping ~*~*~tactically~*~*~ (outnumbered).
 19253 | Lair:1   | 19253 ||| Stepping ~*~*~tactically~*~*~ (outnumbered).
 19255 | Lair:1   | 19255 ||| Stepping ~*~*~tactically~*~*~ (outnumbered).
 19257 | Lair:1   | 19257 ||| Stepping ~*~*~tactically~*~*~ (outnumbered).
 19259 | Lair:1   | 19259 ||| Stepping ~*~*~tactically~*~*~ (outnumbered).
 19261 | Lair:1   | 19261 ||| Stepping ~*~*~tactically~*~*~ (outnumbered).
 19263 | Lair:1   | 19263 ||| Stepping ~*~*~tactically~*~*~ (outnumbered).
 19265 | Lair:1   | 19265 ||| Stepping ~*~*~tactically~*~*~ (outnumbered).
 19267 | Lair:1   | 19267 ||| Stepping ~*~*~tactically~*~*~ (outnumbered).
 19269 | Lair:1   | 19269 ||| Stepping ~*~*~tactically~*~*~ (outnumbered).
 19271 | Lair:1   | 19271 ||| Stepping ~*~*~tactically~*~*~ (outnumbered).
 19273 | Lair:1   | 19273 ||| Stepping ~*~*~tactically~*~*~ (outnumbered).
 19275 | Lair:1   | 19275 ||| Stepping ~*~*~tactically~*~*~ (outnumbered).
 19277 | Lair:1   | 19277 ||| Stepping ~*~*~tactically~*~*~ (outnumbered).
 19279 | Lair:1   | 19279 ||| Stepping ~*~*~tactically~*~*~ (outnumbered).
 19281 | Lair:1   | 19281 ||| Stepping ~*~*~tactically~*~*~ (outnumbered).
 19283 | Lair:1   | 19283 ||| Stepping ~*~*~tactically~*~*~ (outnumbered).
 19285 | Lair:1   | 19285 ||| Stepping ~*~*~tactically~*~*~ (outnumbered).
 19287 | Lair:1   | 19287 ||| Stepping ~*~*~tactically~*~*~ (outnumbered).
 19289 | Lair:1   | 19289 ||| Stepping ~*~*~tactically~*~*~ (outnumbered).
 19291 | Lair:1   | 19291 ||| Stepping ~*~*~tactically~*~*~ (outnumbered).
 19293 | Lair:1   | 19293 ||| Stepping ~*~*~tactically~*~*~ (outnumbered).
 19295 | Lair:1   | 19295 ||| Stepping ~*~*~tactically~*~*~ (outnumbered).
 19297 | Lair:1   | 19297 ||| Stepping ~*~*~tactically~*~*~ (outnumbered).
 19297 | Lair:1   | Glimpsed the power of Zot.
 19299 | Lair:1   | 19299 ||| Stepping ~*~*~tactically~*~*~ (outnumbered).
 19301 | Lair:1   | 19301 ||| Stepping ~*~*~tactically~*~*~ (outnumbered).
 19303 | Lair:1   | 19303 ||| Stepping ~*~*~tactically~*~*~ (outnumbered).
 19305 | Lair:1   | 19305 ||| Stepping ~*~*~tactically~*~*~ (outnumbered).
 19307 | Lair:1   | 19307 ||| Stepping ~*~*~tactically~*~*~ (outnumbered).
 19309 | Lair:1   | 19309 ||| Stepping ~*~*~tactically~*~*~ (outnumbered).
 19311 | Lair:1   | 19311 ||| Stepping ~*~*~tactically~*~*~ (outnumbered).
 19313 | Lair:1   | 19313 ||| Stepping ~*~*~tactically~*~*~ (outnumbered).
 19315 | Lair:1   | 19315 ||| Stepping ~*~*~tactically~*~*~ (outnumbered).
 19317 | Lair:1   | 19317 ||| Stepping ~*~*~tactically~*~*~ (outnumbered).
 19319 | Lair:1   | 19319 ||| Stepping ~*~*~tactically~*~*~ (outnumbered).
 19321 | Lair:1   | 19321 ||| Stepping ~*~*~tactically~*~*~ (outnumbered).
 19323 | Lair:1   | 19323 ||| Stepping ~*~*~tactically~*~*~ (outnumbered).
 19325 | Lair:1   | 19325 ||| Stepping ~*~*~tactically~*~*~ (outnumbered).
 19327 | Lair:1   | 19327 ||| Stepping ~*~*~tactically~*~*~ (outnumbered).
 19329 | Lair:1   | 19329 ||| Stepping ~*~*~tactically~*~*~ (outnumbered).
 19331 | Lair:1   | 19331 ||| Stepping ~*~*~tactically~*~*~ (outnumbered).
 19333 | Lair:1   | 19333 ||| Stepping ~*~*~tactically~*~*~ (outnumbered).
 19335 | Lair:1   | 19335 ||| Stepping ~*~*~tactically~*~*~ (outnumbered).
 19337 | Lair:1   | 19337 ||| Stepping ~*~*~tactically~*~*~ (outnumbered).
 19339 | Lair:1   | 19339 ||| Stepping ~*~*~tactically~*~*~ (outnumbered).
 19341 | Lair:1   | 19341 ||| Stepping ~*~*~tactically~*~*~ (outnumbered).
 19343 | Lair:1   | 19343 ||| Stepping ~*~*~tactically~*~*~ (outnumbered).
 19345 | Lair:1   | 19345 ||| Stepping ~*~*~tactically~*~*~ (outnumbered).
 19347 | Lair:1   | 19347 ||| Stepping ~*~*~tactically~*~*~ (outnumbered).
 19349 | Lair:1   | 19349 ||| Stepping ~*~*~tactically~*~*~ (outnumbered).
 19351 | Lair:1   | 19351 ||| Stepping ~*~*~tactically~*~*~ (outnumbered).
 19353 | Lair:1   | 19353 ||| Stepping ~*~*~tactically~*~*~ (outnumbered).
 19355 | Lair:1   | 19355 ||| Stepping ~*~*~tactically~*~*~ (outnumbered).
 19357 | Lair:1   | 19357 ||| Stepping ~*~*~tactically~*~*~ (outnumbered).
 19359 | Lair:1   | 19359 ||| Stepping ~*~*~tactically~*~*~ (outnumbered).
 19361 | Lair:1   | 19361 ||| Stepping ~*~*~tactically~*~*~ (outnumbered).
 19363 | Lair:1   | 19363 ||| Stepping ~*~*~tactically~*~*~ (outnumbered).
 19365 | Lair:1   | 19365 ||| Stepping ~*~*~tactically~*~*~ (outnumbered).
 19367 | Lair:1   | 19367 ||| Stepping ~*~*~tactically~*~*~ (outnumbered).
 19369 | Lair:1   | 19369 ||| Stepping ~*~*~tactically~*~*~ (outnumbered).
 19371 | Lair:1   | 19371 ||| Stepping ~*~*~tactically~*~*~ (outnumbered).
 19373 | Lair:1   | 19373 ||| Stepping ~*~*~tactically~*~*~ (outnumbered).
 19375 | Lair:1   | 19375 ||| Stepping ~*~*~tactically~*~*~ (outnumbered).
 19377 | Lair:1   | 19377 ||| Stepping ~*~*~tactically~*~*~ (outnumbered).
 19379 | Lair:1   | 19379 ||| Stepping ~*~*~tactically~*~*~ (outnumbered).
 19381 | Lair:1   | 19381 ||| Stepping ~*~*~tactically~*~*~ (outnumbered).
 19383 | Lair:1   | 19383 ||| Stepping ~*~*~tactically~*~*~ (outnumbered).
 19385 | Lair:1   | 19385 ||| Stepping ~*~*~tactically~*~*~ (outnumbered).
 19387 | Lair:1   | 19387 ||| Stepping ~*~*~tactically~*~*~ (outnumbered).
 19389 | Lair:1   | 19389 ||| Stepping ~*~*~tactically~*~*~ (outnumbered).
 19391 | Lair:1   | 19391 ||| Stepping ~*~*~tactically~*~*~ (outnumbered).
 19393 | Lair:1   | 19393 ||| Stepping ~*~*~tactically~*~*~ (outnumbered).
 19395 | Lair:1   | 19395 ||| Stepping ~*~*~tactically~*~*~ (outnumbered).
 19397 | Lair:1   | 19397 ||| Stepping ~*~*~tactically~*~*~ (outnumbered).
 19399 | Lair:1   | 19399 ||| Stepping ~*~*~tactically~*~*~ (outnumbered).
 19401 | Lair:1   | 19401 ||| Stepping ~*~*~tactically~*~*~ (outnumbered).
 19403 | Lair:1   | 19403 ||| Stepping ~*~*~tactically~*~*~ (outnumbered).
 19405 | Lair:1   | 19405 ||| Stepping ~*~*~tactically~*~*~ (outnumbered).
 19407 | Lair:1   | 19407 ||| Stepping ~*~*~tactically~*~*~ (outnumbered).
 19409 | Lair:1   | 19409 ||| Stepping ~*~*~tactically~*~*~ (outnumbered).
 19411 | Lair:1   | 19411 ||| Stepping ~*~*~tactically~*~*~ (outnumbered).
 19413 | Lair:1   | 19413 ||| Stepping ~*~*~tactically~*~*~ (outnumbered).
 19415 | Lair:1   | 19415 ||| Stepping ~*~*~tactically~*~*~ (outnumbered).
 19417 | Lair:1   | 19417 ||| Stepping ~*~*~tactically~*~*~ (outnumbered).
 19419 | Lair:1   | 19419 ||| Stepping ~*~*~tactically~*~*~ (outnumbered).
 19421 | Lair:1   | 19421 ||| Stepping ~*~*~tactically~*~*~ (outnumbered).
 19423 | Lair:1   | 19423 ||| Stepping ~*~*~tactically~*~*~ (outnumbered).
 19425 | Lair:1   | 19425 ||| Stepping ~*~*~tactically~*~*~ (outnumbered).
 19427 | Lair:1   | 19427 ||| Stepping ~*~*~tactically~*~*~ (outnumbered).
 19429 | Lair:1   | 19429 ||| Stepping ~*~*~tactically~*~*~ (outnumbered).
 19431 | Lair:1   | 19431 ||| Stepping ~*~*~tactically~*~*~ (outnumbered).
 19433 | Lair:1   | 19433 ||| Stepping ~*~*~tactically~*~*~ (outnumbered).
 19435 | Lair:1   | 19435 ||| Stepping ~*~*~tactically~*~*~ (outnumbered).
 19437 | Lair:1   | 19437 ||| Stepping ~*~*~tactically~*~*~ (outnumbered).
 19439 | Lair:1   | 19439 ||| Stepping ~*~*~tactically~*~*~ (outnumbered).
 19441 | Lair:1   | 19441 ||| Stepping ~*~*~tactically~*~*~ (outnumbered).
 19443 | Lair:1   | 19443 ||| Stepping ~*~*~tactically~*~*~ (outnumbered).
 19445 | Lair:1   | 19445 ||| Stepping ~*~*~tactically~*~*~ (outnumbered).
 19447 | Lair:1   | 19447 ||| Stepping ~*~*~tactically~*~*~ (outnumbered).
 19449 | Lair:1   | 19449 ||| Stepping ~*~*~tactically~*~*~ (outnumbered).
 19451 | Lair:1   | 19451 ||| Stepping ~*~*~tactically~*~*~ (outnumbered).
 19453 | Lair:1   | 19453 ||| Stepping ~*~*~tactically~*~*~ (outnumbered).
 19455 | Lair:1   | 19455 ||| Stepping ~*~*~tactically~*~*~ (outnumbered).
 19457 | Lair:1   | 19457 ||| Stepping ~*~*~tactically~*~*~ (outnumbered).
 19459 | Lair:1   | 19459 ||| Stepping ~*~*~tactically~*~*~ (outnumbered).
 19461 | Lair:1   | 19461 ||| Stepping ~*~*~tactically~*~*~ (outnumbered).
 19463 | Lair:1   | 19463 ||| Stepping ~*~*~tactically~*~*~ (outnumbered).
 19465 | Lair:1   | 19465 ||| Stepping ~*~*~tactically~*~*~ (outnumbered).
 19467 | Lair:1   | 19467 ||| Stepping ~*~*~tactically~*~*~ (outnumbered).
 19469 | Lair:1   | 19469 ||| Stepping ~*~*~tactically~*~*~ (outnumbered).
 19471 | Lair:1   | 19471 ||| Stepping ~*~*~tactically~*~*~ (outnumbered).
 19473 | Lair:1   | 19473 ||| Stepping ~*~*~tactically~*~*~ (outnumbered).
 19475 | Lair:1   | 19475 ||| Stepping ~*~*~tactically~*~*~ (outnumbered).
 19477 | Lair:1   | 19477 ||| Stepping ~*~*~tactically~*~*~ (outnumbered).
 19479 | Lair:1   | 19479 ||| Stepping ~*~*~tactically~*~*~ (outnumbered).
 19481 | Lair:1   | 19481 ||| Stepping ~*~*~tactically~*~*~ (outnumbered).
 19483 | Lair:1   | 19483 ||| Stepping ~*~*~tactically~*~*~ (outnumbered).
 19485 | Lair:1   | 19485 ||| Stepping ~*~*~tactically~*~*~ (outnumbered).
 19487 | Lair:1   | 19487 ||| Stepping ~*~*~tactically~*~*~ (outnumbered).
 19489 | Lair:1   | 19489 ||| Stepping ~*~*~tactically~*~*~ (outnumbered).
 19491 | Lair:1   | 19491 ||| Stepping ~*~*~tactically~*~*~ (outnumbered).
 19493 | Lair:1   | 19493 ||| Stepping ~*~*~tactically~*~*~ (outnumbered).
 19495 | Lair:1   | 19495 ||| Stepping ~*~*~tactically~*~*~ (outnumbered).
 19497 | Lair:1   | 19497 ||| Stepping ~*~*~tactically~*~*~ (outnumbered).
 19499 | Lair:1   | 19499 ||| Stepping ~*~*~tactically~*~*~ (outnumbered).
 19501 | Lair:1   | 19501 ||| Stepping ~*~*~tactically~*~*~ (outnumbered).
 19503 | Lair:1   | 19503 ||| Stepping ~*~*~tactically~*~*~ (outnumbered).
 19505 | Lair:1   | 19505 ||| Stepping ~*~*~tactically~*~*~ (outnumbered).
 19507 | Lair:1   | 19507 ||| Stepping ~*~*~tactically~*~*~ (outnumbered).
 19509 | Lair:1   | 19509 ||| Stepping ~*~*~tactically~*~*~ (outnumbered).
 19511 | Lair:1   | 19511 ||| Stepping ~*~*~tactically~*~*~ (outnumbered).
 19513 | Lair:1   | 19513 ||| Stepping ~*~*~tactically~*~*~ (outnumbered).
 19515 | Lair:1   | 19515 ||| Stepping ~*~*~tactically~*~*~ (outnumbered).
 19517 | Lair:1   | 19517 ||| Stepping ~*~*~tactically~*~*~ (outnumbered).
 19519 | Lair:1   | 19519 ||| Stepping ~*~*~tactically~*~*~ (outnumbered).
 19521 | Lair:1   | 19521 ||| Stepping ~*~*~tactically~*~*~ (outnumbered).
 19523 | Lair:1   | 19523 ||| Stepping ~*~*~tactically~*~*~ (outnumbered).
 19525 | Lair:1   | 19525 ||| Stepping ~*~*~tactically~*~*~ (outnumbered).
 19527 | Lair:1   | 19527 ||| Stepping ~*~*~tactically~*~*~ (outnumbered).
 19529 | Lair:1   | 19529 ||| Stepping ~*~*~tactically~*~*~ (outnumbered).
 19531 | Lair:1   | 19531 ||| Stepping ~*~*~tactically~*~*~ (outnumbered).
 19533 | Lair:1   | 19533 ||| Stepping ~*~*~tactically~*~*~ (outnumbered).
 19535 | Lair:1   | 19535 ||| Stepping ~*~*~tactically~*~*~ (outnumbered).
 19537 | Lair:1   | 19537 ||| Stepping ~*~*~tactically~*~*~ (outnumbered).
 19539 | Lair:1   | 19539 ||| Stepping ~*~*~tactically~*~*~ (outnumbered).
 19541 | Lair:1   | 19541 ||| Stepping ~*~*~tactically~*~*~ (outnumbered).
 19543 | Lair:1   | 19543 ||| Stepping ~*~*~tactically~*~*~ (outnumbered).
 19545 | Lair:1   | 19545 ||| Stepping ~*~*~tactically~*~*~ (outnumbered).
 19547 | Lair:1   | 19547 ||| Stepping ~*~*~tactically~*~*~ (outnumbered).
 19549 | Lair:1   | 19549 ||| Stepping ~*~*~tactically~*~*~ (outnumbered).
 19551 | Lair:1   | 19551 ||| Stepping ~*~*~tactically~*~*~ (outnumbered).
 19553 | Lair:1   | 19553 ||| Stepping ~*~*~tactically~*~*~ (outnumbered).
 19555 | Lair:1   | 19555 ||| Stepping ~*~*~tactically~*~*~ (outnumbered).
 19557 | Lair:1   | 19557 ||| Stepping ~*~*~tactically~*~*~ (outnumbered).
 19559 | Lair:1   | 19559 ||| Stepping ~*~*~tactically~*~*~ (outnumbered).
 19561 | Lair:1   | 19561 ||| Stepping ~*~*~tactically~*~*~ (outnumbered).
 19563 | Lair:1   | 19563 ||| Stepping ~*~*~tactically~*~*~ (outnumbered).
 19565 | Lair:1   | 19565 ||| Stepping ~*~*~tactically~*~*~ (outnumbered).
 19567 | Lair:1   | 19567 ||| Stepping ~*~*~tactically~*~*~ (outnumbered).
 19569 | Lair:1   | 19569 ||| Stepping ~*~*~tactically~*~*~ (outnumbered).
 19571 | Lair:1   | 19571 ||| Stepping ~*~*~tactically~*~*~ (outnumbered).
 19573 | Lair:1   | 19573 ||| Stepping ~*~*~tactically~*~*~ (outnumbered).
 19575 | Lair:1   | 19575 ||| Stepping ~*~*~tactically~*~*~ (outnumbered).
 19577 | Lair:1   | 19577 ||| Stepping ~*~*~tactically~*~*~ (outnumbered).
 19579 | Lair:1   | 19579 ||| Stepping ~*~*~tactically~*~*~ (outnumbered).
 19581 | Lair:1   | 19581 ||| Stepping ~*~*~tactically~*~*~ (outnumbered).
 19583 | Lair:1   | 19583 ||| Stepping ~*~*~tactically~*~*~ (outnumbered).
 19585 | Lair:1   | 19585 ||| Stepping ~*~*~tactically~*~*~ (outnumbered).
 19587 | Lair:1   | 19587 ||| Stepping ~*~*~tactically~*~*~ (outnumbered).
 19589 | Lair:1   | 19589 ||| Stepping ~*~*~tactically~*~*~ (outnumbered).
 19591 | Lair:1   | 19591 ||| Stepping ~*~*~tactically~*~*~ (outnumbered).
 19593 | Lair:1   | 19593 ||| Stepping ~*~*~tactically~*~*~ (outnumbered).
 19595 | Lair:1   | 19595 ||| Stepping ~*~*~tactically~*~*~ (outnumbered).
 19597 | Lair:1   | 19597 ||| Stepping ~*~*~tactically~*~*~ (outnumbered).
 19599 | Lair:1   | 19599 ||| Stepping ~*~*~tactically~*~*~ (outnumbered).
 19601 | Lair:1   | 19601 ||| Stepping ~*~*~tactically~*~*~ (outnumbered).
 19603 | Lair:1   | 19603 ||| Stepping ~*~*~tactically~*~*~ (outnumbered).
 19605 | Lair:1   | 19605 ||| Stepping ~*~*~tactically~*~*~ (outnumbered).
 19607 | Lair:1   | 19607 ||| Stepping ~*~*~tactically~*~*~ (outnumbered).
 19609 | Lair:1   | 19609 ||| Stepping ~*~*~tactically~*~*~ (outnumbered).
 19611 | Lair:1   | 19611 ||| Stepping ~*~*~tactically~*~*~ (outnumbered).
 19613 | Lair:1   | 19613 ||| Stepping ~*~*~tactically~*~*~ (outnumbered).
 19615 | Lair:1   | 19615 ||| Stepping ~*~*~tactically~*~*~ (outnumbered).
 19617 | Lair:1   | 19617 ||| Stepping ~*~*~tactically~*~*~ (outnumbered).
 19619 | Lair:1   | 19619 ||| Stepping ~*~*~tactically~*~*~ (outnumbered).
 19621 | Lair:1   | 19621 ||| Stepping ~*~*~tactically~*~*~ (outnumbered).
 19623 | Lair:1   | 19623 ||| Stepping ~*~*~tactically~*~*~ (outnumbered).
 19625 | Lair:1   | 19625 ||| Stepping ~*~*~tactically~*~*~ (outnumbered).
 19627 | Lair:1   | 19627 ||| Stepping ~*~*~tactically~*~*~ (outnumbered).
 19629 | Lair:1   | 19629 ||| Stepping ~*~*~tactically~*~*~ (outnumbered).
 19630 | Lair:1   | Fell from the grace of Okawaru
 19631 | Lair:1   | 19631 ||| Stepping ~*~*~tactically~*~*~ (outnumbered).
 19633 | Lair:1   | 19633 ||| Stepping ~*~*~tactically~*~*~ (outnumbered).
 19635 | Lair:1   | 19635 ||| Stepping ~*~*~tactically~*~*~ (outnumbered).
 19637 | Lair:1   | 19637 ||| Stepping ~*~*~tactically~*~*~ (outnumbered).
 19639 | Lair:1   | 19639 ||| Stepping ~*~*~tactically~*~*~ (outnumbered).
 19641 | Lair:1   | 19641 ||| Stepping ~*~*~tactically~*~*~ (outnumbered).
 19643 | Lair:1   | 19643 ||| Stepping ~*~*~tactically~*~*~ (outnumbered).
 19645 | Lair:1   | 19645 ||| Stepping ~*~*~tactically~*~*~ (outnumbered).
 19647 | Lair:1   | 19647 ||| Stepping ~*~*~tactically~*~*~ (outnumbered).
 19649 | Lair:1   | 19649 ||| Stepping ~*~*~tactically~*~*~ (outnumbered).
 19651 | Lair:1   | 19651 ||| Stepping ~*~*~tactically~*~*~ (outnumbered).
 19653 | Lair:1   | 19653 ||| Stepping ~*~*~tactically~*~*~ (outnumbered).
 19655 | Lair:1   | 19655 ||| Stepping ~*~*~tactically~*~*~ (outnumbered).
 19657 | Lair:1   | 19657 ||| Stepping ~*~*~tactically~*~*~ (outnumbered).
 19659 | Lair:1   | 19659 ||| Stepping ~*~*~tactically~*~*~ (outnumbered).
 19661 | Lair:1   | 19661 ||| Stepping ~*~*~tactically~*~*~ (outnumbered).
 19663 | Lair:1   | 19663 ||| Stepping ~*~*~tactically~*~*~ (outnumbered).
 19665 | Lair:1   | 19665 ||| Stepping ~*~*~tactically~*~*~ (outnumbered).
 19667 | Lair:1   | 19667 ||| Stepping ~*~*~tactically~*~*~ (outnumbered).
 19669 | Lair:1   | 19669 ||| Stepping ~*~*~tactically~*~*~ (outnumbered).
 19671 | Lair:1   | 19671 ||| Stepping ~*~*~tactically~*~*~ (outnumbered).
 19673 | Lair:1   | 19673 ||| Stepping ~*~*~tactically~*~*~ (outnumbered).
 19675 | Lair:1   | 19675 ||| Stepping ~*~*~tactically~*~*~ (outnumbered).
 19677 | Lair:1   | 19677 ||| Stepping ~*~*~tactically~*~*~ (outnumbered).
 19679 | Lair:1   | 19679 ||| Stepping ~*~*~tactically~*~*~ (outnumbered).
 19681 | Lair:1   | 19681 ||| Stepping ~*~*~tactically~*~*~ (outnumbered).
 19683 | Lair:1   | 19683 ||| Stepping ~*~*~tactically~*~*~ (outnumbered).
 19685 | Lair:1   | 19685 ||| Stepping ~*~*~tactically~*~*~ (outnumbered).
 19687 | Lair:1   | 19687 ||| Stepping ~*~*~tactically~*~*~ (outnumbered).
 19689 | Lair:1   | 19689 ||| Stepping ~*~*~tactically~*~*~ (outnumbered).
 19691 | Lair:1   | 19691 ||| Stepping ~*~*~tactically~*~*~ (outnumbered).
 19693 | Lair:1   | 19693 ||| Stepping ~*~*~tactically~*~*~ (outnumbered).
 19695 | Lair:1   | 19695 ||| Stepping ~*~*~tactically~*~*~ (outnumbered).
 19697 | Lair:1   | 19697 ||| Stepping ~*~*~tactically~*~*~ (outnumbered).
 19697 | Lair:1   | Glimpsed the power of Zot.
 19699 | Lair:1   | 19699 ||| Stepping ~*~*~tactically~*~*~ (outnumbered).
 19701 | Lair:1   | 19701 ||| Stepping ~*~*~tactically~*~*~ (outnumbered).
 19703 | Lair:1   | 19703 ||| Stepping ~*~*~tactically~*~*~ (outnumbered).
 19705 | Lair:1   | 19705 ||| Stepping ~*~*~tactically~*~*~ (outnumbered).
 19707 | Lair:1   | 19707 ||| Stepping ~*~*~tactically~*~*~ (outnumbered).
 19709 | Lair:1   | 19709 ||| Stepping ~*~*~tactically~*~*~ (outnumbered).
 19711 | Lair:1   | 19711 ||| Stepping ~*~*~tactically~*~*~ (outnumbered).
 19713 | Lair:1   | 19713 ||| Stepping ~*~*~tactically~*~*~ (outnumbered).
 19715 | Lair:1   | 19715 ||| Stepping ~*~*~tactically~*~*~ (outnumbered).
 19717 | Lair:1   | 19717 ||| Stepping ~*~*~tactically~*~*~ (outnumbered).
 19719 | Lair:1   | 19719 ||| Stepping ~*~*~tactically~*~*~ (outnumbered).
 19721 | Lair:1   | 19721 ||| Stepping ~*~*~tactically~*~*~ (outnumbered).
 19723 | Lair:1   | 19723 ||| Stepping ~*~*~tactically~*~*~ (outnumbered).
 19725 | Lair:1   | 19725 ||| Stepping ~*~*~tactically~*~*~ (outnumbered).
 19727 | Lair:1   | 19727 ||| Stepping ~*~*~tactically~*~*~ (outnumbered).
 19729 | Lair:1   | 19729 ||| Stepping ~*~*~tactically~*~*~ (outnumbered).
 19731 | Lair:1   | 19731 ||| Stepping ~*~*~tactically~*~*~ (outnumbered).
 19733 | Lair:1   | 19733 ||| Stepping ~*~*~tactically~*~*~ (outnumbered).
 19735 | Lair:1   | 19735 ||| Stepping ~*~*~tactically~*~*~ (outnumbered).
 19737 | Lair:1   | 19737 ||| Stepping ~*~*~tactically~*~*~ (outnumbered).
 19739 | Lair:1   | 19739 ||| Stepping ~*~*~tactically~*~*~ (outnumbered).
 19741 | Lair:1   | 19741 ||| Stepping ~*~*~tactically~*~*~ (outnumbered).
 19743 | Lair:1   | 19743 ||| Stepping ~*~*~tactically~*~*~ (outnumbered).
 19745 | Lair:1   | 19745 ||| Stepping ~*~*~tactically~*~*~ (outnumbered).
 19747 | Lair:1   | 19747 ||| Stepping ~*~*~tactically~*~*~ (outnumbered).
 19749 | Lair:1   | 19749 ||| Stepping ~*~*~tactically~*~*~ (outnumbered).
 19751 | Lair:1   | 19751 ||| Stepping ~*~*~tactically~*~*~ (outnumbered).
 19753 | Lair:1   | 19753 ||| Stepping ~*~*~tactically~*~*~ (outnumbered).
 19755 | Lair:1   | 19755 ||| Stepping ~*~*~tactically~*~*~ (outnumbered).
 19757 | Lair:1   | 19757 ||| Stepping ~*~*~tactically~*~*~ (outnumbered).
 19759 | Lair:1   | 19759 ||| Stepping ~*~*~tactically~*~*~ (outnumbered).
 19761 | Lair:1   | 19761 ||| Stepping ~*~*~tactically~*~*~ (outnumbered).
 19763 | Lair:1   | 19763 ||| Stepping ~*~*~tactically~*~*~ (outnumbered).
 19765 | Lair:1   | 19765 ||| Stepping ~*~*~tactically~*~*~ (outnumbered).
 19767 | Lair:1   | 19767 ||| Stepping ~*~*~tactically~*~*~ (outnumbered).
 19769 | Lair:1   | 19769 ||| Stepping ~*~*~tactically~*~*~ (outnumbered).
 19771 | Lair:1   | 19771 ||| Stepping ~*~*~tactically~*~*~ (outnumbered).
 19773 | Lair:1   | 19773 ||| Stepping ~*~*~tactically~*~*~ (outnumbered).
 19775 | Lair:1   | 19775 ||| Stepping ~*~*~tactically~*~*~ (outnumbered).
 19777 | Lair:1   | 19777 ||| Stepping ~*~*~tactically~*~*~ (outnumbered).
 19779 | Lair:1   | 19779 ||| Stepping ~*~*~tactically~*~*~ (outnumbered).
 19781 | Lair:1   | 19781 ||| Stepping ~*~*~tactically~*~*~ (outnumbered).
 19783 | Lair:1   | 19783 ||| Stepping ~*~*~tactically~*~*~ (outnumbered).
 19785 | Lair:1   | 19785 ||| Stepping ~*~*~tactically~*~*~ (outnumbered).
 19787 | Lair:1   | 19787 ||| Stepping ~*~*~tactically~*~*~ (outnumbered).
 19789 | Lair:1   | 19789 ||| Stepping ~*~*~tactically~*~*~ (outnumbered).
 19791 | Lair:1   | 19791 ||| Stepping ~*~*~tactically~*~*~ (outnumbered).
 19793 | Lair:1   | 19793 ||| Stepping ~*~*~tactically~*~*~ (outnumbered).
 19795 | Lair:1   | 19795 ||| Stepping ~*~*~tactically~*~*~ (outnumbered).
 19796 | Lair:1   | Touched by the power of Zot (MHP 12 -> 7)
 19797 | Lair:1   | 19797 ||| Stepping ~*~*~tactically~*~*~ (outnumbered).
 19797 | Lair:1   | Glimpsed the power of Zot.
 19799 | Lair:1   | 19799 ||| Stepping ~*~*~tactically~*~*~ (outnumbered).
 19801 | Lair:1   | 19801 ||| Stepping ~*~*~tactically~*~*~ (outnumbered).
 19803 | Lair:1   | 19803 ||| Stepping ~*~*~tactically~*~*~ (outnumbered).
 19805 | Lair:1   | 19805 ||| Stepping ~*~*~tactically~*~*~ (outnumbered).
 19807 | Lair:1   | 19807 ||| Stepping ~*~*~tactically~*~*~ (outnumbered).
 19809 | Lair:1   | 19809 ||| Stepping ~*~*~tactically~*~*~ (outnumbered).
 19811 | Lair:1   | 19811 ||| Stepping ~*~*~tactically~*~*~ (outnumbered).
 19813 | Lair:1   | 19813 ||| Stepping ~*~*~tactically~*~*~ (outnumbered).
 19815 | Lair:1   | 19815 ||| Stepping ~*~*~tactically~*~*~ (outnumbered).
 19817 | Lair:1   | 19817 ||| Stepping ~*~*~tactically~*~*~ (outnumbered).
 19819 | Lair:1   | 19819 ||| Stepping ~*~*~tactically~*~*~ (outnumbered).
 19821 | Lair:1   | 19821 ||| Stepping ~*~*~tactically~*~*~ (outnumbered).
 19823 | Lair:1   | 19823 ||| Stepping ~*~*~tactically~*~*~ (outnumbered).
 19825 | Lair:1   | 19825 ||| Stepping ~*~*~tactically~*~*~ (outnumbered).
 19827 | Lair:1   | 19827 ||| Stepping ~*~*~tactically~*~*~ (outnumbered).
 19829 | Lair:1   | 19829 ||| Stepping ~*~*~tactically~*~*~ (outnumbered).
 19831 | Lair:1   | 19831 ||| Stepping ~*~*~tactically~*~*~ (outnumbered).
 19833 | Lair:1   | 19833 ||| Stepping ~*~*~tactically~*~*~ (outnumbered).
 19835 | Lair:1   | 19835 ||| Stepping ~*~*~tactically~*~*~ (outnumbered).
 19837 | Lair:1   | 19837 ||| Stepping ~*~*~tactically~*~*~ (outnumbered).
 19839 | Lair:1   | 19839 ||| Stepping ~*~*~tactically~*~*~ (outnumbered).
 19841 | Lair:1   | 19841 ||| Stepping ~*~*~tactically~*~*~ (outnumbered).
 19843 | Lair:1   | 19843 ||| Stepping ~*~*~tactically~*~*~ (outnumbered).
 19845 | Lair:1   | 19845 ||| Stepping ~*~*~tactically~*~*~ (outnumbered).
 19847 | Lair:1   | 19847 ||| Stepping ~*~*~tactically~*~*~ (outnumbered).
 19849 | Lair:1   | 19849 ||| Stepping ~*~*~tactically~*~*~ (outnumbered).
 19851 | Lair:1   | 19851 ||| Stepping ~*~*~tactically~*~*~ (outnumbered).
 19853 | Lair:1   | 19853 ||| Stepping ~*~*~tactically~*~*~ (outnumbered).
 19855 | Lair:1   | 19855 ||| Stepping ~*~*~tactically~*~*~ (outnumbered).
 19857 | Lair:1   | 19857 ||| Stepping ~*~*~tactically~*~*~ (outnumbered).
 19859 | Lair:1   | 19859 ||| Stepping ~*~*~tactically~*~*~ (outnumbered).
 19861 | Lair:1   | 19861 ||| Stepping ~*~*~tactically~*~*~ (outnumbered).
 19863 | Lair:1   | 19863 ||| Stepping ~*~*~tactically~*~*~ (outnumbered).
 19865 | Lair:1   | 19865 ||| Stepping ~*~*~tactically~*~*~ (outnumbered).
 19867 | Lair:1   | 19867 ||| Stepping ~*~*~tactically~*~*~ (outnumbered).
 19869 | Lair:1   | 19869 ||| Stepping ~*~*~tactically~*~*~ (outnumbered).
 19871 | Lair:1   | 19871 ||| Stepping ~*~*~tactically~*~*~ (outnumbered).
 19873 | Lair:1   | 19873 ||| Stepping ~*~*~tactically~*~*~ (outnumbered).
 19875 | Lair:1   | 19875 ||| Stepping ~*~*~tactically~*~*~ (outnumbered).
 19877 | Lair:1   | 19877 ||| Stepping ~*~*~tactically~*~*~ (outnumbered).
 19879 | Lair:1   | 19879 ||| Stepping ~*~*~tactically~*~*~ (outnumbered).
 19881 | Lair:1   | 19881 ||| Stepping ~*~*~tactically~*~*~ (outnumbered).
 19883 | Lair:1   | 19883 ||| Stepping ~*~*~tactically~*~*~ (outnumbered).
 19885 | Lair:1   | 19885 ||| Stepping ~*~*~tactically~*~*~ (outnumbered).
 19887 | Lair:1   | 19887 ||| Stepping ~*~*~tactically~*~*~ (outnumbered).
 19889 | Lair:1   | 19889 ||| Stepping ~*~*~tactically~*~*~ (outnumbered).
 19891 | Lair:1   | 19891 ||| Stepping ~*~*~tactically~*~*~ (outnumbered).
 19893 | Lair:1   | 19893 ||| Stepping ~*~*~tactically~*~*~ (outnumbered).
 19895 | Lair:1   | 19895 ||| Stepping ~*~*~tactically~*~*~ (outnumbered).
 19897 | Lair:1   | 19897 ||| Stepping ~*~*~tactically~*~*~ (outnumbered).
 19899 | Lair:1   | 19899 ||| Stepping ~*~*~tactically~*~*~ (outnumbered).
 19901 | Lair:1   | 19901 ||| Stepping ~*~*~tactically~*~*~ (outnumbered).
 19903 | Lair:1   | 19903 ||| Stepping ~*~*~tactically~*~*~ (outnumbered).
 19905 | Lair:1   | 19905 ||| Stepping ~*~*~tactically~*~*~ (outnumbered).
 19907 | Lair:1   | 19907 ||| Stepping ~*~*~tactically~*~*~ (outnumbered).
 19909 | Lair:1   | 19909 ||| Stepping ~*~*~tactically~*~*~ (outnumbered).
 19911 | Lair:1   | 19911 ||| Stepping ~*~*~tactically~*~*~ (outnumbered).
 19913 | Lair:1   | 19913 ||| Stepping ~*~*~tactically~*~*~ (outnumbered).
 19915 | Lair:1   | 19915 ||| Stepping ~*~*~tactically~*~*~ (outnumbered).
 19917 | Lair:1   | 19917 ||| Stepping ~*~*~tactically~*~*~ (outnumbered).
 19919 | Lair:1   | 19919 ||| Stepping ~*~*~tactically~*~*~ (outnumbered).
 19921 | Lair:1   | 19921 ||| Stepping ~*~*~tactically~*~*~ (outnumbered).
 19923 | Lair:1   | 19923 ||| Stepping ~*~*~tactically~*~*~ (outnumbered).
 19925 | Lair:1   | 19925 ||| Stepping ~*~*~tactically~*~*~ (outnumbered).
 19927 | Lair:1   | 19927 ||| Stepping ~*~*~tactically~*~*~ (outnumbered).
 19929 | Lair:1   | 19929 ||| Stepping ~*~*~tactically~*~*~ (outnumbered).
 19931 | Lair:1   | 19931 ||| Stepping ~*~*~tactically~*~*~ (outnumbered).
 19933 | Lair:1   | 19933 ||| Stepping ~*~*~tactically~*~*~ (outnumbered).
 19935 | Lair:1   | 19935 ||| Stepping ~*~*~tactically~*~*~ (outnumbered).
 19937 | Lair:1   | 19937 ||| Stepping ~*~*~tactically~*~*~ (outnumbered).
 19939 | Lair:1   | 19939 ||| Stepping ~*~*~tactically~*~*~ (outnumbered).
 19941 | Lair:1   | 19941 ||| Stepping ~*~*~tactically~*~*~ (outnumbered).
 19943 | Lair:1   | 19943 ||| Stepping ~*~*~tactically~*~*~ (outnumbered).
 19945 | Lair:1   | 19945 ||| Stepping ~*~*~tactically~*~*~ (outnumbered).
 19947 | Lair:1   | 19947 ||| Stepping ~*~*~tactically~*~*~ (outnumbered).
 19949 | Lair:1   | 19949 ||| Stepping ~*~*~tactically~*~*~ (outnumbered).
 19951 | Lair:1   | 19951 ||| Stepping ~*~*~tactically~*~*~ (outnumbered).
 19953 | Lair:1   | 19953 ||| Stepping ~*~*~tactically~*~*~ (outnumbered).
 19955 | Lair:1   | 19955 ||| Stepping ~*~*~tactically~*~*~ (outnumbered).
 19957 | Lair:1   | 19957 ||| Stepping ~*~*~tactically~*~*~ (outnumbered).
 19959 | Lair:1   | 19959 ||| Stepping ~*~*~tactically~*~*~ (outnumbered).
 19961 | Lair:1   | 19961 ||| Stepping ~*~*~tactically~*~*~ (outnumbered).
 19963 | Lair:1   | 19963 ||| Stepping ~*~*~tactically~*~*~ (outnumbered).
 19965 | Lair:1   | 19965 ||| Stepping ~*~*~tactically~*~*~ (outnumbered).
 19967 | Lair:1   | 19967 ||| Stepping ~*~*~tactically~*~*~ (outnumbered).
 19969 | Lair:1   | 19969 ||| Stepping ~*~*~tactically~*~*~ (outnumbered).
 19971 | Lair:1   | 19971 ||| Stepping ~*~*~tactically~*~*~ (outnumbered).
 19973 | Lair:1   | 19973 ||| Stepping ~*~*~tactically~*~*~ (outnumbered).
 19975 | Lair:1   | 19975 ||| Stepping ~*~*~tactically~*~*~ (outnumbered).
 19977 | Lair:1   | 19977 ||| Stepping ~*~*~tactically~*~*~ (outnumbered).
 19979 | Lair:1   | 19979 ||| Stepping ~*~*~tactically~*~*~ (outnumbered).
 19981 | Lair:1   | 19981 ||| Stepping ~*~*~tactically~*~*~ (outnumbered).
 19983 | Lair:1   | 19983 ||| Stepping ~*~*~tactically~*~*~ (outnumbered).
 19985 | Lair:1   | 19985 ||| Stepping ~*~*~tactically~*~*~ (outnumbered).
 19987 | Lair:1   | 19987 ||| Stepping ~*~*~tactically~*~*~ (outnumbered).
 19989 | Lair:1   | 19989 ||| Stepping ~*~*~tactically~*~*~ (outnumbered).
 19991 | Lair:1   | 19991 ||| Stepping ~*~*~tactically~*~*~ (outnumbered).
 19993 | Lair:1   | 19993 ||| Stepping ~*~*~tactically~*~*~ (outnumbered).
 19995 | Lair:1   | 19995 ||| Stepping ~*~*~tactically~*~*~ (outnumbered).
 19997 | Lair:1   | 19997 ||| Stepping ~*~*~tactically~*~*~ (outnumbered).
 19999 | Lair:1   | 19999 ||| Stepping ~*~*~tactically~*~*~ (outnumbered).
 20001 | Lair:1   | 20001 ||| Stepping ~*~*~tactically~*~*~ (outnumbered).
 20003 | Lair:1   | 20003 ||| Stepping ~*~*~tactically~*~*~ (outnumbered).
 20005 | Lair:1   | 20005 ||| Stepping ~*~*~tactically~*~*~ (outnumbered).
 20007 | Lair:1   | 20007 ||| Stepping ~*~*~tactically~*~*~ (outnumbered).
 20009 | Lair:1   | 20009 ||| Stepping ~*~*~tactically~*~*~ (outnumbered).
 20011 | Lair:1   | 20011 ||| Stepping ~*~*~tactically~*~*~ (outnumbered).
 20013 | Lair:1   | 20013 ||| Stepping ~*~*~tactically~*~*~ (outnumbered).
 20015 | Lair:1   | 20015 ||| Stepping ~*~*~tactically~*~*~ (outnumbered).
 20017 | Lair:1   | 20017 ||| Stepping ~*~*~tactically~*~*~ (outnumbered).
 20019 | Lair:1   | 20019 ||| Stepping ~*~*~tactically~*~*~ (outnumbered).
 20021 | Lair:1   | 20021 ||| Stepping ~*~*~tactically~*~*~ (outnumbered).
 20023 | Lair:1   | 20023 ||| Stepping ~*~*~tactically~*~*~ (outnumbered).
 20025 | Lair:1   | 20025 ||| Stepping ~*~*~tactically~*~*~ (outnumbered).
 20027 | Lair:1   | 20027 ||| Stepping ~*~*~tactically~*~*~ (outnumbered).
 20029 | Lair:1   | 20029 ||| Stepping ~*~*~tactically~*~*~ (outnumbered).
 20031 | Lair:1   | 20031 ||| Stepping ~*~*~tactically~*~*~ (outnumbered).
 20033 | Lair:1   | 20033 ||| Stepping ~*~*~tactically~*~*~ (outnumbered).
 20035 | Lair:1   | 20035 ||| Stepping ~*~*~tactically~*~*~ (outnumbered).
 20037 | Lair:1   | 20037 ||| Stepping ~*~*~tactically~*~*~ (outnumbered).
 20039 | Lair:1   | 20039 ||| Stepping ~*~*~tactically~*~*~ (outnumbered).
 20041 | Lair:1   | 20041 ||| Stepping ~*~*~tactically~*~*~ (outnumbered).
 20043 | Lair:1   | 20043 ||| Stepping ~*~*~tactically~*~*~ (outnumbered).
 20045 | Lair:1   | 20045 ||| Stepping ~*~*~tactically~*~*~ (outnumbered).
 20047 | Lair:1   | 20047 ||| Stepping ~*~*~tactically~*~*~ (outnumbered).
 20049 | Lair:1   | 20049 ||| Stepping ~*~*~tactically~*~*~ (outnumbered).
 20051 | Lair:1   | 20051 ||| Stepping ~*~*~tactically~*~*~ (outnumbered).
 20053 | Lair:1   | 20053 ||| Stepping ~*~*~tactically~*~*~ (outnumbered).
 20055 | Lair:1   | 20055 ||| Stepping ~*~*~tactically~*~*~ (outnumbered).
 20057 | Lair:1   | 20057 ||| Stepping ~*~*~tactically~*~*~ (outnumbered).
 20059 | Lair:1   | 20059 ||| Stepping ~*~*~tactically~*~*~ (outnumbered).
 20061 | Lair:1   | 20061 ||| Stepping ~*~*~tactically~*~*~ (outnumbered).
 20063 | Lair:1   | 20063 ||| Stepping ~*~*~tactically~*~*~ (outnumbered).
 20065 | Lair:1   | 20065 ||| Stepping ~*~*~tactically~*~*~ (outnumbered).
 20067 | Lair:1   | 20067 ||| Stepping ~*~*~tactically~*~*~ (outnumbered).
 20069 | Lair:1   | 20069 ||| Stepping ~*~*~tactically~*~*~ (outnumbered).
 20071 | Lair:1   | 20071 ||| Stepping ~*~*~tactically~*~*~ (outnumbered).
 20073 | Lair:1   | 20073 ||| Stepping ~*~*~tactically~*~*~ (outnumbered).
 20075 | Lair:1   | 20075 ||| Stepping ~*~*~tactically~*~*~ (outnumbered).
 20077 | Lair:1   | 20077 ||| Stepping ~*~*~tactically~*~*~ (outnumbered).
 20079 | Lair:1   | 20079 ||| Stepping ~*~*~tactically~*~*~ (outnumbered).
 20081 | Lair:1   | 20081 ||| Stepping ~*~*~tactically~*~*~ (outnumbered).
 20083 | Lair:1   | 20083 ||| Stepping ~*~*~tactically~*~*~ (outnumbered).
 20085 | Lair:1   | 20085 ||| Stepping ~*~*~tactically~*~*~ (outnumbered).
 20087 | Lair:1   | 20087 ||| Stepping ~*~*~tactically~*~*~ (outnumbered).
 20089 | Lair:1   | 20089 ||| Stepping ~*~*~tactically~*~*~ (outnumbered).
 20091 | Lair:1   | 20091 ||| Stepping ~*~*~tactically~*~*~ (outnumbered).
 20093 | Lair:1   | 20093 ||| Stepping ~*~*~tactically~*~*~ (outnumbered).
 20095 | Lair:1   | 20095 ||| Stepping ~*~*~tactically~*~*~ (outnumbered).
 20097 | Lair:1   | 20097 ||| Stepping ~*~*~tactically~*~*~ (outnumbered).
 20099 | Lair:1   | 20099 ||| Stepping ~*~*~tactically~*~*~ (outnumbered).
 20101 | Lair:1   | 20101 ||| Stepping ~*~*~tactically~*~*~ (outnumbered).
 20103 | Lair:1   | 20103 ||| Stepping ~*~*~tactically~*~*~ (outnumbered).
 20105 | Lair:1   | 20105 ||| Stepping ~*~*~tactically~*~*~ (outnumbered).
 20107 | Lair:1   | 20107 ||| Stepping ~*~*~tactically~*~*~ (outnumbered).
 20109 | Lair:1   | 20109 ||| Stepping ~*~*~tactically~*~*~ (outnumbered).
 20111 | Lair:1   | 20111 ||| Stepping ~*~*~tactically~*~*~ (outnumbered).
 20113 | Lair:1   | 20113 ||| Stepping ~*~*~tactically~*~*~ (outnumbered).
 20115 | Lair:1   | 20115 ||| Stepping ~*~*~tactically~*~*~ (outnumbered).
 20117 | Lair:1   | 20117 ||| Stepping ~*~*~tactically~*~*~ (outnumbered).
 20119 | Lair:1   | 20119 ||| Stepping ~*~*~tactically~*~*~ (outnumbered).
 20121 | Lair:1   | 20121 ||| Stepping ~*~*~tactically~*~*~ (outnumbered).
 20123 | Lair:1   | 20123 ||| Stepping ~*~*~tactically~*~*~ (outnumbered).
 20125 | Lair:1   | 20125 ||| Stepping ~*~*~tactically~*~*~ (outnumbered).
 20127 | Lair:1   | 20127 ||| Stepping ~*~*~tactically~*~*~ (outnumbered).
 20129 | Lair:1   | 20129 ||| Stepping ~*~*~tactically~*~*~ (outnumbered).
 20131 | Lair:1   | 20131 ||| Stepping ~*~*~tactically~*~*~ (outnumbered).
 20133 | Lair:1   | 20133 ||| Stepping ~*~*~tactically~*~*~ (outnumbered).
 20135 | Lair:1   | 20135 ||| Stepping ~*~*~tactically~*~*~ (outnumbered).
 20137 | Lair:1   | 20137 ||| Stepping ~*~*~tactically~*~*~ (outnumbered).
 20139 | Lair:1   | 20139 ||| Stepping ~*~*~tactically~*~*~ (outnumbered).
 20141 | Lair:1   | 20141 ||| Stepping ~*~*~tactically~*~*~ (outnumbered).
 20143 | Lair:1   | 20143 ||| Stepping ~*~*~tactically~*~*~ (outnumbered).
 20145 | Lair:1   | 20145 ||| Stepping ~*~*~tactically~*~*~ (outnumbered).
 20147 | Lair:1   | 20147 ||| Stepping ~*~*~tactically~*~*~ (outnumbered).
 20149 | Lair:1   | 20149 ||| Stepping ~*~*~tactically~*~*~ (outnumbered).
 20151 | Lair:1   | 20151 ||| Stepping ~*~*~tactically~*~*~ (outnumbered).
 20153 | Lair:1   | 20153 ||| Stepping ~*~*~tactically~*~*~ (outnumbered).
 20155 | Lair:1   | 20155 ||| Stepping ~*~*~tactically~*~*~ (outnumbered).
 20157 | Lair:1   | 20157 ||| Stepping ~*~*~tactically~*~*~ (outnumbered).
 20159 | Lair:1   | 20159 ||| Stepping ~*~*~tactically~*~*~ (outnumbered).
 20161 | Lair:1   | 20161 ||| Stepping ~*~*~tactically~*~*~ (outnumbered).
 20163 | Lair:1   | 20163 ||| Stepping ~*~*~tactically~*~*~ (outnumbered).
 20165 | Lair:1   | 20165 ||| Stepping ~*~*~tactically~*~*~ (outnumbered).
 20167 | Lair:1   | 20167 ||| Stepping ~*~*~tactically~*~*~ (outnumbered).
 20169 | Lair:1   | 20169 ||| Stepping ~*~*~tactically~*~*~ (outnumbered).
 20171 | Lair:1   | 20171 ||| Stepping ~*~*~tactically~*~*~ (outnumbered).
 20173 | Lair:1   | 20173 ||| Stepping ~*~*~tactically~*~*~ (outnumbered).
 20175 | Lair:1   | 20175 ||| Stepping ~*~*~tactically~*~*~ (outnumbered).
 20177 | Lair:1   | 20177 ||| Stepping ~*~*~tactically~*~*~ (outnumbered).
 20179 | Lair:1   | 20179 ||| Stepping ~*~*~tactically~*~*~ (outnumbered).
 20181 | Lair:1   | 20181 ||| Stepping ~*~*~tactically~*~*~ (outnumbered).
 20183 | Lair:1   | 20183 ||| Stepping ~*~*~tactically~*~*~ (outnumbered).
 20185 | Lair:1   | 20185 ||| Stepping ~*~*~tactically~*~*~ (outnumbered).
 20187 | Lair:1   | 20187 ||| Stepping ~*~*~tactically~*~*~ (outnumbered).
 20189 | Lair:1   | 20189 ||| Stepping ~*~*~tactically~*~*~ (outnumbered).
 20191 | Lair:1   | 20191 ||| Stepping ~*~*~tactically~*~*~ (outnumbered).
 20193 | Lair:1   | 20193 ||| Stepping ~*~*~tactically~*~*~ (outnumbered).
 20195 | Lair:1   | 20195 ||| Stepping ~*~*~tactically~*~*~ (outnumbered).
 20197 | Lair:1   | 20197 ||| Stepping ~*~*~tactically~*~*~ (outnumbered).
 20199 | Lair:1   | 20199 ||| Stepping ~*~*~tactically~*~*~ (outnumbered).
 20201 | Lair:1   | 20201 ||| Stepping ~*~*~tactically~*~*~ (outnumbered).
 20203 | Lair:1   | 20203 ||| Stepping ~*~*~tactically~*~*~ (outnumbered).
 20205 | Lair:1   | 20205 ||| Stepping ~*~*~tactically~*~*~ (outnumbered).
 20207 | Lair:1   | 20207 ||| Stepping ~*~*~tactically~*~*~ (outnumbered).
 20209 | Lair:1   | 20209 ||| Stepping ~*~*~tactically~*~*~ (outnumbered).
 20211 | Lair:1   | 20211 ||| Stepping ~*~*~tactically~*~*~ (outnumbered).
 20213 | Lair:1   | 20213 ||| Stepping ~*~*~tactically~*~*~ (outnumbered).
 20215 | Lair:1   | 20215 ||| Stepping ~*~*~tactically~*~*~ (outnumbered).
 20217 | Lair:1   | 20217 ||| Stepping ~*~*~tactically~*~*~ (outnumbered).
 20219 | Lair:1   | 20219 ||| Stepping ~*~*~tactically~*~*~ (outnumbered).
 20221 | Lair:1   | 20221 ||| Stepping ~*~*~tactically~*~*~ (outnumbered).
 20223 | Lair:1   | 20223 ||| Stepping ~*~*~tactically~*~*~ (outnumbered).
 20225 | Lair:1   | 20225 ||| Stepping ~*~*~tactically~*~*~ (outnumbered).
 20227 | Lair:1   | 20227 ||| Stepping ~*~*~tactically~*~*~ (outnumbered).
 20229 | Lair:1   | 20229 ||| Stepping ~*~*~tactically~*~*~ (outnumbered).
 20231 | Lair:1   | 20231 ||| Stepping ~*~*~tactically~*~*~ (outnumbered).
 20233 | Lair:1   | 20233 ||| Stepping ~*~*~tactically~*~*~ (outnumbered).
 20235 | Lair:1   | 20235 ||| Stepping ~*~*~tactically~*~*~ (outnumbered).
 20237 | Lair:1   | 20237 ||| Stepping ~*~*~tactically~*~*~ (outnumbered).
 20239 | Lair:1   | 20239 ||| Stepping ~*~*~tactically~*~*~ (outnumbered).
 20241 | Lair:1   | 20241 ||| Stepping ~*~*~tactically~*~*~ (outnumbered).
 20243 | Lair:1   | 20243 ||| Stepping ~*~*~tactically~*~*~ (outnumbered).
 20245 | Lair:1   | 20245 ||| Stepping ~*~*~tactically~*~*~ (outnumbered).
 20247 | Lair:1   | 20247 ||| Stepping ~*~*~tactically~*~*~ (outnumbered).
 20249 | Lair:1   | 20249 ||| Stepping ~*~*~tactically~*~*~ (outnumbered).
 20251 | Lair:1   | 20251 ||| Stepping ~*~*~tactically~*~*~ (outnumbered).
 20253 | Lair:1   | 20253 ||| Stepping ~*~*~tactically~*~*~ (outnumbered).
 20255 | Lair:1   | 20255 ||| Stepping ~*~*~tactically~*~*~ (outnumbered).
 20257 | Lair:1   | 20257 ||| Stepping ~*~*~tactically~*~*~ (outnumbered).
 20259 | Lair:1   | 20259 ||| Stepping ~*~*~tactically~*~*~ (outnumbered).
 20261 | Lair:1   | 20261 ||| Stepping ~*~*~tactically~*~*~ (outnumbered).
 20263 | Lair:1   | 20263 ||| Stepping ~*~*~tactically~*~*~ (outnumbered).
 20265 | Lair:1   | 20265 ||| Stepping ~*~*~tactically~*~*~ (outnumbered).
 20267 | Lair:1   | 20267 ||| Stepping ~*~*~tactically~*~*~ (outnumbered).
 20269 | Lair:1   | 20269 ||| Stepping ~*~*~tactically~*~*~ (outnumbered).
 20271 | Lair:1   | 20271 ||| Stepping ~*~*~tactically~*~*~ (outnumbered).
 20273 | Lair:1   | 20273 ||| Stepping ~*~*~tactically~*~*~ (outnumbered).
 20275 | Lair:1   | 20275 ||| Stepping ~*~*~tactically~*~*~ (outnumbered).
 20277 | Lair:1   | 20277 ||| Stepping ~*~*~tactically~*~*~ (outnumbered).
 20279 | Lair:1   | 20279 ||| Stepping ~*~*~tactically~*~*~ (outnumbered).
 20281 | Lair:1   | 20281 ||| Stepping ~*~*~tactically~*~*~ (outnumbered).
 20283 | Lair:1   | 20283 ||| Stepping ~*~*~tactically~*~*~ (outnumbered).
 20285 | Lair:1   | 20285 ||| Stepping ~*~*~tactically~*~*~ (outnumbered).
 20287 | Lair:1   | 20287 ||| Stepping ~*~*~tactically~*~*~ (outnumbered).
 20289 | Lair:1   | 20289 ||| Stepping ~*~*~tactically~*~*~ (outnumbered).
 20291 | Lair:1   | 20291 ||| Stepping ~*~*~tactically~*~*~ (outnumbered).
 20293 | Lair:1   | 20293 ||| Stepping ~*~*~tactically~*~*~ (outnumbered).
 20295 | Lair:1   | 20295 ||| Stepping ~*~*~tactically~*~*~ (outnumbered).
 20297 | Lair:1   | 20297 ||| Stepping ~*~*~tactically~*~*~ (outnumbered).
 20297 | Lair:1   | Glimpsed the power of Zot.
 20299 | Lair:1   | 20299 ||| Stepping ~*~*~tactically~*~*~ (outnumbered).
 20301 | Lair:1   | 20301 ||| Stepping ~*~*~tactically~*~*~ (outnumbered).
 20303 | Lair:1   | 20303 ||| Stepping ~*~*~tactically~*~*~ (outnumbered).
 20305 | Lair:1   | 20305 ||| Stepping ~*~*~tactically~*~*~ (outnumbered).
 20307 | Lair:1   | 20307 ||| Stepping ~*~*~tactically~*~*~ (outnumbered).
 20309 | Lair:1   | 20309 ||| Stepping ~*~*~tactically~*~*~ (outnumbered).
 20311 | Lair:1   | 20311 ||| Stepping ~*~*~tactically~*~*~ (outnumbered).
 20313 | Lair:1   | 20313 ||| Stepping ~*~*~tactically~*~*~ (outnumbered).
 20315 | Lair:1   | 20315 ||| Stepping ~*~*~tactically~*~*~ (outnumbered).
 20317 | Lair:1   | 20317 ||| Stepping ~*~*~tactically~*~*~ (outnumbered).
 20319 | Lair:1   | 20319 ||| Stepping ~*~*~tactically~*~*~ (outnumbered).
 20321 | Lair:1   | 20321 ||| Stepping ~*~*~tactically~*~*~ (outnumbered).
 20323 | Lair:1   | 20323 ||| Stepping ~*~*~tactically~*~*~ (outnumbered).
 20325 | Lair:1   | 20325 ||| Stepping ~*~*~tactically~*~*~ (outnumbered).
 20327 | Lair:1   | 20327 ||| Stepping ~*~*~tactically~*~*~ (outnumbered).
 20329 | Lair:1   | 20329 ||| Stepping ~*~*~tactically~*~*~ (outnumbered).
 20331 | Lair:1   | 20331 ||| Stepping ~*~*~tactically~*~*~ (outnumbered).
 20333 | Lair:1   | 20333 ||| Stepping ~*~*~tactically~*~*~ (outnumbered).
 20335 | Lair:1   | 20335 ||| Stepping ~*~*~tactically~*~*~ (outnumbered).
 20337 | Lair:1   | 20337 ||| Stepping ~*~*~tactically~*~*~ (outnumbered).
 20339 | Lair:1   | 20339 ||| Stepping ~*~*~tactically~*~*~ (outnumbered).
 20341 | Lair:1   | 20341 ||| Stepping ~*~*~tactically~*~*~ (outnumbered).
 20343 | Lair:1   | 20343 ||| Stepping ~*~*~tactically~*~*~ (outnumbered).
 20345 | Lair:1   | 20345 ||| Stepping ~*~*~tactically~*~*~ (outnumbered).
 20347 | Lair:1   | 20347 ||| Stepping ~*~*~tactically~*~*~ (outnumbered).
 20349 | Lair:1   | 20349 ||| Stepping ~*~*~tactically~*~*~ (outnumbered).
 20351 | Lair:1   | 20351 ||| Stepping ~*~*~tactically~*~*~ (outnumbered).
 20353 | Lair:1   | 20353 ||| Stepping ~*~*~tactically~*~*~ (outnumbered).
 20355 | Lair:1   | 20355 ||| Stepping ~*~*~tactically~*~*~ (outnumbered).
 20357 | Lair:1   | 20357 ||| Stepping ~*~*~tactically~*~*~ (outnumbered).
 20359 | Lair:1   | 20359 ||| Stepping ~*~*~tactically~*~*~ (outnumbered).
 20361 | Lair:1   | 20361 ||| Stepping ~*~*~tactically~*~*~ (outnumbered).
 20363 | Lair:1   | 20363 ||| Stepping ~*~*~tactically~*~*~ (outnumbered).
 20365 | Lair:1   | 20365 ||| Stepping ~*~*~tactically~*~*~ (outnumbered).
 20367 | Lair:1   | 20367 ||| Stepping ~*~*~tactically~*~*~ (outnumbered).
 20369 | Lair:1   | 20369 ||| Stepping ~*~*~tactically~*~*~ (outnumbered).
 20371 | Lair:1   | 20371 ||| Stepping ~*~*~tactically~*~*~ (outnumbered).
 20373 | Lair:1   | 20373 ||| Stepping ~*~*~tactically~*~*~ (outnumbered).
 20375 | Lair:1   | 20375 ||| Stepping ~*~*~tactically~*~*~ (outnumbered).
 20377 | Lair:1   | 20377 ||| Stepping ~*~*~tactically~*~*~ (outnumbered).
 20379 | Lair:1   | 20379 ||| Stepping ~*~*~tactically~*~*~ (outnumbered).
 20381 | Lair:1   | 20381 ||| Stepping ~*~*~tactically~*~*~ (outnumbered).
 20383 | Lair:1   | 20383 ||| Stepping ~*~*~tactically~*~*~ (outnumbered).
 20385 | Lair:1   | 20385 ||| Stepping ~*~*~tactically~*~*~ (outnumbered).
 20387 | Lair:1   | 20387 ||| Stepping ~*~*~tactically~*~*~ (outnumbered).
 20389 | Lair:1   | 20389 ||| Stepping ~*~*~tactically~*~*~ (outnumbered).
 20391 | Lair:1   | 20391 ||| Stepping ~*~*~tactically~*~*~ (outnumbered).
 20393 | Lair:1   | 20393 ||| Stepping ~*~*~tactically~*~*~ (outnumbered).
 20395 | Lair:1   | 20395 ||| Stepping ~*~*~tactically~*~*~ (outnumbered).
 20397 | Lair:1   | 20397 ||| Stepping ~*~*~tactically~*~*~ (outnumbered).
 20399 | Lair:1   | 20399 ||| Stepping ~*~*~tactically~*~*~ (outnumbered).
 20401 | Lair:1   | 20401 ||| Stepping ~*~*~tactically~*~*~ (outnumbered).
 20403 | Lair:1   | 20403 ||| Stepping ~*~*~tactically~*~*~ (outnumbered).
 20405 | Lair:1   | 20405 ||| Stepping ~*~*~tactically~*~*~ (outnumbered).
 20407 | Lair:1   | 20407 ||| Stepping ~*~*~tactically~*~*~ (outnumbered).
 20409 | Lair:1   | 20409 ||| Stepping ~*~*~tactically~*~*~ (outnumbered).
 20411 | Lair:1   | 20411 ||| Stepping ~*~*~tactically~*~*~ (outnumbered).
 20413 | Lair:1   | 20413 ||| Stepping ~*~*~tactically~*~*~ (outnumbered).
 20415 | Lair:1   | 20415 ||| Stepping ~*~*~tactically~*~*~ (outnumbered).
 20417 | Lair:1   | 20417 ||| Stepping ~*~*~tactically~*~*~ (outnumbered).
 20419 | Lair:1   | 20419 ||| Stepping ~*~*~tactically~*~*~ (outnumbered).
 20421 | Lair:1   | 20421 ||| Stepping ~*~*~tactically~*~*~ (outnumbered).
 20423 | Lair:1   | 20423 ||| Stepping ~*~*~tactically~*~*~ (outnumbered).
 20425 | Lair:1   | 20425 ||| Stepping ~*~*~tactically~*~*~ (outnumbered).
 20427 | Lair:1   | 20427 ||| Stepping ~*~*~tactically~*~*~ (outnumbered).
 20429 | Lair:1   | 20429 ||| Stepping ~*~*~tactically~*~*~ (outnumbered).
 20431 | Lair:1   | 20431 ||| Stepping ~*~*~tactically~*~*~ (outnumbered).
 20433 | Lair:1   | 20433 ||| Stepping ~*~*~tactically~*~*~ (outnumbered).
 20435 | Lair:1   | 20435 ||| Stepping ~*~*~tactically~*~*~ (outnumbered).
 20437 | Lair:1   | 20437 ||| Stepping ~*~*~tactically~*~*~ (outnumbered).
 20439 | Lair:1   | 20439 ||| Stepping ~*~*~tactically~*~*~ (outnumbered).
 20441 | Lair:1   | 20441 ||| Stepping ~*~*~tactically~*~*~ (outnumbered).
 20443 | Lair:1   | 20443 ||| Stepping ~*~*~tactically~*~*~ (outnumbered).
 20445 | Lair:1   | 20445 ||| Stepping ~*~*~tactically~*~*~ (outnumbered).
 20447 | Lair:1   | 20447 ||| Stepping ~*~*~tactically~*~*~ (outnumbered).
 20449 | Lair:1   | 20449 ||| Stepping ~*~*~tactically~*~*~ (outnumbered).
 20451 | Lair:1   | 20451 ||| Stepping ~*~*~tactically~*~*~ (outnumbered).
 20453 | Lair:1   | 20453 ||| Stepping ~*~*~tactically~*~*~ (outnumbered).
 20455 | Lair:1   | 20455 ||| Stepping ~*~*~tactically~*~*~ (outnumbered).
 20457 | Lair:1   | 20457 ||| Stepping ~*~*~tactically~*~*~ (outnumbered).
 20459 | Lair:1   | 20459 ||| Stepping ~*~*~tactically~*~*~ (outnumbered).
 20461 | Lair:1   | 20461 ||| Stepping ~*~*~tactically~*~*~ (outnumbered).
 20463 | Lair:1   | 20463 ||| Stepping ~*~*~tactically~*~*~ (outnumbered).
 20465 | Lair:1   | 20465 ||| Stepping ~*~*~tactically~*~*~ (outnumbered).
 20467 | Lair:1   | 20467 ||| Stepping ~*~*~tactically~*~*~ (outnumbered).
 20469 | Lair:1   | 20469 ||| Stepping ~*~*~tactically~*~*~ (outnumbered).
 20471 | Lair:1   | 20471 ||| Stepping ~*~*~tactically~*~*~ (outnumbered).
 20473 | Lair:1   | 20473 ||| Stepping ~*~*~tactically~*~*~ (outnumbered).
 20475 | Lair:1   | 20475 ||| Stepping ~*~*~tactically~*~*~ (outnumbered).
 20477 | Lair:1   | 20477 ||| Stepping ~*~*~tactically~*~*~ (outnumbered).
 20479 | Lair:1   | 20479 ||| Stepping ~*~*~tactically~*~*~ (outnumbered).
 20481 | Lair:1   | 20481 ||| Stepping ~*~*~tactically~*~*~ (outnumbered).
 20483 | Lair:1   | 20483 ||| Stepping ~*~*~tactically~*~*~ (outnumbered).
 20485 | Lair:1   | 20485 ||| Stepping ~*~*~tactically~*~*~ (outnumbered).
 20487 | Lair:1   | 20487 ||| Stepping ~*~*~tactically~*~*~ (outnumbered).
 20489 | Lair:1   | 20489 ||| Stepping ~*~*~tactically~*~*~ (outnumbered).
 20491 | Lair:1   | 20491 ||| Stepping ~*~*~tactically~*~*~ (outnumbered).
 20493 | Lair:1   | 20493 ||| Stepping ~*~*~tactically~*~*~ (outnumbered).
 20495 | Lair:1   | 20495 ||| Stepping ~*~*~tactically~*~*~ (outnumbered).
 20497 | Lair:1   | 20497 ||| Stepping ~*~*~tactically~*~*~ (outnumbered).
 20499 | Lair:1   | 20499 ||| Stepping ~*~*~tactically~*~*~ (outnumbered).
 20501 | Lair:1   | 20501 ||| Stepping ~*~*~tactically~*~*~ (outnumbered).
 20503 | Lair:1   | 20503 ||| Stepping ~*~*~tactically~*~*~ (outnumbered).
 20505 | Lair:1   | 20505 ||| Stepping ~*~*~tactically~*~*~ (outnumbered).
 20507 | Lair:1   | 20507 ||| Stepping ~*~*~tactically~*~*~ (outnumbered).
 20509 | Lair:1   | 20509 ||| Stepping ~*~*~tactically~*~*~ (outnumbered).
 20511 | Lair:1   | 20511 ||| Stepping ~*~*~tactically~*~*~ (outnumbered).
 20513 | Lair:1   | 20513 ||| Stepping ~*~*~tactically~*~*~ (outnumbered).
 20515 | Lair:1   | 20515 ||| Stepping ~*~*~tactically~*~*~ (outnumbered).
 20517 | Lair:1   | 20517 ||| Stepping ~*~*~tactically~*~*~ (outnumbered).
 20519 | Lair:1   | 20519 ||| Stepping ~*~*~tactically~*~*~ (outnumbered).
 20521 | Lair:1   | 20521 ||| Stepping ~*~*~tactically~*~*~ (outnumbered).
 20523 | Lair:1   | 20523 ||| Stepping ~*~*~tactically~*~*~ (outnumbered).
 20525 | Lair:1   | 20525 ||| Stepping ~*~*~tactically~*~*~ (outnumbered).
 20527 | Lair:1   | 20527 ||| Stepping ~*~*~tactically~*~*~ (outnumbered).
 20529 | Lair:1   | 20529 ||| Stepping ~*~*~tactically~*~*~ (outnumbered).
 20531 | Lair:1   | 20531 ||| Stepping ~*~*~tactically~*~*~ (outnumbered).
 20533 | Lair:1   | 20533 ||| Stepping ~*~*~tactically~*~*~ (outnumbered).
 20535 | Lair:1   | 20535 ||| Stepping ~*~*~tactically~*~*~ (outnumbered).
 20537 | Lair:1   | 20537 ||| Stepping ~*~*~tactically~*~*~ (outnumbered).
 20539 | Lair:1   | 20539 ||| Stepping ~*~*~tactically~*~*~ (outnumbered).
 20541 | Lair:1   | 20541 ||| Stepping ~*~*~tactically~*~*~ (outnumbered).
 20543 | Lair:1   | 20543 ||| Stepping ~*~*~tactically~*~*~ (outnumbered).
 20545 | Lair:1   | 20545 ||| Stepping ~*~*~tactically~*~*~ (outnumbered).
 20547 | Lair:1   | 20547 ||| Stepping ~*~*~tactically~*~*~ (outnumbered).
 20549 | Lair:1   | 20549 ||| Stepping ~*~*~tactically~*~*~ (outnumbered).
 20551 | Lair:1   | 20551 ||| Stepping ~*~*~tactically~*~*~ (outnumbered).
 20553 | Lair:1   | 20553 ||| Stepping ~*~*~tactically~*~*~ (outnumbered).
 20555 | Lair:1   | 20555 ||| Stepping ~*~*~tactically~*~*~ (outnumbered).
 20557 | Lair:1   | 20557 ||| Stepping ~*~*~tactically~*~*~ (outnumbered).
 20559 | Lair:1   | 20559 ||| Stepping ~*~*~tactically~*~*~ (outnumbered).
 20561 | Lair:1   | 20561 ||| Stepping ~*~*~tactically~*~*~ (outnumbered).
 20563 | Lair:1   | 20563 ||| Stepping ~*~*~tactically~*~*~ (outnumbered).
 20565 | Lair:1   | 20565 ||| Stepping ~*~*~tactically~*~*~ (outnumbered).
 20567 | Lair:1   | 20567 ||| Stepping ~*~*~tactically~*~*~ (outnumbered).
 20569 | Lair:1   | 20569 ||| Stepping ~*~*~tactically~*~*~ (outnumbered).
 20571 | Lair:1   | 20571 ||| Stepping ~*~*~tactically~*~*~ (outnumbered).
 20573 | Lair:1   | 20573 ||| Stepping ~*~*~tactically~*~*~ (outnumbered).
 20575 | Lair:1   | 20575 ||| Stepping ~*~*~tactically~*~*~ (outnumbered).
 20577 | Lair:1   | 20577 ||| Stepping ~*~*~tactically~*~*~ (outnumbered).
 20579 | Lair:1   | 20579 ||| Stepping ~*~*~tactically~*~*~ (outnumbered).
 20581 | Lair:1   | 20581 ||| Stepping ~*~*~tactically~*~*~ (outnumbered).
 20583 | Lair:1   | 20583 ||| Stepping ~*~*~tactically~*~*~ (outnumbered).
 20585 | Lair:1   | 20585 ||| Stepping ~*~*~tactically~*~*~ (outnumbered).
 20587 | Lair:1   | 20587 ||| Stepping ~*~*~tactically~*~*~ (outnumbered).
 20589 | Lair:1   | 20589 ||| Stepping ~*~*~tactically~*~*~ (outnumbered).
 20591 | Lair:1   | 20591 ||| Stepping ~*~*~tactically~*~*~ (outnumbered).
 20593 | Lair:1   | 20593 ||| Stepping ~*~*~tactically~*~*~ (outnumbered).
 20595 | Lair:1   | 20595 ||| Stepping ~*~*~tactically~*~*~ (outnumbered).
 20597 | Lair:1   | 20597 ||| Stepping ~*~*~tactically~*~*~ (outnumbered).
 20599 | Lair:1   | 20599 ||| Stepping ~*~*~tactically~*~*~ (outnumbered).
 20601 | Lair:1   | 20601 ||| Stepping ~*~*~tactically~*~*~ (outnumbered).
 20603 | Lair:1   | 20603 ||| Stepping ~*~*~tactically~*~*~ (outnumbered).
 20605 | Lair:1   | 20605 ||| Stepping ~*~*~tactically~*~*~ (outnumbered).
 20607 | Lair:1   | 20607 ||| Stepping ~*~*~tactically~*~*~ (outnumbered).
 20609 | Lair:1   | 20609 ||| Stepping ~*~*~tactically~*~*~ (outnumbered).
 20611 | Lair:1   | 20611 ||| Stepping ~*~*~tactically~*~*~ (outnumbered).
 20613 | Lair:1   | 20613 ||| Stepping ~*~*~tactically~*~*~ (outnumbered).
 20615 | Lair:1   | 20615 ||| Stepping ~*~*~tactically~*~*~ (outnumbered).
 20617 | Lair:1   | 20617 ||| Stepping ~*~*~tactically~*~*~ (outnumbered).
 20619 | Lair:1   | 20619 ||| Stepping ~*~*~tactically~*~*~ (outnumbered).
 20621 | Lair:1   | 20621 ||| Stepping ~*~*~tactically~*~*~ (outnumbered).
 20623 | Lair:1   | 20623 ||| Stepping ~*~*~tactically~*~*~ (outnumbered).
 20625 | Lair:1   | 20625 ||| Stepping ~*~*~tactically~*~*~ (outnumbered).
 20627 | Lair:1   | 20627 ||| Stepping ~*~*~tactically~*~*~ (outnumbered).
 20629 | Lair:1   | 20629 ||| Stepping ~*~*~tactically~*~*~ (outnumbered).
 20631 | Lair:1   | 20631 ||| Stepping ~*~*~tactically~*~*~ (outnumbered).
 20633 | Lair:1   | 20633 ||| Stepping ~*~*~tactically~*~*~ (outnumbered).
 20635 | Lair:1   | 20635 ||| Stepping ~*~*~tactically~*~*~ (outnumbered).
 20637 | Lair:1   | 20637 ||| Stepping ~*~*~tactically~*~*~ (outnumbered).
 20639 | Lair:1   | 20639 ||| Stepping ~*~*~tactically~*~*~ (outnumbered).
 20641 | Lair:1   | 20641 ||| Stepping ~*~*~tactically~*~*~ (outnumbered).
 20643 | Lair:1   | 20643 ||| Stepping ~*~*~tactically~*~*~ (outnumbered).
 20645 | Lair:1   | 20645 ||| Stepping ~*~*~tactically~*~*~ (outnumbered).
 20647 | Lair:1   | 20647 ||| Stepping ~*~*~tactically~*~*~ (outnumbered).
 20649 | Lair:1   | 20649 ||| Stepping ~*~*~tactically~*~*~ (outnumbered).
 20651 | Lair:1   | 20651 ||| Stepping ~*~*~tactically~*~*~ (outnumbered).
 20653 | Lair:1   | 20653 ||| Stepping ~*~*~tactically~*~*~ (outnumbered).
 20655 | Lair:1   | 20655 ||| Stepping ~*~*~tactically~*~*~ (outnumbered).
 20657 | Lair:1   | 20657 ||| Stepping ~*~*~tactically~*~*~ (outnumbered).
 20659 | Lair:1   | 20659 ||| Stepping ~*~*~tactically~*~*~ (outnumbered).
 20661 | Lair:1   | 20661 ||| Stepping ~*~*~tactically~*~*~ (outnumbered).
 20663 | Lair:1   | 20663 ||| Stepping ~*~*~tactically~*~*~ (outnumbered).
 20665 | Lair:1   | 20665 ||| Stepping ~*~*~tactically~*~*~ (outnumbered).
 20667 | Lair:1   | 20667 ||| Stepping ~*~*~tactically~*~*~ (outnumbered).
 20669 | Lair:1   | 20669 ||| Stepping ~*~*~tactically~*~*~ (outnumbered).
 20671 | Lair:1   | 20671 ||| Stepping ~*~*~tactically~*~*~ (outnumbered).
 20673 | Lair:1   | 20673 ||| Stepping ~*~*~tactically~*~*~ (outnumbered).
 20675 | Lair:1   | 20675 ||| Stepping ~*~*~tactically~*~*~ (outnumbered).
 20677 | Lair:1   | 20677 ||| Stepping ~*~*~tactically~*~*~ (outnumbered).
 20679 | Lair:1   | 20679 ||| Stepping ~*~*~tactically~*~*~ (outnumbered).
 20681 | Lair:1   | 20681 ||| Stepping ~*~*~tactically~*~*~ (outnumbered).
 20683 | Lair:1   | 20683 ||| Stepping ~*~*~tactically~*~*~ (outnumbered).
 20685 | Lair:1   | 20685 ||| Stepping ~*~*~tactically~*~*~ (outnumbered).
 20687 | Lair:1   | 20687 ||| Stepping ~*~*~tactically~*~*~ (outnumbered).
 20689 | Lair:1   | 20689 ||| Stepping ~*~*~tactically~*~*~ (outnumbered).
 20691 | Lair:1   | 20691 ||| Stepping ~*~*~tactically~*~*~ (outnumbered).
 20693 | Lair:1   | 20693 ||| Stepping ~*~*~tactically~*~*~ (outnumbered).
 20695 | Lair:1   | 20695 ||| Stepping ~*~*~tactically~*~*~ (outnumbered).
 20697 | Lair:1   | 20697 ||| Stepping ~*~*~tactically~*~*~ (outnumbered).
 20697 | Lair:1   | Glimpsed the power of Zot.
 20699 | Lair:1   | 20699 ||| Stepping ~*~*~tactically~*~*~ (outnumbered).
 20701 | Lair:1   | 20701 ||| Stepping ~*~*~tactically~*~*~ (outnumbered).
 20703 | Lair:1   | 20703 ||| Stepping ~*~*~tactically~*~*~ (outnumbered).
 20705 | Lair:1   | 20705 ||| Stepping ~*~*~tactically~*~*~ (outnumbered).
 20707 | Lair:1   | 20707 ||| Stepping ~*~*~tactically~*~*~ (outnumbered).
 20709 | Lair:1   | 20709 ||| Stepping ~*~*~tactically~*~*~ (outnumbered).
 20711 | Lair:1   | 20711 ||| Stepping ~*~*~tactically~*~*~ (outnumbered).
 20713 | Lair:1   | 20713 ||| Stepping ~*~*~tactically~*~*~ (outnumbered).
 20715 | Lair:1   | 20715 ||| Stepping ~*~*~tactically~*~*~ (outnumbered).
 20717 | Lair:1   | 20717 ||| Stepping ~*~*~tactically~*~*~ (outnumbered).
 20719 | Lair:1   | 20719 ||| Stepping ~*~*~tactically~*~*~ (outnumbered).
 20721 | Lair:1   | 20721 ||| Stepping ~*~*~tactically~*~*~ (outnumbered).
 20723 | Lair:1   | 20723 ||| Stepping ~*~*~tactically~*~*~ (outnumbered).
 20725 | Lair:1   | 20725 ||| Stepping ~*~*~tactically~*~*~ (outnumbered).
 20727 | Lair:1   | 20727 ||| Stepping ~*~*~tactically~*~*~ (outnumbered).
 20729 | Lair:1   | 20729 ||| Stepping ~*~*~tactically~*~*~ (outnumbered).
 20731 | Lair:1   | 20731 ||| Stepping ~*~*~tactically~*~*~ (outnumbered).
 20733 | Lair:1   | 20733 ||| Stepping ~*~*~tactically~*~*~ (outnumbered).
 20735 | Lair:1   | 20735 ||| Stepping ~*~*~tactically~*~*~ (outnumbered).
 20737 | Lair:1   | 20737 ||| Stepping ~*~*~tactically~*~*~ (outnumbered).
 20739 | Lair:1   | 20739 ||| Stepping ~*~*~tactically~*~*~ (outnumbered).
 20741 | Lair:1   | 20741 ||| Stepping ~*~*~tactically~*~*~ (outnumbered).
 20743 | Lair:1   | 20743 ||| Stepping ~*~*~tactically~*~*~ (outnumbered).
 20745 | Lair:1   | 20745 ||| Stepping ~*~*~tactically~*~*~ (outnumbered).
 20747 | Lair:1   | 20747 ||| Stepping ~*~*~tactically~*~*~ (outnumbered).
 20749 | Lair:1   | 20749 ||| Stepping ~*~*~tactically~*~*~ (outnumbered).
 20751 | Lair:1   | 20751 ||| Stepping ~*~*~tactically~*~*~ (outnumbered).
 20753 | Lair:1   | 20753 ||| Stepping ~*~*~tactically~*~*~ (outnumbered).
 20755 | Lair:1   | 20755 ||| Stepping ~*~*~tactically~*~*~ (outnumbered).
 20757 | Lair:1   | 20757 ||| Stepping ~*~*~tactically~*~*~ (outnumbered).
 20759 | Lair:1   | 20759 ||| Stepping ~*~*~tactically~*~*~ (outnumbered).
 20761 | Lair:1   | 20761 ||| Stepping ~*~*~tactically~*~*~ (outnumbered).
 20763 | Lair:1   | 20763 ||| Stepping ~*~*~tactically~*~*~ (outnumbered).
 20765 | Lair:1   | 20765 ||| Stepping ~*~*~tactically~*~*~ (outnumbered).
 20767 | Lair:1   | 20767 ||| Stepping ~*~*~tactically~*~*~ (outnumbered).
 20769 | Lair:1   | 20769 ||| Stepping ~*~*~tactically~*~*~ (outnumbered).
 20771 | Lair:1   | 20771 ||| Stepping ~*~*~tactically~*~*~ (outnumbered).
 20773 | Lair:1   | 20773 ||| Stepping ~*~*~tactically~*~*~ (outnumbered).
 20775 | Lair:1   | 20775 ||| Stepping ~*~*~tactically~*~*~ (outnumbered).
 20777 | Lair:1   | 20777 ||| Stepping ~*~*~tactically~*~*~ (outnumbered).
 20779 | Lair:1   | 20779 ||| Stepping ~*~*~tactically~*~*~ (outnumbered).
 20781 | Lair:1   | 20781 ||| Stepping ~*~*~tactically~*~*~ (outnumbered).
 20783 | Lair:1   | 20783 ||| Stepping ~*~*~tactically~*~*~ (outnumbered).
 20785 | Lair:1   | 20785 ||| Stepping ~*~*~tactically~*~*~ (outnumbered).
 20787 | Lair:1   | 20787 ||| Stepping ~*~*~tactically~*~*~ (outnumbered).
 20789 | Lair:1   | 20789 ||| Stepping ~*~*~tactically~*~*~ (outnumbered).
 20791 | Lair:1   | 20791 ||| Stepping ~*~*~tactically~*~*~ (outnumbered).
 20793 | Lair:1   | 20793 ||| Stepping ~*~*~tactically~*~*~ (outnumbered).
 20795 | Lair:1   | 20795 ||| Stepping ~*~*~tactically~*~*~ (outnumbered).
 20796 | Lair:1   | Touched by the power of Zot (MHP 6 -> 2)
 20797 | Lair:1   | 20797 ||| Stepping ~*~*~tactically~*~*~ (outnumbered).
 20797 | Lair:1   | Glimpsed the power of Zot.
 20799 | Lair:1   | 20799 ||| Stepping ~*~*~tactically~*~*~ (outnumbered).
 20801 | Lair:1   | 20801 ||| Stepping ~*~*~tactically~*~*~ (outnumbered).
 20803 | Lair:1   | 20803 ||| Stepping ~*~*~tactically~*~*~ (outnumbered).
 20805 | Lair:1   | 20805 ||| Stepping ~*~*~tactically~*~*~ (outnumbered).
 20807 | Lair:1   | 20807 ||| Stepping ~*~*~tactically~*~*~ (outnumbered).
 20809 | Lair:1   | 20809 ||| Stepping ~*~*~tactically~*~*~ (outnumbered).
 20811 | Lair:1   | 20811 ||| Stepping ~*~*~tactically~*~*~ (outnumbered).
 20813 | Lair:1   | 20813 ||| Stepping ~*~*~tactically~*~*~ (outnumbered).
 20815 | Lair:1   | 20815 ||| Stepping ~*~*~tactically~*~*~ (outnumbered).
 20817 | Lair:1   | 20817 ||| Stepping ~*~*~tactically~*~*~ (outnumbered).
 20819 | Lair:1   | 20819 ||| Stepping ~*~*~tactically~*~*~ (outnumbered).
 20821 | Lair:1   | 20821 ||| Stepping ~*~*~tactically~*~*~ (outnumbered).
 20823 | Lair:1   | 20823 ||| Stepping ~*~*~tactically~*~*~ (outnumbered).
 20825 | Lair:1   | 20825 ||| Stepping ~*~*~tactically~*~*~ (outnumbered).
 20827 | Lair:1   | 20827 ||| Stepping ~*~*~tactically~*~*~ (outnumbered).
 20829 | Lair:1   | 20829 ||| Stepping ~*~*~tactically~*~*~ (outnumbered).
 20831 | Lair:1   | 20831 ||| Stepping ~*~*~tactically~*~*~ (outnumbered).
 20833 | Lair:1   | 20833 ||| Stepping ~*~*~tactically~*~*~ (outnumbered).
 20835 | Lair:1   | 20835 ||| Stepping ~*~*~tactically~*~*~ (outnumbered).
 20837 | Lair:1   | 20837 ||| Stepping ~*~*~tactically~*~*~ (outnumbered).
 20839 | Lair:1   | 20839 ||| Stepping ~*~*~tactically~*~*~ (outnumbered).
 20841 | Lair:1   | 20841 ||| Stepping ~*~*~tactically~*~*~ (outnumbered).
 20843 | Lair:1   | 20843 ||| Stepping ~*~*~tactically~*~*~ (outnumbered).
 20845 | Lair:1   | 20845 ||| Stepping ~*~*~tactically~*~*~ (outnumbered).
 20847 | Lair:1   | 20847 ||| Stepping ~*~*~tactically~*~*~ (outnumbered).
 20849 | Lair:1   | 20849 ||| Stepping ~*~*~tactically~*~*~ (outnumbered).
 20851 | Lair:1   | 20851 ||| Stepping ~*~*~tactically~*~*~ (outnumbered).
 20853 | Lair:1   | 20853 ||| Stepping ~*~*~tactically~*~*~ (outnumbered).
 20855 | Lair:1   | 20855 ||| Stepping ~*~*~tactically~*~*~ (outnumbered).
 20857 | Lair:1   | 20857 ||| Stepping ~*~*~tactically~*~*~ (outnumbered).
 20859 | Lair:1   | 20859 ||| Stepping ~*~*~tactically~*~*~ (outnumbered).
 20861 | Lair:1   | 20861 ||| Stepping ~*~*~tactically~*~*~ (outnumbered).
 20863 | Lair:1   | 20863 ||| Stepping ~*~*~tactically~*~*~ (outnumbered).
 20865 | Lair:1   | 20865 ||| Stepping ~*~*~tactically~*~*~ (outnumbered).
 20867 | Lair:1   | 20867 ||| Stepping ~*~*~tactically~*~*~ (outnumbered).
 20869 | Lair:1   | 20869 ||| Stepping ~*~*~tactically~*~*~ (outnumbered).
 20871 | Lair:1   | 20871 ||| Stepping ~*~*~tactically~*~*~ (outnumbered).
 20873 | Lair:1   | 20873 ||| Stepping ~*~*~tactically~*~*~ (outnumbered).
 20875 | Lair:1   | 20875 ||| Stepping ~*~*~tactically~*~*~ (outnumbered).
 20877 | Lair:1   | 20877 ||| Stepping ~*~*~tactically~*~*~ (outnumbered).
 20879 | Lair:1   | 20879 ||| Stepping ~*~*~tactically~*~*~ (outnumbered).
 20881 | Lair:1   | 20881 ||| Stepping ~*~*~tactically~*~*~ (outnumbered).
 20883 | Lair:1   | 20883 ||| Stepping ~*~*~tactically~*~*~ (outnumbered).
 20885 | Lair:1   | 20885 ||| Stepping ~*~*~tactically~*~*~ (outnumbered).
 20887 | Lair:1   | 20887 ||| Stepping ~*~*~tactically~*~*~ (outnumbered).
 20889 | Lair:1   | 20889 ||| Stepping ~*~*~tactically~*~*~ (outnumbered).
 20891 | Lair:1   | 20891 ||| Stepping ~*~*~tactically~*~*~ (outnumbered).
 20893 | Lair:1   | 20893 ||| Stepping ~*~*~tactically~*~*~ (outnumbered).
 20895 | Lair:1   | 20895 ||| Stepping ~*~*~tactically~*~*~ (outnumbered).
 20897 | Lair:1   | 20897 ||| Stepping ~*~*~tactically~*~*~ (outnumbered).
 20899 | Lair:1   | 20899 ||| Stepping ~*~*~tactically~*~*~ (outnumbered).
 20901 | Lair:1   | 20901 ||| Stepping ~*~*~tactically~*~*~ (outnumbered).
 20903 | Lair:1   | 20903 ||| Stepping ~*~*~tactically~*~*~ (outnumbered).
 20905 | Lair:1   | 20905 ||| Stepping ~*~*~tactically~*~*~ (outnumbered).
 20907 | Lair:1   | 20907 ||| Stepping ~*~*~tactically~*~*~ (outnumbered).
 20909 | Lair:1   | 20909 ||| Stepping ~*~*~tactically~*~*~ (outnumbered).
 20911 | Lair:1   | 20911 ||| Stepping ~*~*~tactically~*~*~ (outnumbered).
 20913 | Lair:1   | 20913 ||| Stepping ~*~*~tactically~*~*~ (outnumbered).
 20915 | Lair:1   | 20915 ||| Stepping ~*~*~tactically~*~*~ (outnumbered).
 20917 | Lair:1   | 20917 ||| Stepping ~*~*~tactically~*~*~ (outnumbered).
 20919 | Lair:1   | 20919 ||| Stepping ~*~*~tactically~*~*~ (outnumbered).
 20921 | Lair:1   | 20921 ||| Stepping ~*~*~tactically~*~*~ (outnumbered).
 20923 | Lair:1   | 20923 ||| Stepping ~*~*~tactically~*~*~ (outnumbered).
 20925 | Lair:1   | 20925 ||| Stepping ~*~*~tactically~*~*~ (outnumbered).
 20927 | Lair:1   | 20927 ||| Stepping ~*~*~tactically~*~*~ (outnumbered).
 20929 | Lair:1   | 20929 ||| Stepping ~*~*~tactically~*~*~ (outnumbered).
 20931 | Lair:1   | 20931 ||| Stepping ~*~*~tactically~*~*~ (outnumbered).
 20933 | Lair:1   | 20933 ||| Stepping ~*~*~tactically~*~*~ (outnumbered).
 20935 | Lair:1   | 20935 ||| Stepping ~*~*~tactically~*~*~ (outnumbered).
 20937 | Lair:1   | 20937 ||| Stepping ~*~*~tactically~*~*~ (outnumbered).
 20939 | Lair:1   | 20939 ||| Stepping ~*~*~tactically~*~*~ (outnumbered).
 20941 | Lair:1   | 20941 ||| Stepping ~*~*~tactically~*~*~ (outnumbered).
 20943 | Lair:1   | 20943 ||| Stepping ~*~*~tactically~*~*~ (outnumbered).
 20945 | Lair:1   | 20945 ||| Stepping ~*~*~tactically~*~*~ (outnumbered).
 20947 | Lair:1   | 20947 ||| Stepping ~*~*~tactically~*~*~ (outnumbered).
 20949 | Lair:1   | 20949 ||| Stepping ~*~*~tactically~*~*~ (outnumbered).
 20951 | Lair:1   | 20951 ||| Stepping ~*~*~tactically~*~*~ (outnumbered).
 20953 | Lair:1   | 20953 ||| Stepping ~*~*~tactically~*~*~ (outnumbered).
 20955 | Lair:1   | 20955 ||| Stepping ~*~*~tactically~*~*~ (outnumbered).
 20957 | Lair:1   | 20957 ||| Stepping ~*~*~tactically~*~*~ (outnumbered).
 20959 | Lair:1   | 20959 ||| Stepping ~*~*~tactically~*~*~ (outnumbered).
 20961 | Lair:1   | 20961 ||| Stepping ~*~*~tactically~*~*~ (outnumbered).
 20963 | Lair:1   | 20963 ||| Stepping ~*~*~tactically~*~*~ (outnumbered).
 20965 | Lair:1   | 20965 ||| Stepping ~*~*~tactically~*~*~ (outnumbered).
 20967 | Lair:1   | 20967 ||| Stepping ~*~*~tactically~*~*~ (outnumbered).
 20969 | Lair:1   | 20969 ||| Stepping ~*~*~tactically~*~*~ (outnumbered).
 20971 | Lair:1   | 20971 ||| Stepping ~*~*~tactically~*~*~ (outnumbered).
 20973 | Lair:1   | 20973 ||| Stepping ~*~*~tactically~*~*~ (outnumbered).
 20975 | Lair:1   | 20975 ||| Stepping ~*~*~tactically~*~*~ (outnumbered).
 20977 | Lair:1   | 20977 ||| Stepping ~*~*~tactically~*~*~ (outnumbered).
 20979 | Lair:1   | 20979 ||| Stepping ~*~*~tactically~*~*~ (outnumbered).
 20981 | Lair:1   | 20981 ||| Stepping ~*~*~tactically~*~*~ (outnumbered).
 20983 | Lair:1   | 20983 ||| Stepping ~*~*~tactically~*~*~ (outnumbered).
 20985 | Lair:1   | 20985 ||| Stepping ~*~*~tactically~*~*~ (outnumbered).
 20987 | Lair:1   | 20987 ||| Stepping ~*~*~tactically~*~*~ (outnumbered).
 20989 | Lair:1   | 20989 ||| Stepping ~*~*~tactically~*~*~ (outnumbered).
 20991 | Lair:1   | 20991 ||| Stepping ~*~*~tactically~*~*~ (outnumbered).
 20993 | Lair:1   | 20993 ||| Stepping ~*~*~tactically~*~*~ (outnumbered).
 20995 | Lair:1   | 20995 ||| Stepping ~*~*~tactically~*~*~ (outnumbered).
 20997 | Lair:1   | 20997 ||| Stepping ~*~*~tactically~*~*~ (outnumbered).
 20999 | Lair:1   | 20999 ||| Stepping ~*~*~tactically~*~*~ (outnumbered).
 21001 | Lair:1   | 21001 ||| Stepping ~*~*~tactically~*~*~ (outnumbered).
 21003 | Lair:1   | 21003 ||| Stepping ~*~*~tactically~*~*~ (outnumbered).
 21005 | Lair:1   | 21005 ||| Stepping ~*~*~tactically~*~*~ (outnumbered).
 21007 | Lair:1   | 21007 ||| Stepping ~*~*~tactically~*~*~ (outnumbered).
 21009 | Lair:1   | 21009 ||| Stepping ~*~*~tactically~*~*~ (outnumbered).
 21011 | Lair:1   | 21011 ||| Stepping ~*~*~tactically~*~*~ (outnumbered).
 21013 | Lair:1   | 21013 ||| Stepping ~*~*~tactically~*~*~ (outnumbered).
 21015 | Lair:1   | 21015 ||| Stepping ~*~*~tactically~*~*~ (outnumbered).
 21017 | Lair:1   | 21017 ||| Stepping ~*~*~tactically~*~*~ (outnumbered).
 21019 | Lair:1   | 21019 ||| Stepping ~*~*~tactically~*~*~ (outnumbered).
 21021 | Lair:1   | 21021 ||| Stepping ~*~*~tactically~*~*~ (outnumbered).
 21023 | Lair:1   | 21023 ||| Stepping ~*~*~tactically~*~*~ (outnumbered).
 21025 | Lair:1   | 21025 ||| Stepping ~*~*~tactically~*~*~ (outnumbered).
 21027 | Lair:1   | 21027 ||| Stepping ~*~*~tactically~*~*~ (outnumbered).
 21029 | Lair:1   | 21029 ||| Stepping ~*~*~tactically~*~*~ (outnumbered).
 21031 | Lair:1   | 21031 ||| Stepping ~*~*~tactically~*~*~ (outnumbered).
 21033 | Lair:1   | 21033 ||| Stepping ~*~*~tactically~*~*~ (outnumbered).
 21035 | Lair:1   | 21035 ||| Stepping ~*~*~tactically~*~*~ (outnumbered).
 21037 | Lair:1   | 21037 ||| Stepping ~*~*~tactically~*~*~ (outnumbered).
 21039 | Lair:1   | 21039 ||| Stepping ~*~*~tactically~*~*~ (outnumbered).
 21041 | Lair:1   | 21041 ||| Stepping ~*~*~tactically~*~*~ (outnumbered).
 21043 | Lair:1   | 21043 ||| Stepping ~*~*~tactically~*~*~ (outnumbered).
 21045 | Lair:1   | 21045 ||| Stepping ~*~*~tactically~*~*~ (outnumbered).
 21047 | Lair:1   | 21047 ||| Stepping ~*~*~tactically~*~*~ (outnumbered).
 21049 | Lair:1   | 21049 ||| Stepping ~*~*~tactically~*~*~ (outnumbered).
 21051 | Lair:1   | 21051 ||| Stepping ~*~*~tactically~*~*~ (outnumbered).
 21053 | Lair:1   | 21053 ||| Stepping ~*~*~tactically~*~*~ (outnumbered).
 21055 | Lair:1   | 21055 ||| Stepping ~*~*~tactically~*~*~ (outnumbered).
 21057 | Lair:1   | 21057 ||| Stepping ~*~*~tactically~*~*~ (outnumbered).
 21059 | Lair:1   | 21059 ||| Stepping ~*~*~tactically~*~*~ (outnumbered).
 21061 | Lair:1   | 21061 ||| Stepping ~*~*~tactically~*~*~ (outnumbered).
 21063 | Lair:1   | 21063 ||| Stepping ~*~*~tactically~*~*~ (outnumbered).
 21065 | Lair:1   | 21065 ||| Stepping ~*~*~tactically~*~*~ (outnumbered).
 21067 | Lair:1   | 21067 ||| Stepping ~*~*~tactically~*~*~ (outnumbered).
 21069 | Lair:1   | 21069 ||| Stepping ~*~*~tactically~*~*~ (outnumbered).
 21071 | Lair:1   | 21071 ||| Stepping ~*~*~tactically~*~*~ (outnumbered).
 21073 | Lair:1   | 21073 ||| Stepping ~*~*~tactically~*~*~ (outnumbered).
 21075 | Lair:1   | 21075 ||| Stepping ~*~*~tactically~*~*~ (outnumbered).
 21077 | Lair:1   | 21077 ||| Stepping ~*~*~tactically~*~*~ (outnumbered).
 21079 | Lair:1   | 21079 ||| Stepping ~*~*~tactically~*~*~ (outnumbered).
 21081 | Lair:1   | 21081 ||| Stepping ~*~*~tactically~*~*~ (outnumbered).
 21083 | Lair:1   | 21083 ||| Stepping ~*~*~tactically~*~*~ (outnumbered).
 21085 | Lair:1   | 21085 ||| Stepping ~*~*~tactically~*~*~ (outnumbered).
 21087 | Lair:1   | 21087 ||| Stepping ~*~*~tactically~*~*~ (outnumbered).
 21089 | Lair:1   | 21089 ||| Stepping ~*~*~tactically~*~*~ (outnumbered).
 21091 | Lair:1   | 21091 ||| Stepping ~*~*~tactically~*~*~ (outnumbered).
 21093 | Lair:1   | 21093 ||| Stepping ~*~*~tactically~*~*~ (outnumbered).
 21095 | Lair:1   | 21095 ||| Stepping ~*~*~tactically~*~*~ (outnumbered).
 21097 | Lair:1   | 21097 ||| Stepping ~*~*~tactically~*~*~ (outnumbered).
 21099 | Lair:1   | 21099 ||| Stepping ~*~*~tactically~*~*~ (outnumbered).
 21101 | Lair:1   | 21101 ||| Stepping ~*~*~tactically~*~*~ (outnumbered).
 21103 | Lair:1   | 21103 ||| Stepping ~*~*~tactically~*~*~ (outnumbered).
 21105 | Lair:1   | 21105 ||| Stepping ~*~*~tactically~*~*~ (outnumbered).
 21107 | Lair:1   | 21107 ||| Stepping ~*~*~tactically~*~*~ (outnumbered).
 21109 | Lair:1   | 21109 ||| Stepping ~*~*~tactically~*~*~ (outnumbered).
 21111 | Lair:1   | 21111 ||| Stepping ~*~*~tactically~*~*~ (outnumbered).
 21113 | Lair:1   | 21113 ||| Stepping ~*~*~tactically~*~*~ (outnumbered).
 21115 | Lair:1   | 21115 ||| Stepping ~*~*~tactically~*~*~ (outnumbered).
 21117 | Lair:1   | 21117 ||| Stepping ~*~*~tactically~*~*~ (outnumbered).
 21119 | Lair:1   | 21119 ||| Stepping ~*~*~tactically~*~*~ (outnumbered).
 21121 | Lair:1   | 21121 ||| Stepping ~*~*~tactically~*~*~ (outnumbered).
 21123 | Lair:1   | 21123 ||| Stepping ~*~*~tactically~*~*~ (outnumbered).
 21125 | Lair:1   | 21125 ||| Stepping ~*~*~tactically~*~*~ (outnumbered).
 21127 | Lair:1   | 21127 ||| Stepping ~*~*~tactically~*~*~ (outnumbered).
 21129 | Lair:1   | 21129 ||| Stepping ~*~*~tactically~*~*~ (outnumbered).
 21131 | Lair:1   | 21131 ||| Stepping ~*~*~tactically~*~*~ (outnumbered).
 21133 | Lair:1   | 21133 ||| Stepping ~*~*~tactically~*~*~ (outnumbered).
 21135 | Lair:1   | 21135 ||| Stepping ~*~*~tactically~*~*~ (outnumbered).
 21137 | Lair:1   | 21137 ||| Stepping ~*~*~tactically~*~*~ (outnumbered).
 21139 | Lair:1   | 21139 ||| Stepping ~*~*~tactically~*~*~ (outnumbered).
 21141 | Lair:1   | 21141 ||| Stepping ~*~*~tactically~*~*~ (outnumbered).
 21143 | Lair:1   | 21143 ||| Stepping ~*~*~tactically~*~*~ (outnumbered).
 21145 | Lair:1   | 21145 ||| Stepping ~*~*~tactically~*~*~ (outnumbered).
 21147 | Lair:1   | 21147 ||| Stepping ~*~*~tactically~*~*~ (outnumbered).
 21149 | Lair:1   | 21149 ||| Stepping ~*~*~tactically~*~*~ (outnumbered).
 21151 | Lair:1   | 21151 ||| Stepping ~*~*~tactically~*~*~ (outnumbered).
 21153 | Lair:1   | 21153 ||| Stepping ~*~*~tactically~*~*~ (outnumbered).
 21155 | Lair:1   | 21155 ||| Stepping ~*~*~tactically~*~*~ (outnumbered).
 21157 | Lair:1   | 21157 ||| Stepping ~*~*~tactically~*~*~ (outnumbered).
 21159 | Lair:1   | 21159 ||| Stepping ~*~*~tactically~*~*~ (outnumbered).
 21161 | Lair:1   | 21161 ||| Stepping ~*~*~tactically~*~*~ (outnumbered).
 21163 | Lair:1   | 21163 ||| Stepping ~*~*~tactically~*~*~ (outnumbered).
 21165 | Lair:1   | 21165 ||| Stepping ~*~*~tactically~*~*~ (outnumbered).
 21167 | Lair:1   | 21167 ||| Stepping ~*~*~tactically~*~*~ (outnumbered).
 21169 | Lair:1   | 21169 ||| Stepping ~*~*~tactically~*~*~ (outnumbered).
 21171 | Lair:1   | 21171 ||| Stepping ~*~*~tactically~*~*~ (outnumbered).
 21173 | Lair:1   | 21173 ||| Stepping ~*~*~tactically~*~*~ (outnumbered).
 21175 | Lair:1   | 21175 ||| Stepping ~*~*~tactically~*~*~ (outnumbered).
 21177 | Lair:1   | 21177 ||| Stepping ~*~*~tactically~*~*~ (outnumbered).
 21179 | Lair:1   | 21179 ||| Stepping ~*~*~tactically~*~*~ (outnumbered).
 21181 | Lair:1   | 21181 ||| Stepping ~*~*~tactically~*~*~ (outnumbered).
 21183 | Lair:1   | 21183 ||| Stepping ~*~*~tactically~*~*~ (outnumbered).
 21185 | Lair:1   | 21185 ||| Stepping ~*~*~tactically~*~*~ (outnumbered).
 21187 | Lair:1   | 21187 ||| Stepping ~*~*~tactically~*~*~ (outnumbered).
 21189 | Lair:1   | 21189 ||| Stepping ~*~*~tactically~*~*~ (outnumbered).
 21191 | Lair:1   | 21191 ||| Stepping ~*~*~tactically~*~*~ (outnumbered).
 21193 | Lair:1   | 21193 ||| Stepping ~*~*~tactically~*~*~ (outnumbered).
 21195 | Lair:1   | 21195 ||| Stepping ~*~*~tactically~*~*~ (outnumbered).
 21197 | Lair:1   | 21197 ||| Stepping ~*~*~tactically~*~*~ (outnumbered).
 21199 | Lair:1   | 21199 ||| Stepping ~*~*~tactically~*~*~ (outnumbered).
 21201 | Lair:1   | 21201 ||| Stepping ~*~*~tactically~*~*~ (outnumbered).
 21203 | Lair:1   | 21203 ||| Stepping ~*~*~tactically~*~*~ (outnumbered).
 21205 | Lair:1   | 21205 ||| Stepping ~*~*~tactically~*~*~ (outnumbered).
 21207 | Lair:1   | 21207 ||| Stepping ~*~*~tactically~*~*~ (outnumbered).
 21209 | Lair:1   | 21209 ||| Stepping ~*~*~tactically~*~*~ (outnumbered).
 21211 | Lair:1   | 21211 ||| Stepping ~*~*~tactically~*~*~ (outnumbered).
 21213 | Lair:1   | 21213 ||| Stepping ~*~*~tactically~*~*~ (outnumbered).
 21215 | Lair:1   | 21215 ||| Stepping ~*~*~tactically~*~*~ (outnumbered).
 21217 | Lair:1   | 21217 ||| Stepping ~*~*~tactically~*~*~ (outnumbered).
 21219 | Lair:1   | 21219 ||| Stepping ~*~*~tactically~*~*~ (outnumbered).
 21221 | Lair:1   | 21221 ||| Stepping ~*~*~tactically~*~*~ (outnumbered).
 21223 | Lair:1   | 21223 ||| Stepping ~*~*~tactically~*~*~ (outnumbered).
 21225 | Lair:1   | 21225 ||| Stepping ~*~*~tactically~*~*~ (outnumbered).
 21227 | Lair:1   | 21227 ||| Stepping ~*~*~tactically~*~*~ (outnumbered).
 21229 | Lair:1   | 21229 ||| Stepping ~*~*~tactically~*~*~ (outnumbered).
 21231 | Lair:1   | 21231 ||| Stepping ~*~*~tactically~*~*~ (outnumbered).
 21233 | Lair:1   | 21233 ||| Stepping ~*~*~tactically~*~*~ (outnumbered).
 21235 | Lair:1   | 21235 ||| Stepping ~*~*~tactically~*~*~ (outnumbered).
 21237 | Lair:1   | 21237 ||| Stepping ~*~*~tactically~*~*~ (outnumbered).
 21239 | Lair:1   | 21239 ||| Stepping ~*~*~tactically~*~*~ (outnumbered).
 21241 | Lair:1   | 21241 ||| Stepping ~*~*~tactically~*~*~ (outnumbered).
 21243 | Lair:1   | 21243 ||| Stepping ~*~*~tactically~*~*~ (outnumbered).
 21245 | Lair:1   | 21245 ||| Stepping ~*~*~tactically~*~*~ (outnumbered).
 21247 | Lair:1   | 21247 ||| Stepping ~*~*~tactically~*~*~ (outnumbered).
 21249 | Lair:1   | 21249 ||| Stepping ~*~*~tactically~*~*~ (outnumbered).
 21251 | Lair:1   | 21251 ||| Stepping ~*~*~tactically~*~*~ (outnumbered).
 21253 | Lair:1   | 21253 ||| Stepping ~*~*~tactically~*~*~ (outnumbered).
 21255 | Lair:1   | 21255 ||| Stepping ~*~*~tactically~*~*~ (outnumbered).
 21257 | Lair:1   | 21257 ||| Stepping ~*~*~tactically~*~*~ (outnumbered).
 21259 | Lair:1   | 21259 ||| Stepping ~*~*~tactically~*~*~ (outnumbered).
 21261 | Lair:1   | 21261 ||| Stepping ~*~*~tactically~*~*~ (outnumbered).
 21263 | Lair:1   | 21263 ||| Stepping ~*~*~tactically~*~*~ (outnumbered).
 21265 | Lair:1   | 21265 ||| Stepping ~*~*~tactically~*~*~ (outnumbered).
 21267 | Lair:1   | 21267 ||| Stepping ~*~*~tactically~*~*~ (outnumbered).
 21269 | Lair:1   | 21269 ||| Stepping ~*~*~tactically~*~*~ (outnumbered).
 21271 | Lair:1   | 21271 ||| Stepping ~*~*~tactically~*~*~ (outnumbered).
 21273 | Lair:1   | 21273 ||| Stepping ~*~*~tactically~*~*~ (outnumbered).
 21275 | Lair:1   | 21275 ||| Stepping ~*~*~tactically~*~*~ (outnumbered).
 21277 | Lair:1   | 21277 ||| Stepping ~*~*~tactically~*~*~ (outnumbered).
 21279 | Lair:1   | 21279 ||| Stepping ~*~*~tactically~*~*~ (outnumbered).
 21281 | Lair:1   | 21281 ||| Stepping ~*~*~tactically~*~*~ (outnumbered).
 21283 | Lair:1   | 21283 ||| Stepping ~*~*~tactically~*~*~ (outnumbered).
 21285 | Lair:1   | 21285 ||| Stepping ~*~*~tactically~*~*~ (outnumbered).
 21287 | Lair:1   | 21287 ||| Stepping ~*~*~tactically~*~*~ (outnumbered).
 21289 | Lair:1   | 21289 ||| Stepping ~*~*~tactically~*~*~ (outnumbered).
 21291 | Lair:1   | 21291 ||| Stepping ~*~*~tactically~*~*~ (outnumbered).
 21293 | Lair:1   | 21293 ||| Stepping ~*~*~tactically~*~*~ (outnumbered).
 21295 | Lair:1   | 21295 ||| Stepping ~*~*~tactically~*~*~ (outnumbered).
 21297 | Lair:1   | 21297 ||| Stepping ~*~*~tactically~*~*~ (outnumbered).
 21297 | Lair:1   | Glimpsed the power of Zot.
 21299 | Lair:1   | 21299 ||| Stepping ~*~*~tactically~*~*~ (outnumbered).
 21301 | Lair:1   | 21301 ||| Stepping ~*~*~tactically~*~*~ (outnumbered).
 21303 | Lair:1   | 21303 ||| Stepping ~*~*~tactically~*~*~ (outnumbered).
 21305 | Lair:1   | 21305 ||| Stepping ~*~*~tactically~*~*~ (outnumbered).
 21307 | Lair:1   | 21307 ||| Stepping ~*~*~tactically~*~*~ (outnumbered).
 21309 | Lair:1   | 21309 ||| Stepping ~*~*~tactically~*~*~ (outnumbered).
 21311 | Lair:1   | 21311 ||| Stepping ~*~*~tactically~*~*~ (outnumbered).
 21313 | Lair:1   | 21313 ||| Stepping ~*~*~tactically~*~*~ (outnumbered).
 21315 | Lair:1   | 21315 ||| Stepping ~*~*~tactically~*~*~ (outnumbered).
 21317 | Lair:1   | 21317 ||| Stepping ~*~*~tactically~*~*~ (outnumbered).
 21319 | Lair:1   | 21319 ||| Stepping ~*~*~tactically~*~*~ (outnumbered).
 21321 | Lair:1   | 21321 ||| Stepping ~*~*~tactically~*~*~ (outnumbered).
 21323 | Lair:1   | 21323 ||| Stepping ~*~*~tactically~*~*~ (outnumbered).
 21325 | Lair:1   | 21325 ||| Stepping ~*~*~tactically~*~*~ (outnumbered).
 21327 | Lair:1   | 21327 ||| Stepping ~*~*~tactically~*~*~ (outnumbered).
 21329 | Lair:1   | 21329 ||| Stepping ~*~*~tactically~*~*~ (outnumbered).
 21331 | Lair:1   | 21331 ||| Stepping ~*~*~tactically~*~*~ (outnumbered).
 21333 | Lair:1   | 21333 ||| Stepping ~*~*~tactically~*~*~ (outnumbered).
 21335 | Lair:1   | 21335 ||| Stepping ~*~*~tactically~*~*~ (outnumbered).
 21337 | Lair:1   | 21337 ||| Stepping ~*~*~tactically~*~*~ (outnumbered).
 21339 | Lair:1   | 21339 ||| Stepping ~*~*~tactically~*~*~ (outnumbered).
 21341 | Lair:1   | 21341 ||| Stepping ~*~*~tactically~*~*~ (outnumbered).
 21343 | Lair:1   | 21343 ||| Stepping ~*~*~tactically~*~*~ (outnumbered).
 21345 | Lair:1   | 21345 ||| Stepping ~*~*~tactically~*~*~ (outnumbered).
 21347 | Lair:1   | 21347 ||| Stepping ~*~*~tactically~*~*~ (outnumbered).
 21349 | Lair:1   | 21349 ||| Stepping ~*~*~tactically~*~*~ (outnumbered).
 21351 | Lair:1   | 21351 ||| Stepping ~*~*~tactically~*~*~ (outnumbered).
 21353 | Lair:1   | 21353 ||| Stepping ~*~*~tactically~*~*~ (outnumbered).
 21355 | Lair:1   | 21355 ||| Stepping ~*~*~tactically~*~*~ (outnumbered).
 21357 | Lair:1   | 21357 ||| Stepping ~*~*~tactically~*~*~ (outnumbered).
 21359 | Lair:1   | 21359 ||| Stepping ~*~*~tactically~*~*~ (outnumbered).
 21361 | Lair:1   | 21361 ||| Stepping ~*~*~tactically~*~*~ (outnumbered).
 21363 | Lair:1   | 21363 ||| Stepping ~*~*~tactically~*~*~ (outnumbered).
 21365 | Lair:1   | 21365 ||| Stepping ~*~*~tactically~*~*~ (outnumbered).
 21367 | Lair:1   | 21367 ||| Stepping ~*~*~tactically~*~*~ (outnumbered).
 21369 | Lair:1   | 21369 ||| Stepping ~*~*~tactically~*~*~ (outnumbered).
 21371 | Lair:1   | 21371 ||| Stepping ~*~*~tactically~*~*~ (outnumbered).
 21373 | Lair:1   | 21373 ||| Stepping ~*~*~tactically~*~*~ (outnumbered).
 21375 | Lair:1   | 21375 ||| Stepping ~*~*~tactically~*~*~ (outnumbered).
 21377 | Lair:1   | 21377 ||| Stepping ~*~*~tactically~*~*~ (outnumbered).
 21379 | Lair:1   | 21379 ||| Stepping ~*~*~tactically~*~*~ (outnumbered).
 21381 | Lair:1   | 21381 ||| Stepping ~*~*~tactically~*~*~ (outnumbered).
 21383 | Lair:1   | 21383 ||| Stepping ~*~*~tactically~*~*~ (outnumbered).
 21385 | Lair:1   | 21385 ||| Stepping ~*~*~tactically~*~*~ (outnumbered).
 21387 | Lair:1   | 21387 ||| Stepping ~*~*~tactically~*~*~ (outnumbered).
 21389 | Lair:1   | 21389 ||| Stepping ~*~*~tactically~*~*~ (outnumbered).
 21391 | Lair:1   | 21391 ||| Stepping ~*~*~tactically~*~*~ (outnumbered).
 21393 | Lair:1   | 21393 ||| Stepping ~*~*~tactically~*~*~ (outnumbered).
 21395 | Lair:1   | 21395 ||| Stepping ~*~*~tactically~*~*~ (outnumbered).
 21397 | Lair:1   | 21397 ||| Stepping ~*~*~tactically~*~*~ (outnumbered).
 21399 | Lair:1   | 21399 ||| Stepping ~*~*~tactically~*~*~ (outnumbered).
 21401 | Lair:1   | 21401 ||| Stepping ~*~*~tactically~*~*~ (outnumbered).
 21403 | Lair:1   | 21403 ||| Stepping ~*~*~tactically~*~*~ (outnumbered).
 21405 | Lair:1   | 21405 ||| Stepping ~*~*~tactically~*~*~ (outnumbered).
 21407 | Lair:1   | 21407 ||| Stepping ~*~*~tactically~*~*~ (outnumbered).
 21409 | Lair:1   | 21409 ||| Stepping ~*~*~tactically~*~*~ (outnumbered).
 21411 | Lair:1   | 21411 ||| Stepping ~*~*~tactically~*~*~ (outnumbered).
 21413 | Lair:1   | 21413 ||| Stepping ~*~*~tactically~*~*~ (outnumbered).
 21415 | Lair:1   | 21415 ||| Stepping ~*~*~tactically~*~*~ (outnumbered).
 21417 | Lair:1   | 21417 ||| Stepping ~*~*~tactically~*~*~ (outnumbered).
 21419 | Lair:1   | 21419 ||| Stepping ~*~*~tactically~*~*~ (outnumbered).
 21421 | Lair:1   | 21421 ||| Stepping ~*~*~tactically~*~*~ (outnumbered).
 21423 | Lair:1   | 21423 ||| Stepping ~*~*~tactically~*~*~ (outnumbered).
 21425 | Lair:1   | 21425 ||| Stepping ~*~*~tactically~*~*~ (outnumbered).
 21427 | Lair:1   | 21427 ||| Stepping ~*~*~tactically~*~*~ (outnumbered).
 21429 | Lair:1   | 21429 ||| Stepping ~*~*~tactically~*~*~ (outnumbered).
 21431 | Lair:1   | 21431 ||| Stepping ~*~*~tactically~*~*~ (outnumbered).
 21433 | Lair:1   | 21433 ||| Stepping ~*~*~tactically~*~*~ (outnumbered).
 21435 | Lair:1   | 21435 ||| Stepping ~*~*~tactically~*~*~ (outnumbered).
 21437 | Lair:1   | 21437 ||| Stepping ~*~*~tactically~*~*~ (outnumbered).
 21439 | Lair:1   | 21439 ||| Stepping ~*~*~tactically~*~*~ (outnumbered).
 21441 | Lair:1   | 21441 ||| Stepping ~*~*~tactically~*~*~ (outnumbered).
 21443 | Lair:1   | 21443 ||| Stepping ~*~*~tactically~*~*~ (outnumbered).
 21445 | Lair:1   | 21445 ||| Stepping ~*~*~tactically~*~*~ (outnumbered).
 21447 | Lair:1   | 21447 ||| Stepping ~*~*~tactically~*~*~ (outnumbered).
 21449 | Lair:1   | 21449 ||| Stepping ~*~*~tactically~*~*~ (outnumbered).
 21451 | Lair:1   | 21451 ||| Stepping ~*~*~tactically~*~*~ (outnumbered).
 21453 | Lair:1   | 21453 ||| Stepping ~*~*~tactically~*~*~ (outnumbered).
 21455 | Lair:1   | 21455 ||| Stepping ~*~*~tactically~*~*~ (outnumbered).
 21457 | Lair:1   | 21457 ||| Stepping ~*~*~tactically~*~*~ (outnumbered).
 21459 | Lair:1   | 21459 ||| Stepping ~*~*~tactically~*~*~ (outnumbered).
 21461 | Lair:1   | 21461 ||| Stepping ~*~*~tactically~*~*~ (outnumbered).
 21463 | Lair:1   | 21463 ||| Stepping ~*~*~tactically~*~*~ (outnumbered).
 21465 | Lair:1   | 21465 ||| Stepping ~*~*~tactically~*~*~ (outnumbered).
 21467 | Lair:1   | 21467 ||| Stepping ~*~*~tactically~*~*~ (outnumbered).
 21469 | Lair:1   | 21469 ||| Stepping ~*~*~tactically~*~*~ (outnumbered).
 21471 | Lair:1   | 21471 ||| Stepping ~*~*~tactically~*~*~ (outnumbered).
 21473 | Lair:1   | 21473 ||| Stepping ~*~*~tactically~*~*~ (outnumbered).
 21475 | Lair:1   | 21475 ||| Stepping ~*~*~tactically~*~*~ (outnumbered).
 21477 | Lair:1   | 21477 ||| Stepping ~*~*~tactically~*~*~ (outnumbered).
 21479 | Lair:1   | 21479 ||| Stepping ~*~*~tactically~*~*~ (outnumbered).
 21481 | Lair:1   | 21481 ||| Stepping ~*~*~tactically~*~*~ (outnumbered).
 21483 | Lair:1   | 21483 ||| Stepping ~*~*~tactically~*~*~ (outnumbered).
 21485 | Lair:1   | 21485 ||| Stepping ~*~*~tactically~*~*~ (outnumbered).
 21487 | Lair:1   | 21487 ||| Stepping ~*~*~tactically~*~*~ (outnumbered).
 21489 | Lair:1   | 21489 ||| Stepping ~*~*~tactically~*~*~ (outnumbered).
 21491 | Lair:1   | 21491 ||| Stepping ~*~*~tactically~*~*~ (outnumbered).
 21493 | Lair:1   | 21493 ||| Stepping ~*~*~tactically~*~*~ (outnumbered).
 21495 | Lair:1   | 21495 ||| Stepping ~*~*~tactically~*~*~ (outnumbered).
 21497 | Lair:1   | 21497 ||| Stepping ~*~*~tactically~*~*~ (outnumbered).
 21499 | Lair:1   | 21499 ||| Stepping ~*~*~tactically~*~*~ (outnumbered).
 21501 | Lair:1   | 21501 ||| Stepping ~*~*~tactically~*~*~ (outnumbered).
 21503 | Lair:1   | 21503 ||| Stepping ~*~*~tactically~*~*~ (outnumbered).
 21505 | Lair:1   | 21505 ||| Stepping ~*~*~tactically~*~*~ (outnumbered).
 21507 | Lair:1   | 21507 ||| Stepping ~*~*~tactically~*~*~ (outnumbered).
 21509 | Lair:1   | 21509 ||| Stepping ~*~*~tactically~*~*~ (outnumbered).
 21511 | Lair:1   | 21511 ||| Stepping ~*~*~tactically~*~*~ (outnumbered).
 21513 | Lair:1   | 21513 ||| Stepping ~*~*~tactically~*~*~ (outnumbered).
 21515 | Lair:1   | 21515 ||| Stepping ~*~*~tactically~*~*~ (outnumbered).
 21517 | Lair:1   | 21517 ||| Stepping ~*~*~tactically~*~*~ (outnumbered).
 21519 | Lair:1   | 21519 ||| Stepping ~*~*~tactically~*~*~ (outnumbered).
 21521 | Lair:1   | 21521 ||| Stepping ~*~*~tactically~*~*~ (outnumbered).
 21523 | Lair:1   | 21523 ||| Stepping ~*~*~tactically~*~*~ (outnumbered).
 21525 | Lair:1   | 21525 ||| Stepping ~*~*~tactically~*~*~ (outnumbered).
 21527 | Lair:1   | 21527 ||| Stepping ~*~*~tactically~*~*~ (outnumbered).
 21529 | Lair:1   | 21529 ||| Stepping ~*~*~tactically~*~*~ (outnumbered).
 21531 | Lair:1   | 21531 ||| Stepping ~*~*~tactically~*~*~ (outnumbered).
 21533 | Lair:1   | 21533 ||| Stepping ~*~*~tactically~*~*~ (outnumbered).
 21535 | Lair:1   | 21535 ||| Stepping ~*~*~tactically~*~*~ (outnumbered).
 21537 | Lair:1   | 21537 ||| Stepping ~*~*~tactically~*~*~ (outnumbered).
 21539 | Lair:1   | 21539 ||| Stepping ~*~*~tactically~*~*~ (outnumbered).
 21541 | Lair:1   | 21541 ||| Stepping ~*~*~tactically~*~*~ (outnumbered).
 21543 | Lair:1   | 21543 ||| Stepping ~*~*~tactically~*~*~ (outnumbered).
 21545 | Lair:1   | 21545 ||| Stepping ~*~*~tactically~*~*~ (outnumbered).
 21547 | Lair:1   | 21547 ||| Stepping ~*~*~tactically~*~*~ (outnumbered).
 21549 | Lair:1   | 21549 ||| Stepping ~*~*~tactically~*~*~ (outnumbered).
 21551 | Lair:1   | 21551 ||| Stepping ~*~*~tactically~*~*~ (outnumbered).
 21553 | Lair:1   | 21553 ||| Stepping ~*~*~tactically~*~*~ (outnumbered).
 21555 | Lair:1   | 21555 ||| Stepping ~*~*~tactically~*~*~ (outnumbered).
 21557 | Lair:1   | 21557 ||| Stepping ~*~*~tactically~*~*~ (outnumbered).
 21559 | Lair:1   | 21559 ||| Stepping ~*~*~tactically~*~*~ (outnumbered).
 21561 | Lair:1   | 21561 ||| Stepping ~*~*~tactically~*~*~ (outnumbered).
 21563 | Lair:1   | 21563 ||| Stepping ~*~*~tactically~*~*~ (outnumbered).
 21565 | Lair:1   | 21565 ||| Stepping ~*~*~tactically~*~*~ (outnumbered).
 21567 | Lair:1   | 21567 ||| Stepping ~*~*~tactically~*~*~ (outnumbered).
 21569 | Lair:1   | 21569 ||| Stepping ~*~*~tactically~*~*~ (outnumbered).
 21571 | Lair:1   | 21571 ||| Stepping ~*~*~tactically~*~*~ (outnumbered).
 21573 | Lair:1   | 21573 ||| Stepping ~*~*~tactically~*~*~ (outnumbered).
 21575 | Lair:1   | 21575 ||| Stepping ~*~*~tactically~*~*~ (outnumbered).
 21577 | Lair:1   | 21577 ||| Stepping ~*~*~tactically~*~*~ (outnumbered).
 21579 | Lair:1   | 21579 ||| Stepping ~*~*~tactically~*~*~ (outnumbered).
 21581 | Lair:1   | 21581 ||| Stepping ~*~*~tactically~*~*~ (outnumbered).
 21583 | Lair:1   | 21583 ||| Stepping ~*~*~tactically~*~*~ (outnumbered).
 21585 | Lair:1   | 21585 ||| Stepping ~*~*~tactically~*~*~ (outnumbered).
 21587 | Lair:1   | 21587 ||| Stepping ~*~*~tactically~*~*~ (outnumbered).
 21589 | Lair:1   | 21589 ||| Stepping ~*~*~tactically~*~*~ (outnumbered).
 21591 | Lair:1   | 21591 ||| Stepping ~*~*~tactically~*~*~ (outnumbered).
 21593 | Lair:1   | 21593 ||| Stepping ~*~*~tactically~*~*~ (outnumbered).
 21595 | Lair:1   | 21595 ||| Stepping ~*~*~tactically~*~*~ (outnumbered).
 21597 | Lair:1   | 21597 ||| Stepping ~*~*~tactically~*~*~ (outnumbered).
 21599 | Lair:1   | 21599 ||| Stepping ~*~*~tactically~*~*~ (outnumbered).
 21601 | Lair:1   | 21601 ||| Stepping ~*~*~tactically~*~*~ (outnumbered).
 21603 | Lair:1   | 21603 ||| Stepping ~*~*~tactically~*~*~ (outnumbered).
 21605 | Lair:1   | 21605 ||| Stepping ~*~*~tactically~*~*~ (outnumbered).
 21607 | Lair:1   | 21607 ||| Stepping ~*~*~tactically~*~*~ (outnumbered).
 21609 | Lair:1   | 21609 ||| Stepping ~*~*~tactically~*~*~ (outnumbered).
 21611 | Lair:1   | 21611 ||| Stepping ~*~*~tactically~*~*~ (outnumbered).
 21613 | Lair:1   | 21613 ||| Stepping ~*~*~tactically~*~*~ (outnumbered).
 21615 | Lair:1   | 21615 ||| Stepping ~*~*~tactically~*~*~ (outnumbered).
 21617 | Lair:1   | 21617 ||| Stepping ~*~*~tactically~*~*~ (outnumbered).
 21619 | Lair:1   | 21619 ||| Stepping ~*~*~tactically~*~*~ (outnumbered).
 21621 | Lair:1   | 21621 ||| Stepping ~*~*~tactically~*~*~ (outnumbered).
 21623 | Lair:1   | 21623 ||| Stepping ~*~*~tactically~*~*~ (outnumbered).
 21625 | Lair:1   | 21625 ||| Stepping ~*~*~tactically~*~*~ (outnumbered).
 21627 | Lair:1   | 21627 ||| Stepping ~*~*~tactically~*~*~ (outnumbered).
 21629 | Lair:1   | 21629 ||| Stepping ~*~*~tactically~*~*~ (outnumbered).
 21631 | Lair:1   | 21631 ||| Stepping ~*~*~tactically~*~*~ (outnumbered).
 21633 | Lair:1   | 21633 ||| Stepping ~*~*~tactically~*~*~ (outnumbered).
 21635 | Lair:1   | 21635 ||| Stepping ~*~*~tactically~*~*~ (outnumbered).
 21637 | Lair:1   | 21637 ||| Stepping ~*~*~tactically~*~*~ (outnumbered).
 21639 | Lair:1   | 21639 ||| Stepping ~*~*~tactically~*~*~ (outnumbered).
 21641 | Lair:1   | 21641 ||| Stepping ~*~*~tactically~*~*~ (outnumbered).
 21643 | Lair:1   | 21643 ||| Stepping ~*~*~tactically~*~*~ (outnumbered).
 21645 | Lair:1   | 21645 ||| Stepping ~*~*~tactically~*~*~ (outnumbered).
 21647 | Lair:1   | 21647 ||| Stepping ~*~*~tactically~*~*~ (outnumbered).
 21649 | Lair:1   | 21649 ||| Stepping ~*~*~tactically~*~*~ (outnumbered).
 21651 | Lair:1   | 21651 ||| Stepping ~*~*~tactically~*~*~ (outnumbered).
 21653 | Lair:1   | 21653 ||| Stepping ~*~*~tactically~*~*~ (outnumbered).
 21655 | Lair:1   | 21655 ||| Stepping ~*~*~tactically~*~*~ (outnumbered).
 21657 | Lair:1   | 21657 ||| Stepping ~*~*~tactically~*~*~ (outnumbered).
 21659 | Lair:1   | 21659 ||| Stepping ~*~*~tactically~*~*~ (outnumbered).
 21661 | Lair:1   | 21661 ||| Stepping ~*~*~tactically~*~*~ (outnumbered).
 21663 | Lair:1   | 21663 ||| Stepping ~*~*~tactically~*~*~ (outnumbered).
 21665 | Lair:1   | 21665 ||| Stepping ~*~*~tactically~*~*~ (outnumbered).
 21667 | Lair:1   | 21667 ||| Stepping ~*~*~tactically~*~*~ (outnumbered).
 21669 | Lair:1   | 21669 ||| Stepping ~*~*~tactically~*~*~ (outnumbered).
 21671 | Lair:1   | 21671 ||| Stepping ~*~*~tactically~*~*~ (outnumbered).
 21673 | Lair:1   | 21673 ||| Stepping ~*~*~tactically~*~*~ (outnumbered).
 21675 | Lair:1   | 21675 ||| Stepping ~*~*~tactically~*~*~ (outnumbered).
 21677 | Lair:1   | 21677 ||| Stepping ~*~*~tactically~*~*~ (outnumbered).
 21679 | Lair:1   | 21679 ||| Stepping ~*~*~tactically~*~*~ (outnumbered).
 21681 | Lair:1   | 21681 ||| Stepping ~*~*~tactically~*~*~ (outnumbered).
 21683 | Lair:1   | 21683 ||| Stepping ~*~*~tactically~*~*~ (outnumbered).
 21685 | Lair:1   | 21685 ||| Stepping ~*~*~tactically~*~*~ (outnumbered).
 21687 | Lair:1   | 21687 ||| Stepping ~*~*~tactically~*~*~ (outnumbered).
 21689 | Lair:1   | 21689 ||| Stepping ~*~*~tactically~*~*~ (outnumbered).
 21691 | Lair:1   | 21691 ||| Stepping ~*~*~tactically~*~*~ (outnumbered).
 21693 | Lair:1   | 21693 ||| Stepping ~*~*~tactically~*~*~ (outnumbered).
 21695 | Lair:1   | 21695 ||| Stepping ~*~*~tactically~*~*~ (outnumbered).
 21697 | Lair:1   | 21697 ||| Stepping ~*~*~tactically~*~*~ (outnumbered).
 21697 | Lair:1   | Glimpsed the power of Zot.
 21699 | Lair:1   | 21699 ||| Stepping ~*~*~tactically~*~*~ (outnumbered).
 21701 | Lair:1   | 21701 ||| Stepping ~*~*~tactically~*~*~ (outnumbered).
 21703 | Lair:1   | 21703 ||| Stepping ~*~*~tactically~*~*~ (outnumbered).
 21705 | Lair:1   | 21705 ||| Stepping ~*~*~tactically~*~*~ (outnumbered).
 21707 | Lair:1   | 21707 ||| Stepping ~*~*~tactically~*~*~ (outnumbered).
 21709 | Lair:1   | 21709 ||| Stepping ~*~*~tactically~*~*~ (outnumbered).
 21711 | Lair:1   | 21711 ||| Stepping ~*~*~tactically~*~*~ (outnumbered).
 21713 | Lair:1   | 21713 ||| Stepping ~*~*~tactically~*~*~ (outnumbered).
 21715 | Lair:1   | 21715 ||| Stepping ~*~*~tactically~*~*~ (outnumbered).
 21717 | Lair:1   | 21717 ||| Stepping ~*~*~tactically~*~*~ (outnumbered).
 21719 | Lair:1   | 21719 ||| Stepping ~*~*~tactically~*~*~ (outnumbered).
 21721 | Lair:1   | 21721 ||| Stepping ~*~*~tactically~*~*~ (outnumbered).
 21723 | Lair:1   | 21723 ||| Stepping ~*~*~tactically~*~*~ (outnumbered).
 21725 | Lair:1   | 21725 ||| Stepping ~*~*~tactically~*~*~ (outnumbered).
 21727 | Lair:1   | 21727 ||| Stepping ~*~*~tactically~*~*~ (outnumbered).
 21729 | Lair:1   | 21729 ||| Stepping ~*~*~tactically~*~*~ (outnumbered).
 21731 | Lair:1   | 21731 ||| Stepping ~*~*~tactically~*~*~ (outnumbered).
 21733 | Lair:1   | 21733 ||| Stepping ~*~*~tactically~*~*~ (outnumbered).
 21735 | Lair:1   | 21735 ||| Stepping ~*~*~tactically~*~*~ (outnumbered).
 21737 | Lair:1   | 21737 ||| Stepping ~*~*~tactically~*~*~ (outnumbered).
 21739 | Lair:1   | 21739 ||| Stepping ~*~*~tactically~*~*~ (outnumbered).
 21741 | Lair:1   | 21741 ||| Stepping ~*~*~tactically~*~*~ (outnumbered).
 21743 | Lair:1   | 21743 ||| Stepping ~*~*~tactically~*~*~ (outnumbered).
 21745 | Lair:1   | 21745 ||| Stepping ~*~*~tactically~*~*~ (outnumbered).
 21747 | Lair:1   | 21747 ||| Stepping ~*~*~tactically~*~*~ (outnumbered).
 21749 | Lair:1   | 21749 ||| Stepping ~*~*~tactically~*~*~ (outnumbered).
 21751 | Lair:1   | 21751 ||| Stepping ~*~*~tactically~*~*~ (outnumbered).
 21753 | Lair:1   | 21753 ||| Stepping ~*~*~tactically~*~*~ (outnumbered).
 21755 | Lair:1   | 21755 ||| Stepping ~*~*~tactically~*~*~ (outnumbered).
 21757 | Lair:1   | 21757 ||| Stepping ~*~*~tactically~*~*~ (outnumbered).
 21759 | Lair:1   | 21759 ||| Stepping ~*~*~tactically~*~*~ (outnumbered).
 21761 | Lair:1   | 21761 ||| Stepping ~*~*~tactically~*~*~ (outnumbered).
 21763 | Lair:1   | 21763 ||| Stepping ~*~*~tactically~*~*~ (outnumbered).
 21765 | Lair:1   | 21765 ||| Stepping ~*~*~tactically~*~*~ (outnumbered).
 21767 | Lair:1   | 21767 ||| Stepping ~*~*~tactically~*~*~ (outnumbered).
 21769 | Lair:1   | 21769 ||| Stepping ~*~*~tactically~*~*~ (outnumbered).
 21771 | Lair:1   | 21771 ||| Stepping ~*~*~tactically~*~*~ (outnumbered).
 21773 | Lair:1   | 21773 ||| Stepping ~*~*~tactically~*~*~ (outnumbered).
 21775 | Lair:1   | 21775 ||| Stepping ~*~*~tactically~*~*~ (outnumbered).
 21777 | Lair:1   | 21777 ||| Stepping ~*~*~tactically~*~*~ (outnumbered).
 21779 | Lair:1   | 21779 ||| Stepping ~*~*~tactically~*~*~ (outnumbered).
 21781 | Lair:1   | 21781 ||| Stepping ~*~*~tactically~*~*~ (outnumbered).
 21783 | Lair:1   | 21783 ||| Stepping ~*~*~tactically~*~*~ (outnumbered).
 21785 | Lair:1   | 21785 ||| Stepping ~*~*~tactically~*~*~ (outnumbered).
 21787 | Lair:1   | 21787 ||| Stepping ~*~*~tactically~*~*~ (outnumbered).
 21789 | Lair:1   | 21789 ||| Stepping ~*~*~tactically~*~*~ (outnumbered).
 21791 | Lair:1   | 21791 ||| Stepping ~*~*~tactically~*~*~ (outnumbered).
 21793 | Lair:1   | 21793 ||| Stepping ~*~*~tactically~*~*~ (outnumbered).
 21795 | Lair:1   | 21795 ||| Stepping ~*~*~tactically~*~*~ (outnumbered).
 21796 | Lair:1   | Touched by the power of Zot (MHP 2 -> 1)
 21797 | Lair:1   | Quit the game

Levels and vault maps discovered:
D:1:      lightli_arrival_boilingwater, layout_loops_ring,
          dilly_ecumenical_altar_fadedgnrine
D:2:      layout_rooms
D:3:      minmay_wonky_spiral, layout_rooms
D:4:      layout_basic
D:5:      layout_gridville, minmay_temple_entry_nine_rooms,
          gammafunk_ghost_arena, nicolae_eternal_life
D:6:      layout_basic
D:7:      layout_loops_ring, serial_rivers, chequers_serial_rivers_large_b,
          chequers_serial_rivers_room_b, chequers_serial_rivers_marsh,
          chequers_serial_rivers_large_a, chequers_serial_rivers_small_b,
          chequers_serial_rivers_small_b
D:8:      layout_layer_cave, jmf_multi_god_temple, nicolae_overflow_squiral,
          dpeg_lair_monsters
D:9:      layout_cave_pools, mainiacjoe_overflow_two_lobes, serial_undead,
          serial_undead_e, serial_undead_d, serial_undead_a, serial_undead_e,
          uniq_prince_ribbit1
Temple:   kb_temple_of_zot
Lair:1:   minmay_lair_oklob_chamber, layout_cave_pods

Skill      XL: |  1  2  3  4  5  6  7  8  9 10 11 |
---------------+----------------------------------+-----
Ranged Weapons | 5 6 7 8 9 11 13 14 15 | 15.6
Fighting       | 3 4 5 6 7 9 10 | 10.1
Armour         | 1 2 3 |  3.5
Dodging        | 3 4 5 7 |  7.4
Invocations    | 2 4 |  4.0
Stealth        | |  0.7

Action                     |  1- 3 |  4- 6 |  7- 9 | 10-12 || total
---------------------------+-------+-------+-------+-------++-------
   Fire: Shortbow          |   139 |    74 |       |       ||   213
         Orcbow            |       |    47 |   268 |   253 ||   568
 Invoke: Heroism           |       |       |       |    17 ||    17
    Use: Scroll            |     7 |     5 |     6 |     5 ||    23
         Potion            |       |     1 |     2 |     2 ||     5
 Armour: Leather armour    |     8 |    11 |    22 |    22 ||    63
         Robe              |     1 |       |       |       ||     1
  Dodge: Dodged            |    38 |    47 |   119 |   160 ||   364

Table legend:
 A = Non-vault XP
 B = Vault XP
 C = Vault XP percentage of total XP
 D = Non-vault monster count
 E = Vault monster count
 F = Vault count percentage of total count
                 A         B        C        D         E       F
            +---------+---------+-------+---------+---------+-------
      Total |   11882 |    3864 |  24.5 |     163 |      24 |  12.8
            +---------+---------+-------+---------+---------+-------
        D:1 |      40 |       0 |   0.0 |      22 |       0 |   0.0
        D:2 |      19 |       0 |   0.0 |       7 |       0 |   0.0
        D:3 |      48 |      32 |  40.0 |      22 |       5 |  18.5
        D:4 |     179 |       0 |   0.0 |      15 |       0 |   0.0
        D:5 |     601 |       0 |   0.0 |      10 |       0 |   0.0
        D:6 |     666 |       0 |   0.0 |      10 |       0 |   0.0
        D:7 |     917 |       0 |   0.0 |      13 |       0 |   0.0
        D:8 |    1933 |    2671 |  58.0 |      27 |      12 |  30.8
        D:9 |    1313 |    1161 |  46.9 |      12 |       7 |  36.8
     Lair:1 |    6166 |       0 |   0.0 |      25 |       0 |   0.0
            +---------+---------+-------+---------+---------+-------
